Workbook

Sheet 清算项目基本情况表
A1: T10000清算项目基本情况表
A2: （从事房地产开发的纳税人适用）
A3: 纳税人识别号： | C3: 91652801576209018D | G3: 纳税人名称： | I3: 新疆通力房地产开发有限公司库尔勒分公司 | Z3: *填表日期： | AC3: 2023-07-10
A4: 金额单位:人民币元(列至角分) | Z4: 面积单位:平方米
A5: 项目基本情况
A6: *项目名称 | D6: 通力华庭 | H6: *项目编码 | S6: Z65280120160100 | X6: *是否属于分期开发项目 | AG6: 否
A7: *项目地址 | D7: 萨依巴格辖区人民东路北四巷通力华庭 | X7: *总预算成本 | AG7: 98691580
A8: *项目所在地主管税务机关 | D8: 国家税务总局库尔勒市税务局 | H8: *项目所在地主管税务所（科/分局） | S8: 库尔勒市税务局税源管理一股 | X8: *土地使用权出（转）让合同签订日期 | AG8: 41430
A9: *开发土地总面积 | D9: 3578.25 | H9: *开发建筑总面积 | L9: 26212.41 | S9: *项目总地价款 | X9: 8609300 | AB9: *容积率 | AG9: 5.97
A10: *绿地率 | D10: 0.05 | H10: 项目开工日期 | L10: 2015-10-25 | S10: 整体竣工日期 | X10: 2017-07-31 | AB10: 最后一个销（预）售证取得时间 | AG10: 2014-06-05
A11: 发改部门立项信息
A12: 序号 | B12: 投资项目代码 | C12: 项目名称 | Q12: 项目总投资 | AA12: 建筑面积
A13: 1 | B13: 巴发改建登【2013】5号 | C13: 通力华庭B座项目 | Q13: 59270000 | AA13: 26860.48
A14: 土地使用权信息
A15: 序号 | B15: 不动产权证号 | C15: 不动产单元号 | H15: 权利类型 | O15: 权利性质 | X15: 用途 | AA15: 面积 | AE15: 使用期限 | AG15: 土地使用权证发证日期
A16: 1 | B16: 库国用（2014）00000255号 | C16: 6528010020030024001 | H16: 国有建设用地使用权 | O16: 出让 | X16: 房地产开发企业的开发用地 | AA16: 3578.27 | AE16: 40 | AG16: 2014-09-10
A17: 建设用地规划许可信息
A18: 序号 | B18: 建设用地规划许可证编号 | C18: 用地项目名称 | H18: 用地位置 | S18: 用途 | V18: 用地面积 | AA18: 建设规模 | AG18: 发证日期
A19: 1 | B19: 地字第652800201300048 | C19: 商住楼 | H19: 3号小区、广场路东北侧 | S19: 房地产开发企业的开发用地 | V19: 3578.25 | AA19: 26349.37 | AG19: 2013-06-13
A20: 建设工程规划许可信息
A21: 序号 | B21: 建设工程规划许可证编号 | C21: 建设项目名称 | H21: 建设位置 | S21: 建设规模 | AA21: *发证日期
A22: 1 | B22: 建字第652800201300277 | C22: 底商住宅楼（剪力墙） | H22: 3号小区广场路东北侧 | S22: 26349.37 | AA22: 2013-07-05
A23: 建筑工程施工许可信息
A24: 序号 | B24: 建筑工程施工许可证编号 | C24: 工程名称 | G24: 建设地址 | H24: 建设规模 | O24: 合同价格 | S24: 施工单位名称 | X24: 合同开工日期 | AC24: 合同竣工日期 | AG24: 发证日期
A25: 1 | B25: 652801201404110010 | C25: 通力华庭B座底商住宅楼 | G25: 库尔勒市楼兰宾馆东侧 | H25: 26349.37 | O25: 35535000 | S25: 新疆通力建设集团股份有限公司 | X25: 2013-10-25 | AC25: 2015-11-15 | AG25: 2014-04-14
A26: 预售许可信息
A27: 序号 | B27: 预售许可证编号 | C27: 项目名称 | F27: 预售款专用帐户网点、帐号 | G27: 预售房屋建筑面积 | R27: 预售套数 | AG27: *发证日期
G28: 住宅 | I28: 商业用房 | J28: 办公用房 | K28: 车位车库 | M28: 其他 | P28: 合计 | R28: 住宅 | T28: 商业用房 | X28: 办公用房 | Z28: 车位车库 | AC28: 其他 | AF28: 合计
A29: 1 | B29: 新建房许字（20）14）058号 | C29: 通力华庭1栋 | G29: 19054.2 | I29: 2625.65 | J29: 0 | K29: 0 | M29: 0 | P29: 21679.85 | R29: 180 | T29: 9 | X29: 0 | Z29: 0 | AC29: 0 | AF29: 189 | AG29: 2014-06-05
A30: 现售备案信息
A31: 序号 | B31: 现售备案证书编号 | C31: 项目名称 | H31: 现售房屋建筑面积 | AA31: 发证日期
H32: 住宅 | M32: 商业用房 | Q32: 办公用房 | U32: 车位车库 | W32: 其他 | Y32: 合计
A33: 1 | B33: 000000 | C33: 通力华庭1栋 | H33: 19054.6 | M33: 2619 | Q33: 0 | U33: 4453.65 | W33: 0 | Y33: 26127.25 | AA33: 2017-08-15
A34: 建设工程竣工验收信息
A35: 序号 | B35: 竣工的建筑工程施工许可证编号 | H35: 验收日期 | N35: *备案日期 | U35: 竣工工程造价 | AA35: 竣工面积
A36: 1 | B36: 652801201404110010 | H36: 2015-11-15 | N36: 2017-07-31 | U36: 98691580 | AA36: 26212.41

Sheet 土地增值税税源明细表
A1: T20000土地增值税税源明细表
A2: 税款所属期间： | B2: 2015 年 10 月 25 日 至 2023 年 7 月 31 日
A3: 纳税人识别号(统一社会信用代码): | B3: =IF(清算项目基本情况表!C3="","",清算项目基本情况表!C3) -> 91652801576209018D
A4: 纳税人名称: | B4: =IF(清算项目基本情况表!I3="","",清算项目基本情况表!I3) -> 新疆通力房地产开发有限公司库尔勒分公司 | G4: 金额单位:人民币元(列至角分) | K4: 面积单位:平方米
A5: 项目名称 | B5: =IF(清算项目基本情况表!D6="","",清算项目基本情况表!D6) -> 通力华庭 | F5: 项目编码 | H5: =IF(清算项目基本情况表!S6="","",清算项目基本情况表!S6) -> Z65280120160100
A6: 项目地址 | B6: =清算项目基本情况表!D7 -> 萨依巴格辖区人民东路北四巷通力华庭 | F6: 分配方法 | H6: 三分法
A7: 项目总可售面积 | B7: ='附表1-面积统计表'!F29 -> 26127.25 | F7: 自用和出租面积 | G7: ='附表1-面积统计表'!I29+'附表1-面积统计表'!J29 -> 2335.84
A8: 已售面积 | B8: ='附表1-面积统计表'!G29 -> 18795.2 | C8: 其中:普通住宅已售面积 | D8: ='附表1-面积统计表'!G5 -> 18738.13 | F8: 其中:非普通住宅已售面积 | G8: ='附表1-面积统计表'!G6 -> 0 | I8: 其中:其他类型房地产已售面积 | J8: ='附表1-面积统计表'!G7 -> 57.07
A9: 清算后剩余可售面积 | B9: ='附表1-面积统计表'!H29 -> 7332.05 | C9: 其中:普通住宅剩余可售面积 | D9: ='附表1-面积统计表'!H5 -> 316.47 | F9: 其中:非普通住宅剩余可售面积 | G9: ='附表1-面积统计表'!H6 -> 0 | I9: 其中:其他类型房地产剩余可售面积 | J9: ='附表1-面积统计表'!H7 -> 7015.58
A10: 项目 | C10: 行次 | D10: 普通住宅 | F10: 非普通住宅 | H10: 其他类型房产 | J10: 总额
A11: 一、转让房地产收入总额 | C11: 1=2+3+4 | D11: =SUM(D12:D14) -> 68505556 | F11: =SUM(F12:F14) -> 0 | H11: =SUM(H12:H14) -> 1294848.6 | J11: =SUM(D11:I11) -> 69800405
A12: 1.货币收入 | C12: 2 | D12: ='附表2-收入统计表'!C5 -> 68505556 | F12: =IF($H$6="三分法",'附表2-收入统计表'!C6,"") -> 0 | H12: =IF($H$6="三分法",'附表2-收入统计表'!C7,SUM('附表2-收入统计表'!C6:C7)) -> 1294848.6 | J12: =SUM(D12:I12) -> 69800405
A13: 2.实物收入及其他收入 | C13: 3 | D13: ='附表2-收入统计表'!D5 -> 0 | F13: =IF($H$6="三分法",'附表2-收入统计表'!D6,"") -> 0 | H13: =IF($H$6="三分法",'附表2-收入统计表'!D7,SUM('附表2-收入统计表'!D6:D7)) -> 0 | J13: =SUM(D13:I13) -> 0
A14: 3.视同销售收入 | C14: 4 | D14: ='附表2-收入统计表'!E5 -> 0 | F14: =IF($H$6="三分法",'附表2-收入统计表'!E6,"") -> 0 | H14: =IF($H$6="三分法",'附表2-收入统计表'!E7,SUM('附表2-收入统计表'!E6:E7)) -> 0 | J14: =SUM(D14:I14) -> 0
A15: 二、扣除项目金额合计 | C15: 5=6+7+14+17+21+22 | D15: =SUM(D16)+SUM(D18)+SUM(D26)+SUM(D29)+SUM(D33)+SUM(D34) -> 60500789 | F15: =SUM(F16)+SUM(F18)+SUM(F26)+SUM(F29)+SUM(F33)+SUM(F34) -> 0 | H15: =SUM(H16)+SUM(H18)+SUM(H26)+SUM(H29)+SUM(H33)+SUM(H34) -> 189541.59 | J15: =SUM(D15:I15) -> 60690330
A16: 1.取得土地使用权所支付的金额 | C16: 6 | D16: =SUM('附表3-扣除项目分摊表'!K7) -> 7707557 | F16: =IF($H$6="三分法",SUM('附表3-扣除项目分摊表'!L7),"") -> 0 | H16: =IF($H$6="三分法",SUM('附表3-扣除项目分摊表'!M7),SUM('附表3-扣除项目分摊表'!L7:M7)) -> 23474.62 | J16: =SUM(D16:I16) -> 7731031.6
A17: 其中：不可加计扣除金额 | C17: 6-1 | D17: =SUM('附表3-扣除项目分摊表'!K8) -> 0 | F17: =IF($H$6="三分法",SUM('附表3-扣除项目分摊表'!L8),"") -> 0 | H17: =IF($H$6="三分法",SUM('附表3-扣除项目分摊表'!M8),SUM('附表3-扣除项目分摊表'!L8:M8)) -> 0 | J17: =SUM(D17:I17) -> 0
A18: 2.房地产开发成本 | C18: 7=8+9+10+11+12+13 | D18: =SUM(D19:D24) -> 38202522 | F18: =SUM(F19:F24) -> 0 | H18: =SUM(H19:H24) -> 116350.38 | J18: =SUM(D18:I18) -> 38318872
A19: 其中：土地征用及拆迁补偿费 | C19: 8 | D19: =SUM('附表3-扣除项目分摊表'!K10) -> 0 | F19: =IF($H$6="三分法",SUM('附表3-扣除项目分摊表'!L10),"") -> 0 | H19: =IF($H$6="三分法",SUM('附表3-扣除项目分摊表'!M10),SUM('附表3-扣除项目分摊表'!L10:M10)) -> 0 | J19: =SUM(D19:I19) -> 0
A20: 前期工程费 | C20: 9 | D20: =SUM('附表3-扣除项目分摊表'!K11) -> 1650110.9 | F20: =IF($H$6="三分法",SUM('附表3-扣除项目分摊表'!L11),"") -> 0 | H20: =IF($H$6="三分法",SUM('附表3-扣除项目分摊表'!M11),SUM('附表3-扣除项目分摊表'!L11:M11)) -> 5025.61 | J20: =SUM(D20:I20) -> 1655136.5
A21: 建筑安装工程费 | C21: 10 | D21: =SUM('附表3-扣除项目分摊表'!K12) -> 34743854 | F21: =IF($H$6="三分法",SUM('附表3-扣除项目分摊表'!L12),"") -> 0 | H21: =IF($H$6="三分法",SUM('附表3-扣除项目分摊表'!M12),SUM('附表3-扣除项目分摊表'!L12:M12)) -> 105816.6 | J21: =SUM(D21:I21) -> 34849671
A22: 基础设施费 | C22: 11 | D22: =SUM('附表3-扣除项目分摊表'!K13) -> 1612700.1 | F22: =IF($H$6="三分法",SUM('附表3-扣除项目分摊表'!L13),"") -> 0 | H22: =IF($H$6="三分法",SUM('附表3-扣除项目分摊表'!M13),SUM('附表3-扣除项目分摊表'!L13:M13)) -> 4911.67 | J22: =SUM(D22:I22) -> 1617611.7
A23: 公共配套设施费 | C23: 12 | D23: =SUM('附表3-扣除项目分摊表'!K14) -> 0 | F23: =IF($H$6="三分法",SUM('附表3-扣除项目分摊表'!L14),"") -> 0 | H23: =IF($H$6="三分法",SUM('附表3-扣除项目分摊表'!M14),SUM('附表3-扣除项目分摊表'!L14:M14)) -> 0 | J23: =SUM(D23:I23) -> 0
A24: 开发间接费用 | C24: 13 | D24: =SUM('附表3-扣除项目分摊表'!K15) -> 195856.58 | F24: =IF($H$6="三分法",SUM('附表3-扣除项目分摊表'!L15),"") -> 0 | H24: =IF($H$6="三分法",SUM('附表3-扣除项目分摊表'!M15),SUM('附表3-扣除项目分摊表'!L15:M15)) -> 596.5 | J24: =SUM(D24:I24) -> 196453.08
A25: 其中：不可加计扣除金额 | C25: 7-1 | D25: =SUM('附表3-扣除项目分摊表'!K16) -> 0 | F25: =IF($H$6="三分法",SUM('附表3-扣除项目分摊表'!L16),"") -> 0 | H25: =IF($H$6="三分法",SUM('附表3-扣除项目分摊表'!M16),SUM('附表3-扣除项目分摊表'!L16:M16)) -> 0 | J25: =SUM(D25:I25) -> 0
A26: 3.房地产开发费用 | C26: 14=15+16 | D26: =SUM(D27:D28) -> 4591007.9 | F26: =SUM(F27:F28) -> 0 | H26: =SUM(H27:H28) -> 13982.5 | J26: =SUM(D26:I26) -> 4604990.4
A27: 其中：利息支出 | C27: 15 | D27: =SUM('附表3-扣除项目分摊表'!K18) -> 0 | F27: =IF($H$6="三分法",SUM('附表3-扣除项目分摊表'!L18),"") -> 0 | H27: =IF($H$6="三分法",SUM('附表3-扣除项目分摊表'!M18),SUM('附表3-扣除项目分摊表'!L18:M18)) -> 0 | J27: =SUM(D27:I27) -> 0
A28: 其他房地产开发费用 | C28: 16 | D28: =SUM('附表3-扣除项目分摊表'!K19) -> 4591007.9 | F28: =IF($H$6="三分法",SUM('附表3-扣除项目分摊表'!L19),"") -> 0 | H28: =IF($H$6="三分法",SUM('附表3-扣除项目分摊表'!M19),SUM('附表3-扣除项目分摊表'!L19:M19)) -> 13982.5 | J28: =SUM(D28:I28) -> 4604990.4
A29: 4.与转让房地产有关的税金等 | C29: 17=18+19+20 | D29: =SUM(D30:D32) -> 817686.54 | F29: =SUM(F30:F32) -> 0 | H29: =SUM(H30:H32) -> 7769.09 | J29: =SUM(D29:I29) -> 825455.63
A30: 其中：营业税 | C30: 18 | D30: =SUM('附表3-扣除项目分摊表'!K21) -> 406653.2 | F30: =IF($H$6="三分法",SUM('附表3-扣除项目分摊表'!L21),"") -> 0 | H30: =IF($H$6="三分法",SUM('附表3-扣除项目分摊表'!M21),SUM('附表3-扣除项目分摊表'!L21:M21)) -> 0 | J30: =SUM(D30:I30) -> 406653.2
A31: 城市维护建设税 | C31: 19 | D31: =SUM('附表3-扣除项目分摊表'!K22) -> 239769.45 | F31: =IF($H$6="三分法",SUM('附表3-扣除项目分摊表'!L22),"") -> 0 | H31: =IF($H$6="三分法",SUM('附表3-扣除项目分摊表'!M22),SUM('附表3-扣除项目分摊表'!L22:M22)) -> 4531.97 | J31: =SUM(D31:I31) -> 244301.42
A32: 教育费附加 | C32: 20 | D32: =SUM('附表3-扣除项目分摊表'!K23:K25) -> 171263.89 | F32: =IF($H$6="三分法",SUM('附表3-扣除项目分摊表'!L23:L25),"") -> 0 | H32: =IF($H$6="三分法",SUM('附表3-扣除项目分摊表'!M23:M25),SUM('附表3-扣除项目分摊表'!L23:M25)) -> 3237.12 | J32: =SUM(D32:I32) -> 174501.01
A33: 5.财政部规定的其他扣除项目 | C33: 21 | D33: =SUM('附表3-扣除项目分摊表'!K26) -> 9182015.8 | F33: =IF($H$6="三分法",SUM('附表3-扣除项目分摊表'!L26),"") -> 0 | H33: =IF($H$6="三分法",SUM('附表3-扣除项目分摊表'!M26),SUM('附表3-扣除项目分摊表'!L26:M26)) -> 27965 | J33: =SUM(D33:I33) -> 9209980.8
A34: 6.代收费用 | C34: 22 | D34: =SUM('附表3-扣除项目分摊表'!K27) -> 0 | F34: =IF($H$6="三分法",SUM('附表3-扣除项目分摊表'!L27),"") -> 0 | H34: =IF($H$6="三分法",SUM('附表3-扣除项目分摊表'!M27),SUM('附表3-扣除项目分摊表'!L27:M27)) -> 0 | J34: =SUM(D34:I34) -> 0
A35: 三、增值额 | C35: 23=1-5 | D35: =D11-D15 -> 8004767.4 | F35: =F11-F15 -> 0 | H35: =H11-H15 -> 1105307 | J35: =SUM(D35:I35) -> 9110074.3
A36: 四、增值额与扣除项目金额之比（%） | C36: 24=23÷5 | D36: =IF(D15=0,"",ROUND(D35/D15,6)) -> 0.132308 | F36: =IF(F15=0,"",ROUND(F35/F15,6)) | H36: =IF(H15=0,"",ROUND(H35/H15,6)) -> 5.831475 | J36: =IF(J15=0,"",ROUND(J35/J15,6)) -> 0.150108
A37: 五、适用税率（%） | C37: 25 | D37: =IF(D35<0,"",IF(D36="","",IF(D36>200%,60%,IF(D36>100%,50%,IF(D36>50%,40%,30%))))) -> 0.3 | F37: =IF(F35<0,"",IF(F36="","",IF(F36>200%,60%,IF(F36>100%,50%,IF(F36>50%,40%,30%))))) | H37: =IF(H35<0,"",IF(H36="","",IF(H36>200%,60%,IF(H36>100%,50%,IF(H36>50%,40%,30%))))) -> 0.6
A38: 六、速算扣除系数（%） | C38: 26 | D38: =IF(D36="","",IF(D36>200%,35%,IF(D36>100%,15%,IF(D36>50%,5%,0)))) -> 0 | F38: =IF(F36="","",IF(F36>200%,35%,IF(F36>100%,15%,IF(F36>50%,5%,0)))) | H38: =IF(H36="","",IF(H36>200%,35%,IF(H36>100%,15%,IF(H36>50%,5%,0)))) -> 0.35
A39: 七、应缴土地增值税税额 | C39: 27=23*25-5*26 | D39: =IF(D35<0,0,ROUND(SUM(D35)*SUM(D37)-SUM(D15)*SUM(D38),2)) -> 2401430.2 | F39: =IF(F35<0,0,ROUND(SUM(F35)*SUM(F37)-SUM(F15)*SUM(F38),2)) -> 0 | H39: =IF(H35<0,0,ROUND(SUM(H35)*SUM(H37)-SUM(H15)*SUM(H38),2)) -> 596844.63 | J39: =SUM(D39:I39) -> 2998274.8
A40: 八、减免税额 | C40: 28=30+32+34 | D40: =D42+D44+D46 -> 2401430.2 | F40: =F42+F44+F46 -> 0 | H40: =H42+H44+H46 -> 0 | J40: =SUM(D40:I40) -> 2401430.2
A41: 其中：减免税（1） | B41: 减免性质代码和项目名称(1) | C41: 29 | D41: =IF(D35<0,"",IF(D36>20%,"","普通住宅增值率不超过20%的土地增值税减免")) -> 普通住宅增值率不超过20%的土地增值税减免
B42: 减免税额(1) | C42: 30 | D42: =IF(D35<0,0,IF(D36>20%,0,ROUND(D35*D37,2))) -> 2401430.2 | F42: 0 | H42: 0 | J42: =SUM(D42:I42) -> 2401430.2
A43: 减免税（2） | B43: 减免性质代码和项目名称(2) | C43: 31
B44: 减免税额(2) | C44: 32 | D44: 0 | F44: 0 | H44: 0 | J44: =SUM(D44:I44) -> 0
A45: 减免税（3） | B45: 减免性质代码和项目名称(3) | C45: 33
B46: 减免税额(3) | C46: 34 | D46: 0 | F46: 0 | H46: 0 | J46: =SUM(D46:I46) -> 0
A47: 九、已缴土地增值税税额 | C47: 35 | D47: =1083897.11+43479.12 -> 1127376.2 | F47: 0 | H47: 38845.46 | J47: =SUM(D47:I47) -> 1166221.7
A48: 十、应补（退）土地增值税税额 | C48: 36=27-28-35 | D48: =SUM(D39)-SUM(D40)-SUM(D47) -> -1127376.2 | F48: =SUM(F39)-SUM(F40)-SUM(F47) -> 0 | H48: =SUM(H39)-SUM(H40)-SUM(H47) -> 557999.17 | J48: =SUM(D48:I48) -> -569377.06

Sheet 附表1-面积统计表
A1: T21000附表1-面积统计表
A2: =土地增值税税源明细表!F5&"："&土地增值税税源明细表!H5&" "&土地增值税税源明细表!A5&"："&土地增值税税源明细表!B5&" "&"面积单位：㎡" -> 项目编码：Z65280120160100 项目名称：通力华庭 面积单位：㎡
A3: 面积基本信息 | B3: 房屋类型 | C3: 序号 | D3: 测绘总建筑面积 | E3: 不可销售建筑面积 | F3: 总可售建筑面积 | G3: 已售建筑面积 | H3: 剩余可售建筑面积 | I3: 自用建筑面积 | J3: 出租建筑面积 | K3: 说明
D4: 1=2+3 | E4: 2 | F4: 3 | G4: 4 | H4: 5=3-4 5≥6+7 | I4: 6 | J4: 7 | K4: 8
B5: =数据对照表!A2 -> 普通住宅 | C5: 1 | D5: =SUMIFS('附表6-收入明细采集底稿'!P:P,'附表6-收入明细采集底稿'!G:G,数据对照表!A2) -> 19054.6 | E5: =SUMIFS('附表6-收入明细采集底稿'!P:P,'附表6-收入明细采集底稿'!G:G,数据对照表!A2,'附表6-收入明细采集底稿'!H:H,"不可售") -> 0 | F5: =SUM(SUMIFS('附表6-收入明细采集底稿'!P:P,'附表6-收入明细采集底稿'!G:G,数据对照表!A2,'附表6-收入明细采集底稿'!H:H,"已售"),SUMIFS('附表6-收入明细采集底稿'!P:P,'附表6-收入明细采集底稿'!G:G,数据对照表!A2,'附表6-收入明细采集底稿'!H:H,"出租"),SUMIFS('附表6-收入明细采集底稿'!P:P,'附表6-收入明细采集底稿'!G:G,数据对照表!A2,'附表6-收入明细采集底稿'!H:H,"自用"),SUMIFS('附表6-收入明细采集底稿'!P:P,'附表6-收入明细采集底稿'!G:G,数据对照表!A2,'附表6-收入明细采集底稿'!H:H,"未售")) -> 19054.6 | G5: =SUMIFS('附表6-收入明细采集底稿'!P:P,'附表6-收入明细采集底稿'!G:G,数据对照表!A2,'附表6-收入明细采集底稿'!H:H,"已售") -> 18738.13 | H5: =F5-G5 -> 316.47 | I5: =SUMIFS('附表6-收入明细采集底稿'!P:P,'附表6-收入明细采集底稿'!G:G,数据对照表!A2,'附表6-收入明细采集底稿'!H:H,"自用") -> 0 | J5: =SUMIFS('附表6-收入明细采集底稿'!P:P,'附表6-收入明细采集底稿'!G:G,数据对照表!A2,'附表6-收入明细采集底稿'!H:H,"出租") -> 0
B6: =数据对照表!A3 -> 非普通住宅 | C6: 2 | D6: =SUMIFS('附表6-收入明细采集底稿'!P:P,'附表6-收入明细采集底稿'!G:G,数据对照表!A3) -> 0 | E6: =SUMIFS('附表6-收入明细采集底稿'!P:P,'附表6-收入明细采集底稿'!G:G,数据对照表!A3,'附表6-收入明细采集底稿'!H:H,"不可售") -> 0 | F6: =SUM(SUMIFS('附表6-收入明细采集底稿'!P:P,'附表6-收入明细采集底稿'!G:G,数据对照表!A3,'附表6-收入明细采集底稿'!H:H,"已售"),SUMIFS('附表6-收入明细采集底稿'!P:P,'附表6-收入明细采集底稿'!G:G,数据对照表!A3,'附表6-收入明细采集底稿'!H:H,"出租"),SUMIFS('附表6-收入明细采集底稿'!P:P,'附表6-收入明细采集底稿'!G:G,数据对照表!A3,'附表6-收入明细采集底稿'!H:H,"自用"),SUMIFS('附表6-收入明细采集底稿'!P:P,'附表6-收入明细采集底稿'!G:G,数据对照表!A3,'附表6-收入明细采集底稿'!H:H,"未售")) -> 0 | G6: =SUMIFS('附表6-收入明细采集底稿'!P:P,'附表6-收入明细采集底稿'!G:G,数据对照表!A3,'附表6-收入明细采集底稿'!H:H,"已售") -> 0 | H6: =F6-G6 -> 0 | I6: =SUMIFS('附表6-收入明细采集底稿'!P:P,'附表6-收入明细采集底稿'!G:G,数据对照表!A3,'附表6-收入明细采集底稿'!H:H,"自用") -> 0 | J6: =SUMIFS('附表6-收入明细采集底稿'!P:P,'附表6-收入明细采集底稿'!G:G,数据对照表!A3,'附表6-收入明细采集底稿'!H:H,"出租") -> 0
B7: 其他类型房产 | C7: 3 | D7: =SUM(D8:D12) -> 7157.81 | E7: =SUM(E8:E12) -> 85.16 | F7: =SUM(F8:F12) -> 7072.65 | G7: =SUM(G8:G12) -> 57.07 | H7: =SUM(H8:H12) -> 7015.58 | I7: =SUM(I8:I12) -> 0 | J7: =SUM(J8:J12) -> 2335.84
B8: ="其中："&数据对照表!A4 -> 其中：商业用房 | C8: 4 | D8: =SUMIFS('附表6-收入明细采集底稿'!P:P,'附表6-收入明细采集底稿'!G:G,数据对照表!A4) -> 2619 | E8: =SUMIFS('附表6-收入明细采集底稿'!P:P,'附表6-收入明细采集底稿'!G:G,数据对照表!A4,'附表6-收入明细采集底稿'!H:H,"不可售") -> 0 | F8: =SUM(SUMIFS('附表6-收入明细采集底稿'!P:P,'附表6-收入明细采集底稿'!G:G,数据对照表!A4,'附表6-收入明细采集底稿'!H:H,"已售"),SUMIFS('附表6-收入明细采集底稿'!P:P,'附表6-收入明细采集底稿'!G:G,数据对照表!A4,'附表6-收入明细采集底稿'!H:H,"出租"),SUMIFS('附表6-收入明细采集底稿'!P:P,'附表6-收入明细采集底稿'!G:G,数据对照表!A4,'附表6-收入明细采集底稿'!H:H,"自用"),SUMIFS('附表6-收入明细采集底稿'!P:P,'附表6-收入明细采集底稿'!G:G,数据对照表!A4,'附表6-收入明细采集底稿'!H:H,"未售")) -> 2619 | G8: =SUMIFS('附表6-收入明细采集底稿'!P:P,'附表6-收入明细采集底稿'!G:G,数据对照表!A4,'附表6-收入明细采集底稿'!H:H,"已售") -> 57.07 | H8: =F8-G8 -> 2561.93 | I8: =SUMIFS('附表6-收入明细采集底稿'!P:P,'附表6-收入明细采集底稿'!G:G,数据对照表!A4,'附表6-收入明细采集底稿'!H:H,"自用") -> 0 | J8: =SUMIFS('附表6-收入明细采集底稿'!P:P,'附表6-收入明细采集底稿'!G:G,数据对照表!A4,'附表6-收入明细采集底稿'!H:H,"出租") -> 2335.84
B9: =" "&数据对照表!A5 -> 办公用房 | C9: 5 | D9: =SUMIFS('附表6-收入明细采集底稿'!P:P,'附表6-收入明细采集底稿'!G:G,数据对照表!A5) -> 0 | E9: =SUMIFS('附表6-收入明细采集底稿'!P:P,'附表6-收入明细采集底稿'!G:G,数据对照表!A5,'附表6-收入明细采集底稿'!H:H,"不可售") -> 0 | F9: =SUM(SUMIFS('附表6-收入明细采集底稿'!P:P,'附表6-收入明细采集底稿'!G:G,数据对照表!A5,'附表6-收入明细采集底稿'!H:H,"已售"),SUMIFS('附表6-收入明细采集底稿'!P:P,'附表6-收入明细采集底稿'!G:G,数据对照表!A5,'附表6-收入明细采集底稿'!H:H,"出租"),SUMIFS('附表6-收入明细采集底稿'!P:P,'附表6-收入明细采集底稿'!G:G,数据对照表!A5,'附表6-收入明细采集底稿'!H:H,"自用"),SUMIFS('附表6-收入明细采集底稿'!P:P,'附表6-收入明细采集底稿'!G:G,数据对照表!A5,'附表6-收入明细采集底稿'!H:H,"未售")) -> 0 | G9: =SUMIFS('附表6-收入明细采集底稿'!P:P,'附表6-收入明细采集底稿'!G:G,数据对照表!A5,'附表6-收入明细采集底稿'!H:H,"已售") -> 0 | H9: =F9-G9 -> 0 | I9: =SUMIFS('附表6-收入明细采集底稿'!P:P,'附表6-收入明细采集底稿'!G:G,数据对照表!A5,'附表6-收入明细采集底稿'!H:H,"自用") -> 0 | J9: =SUMIFS('附表6-收入明细采集底稿'!P:P,'附表6-收入明细采集底稿'!G:G,数据对照表!A5,'附表6-收入明细采集底稿'!H:H,"出租") -> 0
B10: =" "&数据对照表!A6 -> 车位车库 | C10: 6 | D10: =SUMIFS('附表6-收入明细采集底稿'!P:P,'附表6-收入明细采集底稿'!G:G,数据对照表!A6) -> 3284.87 | E10: =SUMIFS('附表6-收入明细采集底稿'!P:P,'附表6-收入明细采集底稿'!G:G,数据对照表!A6,'附表6-收入明细采集底稿'!H:H,"不可售") -> 0 | F10: =SUM(SUMIFS('附表6-收入明细采集底稿'!P:P,'附表6-收入明细采集底稿'!G:G,数据对照表!A6,'附表6-收入明细采集底稿'!H:H,"已售"),SUMIFS('附表6-收入明细采集底稿'!P:P,'附表6-收入明细采集底稿'!G:G,数据对照表!A6,'附表6-收入明细采集底稿'!H:H,"出租"),SUMIFS('附表6-收入明细采集底稿'!P:P,'附表6-收入明细采集底稿'!G:G,数据对照表!A6,'附表6-收入明细采集底稿'!H:H,"自用"),SUMIFS('附表6-收入明细采集底稿'!P:P,'附表6-收入明细采集底稿'!G:G,数据对照表!A6,'附表6-收入明细采集底稿'!H:H,"未售")) -> 3284.87 | G10: =SUMIFS('附表6-收入明细采集底稿'!P:P,'附表6-收入明细采集底稿'!G:G,数据对照表!A6,'附表6-收入明细采集底稿'!H:H,"已售") -> 0 | H10: =F10-G10 -> 3284.87 | I10: =SUMIFS('附表6-收入明细采集底稿'!P:P,'附表6-收入明细采集底稿'!G:G,数据对照表!A6,'附表6-收入明细采集底稿'!H:H,"自用") -> 0 | J10: =SUMIFS('附表6-收入明细采集底稿'!P:P,'附表6-收入明细采集底稿'!G:G,数据对照表!A6,'附表6-收入明细采集底稿'!H:H,"出租") -> 0
B11: =" "&数据对照表!A7 -> 其他营业性房产 | C11: 7 | D11: =SUMIFS('附表6-收入明细采集底稿'!P:P,'附表6-收入明细采集底稿'!G:G,数据对照表!A7) -> 0 | E11: =SUMIFS('附表6-收入明细采集底稿'!P:P,'附表6-收入明细采集底稿'!G:G,数据对照表!A7,'附表6-收入明细采集底稿'!H:H,"不可售") -> 0 | F11: =SUM(SUMIFS('附表6-收入明细采集底稿'!P:P,'附表6-收入明细采集底稿'!G:G,数据对照表!A7,'附表6-收入明细采集底稿'!H:H,"已售"),SUMIFS('附表6-收入明细采集底稿'!P:P,'附表6-收入明细采集底稿'!G:G,数据对照表!A7,'附表6-收入明细采集底稿'!H:H,"出租"),SUMIFS('附表6-收入明细采集底稿'!P:P,'附表6-收入明细采集底稿'!G:G,数据对照表!A7,'附表6-收入明细采集底稿'!H:H,"自用"),SUMIFS('附表6-收入明细采集底稿'!P:P,'附表6-收入明细采集底稿'!G:G,数据对照表!A7,'附表6-收入明细采集底稿'!H:H,"未售")) -> 0 | G11: =SUMIFS('附表6-收入明细采集底稿'!P:P,'附表6-收入明细采集底稿'!G:G,数据对照表!A7,'附表6-收入明细采集底稿'!H:H,"已售") -> 0 | H11: =F11-G11 -> 0 | I11: =SUMIFS('附表6-收入明细采集底稿'!P:P,'附表6-收入明细采集底稿'!G:G,数据对照表!A7,'附表6-收入明细采集底稿'!H:H,"自用") -> 0 | J11: =SUMIFS('附表6-收入明细采集底稿'!P:P,'附表6-收入明细采集底稿'!G:G,数据对照表!A7,'附表6-收入明细采集底稿'!H:H,"出租") -> 0
B12: =" "&"非营业性房产" -> 非营业性房产 | C12: 8 | D12: =SUM(D13:D28) -> 1253.94 | E12: =SUM(E13:E28) -> 85.16 | F12: =SUM(F13:F28) -> 1168.78 | G12: =SUM(G13:G28) -> 0 | H12: =SUM(H13:H28) -> 1168.78 | I12: =SUM(I13:I28) -> 0 | J12: =SUM(J13:J28) -> 0
B13: =" 其中："&数据对照表!A8 -> 其中：居委会用房 | C13: 9 | D13: =SUMIFS('附表6-收入明细采集底稿'!P:P,'附表6-收入明细采集底稿'!G:G,数据对照表!A8) -> 0 | E13: =SUMIFS('附表6-收入明细采集底稿'!P:P,'附表6-收入明细采集底稿'!G:G,数据对照表!A8,'附表6-收入明细采集底稿'!H:H,"不可售") -> 0 | F13: =SUM(SUMIFS('附表6-收入明细采集底稿'!P:P,'附表6-收入明细采集底稿'!G:G,数据对照表!A8,'附表6-收入明细采集底稿'!H:H,"已售"),SUMIFS('附表6-收入明细采集底稿'!P:P,'附表6-收入明细采集底稿'!G:G,数据对照表!A8,'附表6-收入明细采集底稿'!H:H,"出租"),SUMIFS('附表6-收入明细采集底稿'!P:P,'附表6-收入明细采集底稿'!G:G,数据对照表!A8,'附表6-收入明细采集底稿'!H:H,"自用"),SUMIFS('附表6-收入明细采集底稿'!P:P,'附表6-收入明细采集底稿'!G:G,数据对照表!A8,'附表6-收入明细采集底稿'!H:H,"未售")) -> 0 | G13: =SUMIFS('附表6-收入明细采集底稿'!P:P,'附表6-收入明细采集底稿'!G:G,数据对照表!A8,'附表6-收入明细采集底稿'!H:H,"已售") -> 0 | H13: =F13-G13 -> 0 | I13: =SUMIFS('附表6-收入明细采集底稿'!P:P,'附表6-收入明细采集底稿'!G:G,数据对照表!A8,'附表6-收入明细采集底稿'!H:H,"自用") -> 0 | J13: =SUMIFS('附表6-收入明细采集底稿'!P:P,'附表6-收入明细采集底稿'!G:G,数据对照表!A8,'附表6-收入明细采集底稿'!H:H,"出租") -> 0
B14: =" "&数据对照表!A9 -> 派出所用房 | C14: 10 | D14: =SUMIFS('附表6-收入明细采集底稿'!P:P,'附表6-收入明细采集底稿'!G:G,数据对照表!A9) -> 0 | E14: =SUMIFS('附表6-收入明细采集底稿'!P:P,'附表6-收入明细采集底稿'!G:G,数据对照表!A9,'附表6-收入明细采集底稿'!H:H,"不可售") -> 0 | F14: =SUM(SUMIFS('附表6-收入明细采集底稿'!P:P,'附表6-收入明细采集底稿'!G:G,数据对照表!A9,'附表6-收入明细采集底稿'!H:H,"已售"),SUMIFS('附表6-收入明细采集底稿'!P:P,'附表6-收入明细采集底稿'!G:G,数据对照表!A9,'附表6-收入明细采集底稿'!H:H,"出租"),SUMIFS('附表6-收入明细采集底稿'!P:P,'附表6-收入明细采集底稿'!G:G,数据对照表!A9,'附表6-收入明细采集底稿'!H:H,"自用"),SUMIFS('附表6-收入明细采集底稿'!P:P,'附表6-收入明细采集底稿'!G:G,数据对照表!A9,'附表6-收入明细采集底稿'!H:H,"未售")) -> 0 | G14: =SUMIFS('附表6-收入明细采集底稿'!P:P,'附表6-收入明细采集底稿'!G:G,数据对照表!A9,'附表6-收入明细采集底稿'!H:H,"已售") -> 0 | H14: =F14-G14 -> 0 | I14: =SUMIFS('附表6-收入明细采集底稿'!P:P,'附表6-收入明细采集底稿'!G:G,数据对照表!A9,'附表6-收入明细采集底稿'!H:H,"自用") -> 0 | J14: =SUMIFS('附表6-收入明细采集底稿'!P:P,'附表6-收入明细采集底稿'!G:G,数据对照表!A9,'附表6-收入明细采集底稿'!H:H,"出租") -> 0
B15: =" "&数据对照表!A10 -> 会所 | C15: 11 | D15: =SUMIFS('附表6-收入明细采集底稿'!P:P,'附表6-收入明细采集底稿'!G:G,数据对照表!A10) -> 0 | E15: =SUMIFS('附表6-收入明细采集底稿'!P:P,'附表6-收入明细采集底稿'!G:G,数据对照表!A10,'附表6-收入明细采集底稿'!H:H,"不可售") -> 0 | F15: =SUM(SUMIFS('附表6-收入明细采集底稿'!P:P,'附表6-收入明细采集底稿'!G:G,数据对照表!A10,'附表6-收入明细采集底稿'!H:H,"已售"),SUMIFS('附表6-收入明细采集底稿'!P:P,'附表6-收入明细采集底稿'!G:G,数据对照表!A10,'附表6-收入明细采集底稿'!H:H,"出租"),SUMIFS('附表6-收入明细采集底稿'!P:P,'附表6-收入明细采集底稿'!G:G,数据对照表!A10,'附表6-收入明细采集底稿'!H:H,"自用"),SUMIFS('附表6-收入明细采集底稿'!P:P,'附表6-收入明细采集底稿'!G:G,数据对照表!A10,'附表6-收入明细采集底稿'!H:H,"未售")) -> 0 | G15: =SUMIFS('附表6-收入明细采集底稿'!P:P,'附表6-收入明细采集底稿'!G:G,数据对照表!A10,'附表6-收入明细采集底稿'!H:H,"已售") -> 0 | H15: =F15-G15 -> 0 | I15: =SUMIFS('附表6-收入明细采集底稿'!P:P,'附表6-收入明细采集底稿'!G:G,数据对照表!A10,'附表6-收入明细采集底稿'!H:H,"自用") -> 0 | J15: =SUMIFS('附表6-收入明细采集底稿'!P:P,'附表6-收入明细采集底稿'!G:G,数据对照表!A10,'附表6-收入明细采集底稿'!H:H,"出租") -> 0
B16: =" "&数据对照表!A11 -> 非机动车库（场） | C16: 12 | D16: =SUMIFS('附表6-收入明细采集底稿'!P:P,'附表6-收入明细采集底稿'!G:G,数据对照表!A11) -> 0 | E16: =SUMIFS('附表6-收入明细采集底稿'!P:P,'附表6-收入明细采集底稿'!G:G,数据对照表!A11,'附表6-收入明细采集底稿'!H:H,"不可售") -> 0 | F16: =SUM(SUMIFS('附表6-收入明细采集底稿'!P:P,'附表6-收入明细采集底稿'!G:G,数据对照表!A11,'附表6-收入明细采集底稿'!H:H,"已售"),SUMIFS('附表6-收入明细采集底稿'!P:P,'附表6-收入明细采集底稿'!G:G,数据对照表!A11,'附表6-收入明细采集底稿'!H:H,"出租"),SUMIFS('附表6-收入明细采集底稿'!P:P,'附表6-收入明细采集底稿'!G:G,数据对照表!A11,'附表6-收入明细采集底稿'!H:H,"自用"),SUMIFS('附表6-收入明细采集底稿'!P:P,'附表6-收入明细采集底稿'!G:G,数据对照表!A11,'附表6-收入明细采集底稿'!H:H,"未售")) -> 0 | G16: =SUMIFS('附表6-收入明细采集底稿'!P:P,'附表6-收入明细采集底稿'!G:G,数据对照表!A11,'附表6-收入明细采集底稿'!H:H,"已售") -> 0 | H16: =F16-G16 -> 0 | I16: =SUMIFS('附表6-收入明细采集底稿'!P:P,'附表6-收入明细采集底稿'!G:G,数据对照表!A11,'附表6-收入明细采集底稿'!H:H,"自用") -> 0 | J16: =SUMIFS('附表6-收入明细采集底稿'!P:P,'附表6-收入明细采集底稿'!G:G,数据对照表!A11,'附表6-收入明细采集底稿'!H:H,"出租") -> 0
B17: =" "&数据对照表!A12 -> 地下人防设施 | C17: 13 | D17: =SUMIFS('附表6-收入明细采集底稿'!P:P,'附表6-收入明细采集底稿'!G:G,数据对照表!A12) -> 0 | E17: =SUMIFS('附表6-收入明细采集底稿'!P:P,'附表6-收入明细采集底稿'!G:G,数据对照表!A12,'附表6-收入明细采集底稿'!H:H,"不可售") -> 0 | F17: =SUM(SUMIFS('附表6-收入明细采集底稿'!P:P,'附表6-收入明细采集底稿'!G:G,数据对照表!A12,'附表6-收入明细采集底稿'!H:H,"已售"),SUMIFS('附表6-收入明细采集底稿'!P:P,'附表6-收入明细采集底稿'!G:G,数据对照表!A12,'附表6-收入明细采集底稿'!H:H,"出租"),SUMIFS('附表6-收入明细采集底稿'!P:P,'附表6-收入明细采集底稿'!G:G,数据对照表!A12,'附表6-收入明细采集底稿'!H:H,"自用"),SUMIFS('附表6-收入明细采集底稿'!P:P,'附表6-收入明细采集底稿'!G:G,数据对照表!A12,'附表6-收入明细采集底稿'!H:H,"未售")) -> 0 | G17: =SUMIFS('附表6-收入明细采集底稿'!P:P,'附表6-收入明细采集底稿'!G:G,数据对照表!A12,'附表6-收入明细采集底稿'!H:H,"已售") -> 0 | H17: =F17-G17 -> 0 | I17: =SUMIFS('附表6-收入明细采集底稿'!P:P,'附表6-收入明细采集底稿'!G:G,数据对照表!A12,'附表6-收入明细采集底稿'!H:H,"自用") -> 0 | J17: =SUMIFS('附表6-收入明细采集底稿'!P:P,'附表6-收入明细采集底稿'!G:G,数据对照表!A12,'附表6-收入明细采集底稿'!H:H,"出租") -> 0
B18: =" "&数据对照表!A13 -> 物业管理场所 | C18: 14 | D18: =SUMIFS('附表6-收入明细采集底稿'!P:P,'附表6-收入明细采集底稿'!G:G,数据对照表!A13) -> 0 | E18: =SUMIFS('附表6-收入明细采集底稿'!P:P,'附表6-收入明细采集底稿'!G:G,数据对照表!A13,'附表6-收入明细采集底稿'!H:H,"不可售") -> 0 | F18: =SUM(SUMIFS('附表6-收入明细采集底稿'!P:P,'附表6-收入明细采集底稿'!G:G,数据对照表!A13,'附表6-收入明细采集底稿'!H:H,"已售"),SUMIFS('附表6-收入明细采集底稿'!P:P,'附表6-收入明细采集底稿'!G:G,数据对照表!A13,'附表6-收入明细采集底稿'!H:H,"出租"),SUMIFS('附表6-收入明细采集底稿'!P:P,'附表6-收入明细采集底稿'!G:G,数据对照表!A13,'附表6-收入明细采集底稿'!H:H,"自用"),SUMIFS('附表6-收入明细采集底稿'!P:P,'附表6-收入明细采集底稿'!G:G,数据对照表!A13,'附表6-收入明细采集底稿'!H:H,"未售")) -> 0 | G18: =SUMIFS('附表6-收入明细采集底稿'!P:P,'附表6-收入明细采集底稿'!G:G,数据对照表!A13,'附表6-收入明细采集底稿'!H:H,"已售") -> 0 | H18: =F18-G18 -> 0 | I18: =SUMIFS('附表6-收入明细采集底稿'!P:P,'附表6-收入明细采集底稿'!G:G,数据对照表!A13,'附表6-收入明细采集底稿'!H:H,"自用") -> 0 | J18: =SUMIFS('附表6-收入明细采集底稿'!P:P,'附表6-收入明细采集底稿'!G:G,数据对照表!A13,'附表6-收入明细采集底稿'!H:H,"出租") -> 0
B19: =" "&数据对照表!A14 -> 变电站 | C19: 15 | D19: =SUMIFS('附表6-收入明细采集底稿'!P:P,'附表6-收入明细采集底稿'!G:G,数据对照表!A14) -> 0 | E19: =SUMIFS('附表6-收入明细采集底稿'!P:P,'附表6-收入明细采集底稿'!G:G,数据对照表!A14,'附表6-收入明细采集底稿'!H:H,"不可售") -> 0 | F19: =SUM(SUMIFS('附表6-收入明细采集底稿'!P:P,'附表6-收入明细采集底稿'!G:G,数据对照表!A14,'附表6-收入明细采集底稿'!H:H,"已售"),SUMIFS('附表6-收入明细采集底稿'!P:P,'附表6-收入明细采集底稿'!G:G,数据对照表!A14,'附表6-收入明细采集底稿'!H:H,"出租"),SUMIFS('附表6-收入明细采集底稿'!P:P,'附表6-收入明细采集底稿'!G:G,数据对照表!A14,'附表6-收入明细采集底稿'!H:H,"自用"),SUMIFS('附表6-收入明细采集底稿'!P:P,'附表6-收入明细采集底稿'!G:G,数据对照表!A14,'附表6-收入明细采集底稿'!H:H,"未售")) -> 0 | G19: =SUMIFS('附表6-收入明细采集底稿'!P:P,'附表6-收入明细采集底稿'!G:G,数据对照表!A14,'附表6-收入明细采集底稿'!H:H,"已售") -> 0 | H19: =F19-G19 -> 0 | I19: =SUMIFS('附表6-收入明细采集底稿'!P:P,'附表6-收入明细采集底稿'!G:G,数据对照表!A14,'附表6-收入明细采集底稿'!H:H,"自用") -> 0 | J19: =SUMIFS('附表6-收入明细采集底稿'!P:P,'附表6-收入明细采集底稿'!G:G,数据对照表!A14,'附表6-收入明细采集底稿'!H:H,"出租") -> 0
B20: =" "&数据对照表!A15 -> 热力站 | C20: 16 | D20: =SUMIFS('附表6-收入明细采集底稿'!P:P,'附表6-收入明细采集底稿'!G:G,数据对照表!A15) -> 0 | E20: =SUMIFS('附表6-收入明细采集底稿'!P:P,'附表6-收入明细采集底稿'!G:G,数据对照表!A15,'附表6-收入明细采集底稿'!H:H,"不可售") -> 0 | F20: =SUM(SUMIFS('附表6-收入明细采集底稿'!P:P,'附表6-收入明细采集底稿'!G:G,数据对照表!A15,'附表6-收入明细采集底稿'!H:H,"已售"),SUMIFS('附表6-收入明细采集底稿'!P:P,'附表6-收入明细采集底稿'!G:G,数据对照表!A15,'附表6-收入明细采集底稿'!H:H,"出租"),SUMIFS('附表6-收入明细采集底稿'!P:P,'附表6-收入明细采集底稿'!G:G,数据对照表!A15,'附表6-收入明细采集底稿'!H:H,"自用"),SUMIFS('附表6-收入明细采集底稿'!P:P,'附表6-收入明细采集底稿'!G:G,数据对照表!A15,'附表6-收入明细采集底稿'!H:H,"未售")) -> 0 | G20: =SUMIFS('附表6-收入明细采集底稿'!P:P,'附表6-收入明细采集底稿'!G:G,数据对照表!A15,'附表6-收入明细采集底稿'!H:H,"已售") -> 0 | H20: =F20-G20 -> 0 | I20: =SUMIFS('附表6-收入明细采集底稿'!P:P,'附表6-收入明细采集底稿'!G:G,数据对照表!A15,'附表6-收入明细采集底稿'!H:H,"自用") -> 0 | J20: =SUMIFS('附表6-收入明细采集底稿'!P:P,'附表6-收入明细采集底稿'!G:G,数据对照表!A15,'附表6-收入明细采集底稿'!H:H,"出租") -> 0
B21: =" "&数据对照表!A16 -> 水厂 | C21: 17 | D21: =SUMIFS('附表6-收入明细采集底稿'!P:P,'附表6-收入明细采集底稿'!G:G,数据对照表!A16) -> 0 | E21: =SUMIFS('附表6-收入明细采集底稿'!P:P,'附表6-收入明细采集底稿'!G:G,数据对照表!A16,'附表6-收入明细采集底稿'!H:H,"不可售") -> 0 | F21: =SUM(SUMIFS('附表6-收入明细采集底稿'!P:P,'附表6-收入明细采集底稿'!G:G,数据对照表!A16,'附表6-收入明细采集底稿'!H:H,"已售"),SUMIFS('附表6-收入明细采集底稿'!P:P,'附表6-收入明细采集底稿'!G:G,数据对照表!A16,'附表6-收入明细采集底稿'!H:H,"出租"),SUMIFS('附表6-收入明细采集底稿'!P:P,'附表6-收入明细采集底稿'!G:G,数据对照表!A16,'附表6-收入明细采集底稿'!H:H,"自用"),SUMIFS('附表6-收入明细采集底稿'!P:P,'附表6-收入明细采集底稿'!G:G,数据对照表!A16,'附表6-收入明细采集底稿'!H:H,"未售")) -> 0 | G21: =SUMIFS('附表6-收入明细采集底稿'!P:P,'附表6-收入明细采集底稿'!G:G,数据对照表!A16,'附表6-收入明细采集底稿'!H:H,"已售") -> 0 | H21: =F21-G21 -> 0 | I21: =SUMIFS('附表6-收入明细采集底稿'!P:P,'附表6-收入明细采集底稿'!G:G,数据对照表!A16,'附表6-收入明细采集底稿'!H:H,"自用") -> 0 | J21: =SUMIFS('附表6-收入明细采集底稿'!P:P,'附表6-收入明细采集底稿'!G:G,数据对照表!A16,'附表6-收入明细采集底稿'!H:H,"出租") -> 0
B22: =" "&数据对照表!A17 -> 文体场馆 | C22: 18 | D22: =SUMIFS('附表6-收入明细采集底稿'!P:P,'附表6-收入明细采集底稿'!G:G,数据对照表!A17) -> 0 | E22: =SUMIFS('附表6-收入明细采集底稿'!P:P,'附表6-收入明细采集底稿'!G:G,数据对照表!A17,'附表6-收入明细采集底稿'!H:H,"不可售") -> 0 | F22: =SUM(SUMIFS('附表6-收入明细采集底稿'!P:P,'附表6-收入明细采集底稿'!G:G,数据对照表!A17,'附表6-收入明细采集底稿'!H:H,"已售"),SUMIFS('附表6-收入明细采集底稿'!P:P,'附表6-收入明细采集底稿'!G:G,数据对照表!A17,'附表6-收入明细采集底稿'!H:H,"出租"),SUMIFS('附表6-收入明细采集底稿'!P:P,'附表6-收入明细采集底稿'!G:G,数据对照表!A17,'附表6-收入明细采集底稿'!H:H,"自用"),SUMIFS('附表6-收入明细采集底稿'!P:P,'附表6-收入明细采集底稿'!G:G,数据对照表!A17,'附表6-收入明细采集底稿'!H:H,"未售")) -> 0 | G22: =SUMIFS('附表6-收入明细采集底稿'!P:P,'附表6-收入明细采集底稿'!G:G,数据对照表!A17,'附表6-收入明细采集底稿'!H:H,"已售") -> 0 | H22: =F22-G22 -> 0 | I22: =SUMIFS('附表6-收入明细采集底稿'!P:P,'附表6-收入明细采集底稿'!G:G,数据对照表!A17,'附表6-收入明细采集底稿'!H:H,"自用") -> 0 | J22: =SUMIFS('附表6-收入明细采集底稿'!P:P,'附表6-收入明细采集底稿'!G:G,数据对照表!A17,'附表6-收入明细采集底稿'!H:H,"出租") -> 0
B23: =" "&数据对照表!A18 -> 学校 | C23: 19 | D23: =SUMIFS('附表6-收入明细采集底稿'!P:P,'附表6-收入明细采集底稿'!G:G,数据对照表!A18) -> 0 | E23: =SUMIFS('附表6-收入明细采集底稿'!P:P,'附表6-收入明细采集底稿'!G:G,数据对照表!A18,'附表6-收入明细采集底稿'!H:H,"不可售") -> 0 | F23: =SUM(SUMIFS('附表6-收入明细采集底稿'!P:P,'附表6-收入明细采集底稿'!G:G,数据对照表!A18,'附表6-收入明细采集底稿'!H:H,"已售"),SUMIFS('附表6-收入明细采集底稿'!P:P,'附表6-收入明细采集底稿'!G:G,数据对照表!A18,'附表6-收入明细采集底稿'!H:H,"出租"),SUMIFS('附表6-收入明细采集底稿'!P:P,'附表6-收入明细采集底稿'!G:G,数据对照表!A18,'附表6-收入明细采集底稿'!H:H,"自用"),SUMIFS('附表6-收入明细采集底稿'!P:P,'附表6-收入明细采集底稿'!G:G,数据对照表!A18,'附表6-收入明细采集底稿'!H:H,"未售")) -> 0 | G23: =SUMIFS('附表6-收入明细采集底稿'!P:P,'附表6-收入明细采集底稿'!G:G,数据对照表!A18,'附表6-收入明细采集底稿'!H:H,"已售") -> 0 | H23: =F23-G23 -> 0 | I23: =SUMIFS('附表6-收入明细采集底稿'!P:P,'附表6-收入明细采集底稿'!G:G,数据对照表!A18,'附表6-收入明细采集底稿'!H:H,"自用") -> 0 | J23: =SUMIFS('附表6-收入明细采集底稿'!P:P,'附表6-收入明细采集底稿'!G:G,数据对照表!A18,'附表6-收入明细采集底稿'!H:H,"出租") -> 0
B24: =" "&数据对照表!A19 -> 幼儿园 | C24: 20 | D24: =SUMIFS('附表6-收入明细采集底稿'!P:P,'附表6-收入明细采集底稿'!G:G,数据对照表!A19) -> 0 | E24: =SUMIFS('附表6-收入明细采集底稿'!P:P,'附表6-收入明细采集底稿'!G:G,数据对照表!A19,'附表6-收入明细采集底稿'!H:H,"不可售") -> 0 | F24: =SUM(SUMIFS('附表6-收入明细采集底稿'!P:P,'附表6-收入明细采集底稿'!G:G,数据对照表!A19,'附表6-收入明细采集底稿'!H:H,"已售"),SUMIFS('附表6-收入明细采集底稿'!P:P,'附表6-收入明细采集底稿'!G:G,数据对照表!A19,'附表6-收入明细采集底稿'!H:H,"出租"),SUMIFS('附表6-收入明细采集底稿'!P:P,'附表6-收入明细采集底稿'!G:G,数据对照表!A19,'附表6-收入明细采集底稿'!H:H,"自用"),SUMIFS('附表6-收入明细采集底稿'!P:P,'附表6-收入明细采集底稿'!G:G,数据对照表!A19,'附表6-收入明细采集底稿'!H:H,"未售")) -> 0 | G24: =SUMIFS('附表6-收入明细采集底稿'!P:P,'附表6-收入明细采集底稿'!G:G,数据对照表!A19,'附表6-收入明细采集底稿'!H:H,"已售") -> 0 | H24: =F24-G24 -> 0 | I24: =SUMIFS('附表6-收入明细采集底稿'!P:P,'附表6-收入明细采集底稿'!G:G,数据对照表!A19,'附表6-收入明细采集底稿'!H:H,"自用") -> 0 | J24: =SUMIFS('附表6-收入明细采集底稿'!P:P,'附表6-收入明细采集底稿'!G:G,数据对照表!A19,'附表6-收入明细采集底稿'!H:H,"出租") -> 0
B25: =" "&数据对照表!A20 -> 托儿所 | C25: 21 | D25: =SUMIFS('附表6-收入明细采集底稿'!P:P,'附表6-收入明细采集底稿'!G:G,数据对照表!A20) -> 0 | E25: =SUMIFS('附表6-收入明细采集底稿'!P:P,'附表6-收入明细采集底稿'!G:G,数据对照表!A20,'附表6-收入明细采集底稿'!H:H,"不可售") -> 0 | F25: =SUM(SUMIFS('附表6-收入明细采集底稿'!P:P,'附表6-收入明细采集底稿'!G:G,数据对照表!A20,'附表6-收入明细采集底稿'!H:H,"已售"),SUMIFS('附表6-收入明细采集底稿'!P:P,'附表6-收入明细采集底稿'!G:G,数据对照表!A20,'附表6-收入明细采集底稿'!H:H,"出租"),SUMIFS('附表6-收入明细采集底稿'!P:P,'附表6-收入明细采集底稿'!G:G,数据对照表!A20,'附表6-收入明细采集底稿'!H:H,"自用"),SUMIFS('附表6-收入明细采集底稿'!P:P,'附表6-收入明细采集底稿'!G:G,数据对照表!A20,'附表6-收入明细采集底稿'!H:H,"未售")) -> 0 | G25: =SUMIFS('附表6-收入明细采集底稿'!P:P,'附表6-收入明细采集底稿'!G:G,数据对照表!A20,'附表6-收入明细采集底稿'!H:H,"已售") -> 0 | H25: =F25-G25 -> 0 | I25: =SUMIFS('附表6-收入明细采集底稿'!P:P,'附表6-收入明细采集底稿'!G:G,数据对照表!A20,'附表6-收入明细采集底稿'!H:H,"自用") -> 0 | J25: =SUMIFS('附表6-收入明细采集底稿'!P:P,'附表6-收入明细采集底稿'!G:G,数据对照表!A20,'附表6-收入明细采集底稿'!H:H,"出租") -> 0
... B28: =" "&数据对照表!A23 -> 其他非营业性房产 | C28: 24 | D28: =SUMIFS('附表6-收入明细采集底稿'!P:P,'附表6-收入明细采集底稿'!G:G,数据对照表!A23) -> 1253.94 | E28: =SUMIFS('附表6-收入明细采集底稿'!P:P,'附表6-收入明细采集底稿'!G:G,数据对照表!A23,'附表6-收入明细采集底稿'!H:H,"不可售") -> 85.16 | F28: =SUM(SUMIFS('附表6-收入明细采集底稿'!P:P,'附表6-收入明细采集底稿'!G:G,数据对照表!A23,'附表6-收入明细采集底稿'!H:H,"已售"),SUMIFS('附表6-收入明细采集底稿'!P:P,'附表6-收入明细采集底稿'!G:G,数据对照表!A23,'附表6-收入明细采集底稿'!H:H,"出租"),SUMIFS('附表6-收入明细采集底稿'!P:P,'附表6-收入明细采集底稿'!G:G,数据对照表!A23,'附表6-收入明细采集底稿'!H:H,"自用"),SUMIFS('附表6-收入明细采集底稿'!P:P,'附表6-收入明细采集底稿'!G:G,数据对照表!A23,'附表6-收入明细采集底稿'!H:H,"未售")) -> 1168.78 | G28: =SUMIFS('附表6-收入明细采集底稿'!P:P,'附表6-收入明细采集底稿'!G:G,数据对照表!A23,'附表6-收入明细采集底稿'!H:H,"已售") -> 0 | H28: =F28-G28 -> 1168.78 | I28: =SUMIFS('附表6-收入明细采集底稿'!P:P,'附表6-收入明细采集底稿'!G:G,数据对照表!A23,'附表6-收入明细采集底稿'!H:H,"自用") -> 0 | J28: =SUMIFS('附表6-收入明细采集底稿'!P:P,'附表6-收入明细采集底稿'!G:G,数据对照表!A23,'附表6-收入明细采集底稿'!H:H,"出租") -> 0
B29: 合计 | C29: 25 | D29: =SUM(D5:D7) -> 26212.41 | E29: =SUM(E5:E7) -> 85.16 | F29: =SUM(F5:F7) -> 26127.25 | G29: =SUM(G5:G7) -> 18795.2 | H29: =SUM(H5:H7) -> 7332.05 | I29: =SUM(I5:I7) -> 0 | J29: =SUM(J5:J7) -> 2335.84
A30: 面积比例信息 | B30: 房屋类型 | C30: 序号 | D30: 可售面积 | E30: 已售面积 | F30: 销售比例 | G30: 自用比例 | H30: 出租比例 | I30: 销售、出租、自用比例 | K30: 说明
D31: 9 | E31: 10 | F31: 11=10÷9 | G31: 12 | H31: 13 | I31: 14 | K31: 15
B32: =B5 -> 普通住宅 | C32: 26 | D32: =F5 -> 19054.6 | E32: =G5 -> 18738.13 | F32: =IF(D32=0,"",ROUND(E32/D32,6)) -> 0.983391 | G32: =IF(F5=0,"",ROUND(I5/F5,6)) -> 0 | H32: =IF(F5=0,"",ROUND(J5/F5,6)) -> 0 | I32: =IF(F5=0,"",ROUND((G5+I5+J5)/F5,6)) -> 0.983391
B33: =B6 -> 非普通住宅 | C33: 27 | D33: =F6 -> 0 | E33: =G6 -> 0 | F33: =IF(D33=0,"",ROUND(E33/D33,6)) | G33: =IF(F6=0,"",ROUND(I6/F6,6)) | H33: =IF(F6=0,"",ROUND(J6/F6,6)) | I33: =IF(F6=0,"",ROUND((G6+I6+J6)/F6,6))
B34: =B7 -> 其他类型房产 | C34: 28 | D34: =F7 -> 7072.65 | E34: =G7 -> 57.07 | F34: =IF(D34=0,"",ROUND(E34/D34,6)) -> 0.008069 | G34: =IF(F7=0,"",ROUND(I7/F7,6)) -> 0 | H34: =IF(F7=0,"",ROUND(J7/F7,6)) -> 0.330264 | I34: =IF(F7=0,"",ROUND((G7+I7+J7)/F7,6)) -> 0.338333
B35: 合计 | C35: 29 | D35: =SUM(D32:D34) -> 26127.25 | E35: =SUM(E32:E34) -> 18795.2 | F35: =IF(D35=0,"",ROUND(E35/D35,6)) -> 0.719372 | G35: =IF(F29=0,"",ROUND(I29/F29,6)) -> 0 | H35: =IF(F29=0,"",ROUND(J29/F29,6)) -> 0.089402 | I35: =IF(F29=0,"",ROUND((G29+I29+J29)/F29,6)) -> 0.808774

Sheet 附表2-收入统计表
A1: T22000附表2-收入统计表
A2: =土地增值税税源明细表!F5&"："&土地增值税税源明细表!H5&" "&土地增值税税源明细表!A5&"："&土地增值税税源明细表!B5&" "&"金额单位:人民币元(列至角分)" -> 项目编码：Z65280120160100 项目名称：通力华庭 金额单位:人民币元(列至角分)
A3: 清算类别 | B3: 序号 | C3: 货币收入 | D3: 实物收入及其他收入 | E3: 视同销售收入 | F3: 小计
C4: 1 | D4: 2 | E4: 3 | F4: 4=1+2+3
A5: =数据对照表!A2 -> 普通住宅 | B5: 1 | C5: =SUMIFS('附表6-收入明细采集底稿'!X:X,'附表6-收入明细采集底稿'!G:G,"普通住宅",'附表6-收入明细采集底稿'!H:H,"已售",'附表6-收入明细采集底稿'!I:I,"货币收入") -> 68505556 | D5: =SUMIFS('附表6-收入明细采集底稿'!X:X,'附表6-收入明细采集底稿'!G:G,"普通住宅",'附表6-收入明细采集底稿'!H:H,"已售",'附表6-收入明细采集底稿'!I:I,"实物及其他收入") -> 0 | E5: =SUMIFS('附表6-收入明细采集底稿'!X:X,'附表6-收入明细采集底稿'!G:G,"普通住宅",'附表6-收入明细采集底稿'!H:H,"已售",'附表6-收入明细采集底稿'!I:I,"视同销售收入") -> 0 | F5: =C5+D5+E5 -> 68505556
A6: =数据对照表!A3 -> 非普通住宅 | B6: 2 | C6: =SUMIFS('附表6-收入明细采集底稿'!X:X,'附表6-收入明细采集底稿'!G:G,"非普通住宅",'附表6-收入明细采集底稿'!H:H,"已售",'附表6-收入明细采集底稿'!I:I,"货币收入") -> 0 | D6: =SUMIFS('附表6-收入明细采集底稿'!X:X,'附表6-收入明细采集底稿'!G:G,"非普通住宅",'附表6-收入明细采集底稿'!H:H,"已售",'附表6-收入明细采集底稿'!I:I,"实物及其他收入") -> 0 | E6: =SUMIFS('附表6-收入明细采集底稿'!X:X,'附表6-收入明细采集底稿'!G:G,"非普通住宅",'附表6-收入明细采集底稿'!H:H,"已售",'附表6-收入明细采集底稿'!I:I,"视同销售收入") -> 0 | F6: =C6+D6+E6 -> 0
A7: 其他类型房产 | B7: 3 | C7: =SUM(C8:C12) -> 1294848.6 | D7: =SUM(D8:D12) -> 0 | E7: =SUM(E8:E12) -> 0 | F7: =C7+D7+E7 -> 1294848.6
A8: ="其中："&数据对照表!A4 -> 其中：商业用房 | B8: 4 | C8: =SUMIFS('附表6-收入明细采集底稿'!X:X,'附表6-收入明细采集底稿'!G:G,"商业用房",'附表6-收入明细采集底稿'!H:H,"已售",'附表6-收入明细采集底稿'!I:I,"货币收入") -> 1294848.6 | D8: =SUMIFS('附表6-收入明细采集底稿'!X:X,'附表6-收入明细采集底稿'!G:G,"商业用房",'附表6-收入明细采集底稿'!H:H,"已售",'附表6-收入明细采集底稿'!I:I,"实物及其他收入") -> 0 | E8: =SUMIFS('附表6-收入明细采集底稿'!X:X,'附表6-收入明细采集底稿'!G:G,"商业用房",'附表6-收入明细采集底稿'!H:H,"已售",'附表6-收入明细采集底稿'!I:I,"视同销售收入") -> 0 | F8: =C8+D8+E8 -> 1294848.6
A9: =" "&数据对照表!A5 -> 办公用房 | B9: 5 | C9: =SUMIFS('附表6-收入明细采集底稿'!X:X,'附表6-收入明细采集底稿'!G:G,"办公用房",'附表6-收入明细采集底稿'!H:H,"已售",'附表6-收入明细采集底稿'!I:I,"货币收入") -> 0 | D9: =SUMIFS('附表6-收入明细采集底稿'!X:X,'附表6-收入明细采集底稿'!G:G,"办公用房",'附表6-收入明细采集底稿'!H:H,"已售",'附表6-收入明细采集底稿'!I:I,"实物及其他收入") -> 0 | E9: =SUMIFS('附表6-收入明细采集底稿'!X:X,'附表6-收入明细采集底稿'!G:G,"办公用房",'附表6-收入明细采集底稿'!H:H,"已售",'附表6-收入明细采集底稿'!I:I,"视同销售收入") -> 0 | F9: =C9+D9+E9 -> 0
A10: =" "&数据对照表!A6 -> 车位车库 | B10: 6 | C10: =SUMIFS('附表6-收入明细采集底稿'!X:X,'附表6-收入明细采集底稿'!G:G,"车位车库",'附表6-收入明细采集底稿'!H:H,"已售",'附表6-收入明细采集底稿'!I:I,"货币收入") -> 0 | D10: =SUMIFS('附表6-收入明细采集底稿'!X:X,'附表6-收入明细采集底稿'!G:G,"车位车库",'附表6-收入明细采集底稿'!H:H,"已售",'附表6-收入明细采集底稿'!I:I,"实物及其他收入") -> 0 | E10: =SUMIFS('附表6-收入明细采集底稿'!X:X,'附表6-收入明细采集底稿'!G:G,"车位车库",'附表6-收入明细采集底稿'!H:H,"已售",'附表6-收入明细采集底稿'!I:I,"视同销售收入") -> 0 | F10: =C10+D10+E10 -> 0
A11: =" "&数据对照表!A7 -> 其他营业性房产 | B11: 7 | C11: =SUMIFS('附表6-收入明细采集底稿'!X:X,'附表6-收入明细采集底稿'!G:G,"其他营业性房产",'附表6-收入明细采集底稿'!H:H,"已售",'附表6-收入明细采集底稿'!I:I,"货币收入") -> 0 | D11: =SUMIFS('附表6-收入明细采集底稿'!X:X,'附表6-收入明细采集底稿'!G:G,"其他营业性房产",'附表6-收入明细采集底稿'!H:H,"已售",'附表6-收入明细采集底稿'!I:I,"实物及其他收入") -> 0 | E11: =SUMIFS('附表6-收入明细采集底稿'!X:X,'附表6-收入明细采集底稿'!G:G,"其他营业性房产",'附表6-收入明细采集底稿'!H:H,"已售",'附表6-收入明细采集底稿'!I:I,"视同销售收入") -> 0 | F11: =C11+D11+E11 -> 0
A12: =" "&"非营业性房产" -> 非营业性房产 | B12: 8 | C12: =ROUND(SUMIFS('附表6-收入明细采集底稿'!X:X,'附表6-收入明细采集底稿'!H:H,"已售",'附表6-收入明细采集底稿'!I:I,"货币收入")-C5-C6-C8-C9-C10-C11,2) -> 0 | D12: =ROUND(SUMIFS('附表6-收入明细采集底稿'!X:X,'附表6-收入明细采集底稿'!H:H,"已售",'附表6-收入明细采集底稿'!I:I,"实物及其他收入")-D5-D6-D8-D9-D10-D11,2) -> 0 | E12: =ROUND(SUMIFS('附表6-收入明细采集底稿'!X:X,'附表6-收入明细采集底稿'!H:H,"已售",'附表6-收入明细采集底稿'!I:I,"视同销售收入")-E5-E6-E8-E9-E10-E11,2) -> 0 | F12: =C12+D12+E12 -> 0
A13: 合计 | B13: 9 | C13: =C5+C6+C7 -> 69800405 | D13: =D5+D6+D7 -> 0 | E13: =E5+E6+E7 -> 0 | F13: =C13+D13+E13 -> 69800405

Sheet 附表3-扣除项目分摊表
A1: T23000附表3-扣除项目分摊表
A2: =土地增值税税源明细表!F5&"："&土地增值税税源明细表!H5&" "&土地增值税税源明细表!A5&"："&土地增值税税源明细表!B5&" "&"金额单位:人民币元(列至角分)" -> 项目编码：Z65280120160100 项目名称：通力华庭 金额单位:人民币元(列至角分)
A3: 科目名称 | B3: 序号 | C3: 总扣除金额 | G3: 本次扣除比例 | K3: 本次扣除金额
C4: 普通住宅 | D4: 非普通住宅 | E4: 其他类型房产 | F4: 小计 | G4: 分摊方法 | H4: 普通住宅 | I4: 非普通住宅 | J4: 其他类型房产 | K4: 普通住宅 | L4: 非普通住宅 | M4: 其他类型房产 | N4: 小计
C5: 1 | D5: 2 | E5: 3 | F5: 4=1+2+3 | G5: 5 | H5: 6 | I5: 7 | J5: 8 | K5: 9=1*6 | L5: 10=2*7 | M5: 11=3*8 | N5: 12=9+10+11
A6: 扣除项目金额合计 | B6: 1=2+4+12+15+21+22 | C6: ='附表5-扣除项目统计表'!E87+'附表5-扣除项目统计表'!I87 -> 61508808 | D6: ='附表5-扣除项目统计表'!F87+'附表5-扣除项目统计表'!J87 -> 0 | E6: ='附表5-扣除项目统计表'!G87+'附表5-扣除项目统计表'!K87 -> 20153486 | F6: =SUM(C6:E6) -> 81662294 | K6: =SUM(K7)+SUM(K9)+SUM(K17)+SUM(K20)+SUM(K26)+SUM(K27) -> 60500789 | L6: =SUM(L7)+SUM(L9)+SUM(L17)+SUM(L20)+SUM(L26)+SUM(L27) -> 0 | M6: =SUM(M7)+SUM(M9)+SUM(M17)+SUM(M20)+SUM(M26)+SUM(M27) -> 189541.59 | N6: =SUM(K6:M6) -> 60690330
A7: 1.取得土地使用权所支付的金额 | B7: 2 | C7: ='附表5-扣除项目统计表'!E6+'附表5-扣除项目统计表'!I6 -> 7837733.9 | D7: ='附表5-扣除项目统计表'!F6+'附表5-扣除项目统计表'!J6 -> 0 | E7: ='附表5-扣除项目统计表'!G6+'附表5-扣除项目统计表'!K6 -> 1077274 | F7: =SUM(C7:E7) -> 8915007.9 | G7: 其他合理方法 | H7: ='附表1-面积统计表'!F32 -> 0.983391 | I7: 0 | J7: ='附表1-面积统计表'!E34/'附表1-面积统计表'!D8 -> 0.02179076 | K7: =IF(AND(H7<=1,H7>=0),ROUND(C7*H7,2),"请准确填写扣除比例") -> 7707557 | L7: 0 | M7: =IF(AND(J7<=1,J7>=0),ROUND(E7*J7,2),"请准确填写扣除比例") -> 23474.62 | N7: =SUM(K7:M7) -> 7731031.6
A8: 其中：不可加计扣除金额 | B8: 3 | C8: ='附表5-扣除项目统计表'!E10+'附表5-扣除项目统计表'!I10 -> 0 | D8: ='附表5-扣除项目统计表'!F10+'附表5-扣除项目统计表'!J10 -> 0 | E8: ='附表5-扣除项目统计表'!G10+'附表5-扣除项目统计表'!K10 -> 0 | F8: =SUM(C8:E8) -> 0 | G8: 可售建筑面积法 | H8: =IF(OR($G8="可售建筑面积法",$G8="可售建筑面积法（二分法）"),'附表1-面积统计表'!$F$32,IF($G8="其他合理方法","请填写","请选择分摊方法")) -> 0.983391 | I8: =IF($G8="可售建筑面积法（二分法）",IF('附表1-面积统计表'!$D$33+'附表1-面积统计表'!$D$34=0,"",ROUND(('附表1-面积统计表'!$E$33+'附表1-面积统计表'!$E$34)/('附表1-面积统计表'!$D$33+'附表1-面积统计表'!$D$34),6)),IF($G8="可售建筑面积法",'附表1-面积统计表'!$F$33,IF($G8="其他合理方法","请填写","请选择分摊方法"))) | J8: =IF($G8="可售建筑面积法（二分法）",IF('附表1-面积统计表'!$D$33+'附表1-面积统计表'!$D$34=0,"",ROUND(('附表1-面积统计表'!$E$33+'附表1-面积统计表'!$E$34)/('附表1-面积统计表'!$D$33+'附表1-面积统计表'!$D$34),6)),IF($G8="可售建筑面积法",'附表1-面积统计表'!$F$34,IF($G8="其他合理方法","请填写","请选择分摊方法"))) -> 0.008069 | K8: =IF(AND(H8<=1,H8>=0),ROUND(C8*H8,2),"请准确填写扣除比例") -> 0 | L8: 0 | M8: =IF(AND(J8<=1,J8>=0),ROUND(E8*J8,2),"请准确填写扣除比例") -> 0 | N8: =SUM(K8:M8) -> 0
A9: 2.房地产开发成本 | B9: 4=5+6+7+8+9+10 | C9: ='附表5-扣除项目统计表'!E11+'附表5-扣除项目统计表'!I11 -> 38847744 | D9: ='附表5-扣除项目统计表'!F11+'附表5-扣除项目统计表'!J11 -> 0 | E9: ='附表5-扣除项目统计表'!G11+'附表5-扣除项目统计表'!K11 -> 14419431 | F9: =SUM(C9:E9) -> 53267175 | K9: =SUM(K10:K15) -> 38202522 | L9: =SUM(L10:L15) -> 0 | M9: =SUM(M10:M15) -> 116350.38 | N9: =SUM(K9:M9) -> 38318872
A10: 其中：土地征用及拆迁补偿费 | B10: 5 | C10: ='附表5-扣除项目统计表'!E12+'附表5-扣除项目统计表'!I12 -> 0 | D10: ='附表5-扣除项目统计表'!F12+'附表5-扣除项目统计表'!J12 -> 0 | E10: ='附表5-扣除项目统计表'!G12+'附表5-扣除项目统计表'!K12 -> 0 | F10: =SUM(C10:E10) -> 0 | G10: 可售建筑面积法 | H10: =IF(OR($G10="可售建筑面积法",$G10="可售建筑面积法（二分法）"),'附表1-面积统计表'!$F$32,IF($G10="其他合理方法","请填写","请选择分摊方法")) -> 0.983391 | I10: =IF($G10="可售建筑面积法（二分法）",IF('附表1-面积统计表'!$D$33+'附表1-面积统计表'!$D$34=0,"",ROUND(('附表1-面积统计表'!$E$33+'附表1-面积统计表'!$E$34)/('附表1-面积统计表'!$D$33+'附表1-面积统计表'!$D$34),6)),IF($G10="可售建筑面积法",'附表1-面积统计表'!$F$33,IF($G10="其他合理方法","请填写","请选择分摊方法"))) | J10: =IF($G10="可售建筑面积法（二分法）",IF('附表1-面积统计表'!$D$33+'附表1-面积统计表'!$D$34=0,"",ROUND(('附表1-面积统计表'!$E$33+'附表1-面积统计表'!$E$34)/('附表1-面积统计表'!$D$33+'附表1-面积统计表'!$D$34),6)),IF($G10="可售建筑面积法",'附表1-面积统计表'!$F$34,IF($G10="其他合理方法","请填写","请选择分摊方法"))) -> 0.008069 | K10: =IF(AND(H10<=1,H10>=0),ROUND(C10*H10,2),"请准确填写扣除比例") -> 0 | L10: 0 | M10: =IF(AND(J10<=1,J10>=0),ROUND(E10*J10,2),"请准确填写扣除比例") -> 0 | N10: =SUM(K10:M10) -> 0
A11: 前期工程费 | B11: 6 | C11: ='附表5-扣除项目统计表'!E19+'附表5-扣除项目统计表'!I19 -> 1677980.5 | D11: ='附表5-扣除项目统计表'!F19+'附表5-扣除项目统计表'!J19 -> 0 | E11: ='附表5-扣除项目统计表'!G19+'附表5-扣除项目统计表'!K19 -> 622829.55 | F11: =SUM(C11:E11) -> 2300810 | G11: 可售建筑面积法 | H11: =IF(OR($G11="可售建筑面积法",$G11="可售建筑面积法（二分法）"),'附表1-面积统计表'!$F$32,IF($G11="其他合理方法","请填写","请选择分摊方法")) -> 0.983391 | I11: =IF($G11="可售建筑面积法（二分法）",IF('附表1-面积统计表'!$D$33+'附表1-面积统计表'!$D$34=0,"",ROUND(('附表1-面积统计表'!$E$33+'附表1-面积统计表'!$E$34)/('附表1-面积统计表'!$D$33+'附表1-面积统计表'!$D$34),6)),IF($G11="可售建筑面积法",'附表1-面积统计表'!$F$33,IF($G11="其他合理方法","请填写","请选择分摊方法"))) | J11: =IF($G11="可售建筑面积法（二分法）",IF('附表1-面积统计表'!$D$33+'附表1-面积统计表'!$D$34=0,"",ROUND(('附表1-面积统计表'!$E$33+'附表1-面积统计表'!$E$34)/('附表1-面积统计表'!$D$33+'附表1-面积统计表'!$D$34),6)),IF($G11="可售建筑面积法",'附表1-面积统计表'!$F$34,IF($G11="其他合理方法","请填写","请选择分摊方法"))) -> 0.008069 | K11: =IF(AND(H11<=1,H11>=0),ROUND(C11*H11,2),"请准确填写扣除比例") -> 1650110.9 | L11: 0 | M11: =IF(AND(J11<=1,J11>=0),ROUND(E11*J11,2),"请准确填写扣除比例") -> 5025.61 | N11: =SUM(K11:M11) -> 1655136.5
A12: 建筑安装工程费 | B12: 7 | C12: ='附表5-扣除项目统计表'!E29+'附表5-扣除项目统计表'!I29 -> 35330661 | D12: ='附表5-扣除项目统计表'!F29+'附表5-扣除项目统计表'!J29 -> 0 | E12: ='附表5-扣除项目统计表'!G29+'附表5-扣除项目统计表'!K29 -> 13113967 | F12: =SUM(C12:E12) -> 48444628 | G12: 可售建筑面积法 | H12: =IF(OR($G12="可售建筑面积法",$G12="可售建筑面积法（二分法）"),'附表1-面积统计表'!$F$32,IF($G12="其他合理方法","请填写","请选择分摊方法")) -> 0.983391 | I12: =IF($G12="可售建筑面积法（二分法）",IF('附表1-面积统计表'!$D$33+'附表1-面积统计表'!$D$34=0,"",ROUND(('附表1-面积统计表'!$E$33+'附表1-面积统计表'!$E$34)/('附表1-面积统计表'!$D$33+'附表1-面积统计表'!$D$34),6)),IF($G12="可售建筑面积法",'附表1-面积统计表'!$F$33,IF($G12="其他合理方法","请填写","请选择分摊方法"))) | J12: =IF($G12="可售建筑面积法（二分法）",IF('附表1-面积统计表'!$D$33+'附表1-面积统计表'!$D$34=0,"",ROUND(('附表1-面积统计表'!$E$33+'附表1-面积统计表'!$E$34)/('附表1-面积统计表'!$D$33+'附表1-面积统计表'!$D$34),6)),IF($G12="可售建筑面积法",'附表1-面积统计表'!$F$34,IF($G12="其他合理方法","请填写","请选择分摊方法"))) -> 0.008069 | K12: =IF(AND(H12<=1,H12>=0),ROUND(C12*H12,2),"请准确填写扣除比例") -> 34743854 | L12: 0 | M12: =IF(AND(J12<=1,J12>=0),ROUND(E12*J12,2),"请准确填写扣除比例") -> 105816.6 | N12: =SUM(K12:M12) -> 34849671
A13: 基础设施费 | B13: 8 | C13: ='附表5-扣除项目统计表'!E36+'附表5-扣除项目统计表'!I36 -> 1639937.8 | D13: ='附表5-扣除项目统计表'!F36+'附表5-扣除项目统计表'!J36 -> 0 | E13: ='附表5-扣除项目统计表'!G36+'附表5-扣除项目统计表'!K36 -> 608709 | F13: =SUM(C13:E13) -> 2248646.8 | G13: 可售建筑面积法 | H13: =IF(OR($G13="可售建筑面积法",$G13="可售建筑面积法（二分法）"),'附表1-面积统计表'!$F$32,IF($G13="其他合理方法","请填写","请选择分摊方法")) -> 0.983391 | I13: =IF($G13="可售建筑面积法（二分法）",IF('附表1-面积统计表'!$D$33+'附表1-面积统计表'!$D$34=0,"",ROUND(('附表1-面积统计表'!$E$33+'附表1-面积统计表'!$E$34)/('附表1-面积统计表'!$D$33+'附表1-面积统计表'!$D$34),6)),IF($G13="可售建筑面积法",'附表1-面积统计表'!$F$33,IF($G13="其他合理方法","请填写","请选择分摊方法"))) | J13: =IF($G13="可售建筑面积法（二分法）",IF('附表1-面积统计表'!$D$33+'附表1-面积统计表'!$D$34=0,"",ROUND(('附表1-面积统计表'!$E$33+'附表1-面积统计表'!$E$34)/('附表1-面积统计表'!$D$33+'附表1-面积统计表'!$D$34),6)),IF($G13="可售建筑面积法",'附表1-面积统计表'!$F$34,IF($G13="其他合理方法","请填写","请选择分摊方法"))) -> 0.008069 | K13: =IF(AND(H13<=1,H13>=0),ROUND(C13*H13,2),"请准确填写扣除比例") -> 1612700.1 | L13: 0 | M13: =IF(AND(J13<=1,J13>=0),ROUND(E13*J13,2),"请准确填写扣除比例") -> 4911.67 | N13: =SUM(K13:M13) -> 1617611.7
A14: 公共配套设施费 | B14: 9 | C14: ='附表5-扣除项目统计表'!E48+'附表5-扣除项目统计表'!I48 -> 0 | D14: ='附表5-扣除项目统计表'!F48+'附表5-扣除项目统计表'!J48 -> 0 | E14: ='附表5-扣除项目统计表'!G48+'附表5-扣除项目统计表'!K48 -> 0 | F14: =SUM(C14:E14) -> 0 | G14: 可售建筑面积法 | H14: =IF(OR($G14="可售建筑面积法",$G14="可售建筑面积法（二分法）"),'附表1-面积统计表'!$F$32,IF($G14="其他合理方法","请填写","请选择分摊方法")) -> 0.983391 | I14: =IF($G14="可售建筑面积法（二分法）",IF('附表1-面积统计表'!$D$33+'附表1-面积统计表'!$D$34=0,"",ROUND(('附表1-面积统计表'!$E$33+'附表1-面积统计表'!$E$34)/('附表1-面积统计表'!$D$33+'附表1-面积统计表'!$D$34),6)),IF($G14="可售建筑面积法",'附表1-面积统计表'!$F$33,IF($G14="其他合理方法","请填写","请选择分摊方法"))) | J14: =IF($G14="可售建筑面积法（二分法）",IF('附表1-面积统计表'!$D$33+'附表1-面积统计表'!$D$34=0,"",ROUND(('附表1-面积统计表'!$E$33+'附表1-面积统计表'!$E$34)/('附表1-面积统计表'!$D$33+'附表1-面积统计表'!$D$34),6)),IF($G14="可售建筑面积法",'附表1-面积统计表'!$F$34,IF($G14="其他合理方法","请填写","请选择分摊方法"))) -> 0.008069 | K14: =IF(AND(H14<=1,H14>=0),ROUND(C14*H14,2),"请准确填写扣除比例") -> 0 | L14: 0 | M14: =IF(AND(J14<=1,J14>=0),ROUND(E14*J14,2),"请准确填写扣除比例") -> 0 | N14: =SUM(K14:M14) -> 0
A15: 开发间接费用 | B15: 10 | C15: ='附表5-扣除项目统计表'!E65+'附表5-扣除项目统计表'!I65 -> 199164.5 | D15: ='附表5-扣除项目统计表'!F65+'附表5-扣除项目统计表'!J65 -> 0 | E15: ='附表5-扣除项目统计表'!G65+'附表5-扣除项目统计表'!K65 -> 73925.5 | F15: =SUM(C15:E15) -> 273090 | G15: 可售建筑面积法 | H15: =IF(OR($G15="可售建筑面积法",$G15="可售建筑面积法（二分法）"),'附表1-面积统计表'!$F$32,IF($G15="其他合理方法","请填写","请选择分摊方法")) -> 0.983391 | I15: =IF($G15="可售建筑面积法（二分法）",IF('附表1-面积统计表'!$D$33+'附表1-面积统计表'!$D$34=0,"",ROUND(('附表1-面积统计表'!$E$33+'附表1-面积统计表'!$E$34)/('附表1-面积统计表'!$D$33+'附表1-面积统计表'!$D$34),6)),IF($G15="可售建筑面积法",'附表1-面积统计表'!$F$33,IF($G15="其他合理方法","请填写","请选择分摊方法"))) | J15: =IF($G15="可售建筑面积法（二分法）",IF('附表1-面积统计表'!$D$33+'附表1-面积统计表'!$D$34=0,"",ROUND(('附表1-面积统计表'!$E$33+'附表1-面积统计表'!$E$34)/('附表1-面积统计表'!$D$33+'附表1-面积统计表'!$D$34),6)),IF($G15="可售建筑面积法",'附表1-面积统计表'!$F$34,IF($G15="其他合理方法","请填写","请选择分摊方法"))) -> 0.008069 | K15: =IF(AND(H15<=1,H15>=0),ROUND(C15*H15,2),"请准确填写扣除比例") -> 195856.58 | L15: 0 | M15: =IF(AND(J15<=1,J15>=0),ROUND(E15*J15,2),"请准确填写扣除比例") -> 596.5 | N15: =SUM(K15:M15) -> 196453.08
A16: 其中：不可加计扣除金额 | B16: 11 | C16: ='附表5-扣除项目统计表'!E75+'附表5-扣除项目统计表'!I75 -> 0 | D16: ='附表5-扣除项目统计表'!F75+'附表5-扣除项目统计表'!J75 -> 0 | E16: ='附表5-扣除项目统计表'!G75+'附表5-扣除项目统计表'!K75 -> 0 | F16: =SUM(C16:E16) -> 0 | G16: 可售建筑面积法 | H16: =IF(OR($G16="可售建筑面积法",$G16="可售建筑面积法（二分法）"),'附表1-面积统计表'!$F$32,IF($G16="其他合理方法","请填写","请选择分摊方法")) -> 0.983391 | I16: =IF($G16="可售建筑面积法（二分法）",IF('附表1-面积统计表'!$D$33+'附表1-面积统计表'!$D$34=0,"",ROUND(('附表1-面积统计表'!$E$33+'附表1-面积统计表'!$E$34)/('附表1-面积统计表'!$D$33+'附表1-面积统计表'!$D$34),6)),IF($G16="可售建筑面积法",'附表1-面积统计表'!$F$33,IF($G16="其他合理方法","请填写","请选择分摊方法"))) | J16: =IF($G16="可售建筑面积法（二分法）",IF('附表1-面积统计表'!$D$33+'附表1-面积统计表'!$D$34=0,"",ROUND(('附表1-面积统计表'!$E$33+'附表1-面积统计表'!$E$34)/('附表1-面积统计表'!$D$33+'附表1-面积统计表'!$D$34),6)),IF($G16="可售建筑面积法",'附表1-面积统计表'!$F$34,IF($G16="其他合理方法","请填写","请选择分摊方法"))) -> 0.008069 | K16: =IF(AND(H16<=1,H16>=0),ROUND(C16*H16,2),"请准确填写扣除比例") -> 0 | L16: 0 | M16: =IF(AND(J16<=1,J16>=0),ROUND(E16*J16,2),"请准确填写扣除比例") -> 0 | N16: =SUM(K16:M16) -> 0
A17: 3.房地产开发费用 | B17: 12=13+14 | C17: ='附表5-扣除项目统计表'!E76+'附表5-扣除项目统计表'!I76 -> 4668547.8 | D17: ='附表5-扣除项目统计表'!F76+'附表5-扣除项目统计表'!J76 -> 0 | E17: ='附表5-扣除项目统计表'!G76+'附表5-扣除项目统计表'!K76 -> 1549670.5 | F17: =SUM(C17:E17) -> 6218218.3 | K17: =SUM(K18:K19) -> 4591007.9 | L17: =SUM(L18:L19) -> 0 | M17: =SUM(M18:M19) -> 13982.5 | N17: =SUM(K17:M17) -> 4604990.4
A18: 其中：利息支出 | B18: 13 | C18: ='附表5-扣除项目统计表'!E77+'附表5-扣除项目统计表'!I77 -> 0 | D18: ='附表5-扣除项目统计表'!F77+'附表5-扣除项目统计表'!J77 -> 0 | E18: ='附表5-扣除项目统计表'!G77+'附表5-扣除项目统计表'!K77 -> 0 | F18: =SUM(C18:E18) -> 0 | G18: 可售建筑面积法 | H18: =IF(OR($G18="可售建筑面积法",$G18="可售建筑面积法（二分法）"),'附表1-面积统计表'!$F$32,IF($G18="其他合理方法","请填写","请选择分摊方法")) -> 0.983391 | I18: =IF($G18="可售建筑面积法（二分法）",IF('附表1-面积统计表'!$D$33+'附表1-面积统计表'!$D$34=0,"",ROUND(('附表1-面积统计表'!$E$33+'附表1-面积统计表'!$E$34)/('附表1-面积统计表'!$D$33+'附表1-面积统计表'!$D$34),6)),IF($G18="可售建筑面积法",'附表1-面积统计表'!$F$33,IF($G18="其他合理方法","请填写","请选择分摊方法"))) | J18: =IF($G18="可售建筑面积法（二分法）",IF('附表1-面积统计表'!$D$33+'附表1-面积统计表'!$D$34=0,"",ROUND(('附表1-面积统计表'!$E$33+'附表1-面积统计表'!$E$34)/('附表1-面积统计表'!$D$33+'附表1-面积统计表'!$D$34),6)),IF($G18="可售建筑面积法",'附表1-面积统计表'!$F$34,IF($G18="其他合理方法","请填写","请选择分摊方法"))) -> 0.008069 | K18: =IF('附表5-扣除项目统计表'!$D$77="据实扣除",IF(AND(H18<=1,H18>=0),ROUND(C18*H18,2),"请准确填写扣除比例"),0) -> 0 | L18: =IF('附表5-扣除项目统计表'!$D$77="据实扣除",IF(AND(I18<=1,I18>=0),ROUND(D18*I18,2),"请准确填写扣除比例"),0) -> 0 | M18: =IF('附表5-扣除项目统计表'!$D$77="据实扣除",IF(AND(J18<=1,J18>=0),ROUND(E18*J18,2),"请准确填写扣除比例"),0) -> 0 | N18: =SUM(K18:M18) -> 0
A19: 其他房地产开发费用 | B19: 14 | C19: ='附表5-扣除项目统计表'!E78+'附表5-扣除项目统计表'!I78 -> 4668547.8 | D19: ='附表5-扣除项目统计表'!F78+'附表5-扣除项目统计表'!J78 -> 0 | E19: ='附表5-扣除项目统计表'!G78+'附表5-扣除项目统计表'!K78 -> 1549670.5 | F19: =SUM(C19:E19) -> 6218218.3 | G19: 与加计扣除一致 | K19: =IF(G19="与加计扣除一致",ROUND(IF('附表5-扣除项目统计表'!$D$77="计算扣除",((SUM(K7)-SUM(K8))+(SUM(K9)-SUM(K16)))*10%,((SUM(K7)-SUM(K8))+(SUM(K9)-SUM(K16)))*5%),2),"请准确填写普通住宅扣除金额。") -> 4591007.9 | L19: =IF(G19="与加计扣除一致",ROUND(IF('附表5-扣除项目统计表'!$D$77="计算扣除",((SUM(L7)-SUM(L8))+(SUM(L9)-SUM(L16)))*10%,((SUM(L7)-SUM(L8))+(SUM(L9)-SUM(L16)))*5%),2),"请准确填写非普通住宅扣除金额。") -> 0 | M19: =IF(G19="与加计扣除一致",ROUND(IF('附表5-扣除项目统计表'!$D$77="计算扣除",((SUM(M7)-SUM(M8))+(SUM(M9)-SUM(M16)))*10%,((SUM(M7)-SUM(M8))+(SUM(M9)-SUM(M16)))*5%),2),"请准确填写其他类型房地产扣除金额。") -> 13982.5 | N19: =SUM(K19:M19) -> 4604990.4
A20: 4.与转让房地产有关的税金等 | B20: 15=16+17+18+19+20 | K20: =SUM(K21:K25) -> 817686.54 | L20: =SUM(L21:L25) -> 0 | M20: =SUM(M21:M25) -> 7769.09 | N20: =SUM(K20:M20) -> 825455.63
A21: 其中：营业税 | B21: 16 | K21: 406653.2 | L21: =ROUND(SUM('附表5-扣除项目统计表'!F80),2) -> 0 | M21: 0 | N21: =SUM(K21:M21) -> 406653.2
A22: 城市维护建设税 | B22: 17 | K22: 239769.45 | L22: =ROUND(SUM('附表5-扣除项目统计表'!F81),2) -> 0 | M22: 4531.97 | N22: =SUM(K22:M22) -> 244301.42
A23: 教育费附加 | B23: 18 | K23: 102758.33 | L23: =ROUND(SUM('附表5-扣除项目统计表'!F82),2) -> 0 | M23: 1942.27 | N23: =SUM(K23:M23) -> 104700.6
A24: 地方教育附加 | B24: 19 | K24: 68505.56 | L24: =ROUND(SUM('附表5-扣除项目统计表'!F83),2) -> 0 | M24: 1294.85 | N24: =SUM(K24:M24) -> 69800.41
A25: 其他税（费） | B25: 20 | K25: =ROUND(SUM('附表5-扣除项目统计表'!E84),2) -> 0 | L25: =ROUND(SUM('附表5-扣除项目统计表'!F84),2) -> 0 | M25: =ROUND(SUM('附表5-扣除项目统计表'!G84),2) -> 0 | N25: =SUM(K25:M25) -> 0
A26: 5.财政部规定的其他扣除项目 | B26: 21=[(2-3)+(4-11)]*20% | C26: ='附表5-扣除项目统计表'!E85+'附表5-扣除项目统计表'!I85 -> 9337095.6 | D26: ='附表5-扣除项目统计表'!F85+'附表5-扣除项目统计表'!J85 -> 0 | E26: ='附表5-扣除项目统计表'!G85+'附表5-扣除项目统计表'!K85 -> 3099341.1 | F26: =SUM(C26:E26) -> 12436437 | K26: =ROUND((SUM(K7)-SUM(K8)+SUM(K9)-SUM(K16))*20%,2) -> 9182015.8 | L26: =ROUND((SUM(L7)-SUM(L8)+SUM(L9)-SUM(L16))*20%,2) -> 0 | M26: =ROUND((SUM(M7)-SUM(M8)+SUM(M9)-SUM(M16))*20%,2) -> 27965 | N26: =SUM(K26:M26) -> 9209980.8
A27: 6.代收费用 | B27: 22 | C27: =SUM('附表5-扣除项目统计表'!E86)+SUM('附表5-扣除项目统计表'!I86) -> 0 | D27: =SUM('附表5-扣除项目统计表'!F86)+SUM('附表5-扣除项目统计表'!J86) -> 0 | E27: =SUM('附表5-扣除项目统计表'!G86)+SUM('附表5-扣除项目统计表'!K86) -> 0 | F27: =SUM(C27:E27) -> 0 | G27: 可售建筑面积法 | H27: =IF(OR($G27="可售建筑面积法",$G27="可售建筑面积法（二分法）"),'附表1-面积统计表'!$F$32,IF($G27="其他合理方法","请填写","请选择分摊方法")) -> 0.983391 | I27: =IF($G27="可售建筑面积法（二分法）",IF('附表1-面积统计表'!$D$33+'附表1-面积统计表'!$D$34=0,"",ROUND(('附表1-面积统计表'!$E$33+'附表1-面积统计表'!$E$34)/('附表1-面积统计表'!$D$33+'附表1-面积统计表'!$D$34),6)),IF($G27="可售建筑面积法",'附表1-面积统计表'!$F$33,IF($G27="其他合理方法","请填写","请选择分摊方法"))) | J27: =IF($G27="可售建筑面积法（二分法）",IF('附表1-面积统计表'!$D$33+'附表1-面积统计表'!$D$34=0,"",ROUND(('附表1-面积统计表'!$E$33+'附表1-面积统计表'!$E$34)/('附表1-面积统计表'!$D$33+'附表1-面积统计表'!$D$34),6)),IF($G27="可售建筑面积法",'附表1-面积统计表'!$F$34,IF($G27="其他合理方法","请填写","请选择分摊方法"))) -> 0.008069 | K27: =IF(AND(H27<=1,H27>=0),ROUND(C27*H27,2),"请准确填写扣除比例") -> 0 | L27: 0 | M27: =IF(AND(J27<=1,J27>=0),ROUND(E27*J27,2),"请准确填写扣除比例") -> 0 | N27: =SUM(K27:M27) -> 0

Sheet 附表4-项目间分摊信息采集表
A1: 附表4-项目间分摊信息采集表
A2: =土地增值税税源明细表!F5&"："&土地增值税税源明细表!H5&" "&土地增值税税源明细表!A5&"："&土地增值税税源明细表!B5&" "&"金额单位:人民币元(列至角分)" -> 项目编码：Z65280120160100 项目名称：通力华庭 金额单位:人民币元(列至角分)
A3: 序号 | B3: *项目名称 | C3: *是否已办理项目报告 | D3: *项目编码 | E3: 开发土地总面积 | F3: 测绘总建筑面积 | G3: 总可售建筑面积 | H3: 其他分摊方法数额 | I3: 备注
B4: 1 | C4: 2 | D4: 3 | E4: 4 | F4: 5 | G4: 6 | H4: 7 | I4: 8
A5: 1 | B5: 通力华庭 | C5: 是 | D5: =IF(清算项目基本情况表!S6="","",清算项目基本情况表!S6) -> Z65280120160100 | E5: =IF(清算项目基本情况表!D9="","",清算项目基本情况表!D9) -> 3578.25 | F5: =IF(SUM('附表1-面积统计表'!D29)=0,"",'附表1-面积统计表'!D29) -> 26212.41 | G5: =IF(SUM('附表1-面积统计表'!F29)=0,"",'附表1-面积统计表'!F29) -> 26127.25 | I5: 本次清算项目
A6: 2
A7: 3
A8: 4
A9: 5
A10: 6
A11: 7
A12: 8
A13: 9
A14: 10

Sheet 附表5-扣除项目统计表
A1: T23200附表5-扣除项目统计表
A2: =土地增值税税源明细表!F5&"："&土地增值税税源明细表!H5&" "&土地增值税税源明细表!A5&"："&土地增值税税源明细表!B5&" "&"金额单位:人民币元(列至角分)" -> 项目编码：Z65280120160100 项目名称：通力华庭 金额单位:人民币元(列至角分)
A3: 序号 | B3: 科目名称 | E3: 直接归集成本费用 | I3: 共同成本费用 | M3: 合计
E4: 普通住宅 | F4: 非普通住宅 | G4: 其他类型房产 | H4: 小计 | I4: 普通住宅 | J4: 非普通住宅 | K4: 其他类型房产 | L4: 小计
E5: 1 | F5: 2 | G5: 3 | H5: 4=1+2+3 | I5: 5 | J5: 6 | K5: 7 | L5: 8=5+6+7 | M5: 9=4+8
A6: 1 | B6: =数据对照表!B1 -> 取得土地使用权所支付的金额 | E6: =SUMIFS('附表7-扣除项目明细采集底稿'!W:W,'附表7-扣除项目明细采集底稿'!D:D,数据对照表!B1,'附表7-扣除项目明细采集底稿'!V:V,"直接归集成本费用") -> 0 | F6: =SUMIFS('附表7-扣除项目明细采集底稿'!X:X,'附表7-扣除项目明细采集底稿'!D:D,数据对照表!B1,'附表7-扣除项目明细采集底稿'!V:V,"直接归集成本费用") -> 0 | G6: =SUMIFS('附表7-扣除项目明细采集底稿'!Y:Y,'附表7-扣除项目明细采集底稿'!D:D,数据对照表!B1,'附表7-扣除项目明细采集底稿'!V:V,"直接归集成本费用") -> 0 | H6: =SUM(E6:G6) -> 0 | I6: =SUMIFS('附表7-扣除项目明细采集底稿'!W:W,'附表7-扣除项目明细采集底稿'!D:D,数据对照表!B1,'附表7-扣除项目明细采集底稿'!V:V,"共同成本费用") -> 7837733.9 | J6: =SUMIFS('附表7-扣除项目明细采集底稿'!X:X,'附表7-扣除项目明细采集底稿'!D:D,数据对照表!B1,'附表7-扣除项目明细采集底稿'!V:V,"共同成本费用") -> 0 | K6: =SUMIFS('附表7-扣除项目明细采集底稿'!Y:Y,'附表7-扣除项目明细采集底稿'!D:D,数据对照表!B1,'附表7-扣除项目明细采集底稿'!V:V,"共同成本费用") -> 1077274 | L6: =SUM(I6:K6) -> 8915007.9 | M6: =H6+L6 -> 8915007.9
A7: 2 | B7: 其中 | C7: =数据对照表!B2 -> 支付的土地出让金额 | E7: =SUMIFS('附表7-扣除项目明细采集底稿'!W:W,'附表7-扣除项目明细采集底稿'!E:E,数据对照表!B2,'附表7-扣除项目明细采集底稿'!V:V,"直接归集成本费用") -> 0 | F7: =SUMIFS('附表7-扣除项目明细采集底稿'!X:X,'附表7-扣除项目明细采集底稿'!E:E,数据对照表!B2,'附表7-扣除项目明细采集底稿'!V:V,"直接归集成本费用") -> 0 | G7: =SUMIFS('附表7-扣除项目明细采集底稿'!Y:Y,'附表7-扣除项目明细采集底稿'!E:E,数据对照表!B2,'附表7-扣除项目明细采集底稿'!V:V,"直接归集成本费用") -> 0 | H7: =SUM(E7:G7) -> 0 | I7: =SUMIFS('附表7-扣除项目明细采集底稿'!W:W,'附表7-扣除项目明细采集底稿'!E:E,数据对照表!B2,'附表7-扣除项目明细采集底稿'!V:V,"共同成本费用") -> 7568967.2 | J7: =SUMIFS('附表7-扣除项目明细采集底稿'!X:X,'附表7-扣除项目明细采集底稿'!E:E,数据对照表!B2,'附表7-扣除项目明细采集底稿'!V:V,"共同成本费用") -> 0 | K7: =SUMIFS('附表7-扣除项目明细采集底稿'!Y:Y,'附表7-扣除项目明细采集底稿'!E:E,数据对照表!B2,'附表7-扣除项目明细采集底稿'!V:V,"共同成本费用") -> 1040332.8 | L7: =SUM(I7:K7) -> 8609300 | M7: =H7+L7 -> 8609300
A8: 3 | C8: =数据对照表!B3 -> 支付的地价款金额 | E8: =SUMIFS('附表7-扣除项目明细采集底稿'!W:W,'附表7-扣除项目明细采集底稿'!E:E,数据对照表!B3,'附表7-扣除项目明细采集底稿'!V:V,"直接归集成本费用") -> 0 | F8: =SUMIFS('附表7-扣除项目明细采集底稿'!X:X,'附表7-扣除项目明细采集底稿'!E:E,数据对照表!B3,'附表7-扣除项目明细采集底稿'!V:V,"直接归集成本费用") -> 0 | G8: =SUMIFS('附表7-扣除项目明细采集底稿'!Y:Y,'附表7-扣除项目明细采集底稿'!E:E,数据对照表!B3,'附表7-扣除项目明细采集底稿'!V:V,"直接归集成本费用") -> 0 | H8: =SUM(E8:G8) -> 0 | I8: =SUMIFS('附表7-扣除项目明细采集底稿'!W:W,'附表7-扣除项目明细采集底稿'!E:E,数据对照表!B3,'附表7-扣除项目明细采集底稿'!V:V,"共同成本费用") -> 0 | J8: =SUMIFS('附表7-扣除项目明细采集底稿'!X:X,'附表7-扣除项目明细采集底稿'!E:E,数据对照表!B3,'附表7-扣除项目明细采集底稿'!V:V,"共同成本费用") -> 0 | K8: =SUMIFS('附表7-扣除项目明细采集底稿'!Y:Y,'附表7-扣除项目明细采集底稿'!E:E,数据对照表!B3,'附表7-扣除项目明细采集底稿'!V:V,"共同成本费用") -> 0 | L8: =SUM(I8:K8) -> 0 | M8: =H8+L8 -> 0
A9: 4 | C9: =数据对照表!B4 -> 交纳的有关税费 | E9: =SUMIFS('附表7-扣除项目明细采集底稿'!W:W,'附表7-扣除项目明细采集底稿'!E:E,数据对照表!B4,'附表7-扣除项目明细采集底稿'!V:V,"直接归集成本费用") -> 0 | F9: =SUMIFS('附表7-扣除项目明细采集底稿'!X:X,'附表7-扣除项目明细采集底稿'!E:E,数据对照表!B4,'附表7-扣除项目明细采集底稿'!V:V,"直接归集成本费用") -> 0 | G9: =SUMIFS('附表7-扣除项目明细采集底稿'!Y:Y,'附表7-扣除项目明细采集底稿'!E:E,数据对照表!B4,'附表7-扣除项目明细采集底稿'!V:V,"直接归集成本费用") -> 0 | H9: =SUM(E9:G9) -> 0 | I9: =SUMIFS('附表7-扣除项目明细采集底稿'!W:W,'附表7-扣除项目明细采集底稿'!E:E,数据对照表!B4,'附表7-扣除项目明细采集底稿'!V:V,"共同成本费用") -> 268766.66 | J9: =SUMIFS('附表7-扣除项目明细采集底稿'!X:X,'附表7-扣除项目明细采集底稿'!E:E,数据对照表!B4,'附表7-扣除项目明细采集底稿'!V:V,"共同成本费用") -> 0 | K9: =SUMIFS('附表7-扣除项目明细采集底稿'!Y:Y,'附表7-扣除项目明细采集底稿'!E:E,数据对照表!B4,'附表7-扣除项目明细采集底稿'!V:V,"共同成本费用") -> 36941.206 | L9: =SUM(I9:K9) -> 305707.87 | M9: =H9+L9 -> 305707.87
A10: 5 | B10: 其中：不可加计扣除金额 | E10: =SUMIFS('附表7-扣除项目明细采集底稿'!W:W,'附表7-扣除项目明细采集底稿'!D:D,数据对照表!B1,'附表7-扣除项目明细采集底稿'!V:V,"直接归集成本费用",'附表7-扣除项目明细采集底稿'!AB:AB,"不可加计") -> 0 | F10: =SUMIFS('附表7-扣除项目明细采集底稿'!X:X,'附表7-扣除项目明细采集底稿'!D:D,数据对照表!B1,'附表7-扣除项目明细采集底稿'!V:V,"直接归集成本费用",'附表7-扣除项目明细采集底稿'!AB:AB,"不可加计") -> 0 | G10: =SUMIFS('附表7-扣除项目明细采集底稿'!Y:Y,'附表7-扣除项目明细采集底稿'!D:D,数据对照表!B1,'附表7-扣除项目明细采集底稿'!V:V,"直接归集成本费用",'附表7-扣除项目明细采集底稿'!AB:AB,"不可加计") -> 0 | H10: =SUM(E10:G10) -> 0 | I10: =SUMIFS('附表7-扣除项目明细采集底稿'!W:W,'附表7-扣除项目明细采集底稿'!D:D,数据对照表!B1,'附表7-扣除项目明细采集底稿'!V:V,"共同成本费用",'附表7-扣除项目明细采集底稿'!AB:AB,"不可加计") -> 0 | J10: =SUMIFS('附表7-扣除项目明细采集底稿'!X:X,'附表7-扣除项目明细采集底稿'!D:D,数据对照表!B1,'附表7-扣除项目明细采集底稿'!V:V,"共同成本费用",'附表7-扣除项目明细采集底稿'!AB:AB,"不可加计") -> 0 | K10: =SUMIFS('附表7-扣除项目明细采集底稿'!Y:Y,'附表7-扣除项目明细采集底稿'!D:D,数据对照表!B1,'附表7-扣除项目明细采集底稿'!V:V,"共同成本费用",'附表7-扣除项目明细采集底稿'!AB:AB,"不可加计") -> 0 | L10: =SUM(I10:K10) -> 0 | M10: =H10+L10 -> 0
A11: 6 | B11: 房地产开发成本 | E11: =SUM(SUMIFS('附表7-扣除项目明细采集底稿'!W:W,'附表7-扣除项目明细采集底稿'!D:D,"土地征用及拆迁补偿费",'附表7-扣除项目明细采集底稿'!V:V,"直接归集成本费用"),SUMIFS('附表7-扣除项目明细采集底稿'!W:W,'附表7-扣除项目明细采集底稿'!D:D,"前期工程费",'附表7-扣除项目明细采集底稿'!V:V,"直接归集成本费用"),SUMIFS('附表7-扣除项目明细采集底稿'!W:W,'附表7-扣除项目明细采集底稿'!D:D,"建筑安装工程费",'附表7-扣除项目明细采集底稿'!V:V,"直接归集成本费用"),SUMIFS('附表7-扣除项目明细采集底稿'!W:W,'附表7-扣除项目明细采集底稿'!D:D,"基础设施费",'附表7-扣除项目明细采集底稿'!V:V,"直接归集成本费用"),SUMIFS('附表7-扣除项目明细采集底稿'!W:W,'附表7-扣除项目明细采集底稿'!D:D,"公共配套设施费",'附表7-扣除项目明细采集底稿'!V:V,"直接归集成本费用"),SUMIFS('附表7-扣除项目明细采集底稿'!W:W,'附表7-扣除项目明细采集底稿'!D:D,"开发间接费用",'附表7-扣除项目明细采集底稿'!V:V,"直接归集成本费用")) -> 0 | F11: =SUM(SUMIFS('附表7-扣除项目明细采集底稿'!X:X,'附表7-扣除项目明细采集底稿'!D:D,"土地征用及拆迁补偿费",'附表7-扣除项目明细采集底稿'!V:V,"直接归集成本费用"),SUMIFS('附表7-扣除项目明细采集底稿'!X:X,'附表7-扣除项目明细采集底稿'!D:D,"前期工程费",'附表7-扣除项目明细采集底稿'!V:V,"直接归集成本费用"),SUMIFS('附表7-扣除项目明细采集底稿'!X:X,'附表7-扣除项目明细采集底稿'!D:D,"建筑安装工程费",'附表7-扣除项目明细采集底稿'!V:V,"直接归集成本费用"),SUMIFS('附表7-扣除项目明细采集底稿'!X:X,'附表7-扣除项目明细采集底稿'!D:D,"基础设施费",'附表7-扣除项目明细采集底稿'!V:V,"直接归集成本费用"),SUMIFS('附表7-扣除项目明细采集底稿'!X:X,'附表7-扣除项目明细采集底稿'!D:D,"公共配套设施费",'附表7-扣除项目明细采集底稿'!V:V,"直接归集成本费用"),SUMIFS('附表7-扣除项目明细采集底稿'!X:X,'附表7-扣除项目明细采集底稿'!D:D,"开发间接费用",'附表7-扣除项目明细采集底稿'!V:V,"直接归集成本费用")) -> 0 | G11: =SUM(SUMIFS('附表7-扣除项目明细采集底稿'!Y:Y,'附表7-扣除项目明细采集底稿'!D:D,"土地征用及拆迁补偿费",'附表7-扣除项目明细采集底稿'!V:V,"直接归集成本费用"),SUMIFS('附表7-扣除项目明细采集底稿'!Y:Y,'附表7-扣除项目明细采集底稿'!D:D,"前期工程费",'附表7-扣除项目明细采集底稿'!V:V,"直接归集成本费用"),SUMIFS('附表7-扣除项目明细采集底稿'!Y:Y,'附表7-扣除项目明细采集底稿'!D:D,"建筑安装工程费",'附表7-扣除项目明细采集底稿'!V:V,"直接归集成本费用"),SUMIFS('附表7-扣除项目明细采集底稿'!Y:Y,'附表7-扣除项目明细采集底稿'!D:D,"基础设施费",'附表7-扣除项目明细采集底稿'!V:V,"直接归集成本费用"),SUMIFS('附表7-扣除项目明细采集底稿'!Y:Y,'附表7-扣除项目明细采集底稿'!D:D,"公共配套设施费",'附表7-扣除项目明细采集底稿'!V:V,"直接归集成本费用"),SUMIFS('附表7-扣除项目明细采集底稿'!Y:Y,'附表7-扣除项目明细采集底稿'!D:D,"开发间接费用",'附表7-扣除项目明细采集底稿'!V:V,"直接归集成本费用")) -> 0 | H11: =SUM(E11:G11) -> 0 | I11: =SUM(SUMIFS('附表7-扣除项目明细采集底稿'!W:W,'附表7-扣除项目明细采集底稿'!D:D,"土地征用及拆迁补偿费",'附表7-扣除项目明细采集底稿'!V:V,"共同成本费用"),SUMIFS('附表7-扣除项目明细采集底稿'!W:W,'附表7-扣除项目明细采集底稿'!D:D,"前期工程费",'附表7-扣除项目明细采集底稿'!V:V,"共同成本费用"),SUMIFS('附表7-扣除项目明细采集底稿'!W:W,'附表7-扣除项目明细采集底稿'!D:D,"建筑安装工程费",'附表7-扣除项目明细采集底稿'!V:V,"共同成本费用"),SUMIFS('附表7-扣除项目明细采集底稿'!W:W,'附表7-扣除项目明细采集底稿'!D:D,"基础设施费",'附表7-扣除项目明细采集底稿'!V:V,"共同成本费用"),SUMIFS('附表7-扣除项目明细采集底稿'!W:W,'附表7-扣除项目明细采集底稿'!D:D,"公共配套设施费",'附表7-扣除项目明细采集底稿'!V:V,"共同成本费用"),SUMIFS('附表7-扣除项目明细采集底稿'!W:W,'附表7-扣除项目明细采集底稿'!D:D,"开发间接费用",'附表7-扣除项目明细采集底稿'!V:V,"共同成本费用")) -> 38847744 | J11: =SUM(SUMIFS('附表7-扣除项目明细采集底稿'!X:X,'附表7-扣除项目明细采集底稿'!D:D,"土地征用及拆迁补偿费",'附表7-扣除项目明细采集底稿'!V:V,"共同成本费用"),SUMIFS('附表7-扣除项目明细采集底稿'!X:X,'附表7-扣除项目明细采集底稿'!D:D,"前期工程费",'附表7-扣除项目明细采集底稿'!V:V,"共同成本费用"),SUMIFS('附表7-扣除项目明细采集底稿'!X:X,'附表7-扣除项目明细采集底稿'!D:D,"建筑安装工程费",'附表7-扣除项目明细采集底稿'!V:V,"共同成本费用"),SUMIFS('附表7-扣除项目明细采集底稿'!X:X,'附表7-扣除项目明细采集底稿'!D:D,"基础设施费",'附表7-扣除项目明细采集底稿'!V:V,"共同成本费用"),SUMIFS('附表7-扣除项目明细采集底稿'!X:X,'附表7-扣除项目明细采集底稿'!D:D,"公共配套设施费",'附表7-扣除项目明细采集底稿'!V:V,"共同成本费用"),SUMIFS('附表7-扣除项目明细采集底稿'!X:X,'附表7-扣除项目明细采集底稿'!D:D,"开发间接费用",'附表7-扣除项目明细采集底稿'!V:V,"共同成本费用")) -> 0 | K11: =SUM(SUMIFS('附表7-扣除项目明细采集底稿'!Y:Y,'附表7-扣除项目明细采集底稿'!D:D,"土地征用及拆迁补偿费",'附表7-扣除项目明细采集底稿'!V:V,"共同成本费用"),SUMIFS('附表7-扣除项目明细采集底稿'!Y:Y,'附表7-扣除项目明细采集底稿'!D:D,"前期工程费",'附表7-扣除项目明细采集底稿'!V:V,"共同成本费用"),SUMIFS('附表7-扣除项目明细采集底稿'!Y:Y,'附表7-扣除项目明细采集底稿'!D:D,"建筑安装工程费",'附表7-扣除项目明细采集底稿'!V:V,"共同成本费用"),SUMIFS('附表7-扣除项目明细采集底稿'!Y:Y,'附表7-扣除项目明细采集底稿'!D:D,"基础设施费",'附表7-扣除项目明细采集底稿'!V:V,"共同成本费用"),SUMIFS('附表7-扣除项目明细采集底稿'!Y:Y,'附表7-扣除项目明细采集底稿'!D:D,"公共配套设施费",'附表7-扣除项目明细采集底稿'!V:V,"共同成本费用"),SUMIFS('附表7-扣除项目明细采集底稿'!Y:Y,'附表7-扣除项目明细采集底稿'!D:D,"开发间接费用",'附表7-扣除项目明细采集底稿'!V:V,"共同成本费用")) -> 14419431 | L11: =SUM(I11:K11) -> 53267175 | M11: =H11+L11 -> 53267175
A12: 7 | B12: 其中 | C12: =数据对照表!C1 -> 土地征用及拆迁补偿费 | E12: =SUMIFS('附表7-扣除项目明细采集底稿'!W:W,'附表7-扣除项目明细采集底稿'!D:D,数据对照表!C1,'附表7-扣除项目明细采集底稿'!V:V,"直接归集成本费用") -> 0 | F12: =SUMIFS('附表7-扣除项目明细采集底稿'!X:X,'附表7-扣除项目明细采集底稿'!D:D,数据对照表!C1,'附表7-扣除项目明细采集底稿'!V:V,"直接归集成本费用") -> 0 | G12: =SUMIFS('附表7-扣除项目明细采集底稿'!Y:Y,'附表7-扣除项目明细采集底稿'!D:D,数据对照表!C1,'附表7-扣除项目明细采集底稿'!V:V,"直接归集成本费用") -> 0 | H12: =SUM(E12:G12) -> 0 | I12: =SUMIFS('附表7-扣除项目明细采集底稿'!W:W,'附表7-扣除项目明细采集底稿'!D:D,数据对照表!C1,'附表7-扣除项目明细采集底稿'!V:V,"共同成本费用") -> 0 | J12: =SUMIFS('附表7-扣除项目明细采集底稿'!X:X,'附表7-扣除项目明细采集底稿'!D:D,数据对照表!C1,'附表7-扣除项目明细采集底稿'!V:V,"共同成本费用") -> 0 | K12: =SUMIFS('附表7-扣除项目明细采集底稿'!Y:Y,'附表7-扣除项目明细采集底稿'!D:D,数据对照表!C1,'附表7-扣除项目明细采集底稿'!V:V,"共同成本费用") -> 0 | L12: =SUM(I12:K12) -> 0 | M12: =H12+L12 -> 0
A13: 8 | C13: 其中 | D13: =数据对照表!C2 -> 土地征用费用 | E13: =SUMIFS('附表7-扣除项目明细采集底稿'!W:W,'附表7-扣除项目明细采集底稿'!E:E,数据对照表!C2,'附表7-扣除项目明细采集底稿'!V:V,"直接归集成本费用") -> 0 | F13: =SUMIFS('附表7-扣除项目明细采集底稿'!X:X,'附表7-扣除项目明细采集底稿'!E:E,数据对照表!C2,'附表7-扣除项目明细采集底稿'!V:V,"直接归集成本费用") -> 0 | G13: =SUMIFS('附表7-扣除项目明细采集底稿'!Y:Y,'附表7-扣除项目明细采集底稿'!E:E,数据对照表!C2,'附表7-扣除项目明细采集底稿'!V:V,"直接归集成本费用") -> 0 | H13: =SUM(E13:G13) -> 0 | I13: =SUMIFS('附表7-扣除项目明细采集底稿'!W:W,'附表7-扣除项目明细采集底稿'!E:E,数据对照表!C2,'附表7-扣除项目明细采集底稿'!V:V,"共同成本费用") -> 0 | J13: =SUMIFS('附表7-扣除项目明细采集底稿'!X:X,'附表7-扣除项目明细采集底稿'!E:E,数据对照表!C2,'附表7-扣除项目明细采集底稿'!V:V,"共同成本费用") -> 0 | K13: =SUMIFS('附表7-扣除项目明细采集底稿'!Y:Y,'附表7-扣除项目明细采集底稿'!E:E,数据对照表!C2,'附表7-扣除项目明细采集底稿'!V:V,"共同成本费用") -> 0 | L13: =SUM(I13:K13) -> 0 | M13: =H13+L13 -> 0
A14: 9 | D14: =数据对照表!C3 -> 耕地占用税 | E14: =SUMIFS('附表7-扣除项目明细采集底稿'!W:W,'附表7-扣除项目明细采集底稿'!E:E,数据对照表!C3,'附表7-扣除项目明细采集底稿'!V:V,"直接归集成本费用") -> 0 | F14: =SUMIFS('附表7-扣除项目明细采集底稿'!X:X,'附表7-扣除项目明细采集底稿'!E:E,数据对照表!C3,'附表7-扣除项目明细采集底稿'!V:V,"直接归集成本费用") -> 0 | G14: =SUMIFS('附表7-扣除项目明细采集底稿'!Y:Y,'附表7-扣除项目明细采集底稿'!E:E,数据对照表!C3,'附表7-扣除项目明细采集底稿'!V:V,"直接归集成本费用") -> 0 | H14: =SUM(E14:G14) -> 0 | I14: =SUMIFS('附表7-扣除项目明细采集底稿'!W:W,'附表7-扣除项目明细采集底稿'!E:E,数据对照表!C3,'附表7-扣除项目明细采集底稿'!V:V,"共同成本费用") -> 0 | J14: =SUMIFS('附表7-扣除项目明细采集底稿'!X:X,'附表7-扣除项目明细采集底稿'!E:E,数据对照表!C3,'附表7-扣除项目明细采集底稿'!V:V,"共同成本费用") -> 0 | K14: =SUMIFS('附表7-扣除项目明细采集底稿'!Y:Y,'附表7-扣除项目明细采集底稿'!E:E,数据对照表!C3,'附表7-扣除项目明细采集底稿'!V:V,"共同成本费用") -> 0 | L14: =SUM(I14:K14) -> 0 | M14: =H14+L14 -> 0
A15: 10 | D15: =数据对照表!C4 -> 劳动力安置费 | E15: =SUMIFS('附表7-扣除项目明细采集底稿'!W:W,'附表7-扣除项目明细采集底稿'!E:E,数据对照表!C4,'附表7-扣除项目明细采集底稿'!V:V,"直接归集成本费用") -> 0 | F15: =SUMIFS('附表7-扣除项目明细采集底稿'!X:X,'附表7-扣除项目明细采集底稿'!E:E,数据对照表!C4,'附表7-扣除项目明细采集底稿'!V:V,"直接归集成本费用") -> 0 | G15: =SUMIFS('附表7-扣除项目明细采集底稿'!Y:Y,'附表7-扣除项目明细采集底稿'!E:E,数据对照表!C4,'附表7-扣除项目明细采集底稿'!V:V,"直接归集成本费用") -> 0 | H15: =SUM(E15:G15) -> 0 | I15: =SUMIFS('附表7-扣除项目明细采集底稿'!W:W,'附表7-扣除项目明细采集底稿'!E:E,数据对照表!C4,'附表7-扣除项目明细采集底稿'!V:V,"共同成本费用") -> 0 | J15: =SUMIFS('附表7-扣除项目明细采集底稿'!X:X,'附表7-扣除项目明细采集底稿'!E:E,数据对照表!C4,'附表7-扣除项目明细采集底稿'!V:V,"共同成本费用") -> 0 | K15: =SUMIFS('附表7-扣除项目明细采集底稿'!Y:Y,'附表7-扣除项目明细采集底稿'!E:E,数据对照表!C4,'附表7-扣除项目明细采集底稿'!V:V,"共同成本费用") -> 0 | L15: =SUM(I15:K15) -> 0 | M15: =H15+L15 -> 0
A16: 11 | D16: =数据对照表!C5 -> 安置动迁用房支出 | E16: =SUMIFS('附表7-扣除项目明细采集底稿'!W:W,'附表7-扣除项目明细采集底稿'!E:E,数据对照表!C5,'附表7-扣除项目明细采集底稿'!V:V,"直接归集成本费用") -> 0 | F16: =SUMIFS('附表7-扣除项目明细采集底稿'!X:X,'附表7-扣除项目明细采集底稿'!E:E,数据对照表!C5,'附表7-扣除项目明细采集底稿'!V:V,"直接归集成本费用") -> 0 | G16: =SUMIFS('附表7-扣除项目明细采集底稿'!Y:Y,'附表7-扣除项目明细采集底稿'!E:E,数据对照表!C5,'附表7-扣除项目明细采集底稿'!V:V,"直接归集成本费用") -> 0 | H16: =SUM(E16:G16) -> 0 | I16: =SUMIFS('附表7-扣除项目明细采集底稿'!W:W,'附表7-扣除项目明细采集底稿'!E:E,数据对照表!C5,'附表7-扣除项目明细采集底稿'!V:V,"共同成本费用") -> 0 | J16: =SUMIFS('附表7-扣除项目明细采集底稿'!X:X,'附表7-扣除项目明细采集底稿'!E:E,数据对照表!C5,'附表7-扣除项目明细采集底稿'!V:V,"共同成本费用") -> 0 | K16: =SUMIFS('附表7-扣除项目明细采集底稿'!Y:Y,'附表7-扣除项目明细采集底稿'!E:E,数据对照表!C5,'附表7-扣除项目明细采集底稿'!V:V,"共同成本费用") -> 0 | L16: =SUM(I16:K16) -> 0 | M16: =H16+L16 -> 0
A17: 12 | D17: =数据对照表!C6 -> 拆迁补偿费 | E17: =SUMIFS('附表7-扣除项目明细采集底稿'!W:W,'附表7-扣除项目明细采集底稿'!E:E,数据对照表!C6,'附表7-扣除项目明细采集底稿'!V:V,"直接归集成本费用") -> 0 | F17: =SUMIFS('附表7-扣除项目明细采集底稿'!X:X,'附表7-扣除项目明细采集底稿'!E:E,数据对照表!C6,'附表7-扣除项目明细采集底稿'!V:V,"直接归集成本费用") -> 0 | G17: =SUMIFS('附表7-扣除项目明细采集底稿'!Y:Y,'附表7-扣除项目明细采集底稿'!E:E,数据对照表!C6,'附表7-扣除项目明细采集底稿'!V:V,"直接归集成本费用") -> 0 | H17: =SUM(E17:G17) -> 0 | I17: =SUMIFS('附表7-扣除项目明细采集底稿'!W:W,'附表7-扣除项目明细采集底稿'!E:E,数据对照表!C6,'附表7-扣除项目明细采集底稿'!V:V,"共同成本费用") -> 0 | J17: =SUMIFS('附表7-扣除项目明细采集底稿'!X:X,'附表7-扣除项目明细采集底稿'!E:E,数据对照表!C6,'附表7-扣除项目明细采集底稿'!V:V,"共同成本费用") -> 0 | K17: =SUMIFS('附表7-扣除项目明细采集底稿'!Y:Y,'附表7-扣除项目明细采集底稿'!E:E,数据对照表!C6,'附表7-扣除项目明细采集底稿'!V:V,"共同成本费用") -> 0 | L17: =SUM(I17:K17) -> 0 | M17: =H17+L17 -> 0
A18: 13 | D18: =数据对照表!C7 -> 其他土地征用及拆迁补偿费 | E18: =SUMIFS('附表7-扣除项目明细采集底稿'!W:W,'附表7-扣除项目明细采集底稿'!E:E,数据对照表!C7,'附表7-扣除项目明细采集底稿'!V:V,"直接归集成本费用") -> 0 | F18: =SUMIFS('附表7-扣除项目明细采集底稿'!X:X,'附表7-扣除项目明细采集底稿'!E:E,数据对照表!C7,'附表7-扣除项目明细采集底稿'!V:V,"直接归集成本费用") -> 0 | G18: =SUMIFS('附表7-扣除项目明细采集底稿'!Y:Y,'附表7-扣除项目明细采集底稿'!E:E,数据对照表!C7,'附表7-扣除项目明细采集底稿'!V:V,"直接归集成本费用") -> 0 | H18: =SUM(E18:G18) -> 0 | I18: =SUMIFS('附表7-扣除项目明细采集底稿'!W:W,'附表7-扣除项目明细采集底稿'!E:E,数据对照表!C7,'附表7-扣除项目明细采集底稿'!V:V,"共同成本费用") -> 0 | J18: =SUMIFS('附表7-扣除项目明细采集底稿'!X:X,'附表7-扣除项目明细采集底稿'!E:E,数据对照表!C7,'附表7-扣除项目明细采集底稿'!V:V,"共同成本费用") -> 0 | K18: =SUMIFS('附表7-扣除项目明细采集底稿'!Y:Y,'附表7-扣除项目明细采集底稿'!E:E,数据对照表!C7,'附表7-扣除项目明细采集底稿'!V:V,"共同成本费用") -> 0 | L18: =SUM(I18:K18) -> 0 | M18: =H18+L18 -> 0
A19: 14 | C19: =数据对照表!D1 -> 前期工程费 | E19: =SUMIFS('附表7-扣除项目明细采集底稿'!W:W,'附表7-扣除项目明细采集底稿'!D:D,数据对照表!D1,'附表7-扣除项目明细采集底稿'!V:V,"直接归集成本费用") -> 0 | F19: =SUMIFS('附表7-扣除项目明细采集底稿'!X:X,'附表7-扣除项目明细采集底稿'!D:D,数据对照表!D1,'附表7-扣除项目明细采集底稿'!V:V,"直接归集成本费用") -> 0 | G19: =SUMIFS('附表7-扣除项目明细采集底稿'!Y:Y,'附表7-扣除项目明细采集底稿'!D:D,数据对照表!D1,'附表7-扣除项目明细采集底稿'!V:V,"直接归集成本费用") -> 0 | H19: =SUM(E19:G19) -> 0 | I19: =SUMIFS('附表7-扣除项目明细采集底稿'!W:W,'附表7-扣除项目明细采集底稿'!D:D,数据对照表!D1,'附表7-扣除项目明细采集底稿'!V:V,"共同成本费用") -> 1677980.5 | J19: =SUMIFS('附表7-扣除项目明细采集底稿'!X:X,'附表7-扣除项目明细采集底稿'!D:D,数据对照表!D1,'附表7-扣除项目明细采集底稿'!V:V,"共同成本费用") -> 0 | K19: =SUMIFS('附表7-扣除项目明细采集底稿'!Y:Y,'附表7-扣除项目明细采集底稿'!D:D,数据对照表!D1,'附表7-扣除项目明细采集底稿'!V:V,"共同成本费用") -> 622829.55 | L19: =SUM(I19:K19) -> 2300810 | M19: =H19+L19 -> 2300810
A20: 15 | C20: 其中 | D20: =数据对照表!D2 -> 规划费用 | E20: =SUMIFS('附表7-扣除项目明细采集底稿'!W:W,'附表7-扣除项目明细采集底稿'!E:E,数据对照表!D2,'附表7-扣除项目明细采集底稿'!V:V,"直接归集成本费用") -> 0 | F20: =SUMIFS('附表7-扣除项目明细采集底稿'!X:X,'附表7-扣除项目明细采集底稿'!E:E,数据对照表!D2,'附表7-扣除项目明细采集底稿'!V:V,"直接归集成本费用") -> 0 | G20: =SUMIFS('附表7-扣除项目明细采集底稿'!Y:Y,'附表7-扣除项目明细采集底稿'!E:E,数据对照表!D2,'附表7-扣除项目明细采集底稿'!V:V,"直接归集成本费用") -> 0 | H20: =SUM(E20:G20) -> 0 | I20: =SUMIFS('附表7-扣除项目明细采集底稿'!W:W,'附表7-扣除项目明细采集底稿'!E:E,数据对照表!D2,'附表7-扣除项目明细采集底稿'!V:V,"共同成本费用") -> 0 | J20: =SUMIFS('附表7-扣除项目明细采集底稿'!X:X,'附表7-扣除项目明细采集底稿'!E:E,数据对照表!D2,'附表7-扣除项目明细采集底稿'!V:V,"共同成本费用") -> 0 | K20: =SUMIFS('附表7-扣除项目明细采集底稿'!Y:Y,'附表7-扣除项目明细采集底稿'!E:E,数据对照表!D2,'附表7-扣除项目明细采集底稿'!V:V,"共同成本费用") -> 0 | L20: =SUM(I20:K20) -> 0 | M20: =H20+L20 -> 0
A21: 16 | D21: =数据对照表!D3 -> 设计费用 | E21: =SUMIFS('附表7-扣除项目明细采集底稿'!W:W,'附表7-扣除项目明细采集底稿'!E:E,数据对照表!D3,'附表7-扣除项目明细采集底稿'!V:V,"直接归集成本费用") -> 0 | F21: =SUMIFS('附表7-扣除项目明细采集底稿'!X:X,'附表7-扣除项目明细采集底稿'!E:E,数据对照表!D3,'附表7-扣除项目明细采集底稿'!V:V,"直接归集成本费用") -> 0 | G21: =SUMIFS('附表7-扣除项目明细采集底稿'!Y:Y,'附表7-扣除项目明细采集底稿'!E:E,数据对照表!D3,'附表7-扣除项目明细采集底稿'!V:V,"直接归集成本费用") -> 0 | H21: =SUM(E21:G21) -> 0 | I21: =SUMIFS('附表7-扣除项目明细采集底稿'!W:W,'附表7-扣除项目明细采集底稿'!E:E,数据对照表!D3,'附表7-扣除项目明细采集底稿'!V:V,"共同成本费用") -> 414338.6 | J21: =SUMIFS('附表7-扣除项目明细采集底稿'!X:X,'附表7-扣除项目明细采集底稿'!E:E,数据对照表!D3,'附表7-扣除项目明细采集底稿'!V:V,"共同成本费用") -> 0 | K21: =SUMIFS('附表7-扣除项目明细采集底稿'!Y:Y,'附表7-扣除项目明细采集底稿'!E:E,数据对照表!D3,'附表7-扣除项目明细采集底稿'!V:V,"共同成本费用") -> 153793.4 | L21: =SUM(I21:K21) -> 568132 | M21: =H21+L21 -> 568132
A22: 17 | D22: =数据对照表!D4 -> 项目可行性研究费用 | E22: =SUMIFS('附表7-扣除项目明细采集底稿'!W:W,'附表7-扣除项目明细采集底稿'!E:E,数据对照表!D4,'附表7-扣除项目明细采集底稿'!V:V,"直接归集成本费用") -> 0 | F22: =SUMIFS('附表7-扣除项目明细采集底稿'!X:X,'附表7-扣除项目明细采集底稿'!E:E,数据对照表!D4,'附表7-扣除项目明细采集底稿'!V:V,"直接归集成本费用") -> 0 | G22: =SUMIFS('附表7-扣除项目明细采集底稿'!Y:Y,'附表7-扣除项目明细采集底稿'!E:E,数据对照表!D4,'附表7-扣除项目明细采集底稿'!V:V,"直接归集成本费用") -> 0 | H22: =SUM(E22:G22) -> 0 | I22: =SUMIFS('附表7-扣除项目明细采集底稿'!W:W,'附表7-扣除项目明细采集底稿'!E:E,数据对照表!D4,'附表7-扣除项目明细采集底稿'!V:V,"共同成本费用") -> 13127.4 | J22: =SUMIFS('附表7-扣除项目明细采集底稿'!X:X,'附表7-扣除项目明细采集底稿'!E:E,数据对照表!D4,'附表7-扣除项目明细采集底稿'!V:V,"共同成本费用") -> 0 | K22: =SUMIFS('附表7-扣除项目明细采集底稿'!Y:Y,'附表7-扣除项目明细采集底稿'!E:E,数据对照表!D4,'附表7-扣除项目明细采集底稿'!V:V,"共同成本费用") -> 4872.6 | L22: =SUM(I22:K22) -> 18000 | M22: =H22+L22 -> 18000
A23: 18 | D23: =数据对照表!D5 -> 水文费用 | E23: =SUMIFS('附表7-扣除项目明细采集底稿'!W:W,'附表7-扣除项目明细采集底稿'!E:E,数据对照表!D5,'附表7-扣除项目明细采集底稿'!V:V,"直接归集成本费用") -> 0 | F23: =SUMIFS('附表7-扣除项目明细采集底稿'!X:X,'附表7-扣除项目明细采集底稿'!E:E,数据对照表!D5,'附表7-扣除项目明细采集底稿'!V:V,"直接归集成本费用") -> 0 | G23: =SUMIFS('附表7-扣除项目明细采集底稿'!Y:Y,'附表7-扣除项目明细采集底稿'!E:E,数据对照表!D5,'附表7-扣除项目明细采集底稿'!V:V,"直接归集成本费用") -> 0 | H23: =SUM(E23:G23) -> 0 | I23: =SUMIFS('附表7-扣除项目明细采集底稿'!W:W,'附表7-扣除项目明细采集底稿'!E:E,数据对照表!D5,'附表7-扣除项目明细采集底稿'!V:V,"共同成本费用") -> 0 | J23: =SUMIFS('附表7-扣除项目明细采集底稿'!X:X,'附表7-扣除项目明细采集底稿'!E:E,数据对照表!D5,'附表7-扣除项目明细采集底稿'!V:V,"共同成本费用") -> 0 | K23: =SUMIFS('附表7-扣除项目明细采集底稿'!Y:Y,'附表7-扣除项目明细采集底稿'!E:E,数据对照表!D5,'附表7-扣除项目明细采集底稿'!V:V,"共同成本费用") -> 0 | L23: =SUM(I23:K23) -> 0 | M23: =H23+L23 -> 0
A24: 19 | D24: =数据对照表!D6 -> 地质费用 | E24: =SUMIFS('附表7-扣除项目明细采集底稿'!W:W,'附表7-扣除项目明细采集底稿'!E:E,数据对照表!D6,'附表7-扣除项目明细采集底稿'!V:V,"直接归集成本费用") -> 0 | F24: =SUMIFS('附表7-扣除项目明细采集底稿'!X:X,'附表7-扣除项目明细采集底稿'!E:E,数据对照表!D6,'附表7-扣除项目明细采集底稿'!V:V,"直接归集成本费用") -> 0 | G24: =SUMIFS('附表7-扣除项目明细采集底稿'!Y:Y,'附表7-扣除项目明细采集底稿'!E:E,数据对照表!D6,'附表7-扣除项目明细采集底稿'!V:V,"直接归集成本费用") -> 0 | H24: =SUM(E24:G24) -> 0 | I24: =SUMIFS('附表7-扣除项目明细采集底稿'!W:W,'附表7-扣除项目明细采集底稿'!E:E,数据对照表!D6,'附表7-扣除项目明细采集底稿'!V:V,"共同成本费用") -> 0 | J24: =SUMIFS('附表7-扣除项目明细采集底稿'!X:X,'附表7-扣除项目明细采集底稿'!E:E,数据对照表!D6,'附表7-扣除项目明细采集底稿'!V:V,"共同成本费用") -> 0 | K24: =SUMIFS('附表7-扣除项目明细采集底稿'!Y:Y,'附表7-扣除项目明细采集底稿'!E:E,数据对照表!D6,'附表7-扣除项目明细采集底稿'!V:V,"共同成本费用") -> 0 | L24: =SUM(I24:K24) -> 0 | M24: =H24+L24 -> 0
A25: 20 | D25: =数据对照表!D7 -> 勘探费用 | E25: =SUMIFS('附表7-扣除项目明细采集底稿'!W:W,'附表7-扣除项目明细采集底稿'!E:E,数据对照表!D7,'附表7-扣除项目明细采集底稿'!V:V,"直接归集成本费用") -> 0 | F25: =SUMIFS('附表7-扣除项目明细采集底稿'!X:X,'附表7-扣除项目明细采集底稿'!E:E,数据对照表!D7,'附表7-扣除项目明细采集底稿'!V:V,"直接归集成本费用") -> 0 | G25: =SUMIFS('附表7-扣除项目明细采集底稿'!Y:Y,'附表7-扣除项目明细采集底稿'!E:E,数据对照表!D7,'附表7-扣除项目明细采集底稿'!V:V,"直接归集成本费用") -> 0 | H25: =SUM(E25:G25) -> 0 | I25: =SUMIFS('附表7-扣除项目明细采集底稿'!W:W,'附表7-扣除项目明细采集底稿'!E:E,数据对照表!D7,'附表7-扣除项目明细采集底稿'!V:V,"共同成本费用") -> 28962.7 | J25: =SUMIFS('附表7-扣除项目明细采集底稿'!X:X,'附表7-扣除项目明细采集底稿'!E:E,数据对照表!D7,'附表7-扣除项目明细采集底稿'!V:V,"共同成本费用") -> 0 | K25: =SUMIFS('附表7-扣除项目明细采集底稿'!Y:Y,'附表7-扣除项目明细采集底稿'!E:E,数据对照表!D7,'附表7-扣除项目明细采集底稿'!V:V,"共同成本费用") -> 10750.3 | L25: =SUM(I25:K25) -> 39713 | M25: =H25+L25 -> 39713
A26: 21 | D26: =数据对照表!D8 -> 测绘费用 | E26: =SUMIFS('附表7-扣除项目明细采集底稿'!W:W,'附表7-扣除项目明细采集底稿'!E:E,数据对照表!D8,'附表7-扣除项目明细采集底稿'!V:V,"直接归集成本费用") -> 0 | F26: =SUMIFS('附表7-扣除项目明细采集底稿'!X:X,'附表7-扣除项目明细采集底稿'!E:E,数据对照表!D8,'附表7-扣除项目明细采集底稿'!V:V,"直接归集成本费用") -> 0 | G26: =SUMIFS('附表7-扣除项目明细采集底稿'!Y:Y,'附表7-扣除项目明细采集底稿'!E:E,数据对照表!D8,'附表7-扣除项目明细采集底稿'!V:V,"直接归集成本费用") -> 0 | H26: =SUM(E26:G26) -> 0 | I26: =SUMIFS('附表7-扣除项目明细采集底稿'!W:W,'附表7-扣除项目明细采集底稿'!E:E,数据对照表!D8,'附表7-扣除项目明细采集底稿'!V:V,"共同成本费用") -> 7295.05 | J26: =SUMIFS('附表7-扣除项目明细采集底稿'!X:X,'附表7-扣除项目明细采集底稿'!E:E,数据对照表!D8,'附表7-扣除项目明细采集底稿'!V:V,"共同成本费用") -> 0 | K26: =SUMIFS('附表7-扣除项目明细采集底稿'!Y:Y,'附表7-扣除项目明细采集底稿'!E:E,数据对照表!D8,'附表7-扣除项目明细采集底稿'!V:V,"共同成本费用") -> 2707.77 | L26: =SUM(I26:K26) -> 10002.82 | M26: =H26+L26 -> 10002.82
A27: 22 | D27: =数据对照表!D9 -> 七通一平支出 | E27: =SUMIFS('附表7-扣除项目明细采集底稿'!W:W,'附表7-扣除项目明细采集底稿'!E:E,数据对照表!D9,'附表7-扣除项目明细采集底稿'!V:V,"直接归集成本费用") -> 0 | F27: =SUMIFS('附表7-扣除项目明细采集底稿'!X:X,'附表7-扣除项目明细采集底稿'!E:E,数据对照表!D9,'附表7-扣除项目明细采集底稿'!V:V,"直接归集成本费用") -> 0 | G27: =SUMIFS('附表7-扣除项目明细采集底稿'!Y:Y,'附表7-扣除项目明细采集底稿'!E:E,数据对照表!D9,'附表7-扣除项目明细采集底稿'!V:V,"直接归集成本费用") -> 0 | H27: =SUM(E27:G27) -> 0 | I27: =SUMIFS('附表7-扣除项目明细采集底稿'!W:W,'附表7-扣除项目明细采集底稿'!E:E,数据对照表!D9,'附表7-扣除项目明细采集底稿'!V:V,"共同成本费用") -> 1196753.5 | J27: =SUMIFS('附表7-扣除项目明细采集底稿'!X:X,'附表7-扣除项目明细采集底稿'!E:E,数据对照表!D9,'附表7-扣除项目明细采集底稿'!V:V,"共同成本费用") -> 0 | K27: =SUMIFS('附表7-扣除项目明细采集底稿'!Y:Y,'附表7-扣除项目明细采集底稿'!E:E,数据对照表!D9,'附表7-扣除项目明细采集底稿'!V:V,"共同成本费用") -> 444208.68 | L27: =SUM(I27:K27) -> 1640962.2 | M27: =H27+L27 -> 1640962.2
A28: 23 | D28: =数据对照表!D10 -> 其他前期工程费 | E28: =SUMIFS('附表7-扣除项目明细采集底稿'!W:W,'附表7-扣除项目明细采集底稿'!E:E,数据对照表!D10,'附表7-扣除项目明细采集底稿'!V:V,"直接归集成本费用") -> 0 | F28: =SUMIFS('附表7-扣除项目明细采集底稿'!X:X,'附表7-扣除项目明细采集底稿'!E:E,数据对照表!D10,'附表7-扣除项目明细采集底稿'!V:V,"直接归集成本费用") -> 0 | G28: =SUMIFS('附表7-扣除项目明细采集底稿'!Y:Y,'附表7-扣除项目明细采集底稿'!E:E,数据对照表!D10,'附表7-扣除项目明细采集底稿'!V:V,"直接归集成本费用") -> 0 | H28: =SUM(E28:G28) -> 0 | I28: =SUMIFS('附表7-扣除项目明细采集底稿'!W:W,'附表7-扣除项目明细采集底稿'!E:E,数据对照表!D10,'附表7-扣除项目明细采集底稿'!V:V,"共同成本费用") -> 17503.2 | J28: =SUMIFS('附表7-扣除项目明细采集底稿'!X:X,'附表7-扣除项目明细采集底稿'!E:E,数据对照表!D10,'附表7-扣除项目明细采集底稿'!V:V,"共同成本费用") -> 0 | K28: =SUMIFS('附表7-扣除项目明细采集底稿'!Y:Y,'附表7-扣除项目明细采集底稿'!E:E,数据对照表!D10,'附表7-扣除项目明细采集底稿'!V:V,"共同成本费用") -> 6496.8 | L28: =SUM(I28:K28) -> 24000 | M28: =H28+L28 -> 24000
A29: 24 | C29: =数据对照表!E1 -> 建筑安装工程费 | E29: =SUMIFS('附表7-扣除项目明细采集底稿'!W:W,'附表7-扣除项目明细采集底稿'!D:D,数据对照表!E1,'附表7-扣除项目明细采集底稿'!V:V,"直接归集成本费用") -> 0 | F29: =SUMIFS('附表7-扣除项目明细采集底稿'!X:X,'附表7-扣除项目明细采集底稿'!D:D,数据对照表!E1,'附表7-扣除项目明细采集底稿'!V:V,"直接归集成本费用") -> 0 | G29: =SUMIFS('附表7-扣除项目明细采集底稿'!Y:Y,'附表7-扣除项目明细采集底稿'!D:D,数据对照表!E1,'附表7-扣除项目明细采集底稿'!V:V,"直接归集成本费用") -> 0 | H29: =SUM(E29:G29) -> 0 | I29: =SUMIFS('附表7-扣除项目明细采集底稿'!W:W,'附表7-扣除项目明细采集底稿'!D:D,数据对照表!E1,'附表7-扣除项目明细采集底稿'!V:V,"共同成本费用") -> 35330661 | J29: =SUMIFS('附表7-扣除项目明细采集底稿'!X:X,'附表7-扣除项目明细采集底稿'!D:D,数据对照表!E1,'附表7-扣除项目明细采集底稿'!V:V,"共同成本费用") -> 0 | K29: =SUMIFS('附表7-扣除项目明细采集底稿'!Y:Y,'附表7-扣除项目明细采集底稿'!D:D,数据对照表!E1,'附表7-扣除项目明细采集底稿'!V:V,"共同成本费用") -> 13113967 | L29: =SUM(I29:K29) -> 48444628 | M29: =H29+L29 -> 48444628
A30: 25 | C30: 其中 | D30: =数据对照表!E2 -> 桩基础工程费用 | E30: =SUMIFS('附表7-扣除项目明细采集底稿'!W:W,'附表7-扣除项目明细采集底稿'!E:E,数据对照表!E2,'附表7-扣除项目明细采集底稿'!V:V,"直接归集成本费用") -> 0 | F30: =SUMIFS('附表7-扣除项目明细采集底稿'!X:X,'附表7-扣除项目明细采集底稿'!E:E,数据对照表!E2,'附表7-扣除项目明细采集底稿'!V:V,"直接归集成本费用") -> 0 | G30: =SUMIFS('附表7-扣除项目明细采集底稿'!Y:Y,'附表7-扣除项目明细采集底稿'!E:E,数据对照表!E2,'附表7-扣除项目明细采集底稿'!V:V,"直接归集成本费用") -> 0 | H30: =SUM(E30:G30) -> 0 | I30: =SUMIFS('附表7-扣除项目明细采集底稿'!W:W,'附表7-扣除项目明细采集底稿'!E:E,数据对照表!E2,'附表7-扣除项目明细采集底稿'!V:V,"共同成本费用") -> 32300420 | J30: =SUMIFS('附表7-扣除项目明细采集底稿'!X:X,'附表7-扣除项目明细采集底稿'!E:E,数据对照表!E2,'附表7-扣除项目明细采集底稿'!V:V,"共同成本费用") -> 0 | K30: =SUMIFS('附表7-扣除项目明细采集底稿'!Y:Y,'附表7-扣除项目明细采集底稿'!E:E,数据对照表!E2,'附表7-扣除项目明细采集底稿'!V:V,"共同成本费用") -> 11989208 | L30: =SUM(I30:K30) -> 44289628 | M30: =H30+L30 -> 44289628
A31: 26 | D31: =数据对照表!E3 -> 地下室工程费用 | E31: =SUMIFS('附表7-扣除项目明细采集底稿'!W:W,'附表7-扣除项目明细采集底稿'!E:E,数据对照表!E3,'附表7-扣除项目明细采集底稿'!V:V,"直接归集成本费用") -> 0 | F31: =SUMIFS('附表7-扣除项目明细采集底稿'!X:X,'附表7-扣除项目明细采集底稿'!E:E,数据对照表!E3,'附表7-扣除项目明细采集底稿'!V:V,"直接归集成本费用") -> 0 | G31: =SUMIFS('附表7-扣除项目明细采集底稿'!Y:Y,'附表7-扣除项目明细采集底稿'!E:E,数据对照表!E3,'附表7-扣除项目明细采集底稿'!V:V,"直接归集成本费用") -> 0 | H31: =SUM(E31:G31) -> 0 | I31: =SUMIFS('附表7-扣除项目明细采集底稿'!W:W,'附表7-扣除项目明细采集底稿'!E:E,数据对照表!E3,'附表7-扣除项目明细采集底稿'!V:V,"共同成本费用") -> 1826896.2 | J31: =SUMIFS('附表7-扣除项目明细采集底稿'!X:X,'附表7-扣除项目明细采集底稿'!E:E,数据对照表!E3,'附表7-扣除项目明细采集底稿'!V:V,"共同成本费用") -> 0 | K31: =SUMIFS('附表7-扣除项目明细采集底稿'!Y:Y,'附表7-扣除项目明细采集底稿'!E:E,数据对照表!E3,'附表7-扣除项目明细采集底稿'!V:V,"共同成本费用") -> 678103.83 | L31: =SUM(I31:K31) -> 2505000 | M31: =H31+L31 -> 2505000
A32: 27 | D32: =数据对照表!E4 -> 地上建筑工程费用 | E32: =SUMIFS('附表7-扣除项目明细采集底稿'!W:W,'附表7-扣除项目明细采集底稿'!E:E,数据对照表!E4,'附表7-扣除项目明细采集底稿'!V:V,"直接归集成本费用") -> 0 | F32: =SUMIFS('附表7-扣除项目明细采集底稿'!X:X,'附表7-扣除项目明细采集底稿'!E:E,数据对照表!E4,'附表7-扣除项目明细采集底稿'!V:V,"直接归集成本费用") -> 0 | G32: =SUMIFS('附表7-扣除项目明细采集底稿'!Y:Y,'附表7-扣除项目明细采集底稿'!E:E,数据对照表!E4,'附表7-扣除项目明细采集底稿'!V:V,"直接归集成本费用") -> 0 | H32: =SUM(E32:G32) -> 0 | I32: =SUMIFS('附表7-扣除项目明细采集底稿'!W:W,'附表7-扣除项目明细采集底稿'!E:E,数据对照表!E4,'附表7-扣除项目明细采集底稿'!V:V,"共同成本费用") -> 0 | J32: =SUMIFS('附表7-扣除项目明细采集底稿'!X:X,'附表7-扣除项目明细采集底稿'!E:E,数据对照表!E4,'附表7-扣除项目明细采集底稿'!V:V,"共同成本费用") -> 0 | K32: =SUMIFS('附表7-扣除项目明细采集底稿'!Y:Y,'附表7-扣除项目明细采集底稿'!E:E,数据对照表!E4,'附表7-扣除项目明细采集底稿'!V:V,"共同成本费用") -> 0 | L32: =SUM(I32:K32) -> 0 | M32: =H32+L32 -> 0
A33: 28 | D33: =数据对照表!E5 -> 户内装修费用 | E33: =SUMIFS('附表7-扣除项目明细采集底稿'!W:W,'附表7-扣除项目明细采集底稿'!E:E,数据对照表!E5,'附表7-扣除项目明细采集底稿'!V:V,"直接归集成本费用") -> 0 | F33: =SUMIFS('附表7-扣除项目明细采集底稿'!X:X,'附表7-扣除项目明细采集底稿'!E:E,数据对照表!E5,'附表7-扣除项目明细采集底稿'!V:V,"直接归集成本费用") -> 0 | G33: =SUMIFS('附表7-扣除项目明细采集底稿'!Y:Y,'附表7-扣除项目明细采集底稿'!E:E,数据对照表!E5,'附表7-扣除项目明细采集底稿'!V:V,"直接归集成本费用") -> 0 | H33: =SUM(E33:G33) -> 0 | I33: =SUMIFS('附表7-扣除项目明细采集底稿'!W:W,'附表7-扣除项目明细采集底稿'!E:E,数据对照表!E5,'附表7-扣除项目明细采集底稿'!V:V,"共同成本费用") -> 0 | J33: =SUMIFS('附表7-扣除项目明细采集底稿'!X:X,'附表7-扣除项目明细采集底稿'!E:E,数据对照表!E5,'附表7-扣除项目明细采集底稿'!V:V,"共同成本费用") -> 0 | K33: =SUMIFS('附表7-扣除项目明细采集底稿'!Y:Y,'附表7-扣除项目明细采集底稿'!E:E,数据对照表!E5,'附表7-扣除项目明细采集底稿'!V:V,"共同成本费用") -> 0 | L33: =SUM(I33:K33) -> 0 | M33: =H33+L33 -> 0
A34: 29 | D34: =数据对照表!E6 -> 高档外立面工程费用 | E34: =SUMIFS('附表7-扣除项目明细采集底稿'!W:W,'附表7-扣除项目明细采集底稿'!E:E,数据对照表!E6,'附表7-扣除项目明细采集底稿'!V:V,"直接归集成本费用") -> 0 | F34: =SUMIFS('附表7-扣除项目明细采集底稿'!X:X,'附表7-扣除项目明细采集底稿'!E:E,数据对照表!E6,'附表7-扣除项目明细采集底稿'!V:V,"直接归集成本费用") -> 0 | G34: =SUMIFS('附表7-扣除项目明细采集底稿'!Y:Y,'附表7-扣除项目明细采集底稿'!E:E,数据对照表!E6,'附表7-扣除项目明细采集底稿'!V:V,"直接归集成本费用") -> 0 | H34: =SUM(E34:G34) -> 0 | I34: =SUMIFS('附表7-扣除项目明细采集底稿'!W:W,'附表7-扣除项目明细采集底稿'!E:E,数据对照表!E6,'附表7-扣除项目明细采集底稿'!V:V,"共同成本费用") -> 0 | J34: =SUMIFS('附表7-扣除项目明细采集底稿'!X:X,'附表7-扣除项目明细采集底稿'!E:E,数据对照表!E6,'附表7-扣除项目明细采集底稿'!V:V,"共同成本费用") -> 0 | K34: =SUMIFS('附表7-扣除项目明细采集底稿'!Y:Y,'附表7-扣除项目明细采集底稿'!E:E,数据对照表!E6,'附表7-扣除项目明细采集底稿'!V:V,"共同成本费用") -> 0 | L34: =SUM(I34:K34) -> 0 | M34: =H34+L34 -> 0
A35: 30 | D35: =数据对照表!E7 -> 其他建筑安装工程费 | E35: =SUMIFS('附表7-扣除项目明细采集底稿'!W:W,'附表7-扣除项目明细采集底稿'!E:E,数据对照表!E7,'附表7-扣除项目明细采集底稿'!V:V,"直接归集成本费用") -> 0 | F35: =SUMIFS('附表7-扣除项目明细采集底稿'!X:X,'附表7-扣除项目明细采集底稿'!E:E,数据对照表!E7,'附表7-扣除项目明细采集底稿'!V:V,"直接归集成本费用") -> 0 | G35: =SUMIFS('附表7-扣除项目明细采集底稿'!Y:Y,'附表7-扣除项目明细采集底稿'!E:E,数据对照表!E7,'附表7-扣除项目明细采集底稿'!V:V,"直接归集成本费用") -> 0 | H35: =SUM(E35:G35) -> 0 | I35: =SUMIFS('附表7-扣除项目明细采集底稿'!W:W,'附表7-扣除项目明细采集底稿'!E:E,数据对照表!E7,'附表7-扣除项目明细采集底稿'!V:V,"共同成本费用") -> 1203344.8 | J35: =SUMIFS('附表7-扣除项目明细采集底稿'!X:X,'附表7-扣除项目明细采集底稿'!E:E,数据对照表!E7,'附表7-扣除项目明细采集底稿'!V:V,"共同成本费用") -> 0 | K35: =SUMIFS('附表7-扣除项目明细采集底稿'!Y:Y,'附表7-扣除项目明细采集底稿'!E:E,数据对照表!E7,'附表7-扣除项目明细采集底稿'!V:V,"共同成本费用") -> 446655.21 | L35: =SUM(I35:K35) -> 1650000 | M35: =H35+L35 -> 1650000
A36: 31 | C36: =数据对照表!F1 -> 基础设施费 | E36: =SUMIFS('附表7-扣除项目明细采集底稿'!W:W,'附表7-扣除项目明细采集底稿'!D:D,数据对照表!F1,'附表7-扣除项目明细采集底稿'!V:V,"直接归集成本费用") -> 0 | F36: =SUMIFS('附表7-扣除项目明细采集底稿'!X:X,'附表7-扣除项目明细采集底稿'!D:D,数据对照表!F1,'附表7-扣除项目明细采集底稿'!V:V,"直接归集成本费用") -> 0 | G36: =SUMIFS('附表7-扣除项目明细采集底稿'!Y:Y,'附表7-扣除项目明细采集底稿'!D:D,数据对照表!F1,'附表7-扣除项目明细采集底稿'!V:V,"直接归集成本费用") -> 0 | H36: =SUM(E36:G36) -> 0 | I36: =SUMIFS('附表7-扣除项目明细采集底稿'!W:W,'附表7-扣除项目明细采集底稿'!D:D,数据对照表!F1,'附表7-扣除项目明细采集底稿'!V:V,"共同成本费用") -> 1639937.8 | J36: =SUMIFS('附表7-扣除项目明细采集底稿'!X:X,'附表7-扣除项目明细采集底稿'!D:D,数据对照表!F1,'附表7-扣除项目明细采集底稿'!V:V,"共同成本费用") -> 0 | K36: =SUMIFS('附表7-扣除项目明细采集底稿'!Y:Y,'附表7-扣除项目明细采集底稿'!D:D,数据对照表!F1,'附表7-扣除项目明细采集底稿'!V:V,"共同成本费用") -> 608709 | L36: =SUM(I36:K36) -> 2248646.8 | M36: =H36+L36 -> 2248646.8
A37: 32 | C37: 其中 | D37: =数据对照表!F2 -> 开发小区内道路工程支出 | E37: =SUMIFS('附表7-扣除项目明细采集底稿'!W:W,'附表7-扣除项目明细采集底稿'!E:E,数据对照表!F2,'附表7-扣除项目明细采集底稿'!V:V,"直接归集成本费用") -> 0 | F37: =SUMIFS('附表7-扣除项目明细采集底稿'!X:X,'附表7-扣除项目明细采集底稿'!E:E,数据对照表!F2,'附表7-扣除项目明细采集底稿'!V:V,"直接归集成本费用") -> 0 | G37: =SUMIFS('附表7-扣除项目明细采集底稿'!Y:Y,'附表7-扣除项目明细采集底稿'!E:E,数据对照表!F2,'附表7-扣除项目明细采集底稿'!V:V,"直接归集成本费用") -> 0 | H37: =SUM(E37:G37) -> 0 | I37: =SUMIFS('附表7-扣除项目明细采集底稿'!W:W,'附表7-扣除项目明细采集底稿'!E:E,数据对照表!F2,'附表7-扣除项目明细采集底稿'!V:V,"共同成本费用") -> 0 | J37: =SUMIFS('附表7-扣除项目明细采集底稿'!X:X,'附表7-扣除项目明细采集底稿'!E:E,数据对照表!F2,'附表7-扣除项目明细采集底稿'!V:V,"共同成本费用") -> 0 | K37: =SUMIFS('附表7-扣除项目明细采集底稿'!Y:Y,'附表7-扣除项目明细采集底稿'!E:E,数据对照表!F2,'附表7-扣除项目明细采集底稿'!V:V,"共同成本费用") -> 0 | L37: =SUM(I37:K37) -> 0 | M37: =H37+L37 -> 0
A38: 33 | D38: =数据对照表!F3 -> 供水工程支出 | E38: =SUMIFS('附表7-扣除项目明细采集底稿'!W:W,'附表7-扣除项目明细采集底稿'!E:E,数据对照表!F3,'附表7-扣除项目明细采集底稿'!V:V,"直接归集成本费用") -> 0 | F38: =SUMIFS('附表7-扣除项目明细采集底稿'!X:X,'附表7-扣除项目明细采集底稿'!E:E,数据对照表!F3,'附表7-扣除项目明细采集底稿'!V:V,"直接归集成本费用") -> 0 | G38: =SUMIFS('附表7-扣除项目明细采集底稿'!Y:Y,'附表7-扣除项目明细采集底稿'!E:E,数据对照表!F3,'附表7-扣除项目明细采集底稿'!V:V,"直接归集成本费用") -> 0 | H38: =SUM(E38:G38) -> 0 | I38: =SUMIFS('附表7-扣除项目明细采集底稿'!W:W,'附表7-扣除项目明细采集底稿'!E:E,数据对照表!F3,'附表7-扣除项目明细采集底稿'!V:V,"共同成本费用") -> 238001.9 | J38: =SUMIFS('附表7-扣除项目明细采集底稿'!X:X,'附表7-扣除项目明细采集底稿'!E:E,数据对照表!F3,'附表7-扣除项目明细采集底稿'!V:V,"共同成本费用") -> 0 | K38: =SUMIFS('附表7-扣除项目明细采集底稿'!Y:Y,'附表7-扣除项目明细采集底稿'!E:E,数据对照表!F3,'附表7-扣除项目明细采集底稿'!V:V,"共同成本费用") -> 88341.11 | L38: =SUM(I38:K38) -> 326343.01 | M38: =H38+L38 -> 326343.01
A39: 34 | D39: =数据对照表!F4 -> 供电工程支出 | E39: =SUMIFS('附表7-扣除项目明细采集底稿'!W:W,'附表7-扣除项目明细采集底稿'!E:E,数据对照表!F4,'附表7-扣除项目明细采集底稿'!V:V,"直接归集成本费用") -> 0 | F39: =SUMIFS('附表7-扣除项目明细采集底稿'!X:X,'附表7-扣除项目明细采集底稿'!E:E,数据对照表!F4,'附表7-扣除项目明细采集底稿'!V:V,"直接归集成本费用") -> 0 | G39: =SUMIFS('附表7-扣除项目明细采集底稿'!Y:Y,'附表7-扣除项目明细采集底稿'!E:E,数据对照表!F4,'附表7-扣除项目明细采集底稿'!V:V,"直接归集成本费用") -> 0 | H39: =SUM(E39:G39) -> 0 | I39: =SUMIFS('附表7-扣除项目明细采集底稿'!W:W,'附表7-扣除项目明细采集底稿'!E:E,数据对照表!F4,'附表7-扣除项目明细采集底稿'!V:V,"共同成本费用") -> 301200.84 | J39: =SUMIFS('附表7-扣除项目明细采集底稿'!X:X,'附表7-扣除项目明细采集底稿'!E:E,数据对照表!F4,'附表7-扣除项目明细采集底稿'!V:V,"共同成本费用") -> 0 | K39: =SUMIFS('附表7-扣除项目明细采集底稿'!Y:Y,'附表7-扣除项目明细采集底稿'!E:E,数据对照表!F4,'附表7-扣除项目明细采集底稿'!V:V,"共同成本费用") -> 111799.16 | L39: =SUM(I39:K39) -> 413000 | M39: =H39+L39 -> 413000
A40: 35 | D40: =数据对照表!F5 -> 供气工程支出 | E40: =SUMIFS('附表7-扣除项目明细采集底稿'!W:W,'附表7-扣除项目明细采集底稿'!E:E,数据对照表!F5,'附表7-扣除项目明细采集底稿'!V:V,"直接归集成本费用") -> 0 | F40: =SUMIFS('附表7-扣除项目明细采集底稿'!X:X,'附表7-扣除项目明细采集底稿'!E:E,数据对照表!F5,'附表7-扣除项目明细采集底稿'!V:V,"直接归集成本费用") -> 0 | G40: =SUMIFS('附表7-扣除项目明细采集底稿'!Y:Y,'附表7-扣除项目明细采集底稿'!E:E,数据对照表!F5,'附表7-扣除项目明细采集底稿'!V:V,"直接归集成本费用") -> 0 | H40: =SUM(E40:G40) -> 0 | I40: =SUMIFS('附表7-扣除项目明细采集底稿'!W:W,'附表7-扣除项目明细采集底稿'!E:E,数据对照表!F5,'附表7-扣除项目明细采集底稿'!V:V,"共同成本费用") -> 0 | J40: =SUMIFS('附表7-扣除项目明细采集底稿'!X:X,'附表7-扣除项目明细采集底稿'!E:E,数据对照表!F5,'附表7-扣除项目明细采集底稿'!V:V,"共同成本费用") -> 0 | K40: =SUMIFS('附表7-扣除项目明细采集底稿'!Y:Y,'附表7-扣除项目明细采集底稿'!E:E,数据对照表!F5,'附表7-扣除项目明细采集底稿'!V:V,"共同成本费用") -> 0 | L40: =SUM(I40:K40) -> 0 | M40: =H40+L40 -> 0
A41: 36 | D41: =数据对照表!F6 -> 排污工程支出 | E41: =SUMIFS('附表7-扣除项目明细采集底稿'!W:W,'附表7-扣除项目明细采集底稿'!E:E,数据对照表!F6,'附表7-扣除项目明细采集底稿'!V:V,"直接归集成本费用") -> 0 | F41: =SUMIFS('附表7-扣除项目明细采集底稿'!X:X,'附表7-扣除项目明细采集底稿'!E:E,数据对照表!F6,'附表7-扣除项目明细采集底稿'!V:V,"直接归集成本费用") -> 0 | G41: =SUMIFS('附表7-扣除项目明细采集底稿'!Y:Y,'附表7-扣除项目明细采集底稿'!E:E,数据对照表!F6,'附表7-扣除项目明细采集底稿'!V:V,"直接归集成本费用") -> 0 | H41: =SUM(E41:G41) -> 0 | I41: =SUMIFS('附表7-扣除项目明细采集底稿'!W:W,'附表7-扣除项目明细采集底稿'!E:E,数据对照表!F6,'附表7-扣除项目明细采集底稿'!V:V,"共同成本费用") -> 0 | J41: =SUMIFS('附表7-扣除项目明细采集底稿'!X:X,'附表7-扣除项目明细采集底稿'!E:E,数据对照表!F6,'附表7-扣除项目明细采集底稿'!V:V,"共同成本费用") -> 0 | K41: =SUMIFS('附表7-扣除项目明细采集底稿'!Y:Y,'附表7-扣除项目明细采集底稿'!E:E,数据对照表!F6,'附表7-扣除项目明细采集底稿'!V:V,"共同成本费用") -> 0 | L41: =SUM(I41:K41) -> 0 | M41: =H41+L41 -> 0
A42: 37 | D42: =数据对照表!F7 -> 排洪工程支出 | E42: =SUMIFS('附表7-扣除项目明细采集底稿'!W:W,'附表7-扣除项目明细采集底稿'!E:E,数据对照表!F7,'附表7-扣除项目明细采集底稿'!V:V,"直接归集成本费用") -> 0 | F42: =SUMIFS('附表7-扣除项目明细采集底稿'!X:X,'附表7-扣除项目明细采集底稿'!E:E,数据对照表!F7,'附表7-扣除项目明细采集底稿'!V:V,"直接归集成本费用") -> 0 | G42: =SUMIFS('附表7-扣除项目明细采集底稿'!Y:Y,'附表7-扣除项目明细采集底稿'!E:E,数据对照表!F7,'附表7-扣除项目明细采集底稿'!V:V,"直接归集成本费用") -> 0 | H42: =SUM(E42:G42) -> 0 | I42: =SUMIFS('附表7-扣除项目明细采集底稿'!W:W,'附表7-扣除项目明细采集底稿'!E:E,数据对照表!F7,'附表7-扣除项目明细采集底稿'!V:V,"共同成本费用") -> 0 | J42: =SUMIFS('附表7-扣除项目明细采集底稿'!X:X,'附表7-扣除项目明细采集底稿'!E:E,数据对照表!F7,'附表7-扣除项目明细采集底稿'!V:V,"共同成本费用") -> 0 | K42: =SUMIFS('附表7-扣除项目明细采集底稿'!Y:Y,'附表7-扣除项目明细采集底稿'!E:E,数据对照表!F7,'附表7-扣除项目明细采集底稿'!V:V,"共同成本费用") -> 0 | L42: =SUM(I42:K42) -> 0 | M42: =H42+L42 -> 0
A43: 38 | D43: =数据对照表!F8 -> 通讯工程支出 | E43: =SUMIFS('附表7-扣除项目明细采集底稿'!W:W,'附表7-扣除项目明细采集底稿'!E:E,数据对照表!F8,'附表7-扣除项目明细采集底稿'!V:V,"直接归集成本费用") -> 0 | F43: =SUMIFS('附表7-扣除项目明细采集底稿'!X:X,'附表7-扣除项目明细采集底稿'!E:E,数据对照表!F8,'附表7-扣除项目明细采集底稿'!V:V,"直接归集成本费用") -> 0 | G43: =SUMIFS('附表7-扣除项目明细采集底稿'!Y:Y,'附表7-扣除项目明细采集底稿'!E:E,数据对照表!F8,'附表7-扣除项目明细采集底稿'!V:V,"直接归集成本费用") -> 0 | H43: =SUM(E43:G43) -> 0 | I43: =SUMIFS('附表7-扣除项目明细采集底稿'!W:W,'附表7-扣除项目明细采集底稿'!E:E,数据对照表!F8,'附表7-扣除项目明细采集底稿'!V:V,"共同成本费用") -> 0 | J43: =SUMIFS('附表7-扣除项目明细采集底稿'!X:X,'附表7-扣除项目明细采集底稿'!E:E,数据对照表!F8,'附表7-扣除项目明细采集底稿'!V:V,"共同成本费用") -> 0 | K43: =SUMIFS('附表7-扣除项目明细采集底稿'!Y:Y,'附表7-扣除项目明细采集底稿'!E:E,数据对照表!F8,'附表7-扣除项目明细采集底稿'!V:V,"共同成本费用") -> 0 | L43: =SUM(I43:K43) -> 0 | M43: =H43+L43 -> 0
A44: 39 | D44: =数据对照表!F9 -> 照明工程支出 | E44: =SUMIFS('附表7-扣除项目明细采集底稿'!W:W,'附表7-扣除项目明细采集底稿'!E:E,数据对照表!F9,'附表7-扣除项目明细采集底稿'!V:V,"直接归集成本费用") -> 0 | F44: =SUMIFS('附表7-扣除项目明细采集底稿'!X:X,'附表7-扣除项目明细采集底稿'!E:E,数据对照表!F9,'附表7-扣除项目明细采集底稿'!V:V,"直接归集成本费用") -> 0 | G44: =SUMIFS('附表7-扣除项目明细采集底稿'!Y:Y,'附表7-扣除项目明细采集底稿'!E:E,数据对照表!F9,'附表7-扣除项目明细采集底稿'!V:V,"直接归集成本费用") -> 0 | H44: =SUM(E44:G44) -> 0 | I44: =SUMIFS('附表7-扣除项目明细采集底稿'!W:W,'附表7-扣除项目明细采集底稿'!E:E,数据对照表!F9,'附表7-扣除项目明细采集底稿'!V:V,"共同成本费用") -> 0 | J44: =SUMIFS('附表7-扣除项目明细采集底稿'!X:X,'附表7-扣除项目明细采集底稿'!E:E,数据对照表!F9,'附表7-扣除项目明细采集底稿'!V:V,"共同成本费用") -> 0 | K44: =SUMIFS('附表7-扣除项目明细采集底稿'!Y:Y,'附表7-扣除项目明细采集底稿'!E:E,数据对照表!F9,'附表7-扣除项目明细采集底稿'!V:V,"共同成本费用") -> 0 | L44: =SUM(I44:K44) -> 0 | M44: =H44+L44 -> 0
A45: 40 | D45: =数据对照表!F10 -> 环卫工程支出 | E45: =SUMIFS('附表7-扣除项目明细采集底稿'!W:W,'附表7-扣除项目明细采集底稿'!E:E,数据对照表!F10,'附表7-扣除项目明细采集底稿'!V:V,"直接归集成本费用") -> 0 | F45: =SUMIFS('附表7-扣除项目明细采集底稿'!X:X,'附表7-扣除项目明细采集底稿'!E:E,数据对照表!F10,'附表7-扣除项目明细采集底稿'!V:V,"直接归集成本费用") -> 0 | G45: =SUMIFS('附表7-扣除项目明细采集底稿'!Y:Y,'附表7-扣除项目明细采集底稿'!E:E,数据对照表!F10,'附表7-扣除项目明细采集底稿'!V:V,"直接归集成本费用") -> 0 | H45: =SUM(E45:G45) -> 0 | I45: =SUMIFS('附表7-扣除项目明细采集底稿'!W:W,'附表7-扣除项目明细采集底稿'!E:E,数据对照表!F10,'附表7-扣除项目明细采集底稿'!V:V,"共同成本费用") -> 0 | J45: =SUMIFS('附表7-扣除项目明细采集底稿'!X:X,'附表7-扣除项目明细采集底稿'!E:E,数据对照表!F10,'附表7-扣除项目明细采集底稿'!V:V,"共同成本费用") -> 0 | K45: =SUMIFS('附表7-扣除项目明细采集底稿'!Y:Y,'附表7-扣除项目明细采集底稿'!E:E,数据对照表!F10,'附表7-扣除项目明细采集底稿'!V:V,"共同成本费用") -> 0 | L45: =SUM(I45:K45) -> 0 | M45: =H45+L45 -> 0
A46: 41 | D46: =数据对照表!F11 -> 绿化费用 | E46: =SUMIFS('附表7-扣除项目明细采集底稿'!W:W,'附表7-扣除项目明细采集底稿'!E:E,数据对照表!F11,'附表7-扣除项目明细采集底稿'!V:V,"直接归集成本费用") -> 0 | F46: =SUMIFS('附表7-扣除项目明细采集底稿'!X:X,'附表7-扣除项目明细采集底稿'!E:E,数据对照表!F11,'附表7-扣除项目明细采集底稿'!V:V,"直接归集成本费用") -> 0 | G46: =SUMIFS('附表7-扣除项目明细采集底稿'!Y:Y,'附表7-扣除项目明细采集底稿'!E:E,数据对照表!F11,'附表7-扣除项目明细采集底稿'!V:V,"直接归集成本费用") -> 0 | H46: =SUM(E46:G46) -> 0 | I46: =SUMIFS('附表7-扣除项目明细采集底稿'!W:W,'附表7-扣除项目明细采集底稿'!E:E,数据对照表!F11,'附表7-扣除项目明细采集底稿'!V:V,"共同成本费用") -> 0 | J46: =SUMIFS('附表7-扣除项目明细采集底稿'!X:X,'附表7-扣除项目明细采集底稿'!E:E,数据对照表!F11,'附表7-扣除项目明细采集底稿'!V:V,"共同成本费用") -> 0 | K46: =SUMIFS('附表7-扣除项目明细采集底稿'!Y:Y,'附表7-扣除项目明细采集底稿'!E:E,数据对照表!F11,'附表7-扣除项目明细采集底稿'!V:V,"共同成本费用") -> 0 | L46: =SUM(I46:K46) -> 0 | M46: =H46+L46 -> 0
A47: 42 | D47: =数据对照表!F12 -> 其他设施工程发生的支出 | E47: =SUMIFS('附表7-扣除项目明细采集底稿'!W:W,'附表7-扣除项目明细采集底稿'!E:E,数据对照表!F12,'附表7-扣除项目明细采集底稿'!V:V,"直接归集成本费用") -> 0 | F47: =SUMIFS('附表7-扣除项目明细采集底稿'!X:X,'附表7-扣除项目明细采集底稿'!E:E,数据对照表!F12,'附表7-扣除项目明细采集底稿'!V:V,"直接归集成本费用") -> 0 | G47: =SUMIFS('附表7-扣除项目明细采集底稿'!Y:Y,'附表7-扣除项目明细采集底稿'!E:E,数据对照表!F12,'附表7-扣除项目明细采集底稿'!V:V,"直接归集成本费用") -> 0 | H47: =SUM(E47:G47) -> 0 | I47: =SUMIFS('附表7-扣除项目明细采集底稿'!W:W,'附表7-扣除项目明细采集底稿'!E:E,数据对照表!F12,'附表7-扣除项目明细采集底稿'!V:V,"共同成本费用") -> 1100735.1 | J47: =SUMIFS('附表7-扣除项目明细采集底稿'!X:X,'附表7-扣除项目明细采集底稿'!E:E,数据对照表!F12,'附表7-扣除项目明细采集底稿'!V:V,"共同成本费用") -> 0 | K47: =SUMIFS('附表7-扣除项目明细采集底稿'!Y:Y,'附表7-扣除项目明细采集底稿'!E:E,数据对照表!F12,'附表7-扣除项目明细采集底稿'!V:V,"共同成本费用") -> 408568.73 | L47: =SUM(I47:K47) -> 1509303.8 | M47: =H47+L47 -> 1509303.8
A48: 43 | C48: =数据对照表!G1 -> 公共配套设施费 | E48: =SUMIFS('附表7-扣除项目明细采集底稿'!W:W,'附表7-扣除项目明细采集底稿'!D:D,数据对照表!G1,'附表7-扣除项目明细采集底稿'!V:V,"直接归集成本费用") -> 0 | F48: =SUMIFS('附表7-扣除项目明细采集底稿'!X:X,'附表7-扣除项目明细采集底稿'!D:D,数据对照表!G1,'附表7-扣除项目明细采集底稿'!V:V,"直接归集成本费用") -> 0 | G48: =SUMIFS('附表7-扣除项目明细采集底稿'!Y:Y,'附表7-扣除项目明细采集底稿'!D:D,数据对照表!G1,'附表7-扣除项目明细采集底稿'!V:V,"直接归集成本费用") -> 0 | H48: =SUM(E48:G48) -> 0 | I48: =SUMIFS('附表7-扣除项目明细采集底稿'!W:W,'附表7-扣除项目明细采集底稿'!D:D,数据对照表!G1,'附表7-扣除项目明细采集底稿'!V:V,"共同成本费用") -> 0 | J48: =SUMIFS('附表7-扣除项目明细采集底稿'!X:X,'附表7-扣除项目明细采集底稿'!D:D,数据对照表!G1,'附表7-扣除项目明细采集底稿'!V:V,"共同成本费用") -> 0 | K48: =SUMIFS('附表7-扣除项目明细采集底稿'!Y:Y,'附表7-扣除项目明细采集底稿'!D:D,数据对照表!G1,'附表7-扣除项目明细采集底稿'!V:V,"共同成本费用") -> 0 | L48: =SUM(I48:K48) -> 0 | M48: =H48+L48 -> 0
A49: 44 | C49: 其中 | D49: =数据对照表!G2 -> 居委会用房费用 | E49: =SUMIFS('附表7-扣除项目明细采集底稿'!W:W,'附表7-扣除项目明细采集底稿'!E:E,数据对照表!G2,'附表7-扣除项目明细采集底稿'!V:V,"直接归集成本费用") -> 0 | F49: =SUMIFS('附表7-扣除项目明细采集底稿'!X:X,'附表7-扣除项目明细采集底稿'!E:E,数据对照表!G2,'附表7-扣除项目明细采集底稿'!V:V,"直接归集成本费用") -> 0 | G49: =SUMIFS('附表7-扣除项目明细采集底稿'!Y:Y,'附表7-扣除项目明细采集底稿'!E:E,数据对照表!G2,'附表7-扣除项目明细采集底稿'!V:V,"直接归集成本费用") -> 0 | H49: =SUM(E49:G49) -> 0 | I49: =SUMIFS('附表7-扣除项目明细采集底稿'!W:W,'附表7-扣除项目明细采集底稿'!E:E,数据对照表!G2,'附表7-扣除项目明细采集底稿'!V:V,"共同成本费用") -> 0 | J49: =SUMIFS('附表7-扣除项目明细采集底稿'!X:X,'附表7-扣除项目明细采集底稿'!E:E,数据对照表!G2,'附表7-扣除项目明细采集底稿'!V:V,"共同成本费用") -> 0 | K49: =SUMIFS('附表7-扣除项目明细采集底稿'!Y:Y,'附表7-扣除项目明细采集底稿'!E:E,数据对照表!G2,'附表7-扣除项目明细采集底稿'!V:V,"共同成本费用") -> 0 | L49: =SUM(I49:K49) -> 0 | M49: =H49+L49 -> 0
A50: 45 | D50: =数据对照表!G3 -> 派出所用房费用 | E50: =SUMIFS('附表7-扣除项目明细采集底稿'!W:W,'附表7-扣除项目明细采集底稿'!E:E,数据对照表!G3,'附表7-扣除项目明细采集底稿'!V:V,"直接归集成本费用") -> 0 | F50: =SUMIFS('附表7-扣除项目明细采集底稿'!X:X,'附表7-扣除项目明细采集底稿'!E:E,数据对照表!G3,'附表7-扣除项目明细采集底稿'!V:V,"直接归集成本费用") -> 0 | G50: =SUMIFS('附表7-扣除项目明细采集底稿'!Y:Y,'附表7-扣除项目明细采集底稿'!E:E,数据对照表!G3,'附表7-扣除项目明细采集底稿'!V:V,"直接归集成本费用") -> 0 | H50: =SUM(E50:G50) -> 0 | I50: =SUMIFS('附表7-扣除项目明细采集底稿'!W:W,'附表7-扣除项目明细采集底稿'!E:E,数据对照表!G3,'附表7-扣除项目明细采集底稿'!V:V,"共同成本费用") -> 0 | J50: =SUMIFS('附表7-扣除项目明细采集底稿'!X:X,'附表7-扣除项目明细采集底稿'!E:E,数据对照表!G3,'附表7-扣除项目明细采集底稿'!V:V,"共同成本费用") -> 0 | K50: =SUMIFS('附表7-扣除项目明细采集底稿'!Y:Y,'附表7-扣除项目明细采集底稿'!E:E,数据对照表!G3,'附表7-扣除项目明细采集底稿'!V:V,"共同成本费用") -> 0 | L50: =SUM(I50:K50) -> 0 | M50: =H50+L50 -> 0
A51: 46 | D51: =数据对照表!G4 -> 会所费用 | E51: =SUMIFS('附表7-扣除项目明细采集底稿'!W:W,'附表7-扣除项目明细采集底稿'!E:E,数据对照表!G4,'附表7-扣除项目明细采集底稿'!V:V,"直接归集成本费用") -> 0 | F51: =SUMIFS('附表7-扣除项目明细采集底稿'!X:X,'附表7-扣除项目明细采集底稿'!E:E,数据对照表!G4,'附表7-扣除项目明细采集底稿'!V:V,"直接归集成本费用") -> 0 | G51: =SUMIFS('附表7-扣除项目明细采集底稿'!Y:Y,'附表7-扣除项目明细采集底稿'!E:E,数据对照表!G4,'附表7-扣除项目明细采集底稿'!V:V,"直接归集成本费用") -> 0 | H51: =SUM(E51:G51) -> 0 | I51: =SUMIFS('附表7-扣除项目明细采集底稿'!W:W,'附表7-扣除项目明细采集底稿'!E:E,数据对照表!G4,'附表7-扣除项目明细采集底稿'!V:V,"共同成本费用") -> 0 | J51: =SUMIFS('附表7-扣除项目明细采集底稿'!X:X,'附表7-扣除项目明细采集底稿'!E:E,数据对照表!G4,'附表7-扣除项目明细采集底稿'!V:V,"共同成本费用") -> 0 | K51: =SUMIFS('附表7-扣除项目明细采集底稿'!Y:Y,'附表7-扣除项目明细采集底稿'!E:E,数据对照表!G4,'附表7-扣除项目明细采集底稿'!V:V,"共同成本费用") -> 0 | L51: =SUM(I51:K51) -> 0 | M51: =H51+L51 -> 0
A52: 47 | D52: =数据对照表!G5 -> 非机动车库（场）费用 | E52: =SUMIFS('附表7-扣除项目明细采集底稿'!W:W,'附表7-扣除项目明细采集底稿'!E:E,数据对照表!G5,'附表7-扣除项目明细采集底稿'!V:V,"直接归集成本费用") -> 0 | F52: =SUMIFS('附表7-扣除项目明细采集底稿'!X:X,'附表7-扣除项目明细采集底稿'!E:E,数据对照表!G5,'附表7-扣除项目明细采集底稿'!V:V,"直接归集成本费用") -> 0 | G52: =SUMIFS('附表7-扣除项目明细采集底稿'!Y:Y,'附表7-扣除项目明细采集底稿'!E:E,数据对照表!G5,'附表7-扣除项目明细采集底稿'!V:V,"直接归集成本费用") -> 0 | H52: =SUM(E52:G52) -> 0 | I52: =SUMIFS('附表7-扣除项目明细采集底稿'!W:W,'附表7-扣除项目明细采集底稿'!E:E,数据对照表!G5,'附表7-扣除项目明细采集底稿'!V:V,"共同成本费用") -> 0 | J52: =SUMIFS('附表7-扣除项目明细采集底稿'!X:X,'附表7-扣除项目明细采集底稿'!E:E,数据对照表!G5,'附表7-扣除项目明细采集底稿'!V:V,"共同成本费用") -> 0 | K52: =SUMIFS('附表7-扣除项目明细采集底稿'!Y:Y,'附表7-扣除项目明细采集底稿'!E:E,数据对照表!G5,'附表7-扣除项目明细采集底稿'!V:V,"共同成本费用") -> 0 | L52: =SUM(I52:K52) -> 0 | M52: =H52+L52 -> 0
A53: 48 | D53: =数据对照表!G6 -> 地下人防设施费用 | E53: =SUMIFS('附表7-扣除项目明细采集底稿'!W:W,'附表7-扣除项目明细采集底稿'!E:E,数据对照表!G6,'附表7-扣除项目明细采集底稿'!V:V,"直接归集成本费用") -> 0 | F53: =SUMIFS('附表7-扣除项目明细采集底稿'!X:X,'附表7-扣除项目明细采集底稿'!E:E,数据对照表!G6,'附表7-扣除项目明细采集底稿'!V:V,"直接归集成本费用") -> 0 | G53: =SUMIFS('附表7-扣除项目明细采集底稿'!Y:Y,'附表7-扣除项目明细采集底稿'!E:E,数据对照表!G6,'附表7-扣除项目明细采集底稿'!V:V,"直接归集成本费用") -> 0 | H53: =SUM(E53:G53) -> 0 | I53: =SUMIFS('附表7-扣除项目明细采集底稿'!W:W,'附表7-扣除项目明细采集底稿'!E:E,数据对照表!G6,'附表7-扣除项目明细采集底稿'!V:V,"共同成本费用") -> 0 | J53: =SUMIFS('附表7-扣除项目明细采集底稿'!X:X,'附表7-扣除项目明细采集底稿'!E:E,数据对照表!G6,'附表7-扣除项目明细采集底稿'!V:V,"共同成本费用") -> 0 | K53: =SUMIFS('附表7-扣除项目明细采集底稿'!Y:Y,'附表7-扣除项目明细采集底稿'!E:E,数据对照表!G6,'附表7-扣除项目明细采集底稿'!V:V,"共同成本费用") -> 0 | L53: =SUM(I53:K53) -> 0 | M53: =H53+L53 -> 0
A54: 49 | D54: =数据对照表!G7 -> 物业管理场所费用 | E54: =SUMIFS('附表7-扣除项目明细采集底稿'!W:W,'附表7-扣除项目明细采集底稿'!E:E,数据对照表!G7,'附表7-扣除项目明细采集底稿'!V:V,"直接归集成本费用") -> 0 | F54: =SUMIFS('附表7-扣除项目明细采集底稿'!X:X,'附表7-扣除项目明细采集底稿'!E:E,数据对照表!G7,'附表7-扣除项目明细采集底稿'!V:V,"直接归集成本费用") -> 0 | G54: =SUMIFS('附表7-扣除项目明细采集底稿'!Y:Y,'附表7-扣除项目明细采集底稿'!E:E,数据对照表!G7,'附表7-扣除项目明细采集底稿'!V:V,"直接归集成本费用") -> 0 | H54: =SUM(E54:G54) -> 0 | I54: =SUMIFS('附表7-扣除项目明细采集底稿'!W:W,'附表7-扣除项目明细采集底稿'!E:E,数据对照表!G7,'附表7-扣除项目明细采集底稿'!V:V,"共同成本费用") -> 0 | J54: =SUMIFS('附表7-扣除项目明细采集底稿'!X:X,'附表7-扣除项目明细采集底稿'!E:E,数据对照表!G7,'附表7-扣除项目明细采集底稿'!V:V,"共同成本费用") -> 0 | K54: =SUMIFS('附表7-扣除项目明细采集底稿'!Y:Y,'附表7-扣除项目明细采集底稿'!E:E,数据对照表!G7,'附表7-扣除项目明细采集底稿'!V:V,"共同成本费用") -> 0 | L54: =SUM(I54:K54) -> 0 | M54: =H54+L54 -> 0
A55: 50 | D55: =数据对照表!G8 -> 变电站费用 | E55: =SUMIFS('附表7-扣除项目明细采集底稿'!W:W,'附表7-扣除项目明细采集底稿'!E:E,数据对照表!G8,'附表7-扣除项目明细采集底稿'!V:V,"直接归集成本费用") -> 0 | F55: =SUMIFS('附表7-扣除项目明细采集底稿'!X:X,'附表7-扣除项目明细采集底稿'!E:E,数据对照表!G8,'附表7-扣除项目明细采集底稿'!V:V,"直接归集成本费用") -> 0 | G55: =SUMIFS('附表7-扣除项目明细采集底稿'!Y:Y,'附表7-扣除项目明细采集底稿'!E:E,数据对照表!G8,'附表7-扣除项目明细采集底稿'!V:V,"直接归集成本费用") -> 0 | H55: =SUM(E55:G55) -> 0 | I55: =SUMIFS('附表7-扣除项目明细采集底稿'!W:W,'附表7-扣除项目明细采集底稿'!E:E,数据对照表!G8,'附表7-扣除项目明细采集底稿'!V:V,"共同成本费用") -> 0 | J55: =SUMIFS('附表7-扣除项目明细采集底稿'!X:X,'附表7-扣除项目明细采集底稿'!E:E,数据对照表!G8,'附表7-扣除项目明细采集底稿'!V:V,"共同成本费用") -> 0 | K55: =SUMIFS('附表7-扣除项目明细采集底稿'!Y:Y,'附表7-扣除项目明细采集底稿'!E:E,数据对照表!G8,'附表7-扣除项目明细采集底稿'!V:V,"共同成本费用") -> 0 | L55: =SUM(I55:K55) -> 0 | M55: =H55+L55 -> 0
A56: 51 | D56: =数据对照表!G9 -> 热力站费用 | E56: =SUMIFS('附表7-扣除项目明细采集底稿'!W:W,'附表7-扣除项目明细采集底稿'!E:E,数据对照表!G9,'附表7-扣除项目明细采集底稿'!V:V,"直接归集成本费用") -> 0 | F56: =SUMIFS('附表7-扣除项目明细采集底稿'!X:X,'附表7-扣除项目明细采集底稿'!E:E,数据对照表!G9,'附表7-扣除项目明细采集底稿'!V:V,"直接归集成本费用") -> 0 | G56: =SUMIFS('附表7-扣除项目明细采集底稿'!Y:Y,'附表7-扣除项目明细采集底稿'!E:E,数据对照表!G9,'附表7-扣除项目明细采集底稿'!V:V,"直接归集成本费用") -> 0 | H56: =SUM(E56:G56) -> 0 | I56: =SUMIFS('附表7-扣除项目明细采集底稿'!W:W,'附表7-扣除项目明细采集底稿'!E:E,数据对照表!G9,'附表7-扣除项目明细采集底稿'!V:V,"共同成本费用") -> 0 | J56: =SUMIFS('附表7-扣除项目明细采集底稿'!X:X,'附表7-扣除项目明细采集底稿'!E:E,数据对照表!G9,'附表7-扣除项目明细采集底稿'!V:V,"共同成本费用") -> 0 | K56: =SUMIFS('附表7-扣除项目明细采集底稿'!Y:Y,'附表7-扣除项目明细采集底稿'!E:E,数据对照表!G9,'附表7-扣除项目明细采集底稿'!V:V,"共同成本费用") -> 0 | L56: =SUM(I56:K56) -> 0 | M56: =H56+L56 -> 0
A57: 52 | D57: =数据对照表!G10 -> 水厂费用 | E57: =SUMIFS('附表7-扣除项目明细采集底稿'!W:W,'附表7-扣除项目明细采集底稿'!E:E,数据对照表!G10,'附表7-扣除项目明细采集底稿'!V:V,"直接归集成本费用") -> 0 | F57: =SUMIFS('附表7-扣除项目明细采集底稿'!X:X,'附表7-扣除项目明细采集底稿'!E:E,数据对照表!G10,'附表7-扣除项目明细采集底稿'!V:V,"直接归集成本费用") -> 0 | G57: =SUMIFS('附表7-扣除项目明细采集底稿'!Y:Y,'附表7-扣除项目明细采集底稿'!E:E,数据对照表!G10,'附表7-扣除项目明细采集底稿'!V:V,"直接归集成本费用") -> 0 | H57: =SUM(E57:G57) -> 0 | I57: =SUMIFS('附表7-扣除项目明细采集底稿'!W:W,'附表7-扣除项目明细采集底稿'!E:E,数据对照表!G10,'附表7-扣除项目明细采集底稿'!V:V,"共同成本费用") -> 0 | J57: =SUMIFS('附表7-扣除项目明细采集底稿'!X:X,'附表7-扣除项目明细采集底稿'!E:E,数据对照表!G10,'附表7-扣除项目明细采集底稿'!V:V,"共同成本费用") -> 0 | K57: =SUMIFS('附表7-扣除项目明细采集底稿'!Y:Y,'附表7-扣除项目明细采集底稿'!E:E,数据对照表!G10,'附表7-扣除项目明细采集底稿'!V:V,"共同成本费用") -> 0 | L57: =SUM(I57:K57) -> 0 | M57: =H57+L57 -> 0
A58: 53 | D58: =数据对照表!G11 -> 文体场馆费用 | E58: =SUMIFS('附表7-扣除项目明细采集底稿'!W:W,'附表7-扣除项目明细采集底稿'!E:E,数据对照表!G11,'附表7-扣除项目明细采集底稿'!V:V,"直接归集成本费用") -> 0 | F58: =SUMIFS('附表7-扣除项目明细采集底稿'!X:X,'附表7-扣除项目明细采集底稿'!E:E,数据对照表!G11,'附表7-扣除项目明细采集底稿'!V:V,"直接归集成本费用") -> 0 | G58: =SUMIFS('附表7-扣除项目明细采集底稿'!Y:Y,'附表7-扣除项目明细采集底稿'!E:E,数据对照表!G11,'附表7-扣除项目明细采集底稿'!V:V,"直接归集成本费用") -> 0 | H58: =SUM(E58:G58) -> 0 | I58: =SUMIFS('附表7-扣除项目明细采集底稿'!W:W,'附表7-扣除项目明细采集底稿'!E:E,数据对照表!G11,'附表7-扣除项目明细采集底稿'!V:V,"共同成本费用") -> 0 | J58: =SUMIFS('附表7-扣除项目明细采集底稿'!X:X,'附表7-扣除项目明细采集底稿'!E:E,数据对照表!G11,'附表7-扣除项目明细采集底稿'!V:V,"共同成本费用") -> 0 | K58: =SUMIFS('附表7-扣除项目明细采集底稿'!Y:Y,'附表7-扣除项目明细采集底稿'!E:E,数据对照表!G11,'附表7-扣除项目明细采集底稿'!V:V,"共同成本费用") -> 0 | L58: =SUM(I58:K58) -> 0 | M58: =H58+L58 -> 0
A59: 54 | D59: =数据对照表!G12 -> 学校费用 | E59: =SUMIFS('附表7-扣除项目明细采集底稿'!W:W,'附表7-扣除项目明细采集底稿'!E:E,数据对照表!G12,'附表7-扣除项目明细采集底稿'!V:V,"直接归集成本费用") -> 0 | F59: =SUMIFS('附表7-扣除项目明细采集底稿'!X:X,'附表7-扣除项目明细采集底稿'!E:E,数据对照表!G12,'附表7-扣除项目明细采集底稿'!V:V,"直接归集成本费用") -> 0 | G59: =SUMIFS('附表7-扣除项目明细采集底稿'!Y:Y,'附表7-扣除项目明细采集底稿'!E:E,数据对照表!G12,'附表7-扣除项目明细采集底稿'!V:V,"直接归集成本费用") -> 0 | H59: =SUM(E59:G59) -> 0 | I59: =SUMIFS('附表7-扣除项目明细采集底稿'!W:W,'附表7-扣除项目明细采集底稿'!E:E,数据对照表!G12,'附表7-扣除项目明细采集底稿'!V:V,"共同成本费用") -> 0 | J59: =SUMIFS('附表7-扣除项目明细采集底稿'!X:X,'附表7-扣除项目明细采集底稿'!E:E,数据对照表!G12,'附表7-扣除项目明细采集底稿'!V:V,"共同成本费用") -> 0 | K59: =SUMIFS('附表7-扣除项目明细采集底稿'!Y:Y,'附表7-扣除项目明细采集底稿'!E:E,数据对照表!G12,'附表7-扣除项目明细采集底稿'!V:V,"共同成本费用") -> 0 | L59: =SUM(I59:K59) -> 0 | M59: =H59+L59 -> 0
A60: 55 | D60: =数据对照表!G13 -> 幼儿园费用 | E60: =SUMIFS('附表7-扣除项目明细采集底稿'!W:W,'附表7-扣除项目明细采集底稿'!E:E,数据对照表!G13,'附表7-扣除项目明细采集底稿'!V:V,"直接归集成本费用") -> 0 | F60: =SUMIFS('附表7-扣除项目明细采集底稿'!X:X,'附表7-扣除项目明细采集底稿'!E:E,数据对照表!G13,'附表7-扣除项目明细采集底稿'!V:V,"直接归集成本费用") -> 0 | G60: =SUMIFS('附表7-扣除项目明细采集底稿'!Y:Y,'附表7-扣除项目明细采集底稿'!E:E,数据对照表!G13,'附表7-扣除项目明细采集底稿'!V:V,"直接归集成本费用") -> 0 | H60: =SUM(E60:G60) -> 0 | I60: =SUMIFS('附表7-扣除项目明细采集底稿'!W:W,'附表7-扣除项目明细采集底稿'!E:E,数据对照表!G13,'附表7-扣除项目明细采集底稿'!V:V,"共同成本费用") -> 0 | J60: =SUMIFS('附表7-扣除项目明细采集底稿'!X:X,'附表7-扣除项目明细采集底稿'!E:E,数据对照表!G13,'附表7-扣除项目明细采集底稿'!V:V,"共同成本费用") -> 0 | K60: =SUMIFS('附表7-扣除项目明细采集底稿'!Y:Y,'附表7-扣除项目明细采集底稿'!E:E,数据对照表!G13,'附表7-扣除项目明细采集底稿'!V:V,"共同成本费用") -> 0 | L60: =SUM(I60:K60) -> 0 | M60: =H60+L60 -> 0
A61: 56 | D61: =数据对照表!G14 -> 托儿所费用 | E61: =SUMIFS('附表7-扣除项目明细采集底稿'!W:W,'附表7-扣除项目明细采集底稿'!E:E,数据对照表!G14,'附表7-扣除项目明细采集底稿'!V:V,"直接归集成本费用") -> 0 | F61: =SUMIFS('附表7-扣除项目明细采集底稿'!X:X,'附表7-扣除项目明细采集底稿'!E:E,数据对照表!G14,'附表7-扣除项目明细采集底稿'!V:V,"直接归集成本费用") -> 0 | G61: =SUMIFS('附表7-扣除项目明细采集底稿'!Y:Y,'附表7-扣除项目明细采集底稿'!E:E,数据对照表!G14,'附表7-扣除项目明细采集底稿'!V:V,"直接归集成本费用") -> 0 | H61: =SUM(E61:G61) -> 0 | I61: =SUMIFS('附表7-扣除项目明细采集底稿'!W:W,'附表7-扣除项目明细采集底稿'!E:E,数据对照表!G14,'附表7-扣除项目明细采集底稿'!V:V,"共同成本费用") -> 0 | J61: =SUMIFS('附表7-扣除项目明细采集底稿'!X:X,'附表7-扣除项目明细采集底稿'!E:E,数据对照表!G14,'附表7-扣除项目明细采集底稿'!V:V,"共同成本费用") -> 0 | K61: =SUMIFS('附表7-扣除项目明细采集底稿'!Y:Y,'附表7-扣除项目明细采集底稿'!E:E,数据对照表!G14,'附表7-扣除项目明细采集底稿'!V:V,"共同成本费用") -> 0 | L61: =SUM(I61:K61) -> 0 | M61: =H61+L61 -> 0
... A64: 59 | D64: =数据对照表!G17 -> 其他非营业性房产费用 | E64: =SUMIFS('附表7-扣除项目明细采集底稿'!W:W,'附表7-扣除项目明细采集底稿'!E:E,数据对照表!G17,'附表7-扣除项目明细采集底稿'!V:V,"直接归集成本费用") -> 0 | F64: =SUMIFS('附表7-扣除项目明细采集底稿'!X:X,'附表7-扣除项目明细采集底稿'!E:E,数据对照表!G17,'附表7-扣除项目明细采集底稿'!V:V,"直接归集成本费用") -> 0 | G64: =SUMIFS('附表7-扣除项目明细采集底稿'!Y:Y,'附表7-扣除项目明细采集底稿'!E:E,数据对照表!G17,'附表7-扣除项目明细采集底稿'!V:V,"直接归集成本费用") -> 0 | H64: =SUM(E64:G64) -> 0 | I64: =SUMIFS('附表7-扣除项目明细采集底稿'!W:W,'附表7-扣除项目明细采集底稿'!E:E,数据对照表!G17,'附表7-扣除项目明细采集底稿'!V:V,"共同成本费用") -> 0 | J64: =SUMIFS('附表7-扣除项目明细采集底稿'!X:X,'附表7-扣除项目明细采集底稿'!E:E,数据对照表!G17,'附表7-扣除项目明细采集底稿'!V:V,"共同成本费用") -> 0 | K64: =SUMIFS('附表7-扣除项目明细采集底稿'!Y:Y,'附表7-扣除项目明细采集底稿'!E:E,数据对照表!G17,'附表7-扣除项目明细采集底稿'!V:V,"共同成本费用") -> 0 | L64: =SUM(I64:K64) -> 0 | M64: =H64+L64 -> 0
A65: 60 | C65: =数据对照表!H1 -> 开发间接费用 | E65: =SUMIFS('附表7-扣除项目明细采集底稿'!W:W,'附表7-扣除项目明细采集底稿'!D:D,数据对照表!H1,'附表7-扣除项目明细采集底稿'!V:V,"直接归集成本费用") -> 0 | F65: =SUMIFS('附表7-扣除项目明细采集底稿'!X:X,'附表7-扣除项目明细采集底稿'!D:D,数据对照表!H1,'附表7-扣除项目明细采集底稿'!V:V,"直接归集成本费用") -> 0 | G65: =SUMIFS('附表7-扣除项目明细采集底稿'!Y:Y,'附表7-扣除项目明细采集底稿'!D:D,数据对照表!H1,'附表7-扣除项目明细采集底稿'!V:V,"直接归集成本费用") -> 0 | H65: =SUM(E65:G65) -> 0 | I65: =SUMIFS('附表7-扣除项目明细采集底稿'!W:W,'附表7-扣除项目明细采集底稿'!D:D,数据对照表!H1,'附表7-扣除项目明细采集底稿'!V:V,"共同成本费用") -> 199164.5 | J65: =SUMIFS('附表7-扣除项目明细采集底稿'!X:X,'附表7-扣除项目明细采集底稿'!D:D,数据对照表!H1,'附表7-扣除项目明细采集底稿'!V:V,"共同成本费用") -> 0 | K65: =SUMIFS('附表7-扣除项目明细采集底稿'!Y:Y,'附表7-扣除项目明细采集底稿'!D:D,数据对照表!H1,'附表7-扣除项目明细采集底稿'!V:V,"共同成本费用") -> 73925.5 | L65: =SUM(I65:K65) -> 273090 | M65: =H65+L65 -> 273090
A66: 61 | C66: 其中 | D66: =数据对照表!H2 -> 管理人员工资 | E66: =SUMIFS('附表7-扣除项目明细采集底稿'!W:W,'附表7-扣除项目明细采集底稿'!E:E,数据对照表!H2,'附表7-扣除项目明细采集底稿'!V:V,"直接归集成本费用") -> 0 | F66: =SUMIFS('附表7-扣除项目明细采集底稿'!X:X,'附表7-扣除项目明细采集底稿'!E:E,数据对照表!H2,'附表7-扣除项目明细采集底稿'!V:V,"直接归集成本费用") -> 0 | G66: =SUMIFS('附表7-扣除项目明细采集底稿'!Y:Y,'附表7-扣除项目明细采集底稿'!E:E,数据对照表!H2,'附表7-扣除项目明细采集底稿'!V:V,"直接归集成本费用") -> 0 | H66: =SUM(E66:G66) -> 0 | I66: =SUMIFS('附表7-扣除项目明细采集底稿'!W:W,'附表7-扣除项目明细采集底稿'!E:E,数据对照表!H2,'附表7-扣除项目明细采集底稿'!V:V,"共同成本费用") -> 0 | J66: =SUMIFS('附表7-扣除项目明细采集底稿'!X:X,'附表7-扣除项目明细采集底稿'!E:E,数据对照表!H2,'附表7-扣除项目明细采集底稿'!V:V,"共同成本费用") -> 0 | K66: =SUMIFS('附表7-扣除项目明细采集底稿'!Y:Y,'附表7-扣除项目明细采集底稿'!E:E,数据对照表!H2,'附表7-扣除项目明细采集底稿'!V:V,"共同成本费用") -> 0 | L66: =SUM(I66:K66) -> 0 | M66: =H66+L66 -> 0
A67: 62 | D67: =数据对照表!H3 -> 职工福利费 | E67: =SUMIFS('附表7-扣除项目明细采集底稿'!W:W,'附表7-扣除项目明细采集底稿'!E:E,数据对照表!H3,'附表7-扣除项目明细采集底稿'!V:V,"直接归集成本费用") -> 0 | F67: =SUMIFS('附表7-扣除项目明细采集底稿'!X:X,'附表7-扣除项目明细采集底稿'!E:E,数据对照表!H3,'附表7-扣除项目明细采集底稿'!V:V,"直接归集成本费用") -> 0 | G67: =SUMIFS('附表7-扣除项目明细采集底稿'!Y:Y,'附表7-扣除项目明细采集底稿'!E:E,数据对照表!H3,'附表7-扣除项目明细采集底稿'!V:V,"直接归集成本费用") -> 0 | H67: =SUM(E67:G67) -> 0 | I67: =SUMIFS('附表7-扣除项目明细采集底稿'!W:W,'附表7-扣除项目明细采集底稿'!E:E,数据对照表!H3,'附表7-扣除项目明细采集底稿'!V:V,"共同成本费用") -> 0 | J67: =SUMIFS('附表7-扣除项目明细采集底稿'!X:X,'附表7-扣除项目明细采集底稿'!E:E,数据对照表!H3,'附表7-扣除项目明细采集底稿'!V:V,"共同成本费用") -> 0 | K67: =SUMIFS('附表7-扣除项目明细采集底稿'!Y:Y,'附表7-扣除项目明细采集底稿'!E:E,数据对照表!H3,'附表7-扣除项目明细采集底稿'!V:V,"共同成本费用") -> 0 | L67: =SUM(I67:K67) -> 0 | M67: =H67+L67 -> 0
A68: 63 | D68: =数据对照表!H4 -> 折旧费 | E68: =SUMIFS('附表7-扣除项目明细采集底稿'!W:W,'附表7-扣除项目明细采集底稿'!E:E,数据对照表!H4,'附表7-扣除项目明细采集底稿'!V:V,"直接归集成本费用") -> 0 | F68: =SUMIFS('附表7-扣除项目明细采集底稿'!X:X,'附表7-扣除项目明细采集底稿'!E:E,数据对照表!H4,'附表7-扣除项目明细采集底稿'!V:V,"直接归集成本费用") -> 0 | G68: =SUMIFS('附表7-扣除项目明细采集底稿'!Y:Y,'附表7-扣除项目明细采集底稿'!E:E,数据对照表!H4,'附表7-扣除项目明细采集底稿'!V:V,"直接归集成本费用") -> 0 | H68: =SUM(E68:G68) -> 0 | I68: =SUMIFS('附表7-扣除项目明细采集底稿'!W:W,'附表7-扣除项目明细采集底稿'!E:E,数据对照表!H4,'附表7-扣除项目明细采集底稿'!V:V,"共同成本费用") -> 0 | J68: =SUMIFS('附表7-扣除项目明细采集底稿'!X:X,'附表7-扣除项目明细采集底稿'!E:E,数据对照表!H4,'附表7-扣除项目明细采集底稿'!V:V,"共同成本费用") -> 0 | K68: =SUMIFS('附表7-扣除项目明细采集底稿'!Y:Y,'附表7-扣除项目明细采集底稿'!E:E,数据对照表!H4,'附表7-扣除项目明细采集底稿'!V:V,"共同成本费用") -> 0 | L68: =SUM(I68:K68) -> 0 | M68: =H68+L68 -> 0
A69: 64 | D69: =数据对照表!H5 -> 修理费 | E69: =SUMIFS('附表7-扣除项目明细采集底稿'!W:W,'附表7-扣除项目明细采集底稿'!E:E,数据对照表!H5,'附表7-扣除项目明细采集底稿'!V:V,"直接归集成本费用") -> 0 | F69: =SUMIFS('附表7-扣除项目明细采集底稿'!X:X,'附表7-扣除项目明细采集底稿'!E:E,数据对照表!H5,'附表7-扣除项目明细采集底稿'!V:V,"直接归集成本费用") -> 0 | G69: =SUMIFS('附表7-扣除项目明细采集底稿'!Y:Y,'附表7-扣除项目明细采集底稿'!E:E,数据对照表!H5,'附表7-扣除项目明细采集底稿'!V:V,"直接归集成本费用") -> 0 | H69: =SUM(E69:G69) -> 0 | I69: =SUMIFS('附表7-扣除项目明细采集底稿'!W:W,'附表7-扣除项目明细采集底稿'!E:E,数据对照表!H5,'附表7-扣除项目明细采集底稿'!V:V,"共同成本费用") -> 0 | J69: =SUMIFS('附表7-扣除项目明细采集底稿'!X:X,'附表7-扣除项目明细采集底稿'!E:E,数据对照表!H5,'附表7-扣除项目明细采集底稿'!V:V,"共同成本费用") -> 0 | K69: =SUMIFS('附表7-扣除项目明细采集底稿'!Y:Y,'附表7-扣除项目明细采集底稿'!E:E,数据对照表!H5,'附表7-扣除项目明细采集底稿'!V:V,"共同成本费用") -> 0 | L69: =SUM(I69:K69) -> 0 | M69: =H69+L69 -> 0
A70: 65 | D70: =数据对照表!H6 -> 办公费 | E70: =SUMIFS('附表7-扣除项目明细采集底稿'!W:W,'附表7-扣除项目明细采集底稿'!E:E,数据对照表!H6,'附表7-扣除项目明细采集底稿'!V:V,"直接归集成本费用") -> 0 | F70: =SUMIFS('附表7-扣除项目明细采集底稿'!X:X,'附表7-扣除项目明细采集底稿'!E:E,数据对照表!H6,'附表7-扣除项目明细采集底稿'!V:V,"直接归集成本费用") -> 0 | G70: =SUMIFS('附表7-扣除项目明细采集底稿'!Y:Y,'附表7-扣除项目明细采集底稿'!E:E,数据对照表!H6,'附表7-扣除项目明细采集底稿'!V:V,"直接归集成本费用") -> 0 | H70: =SUM(E70:G70) -> 0 | I70: =SUMIFS('附表7-扣除项目明细采集底稿'!W:W,'附表7-扣除项目明细采集底稿'!E:E,数据对照表!H6,'附表7-扣除项目明细采集底稿'!V:V,"共同成本费用") -> 0 | J70: =SUMIFS('附表7-扣除项目明细采集底稿'!X:X,'附表7-扣除项目明细采集底稿'!E:E,数据对照表!H6,'附表7-扣除项目明细采集底稿'!V:V,"共同成本费用") -> 0 | K70: =SUMIFS('附表7-扣除项目明细采集底稿'!Y:Y,'附表7-扣除项目明细采集底稿'!E:E,数据对照表!H6,'附表7-扣除项目明细采集底稿'!V:V,"共同成本费用") -> 0 | L70: =SUM(I70:K70) -> 0 | M70: =H70+L70 -> 0
A71: 66 | D71: =数据对照表!H7 -> 水电费 | E71: =SUMIFS('附表7-扣除项目明细采集底稿'!W:W,'附表7-扣除项目明细采集底稿'!E:E,数据对照表!H7,'附表7-扣除项目明细采集底稿'!V:V,"直接归集成本费用") -> 0 | F71: =SUMIFS('附表7-扣除项目明细采集底稿'!X:X,'附表7-扣除项目明细采集底稿'!E:E,数据对照表!H7,'附表7-扣除项目明细采集底稿'!V:V,"直接归集成本费用") -> 0 | G71: =SUMIFS('附表7-扣除项目明细采集底稿'!Y:Y,'附表7-扣除项目明细采集底稿'!E:E,数据对照表!H7,'附表7-扣除项目明细采集底稿'!V:V,"直接归集成本费用") -> 0 | H71: =SUM(E71:G71) -> 0 | I71: =SUMIFS('附表7-扣除项目明细采集底稿'!W:W,'附表7-扣除项目明细采集底稿'!E:E,数据对照表!H7,'附表7-扣除项目明细采集底稿'!V:V,"共同成本费用") -> 0 | J71: =SUMIFS('附表7-扣除项目明细采集底稿'!X:X,'附表7-扣除项目明细采集底稿'!E:E,数据对照表!H7,'附表7-扣除项目明细采集底稿'!V:V,"共同成本费用") -> 0 | K71: =SUMIFS('附表7-扣除项目明细采集底稿'!Y:Y,'附表7-扣除项目明细采集底稿'!E:E,数据对照表!H7,'附表7-扣除项目明细采集底稿'!V:V,"共同成本费用") -> 0 | L71: =SUM(I71:K71) -> 0 | M71: =H71+L71 -> 0
A72: 67 | D72: =数据对照表!H8 -> 劳动保护费 | E72: =SUMIFS('附表7-扣除项目明细采集底稿'!W:W,'附表7-扣除项目明细采集底稿'!E:E,数据对照表!H8,'附表7-扣除项目明细采集底稿'!V:V,"直接归集成本费用") -> 0 | F72: =SUMIFS('附表7-扣除项目明细采集底稿'!X:X,'附表7-扣除项目明细采集底稿'!E:E,数据对照表!H8,'附表7-扣除项目明细采集底稿'!V:V,"直接归集成本费用") -> 0 | G72: =SUMIFS('附表7-扣除项目明细采集底稿'!Y:Y,'附表7-扣除项目明细采集底稿'!E:E,数据对照表!H8,'附表7-扣除项目明细采集底稿'!V:V,"直接归集成本费用") -> 0 | H72: =SUM(E72:G72) -> 0 | I72: =SUMIFS('附表7-扣除项目明细采集底稿'!W:W,'附表7-扣除项目明细采集底稿'!E:E,数据对照表!H8,'附表7-扣除项目明细采集底稿'!V:V,"共同成本费用") -> 0 | J72: =SUMIFS('附表7-扣除项目明细采集底稿'!X:X,'附表7-扣除项目明细采集底稿'!E:E,数据对照表!H8,'附表7-扣除项目明细采集底稿'!V:V,"共同成本费用") -> 0 | K72: =SUMIFS('附表7-扣除项目明细采集底稿'!Y:Y,'附表7-扣除项目明细采集底稿'!E:E,数据对照表!H8,'附表7-扣除项目明细采集底稿'!V:V,"共同成本费用") -> 0 | L72: =SUM(I72:K72) -> 0 | M72: =H72+L72 -> 0
A73: 68 | D73: =数据对照表!H9 -> 周转房摊销费 | E73: =SUMIFS('附表7-扣除项目明细采集底稿'!W:W,'附表7-扣除项目明细采集底稿'!E:E,数据对照表!H9,'附表7-扣除项目明细采集底稿'!V:V,"直接归集成本费用") -> 0 | F73: =SUMIFS('附表7-扣除项目明细采集底稿'!X:X,'附表7-扣除项目明细采集底稿'!E:E,数据对照表!H9,'附表7-扣除项目明细采集底稿'!V:V,"直接归集成本费用") -> 0 | G73: =SUMIFS('附表7-扣除项目明细采集底稿'!Y:Y,'附表7-扣除项目明细采集底稿'!E:E,数据对照表!H9,'附表7-扣除项目明细采集底稿'!V:V,"直接归集成本费用") -> 0 | H73: =SUM(E73:G73) -> 0 | I73: =SUMIFS('附表7-扣除项目明细采集底稿'!W:W,'附表7-扣除项目明细采集底稿'!E:E,数据对照表!H9,'附表7-扣除项目明细采集底稿'!V:V,"共同成本费用") -> 0 | J73: =SUMIFS('附表7-扣除项目明细采集底稿'!X:X,'附表7-扣除项目明细采集底稿'!E:E,数据对照表!H9,'附表7-扣除项目明细采集底稿'!V:V,"共同成本费用") -> 0 | K73: =SUMIFS('附表7-扣除项目明细采集底稿'!Y:Y,'附表7-扣除项目明细采集底稿'!E:E,数据对照表!H9,'附表7-扣除项目明细采集底稿'!V:V,"共同成本费用") -> 0 | L73: =SUM(I73:K73) -> 0 | M73: =H73+L73 -> 0
A74: 69 | D74: =数据对照表!H10 -> 其他发生的间接费用 | E74: =SUMIFS('附表7-扣除项目明细采集底稿'!W:W,'附表7-扣除项目明细采集底稿'!E:E,数据对照表!H10,'附表7-扣除项目明细采集底稿'!V:V,"直接归集成本费用") -> 0 | F74: =SUMIFS('附表7-扣除项目明细采集底稿'!X:X,'附表7-扣除项目明细采集底稿'!E:E,数据对照表!H10,'附表7-扣除项目明细采集底稿'!V:V,"直接归集成本费用") -> 0 | G74: =SUMIFS('附表7-扣除项目明细采集底稿'!Y:Y,'附表7-扣除项目明细采集底稿'!E:E,数据对照表!H10,'附表7-扣除项目明细采集底稿'!V:V,"直接归集成本费用") -> 0 | H74: =SUM(E74:G74) -> 0 | I74: =SUMIFS('附表7-扣除项目明细采集底稿'!W:W,'附表7-扣除项目明细采集底稿'!E:E,数据对照表!H10,'附表7-扣除项目明细采集底稿'!V:V,"共同成本费用") -> 199164.5 | J74: =SUMIFS('附表7-扣除项目明细采集底稿'!X:X,'附表7-扣除项目明细采集底稿'!E:E,数据对照表!H10,'附表7-扣除项目明细采集底稿'!V:V,"共同成本费用") -> 0 | K74: =SUMIFS('附表7-扣除项目明细采集底稿'!Y:Y,'附表7-扣除项目明细采集底稿'!E:E,数据对照表!H10,'附表7-扣除项目明细采集底稿'!V:V,"共同成本费用") -> 73925.5 | L74: =SUM(I74:K74) -> 273090 | M74: =H74+L74 -> 273090
A75: 70 | B75: 其中：不可加计扣除金额 | E75: =SUM(SUMIFS('附表7-扣除项目明细采集底稿'!W:W,'附表7-扣除项目明细采集底稿'!D:D,"土地征用及拆迁补偿费",'附表7-扣除项目明细采集底稿'!V:V,"直接归集成本费用",'附表7-扣除项目明细采集底稿'!AB:AB,"不可加计"),SUMIFS('附表7-扣除项目明细采集底稿'!W:W,'附表7-扣除项目明细采集底稿'!D:D,"前期工程费",'附表7-扣除项目明细采集底稿'!V:V,"直接归集成本费用",'附表7-扣除项目明细采集底稿'!AB:AB,"不可加计"),SUMIFS('附表7-扣除项目明细采集底稿'!W:W,'附表7-扣除项目明细采集底稿'!D:D,"建筑安装工程费",'附表7-扣除项目明细采集底稿'!V:V,"直接归集成本费用",'附表7-扣除项目明细采集底稿'!AB:AB,"不可加计"),SUMIFS('附表7-扣除项目明细采集底稿'!W:W,'附表7-扣除项目明细采集底稿'!D:D,"基础设施费",'附表7-扣除项目明细采集底稿'!V:V,"直接归集成本费用",'附表7-扣除项目明细采集底稿'!AB:AB,"不可加计"),SUMIFS('附表7-扣除项目明细采集底稿'!W:W,'附表7-扣除项目明细采集底稿'!D:D,"公共配套设施费",'附表7-扣除项目明细采集底稿'!V:V,"直接归集成本费用",'附表7-扣除项目明细采集底稿'!AB:AB,"不可加计"),SUMIFS('附表7-扣除项目明细采集底稿'!W:W,'附表7-扣除项目明细采集底稿'!D:D,"开发间接费用",'附表7-扣除项目明细采集底稿'!V:V,"直接归集成本费用",'附表7-扣除项目明细采集底稿'!AB:AB,"不可加计")) -> 0 | F75: =SUM(SUMIFS('附表7-扣除项目明细采集底稿'!X:X,'附表7-扣除项目明细采集底稿'!D:D,"土地征用及拆迁补偿费",'附表7-扣除项目明细采集底稿'!V:V,"直接归集成本费用",'附表7-扣除项目明细采集底稿'!AB:AB,"不可加计"),SUMIFS('附表7-扣除项目明细采集底稿'!X:X,'附表7-扣除项目明细采集底稿'!D:D,"前期工程费",'附表7-扣除项目明细采集底稿'!V:V,"直接归集成本费用",'附表7-扣除项目明细采集底稿'!AB:AB,"不可加计"),SUMIFS('附表7-扣除项目明细采集底稿'!X:X,'附表7-扣除项目明细采集底稿'!D:D,"建筑安装工程费",'附表7-扣除项目明细采集底稿'!V:V,"直接归集成本费用",'附表7-扣除项目明细采集底稿'!AB:AB,"不可加计"),SUMIFS('附表7-扣除项目明细采集底稿'!X:X,'附表7-扣除项目明细采集底稿'!D:D,"基础设施费",'附表7-扣除项目明细采集底稿'!V:V,"直接归集成本费用",'附表7-扣除项目明细采集底稿'!AB:AB,"不可加计"),SUMIFS('附表7-扣除项目明细采集底稿'!X:X,'附表7-扣除项目明细采集底稿'!D:D,"公共配套设施费",'附表7-扣除项目明细采集底稿'!V:V,"直接归集成本费用",'附表7-扣除项目明细采集底稿'!AB:AB,"不可加计"),SUMIFS('附表7-扣除项目明细采集底稿'!X:X,'附表7-扣除项目明细采集底稿'!D:D,"开发间接费用",'附表7-扣除项目明细采集底稿'!V:V,"直接归集成本费用",'附表7-扣除项目明细采集底稿'!AB:AB,"不可加计")) -> 0 | G75: =SUM(SUMIFS('附表7-扣除项目明细采集底稿'!Y:Y,'附表7-扣除项目明细采集底稿'!D:D,"土地征用及拆迁补偿费",'附表7-扣除项目明细采集底稿'!V:V,"直接归集成本费用",'附表7-扣除项目明细采集底稿'!AB:AB,"不可加计"),SUMIFS('附表7-扣除项目明细采集底稿'!Y:Y,'附表7-扣除项目明细采集底稿'!D:D,"前期工程费",'附表7-扣除项目明细采集底稿'!V:V,"直接归集成本费用",'附表7-扣除项目明细采集底稿'!AB:AB,"不可加计"),SUMIFS('附表7-扣除项目明细采集底稿'!Y:Y,'附表7-扣除项目明细采集底稿'!D:D,"建筑安装工程费",'附表7-扣除项目明细采集底稿'!V:V,"直接归集成本费用",'附表7-扣除项目明细采集底稿'!AB:AB,"不可加计"),SUMIFS('附表7-扣除项目明细采集底稿'!Y:Y,'附表7-扣除项目明细采集底稿'!D:D,"基础设施费",'附表7-扣除项目明细采集底稿'!V:V,"直接归集成本费用",'附表7-扣除项目明细采集底稿'!AB:AB,"不可加计"),SUMIFS('附表7-扣除项目明细采集底稿'!Y:Y,'附表7-扣除项目明细采集底稿'!D:D,"公共配套设施费",'附表7-扣除项目明细采集底稿'!V:V,"直接归集成本费用",'附表7-扣除项目明细采集底稿'!AB:AB,"不可加计"),SUMIFS('附表7-扣除项目明细采集底稿'!Y:Y,'附表7-扣除项目明细采集底稿'!D:D,"开发间接费用",'附表7-扣除项目明细采集底稿'!V:V,"直接归集成本费用",'附表7-扣除项目明细采集底稿'!AB:AB,"不可加计")) -> 0 | H75: =SUM(E75:G75) -> 0 | I75: =SUM(SUMIFS('附表7-扣除项目明细采集底稿'!W:W,'附表7-扣除项目明细采集底稿'!D:D,"土地征用及拆迁补偿费",'附表7-扣除项目明细采集底稿'!V:V,"共同成本费用",'附表7-扣除项目明细采集底稿'!AB:AB,"不可加计"),SUMIFS('附表7-扣除项目明细采集底稿'!W:W,'附表7-扣除项目明细采集底稿'!D:D,"前期工程费",'附表7-扣除项目明细采集底稿'!V:V,"共同成本费用",'附表7-扣除项目明细采集底稿'!AB:AB,"不可加计"),SUMIFS('附表7-扣除项目明细采集底稿'!W:W,'附表7-扣除项目明细采集底稿'!D:D,"建筑安装工程费",'附表7-扣除项目明细采集底稿'!V:V,"共同成本费用",'附表7-扣除项目明细采集底稿'!AB:AB,"不可加计"),SUMIFS('附表7-扣除项目明细采集底稿'!W:W,'附表7-扣除项目明细采集底稿'!D:D,"基础设施费",'附表7-扣除项目明细采集底稿'!V:V,"共同成本费用",'附表7-扣除项目明细采集底稿'!AB:AB,"不可加计"),SUMIFS('附表7-扣除项目明细采集底稿'!W:W,'附表7-扣除项目明细采集底稿'!D:D,"公共配套设施费",'附表7-扣除项目明细采集底稿'!V:V,"共同成本费用",'附表7-扣除项目明细采集底稿'!AB:AB,"不可加计"),SUMIFS('附表7-扣除项目明细采集底稿'!W:W,'附表7-扣除项目明细采集底稿'!D:D,"开发间接费用",'附表7-扣除项目明细采集底稿'!V:V,"共同成本费用",'附表7-扣除项目明细采集底稿'!AB:AB,"不可加计")) -> 0 | J75: =SUM(SUMIFS('附表7-扣除项目明细采集底稿'!X:X,'附表7-扣除项目明细采集底稿'!D:D,"土地征用及拆迁补偿费",'附表7-扣除项目明细采集底稿'!V:V,"共同成本费用",'附表7-扣除项目明细采集底稿'!AB:AB,"不可加计"),SUMIFS('附表7-扣除项目明细采集底稿'!X:X,'附表7-扣除项目明细采集底稿'!D:D,"前期工程费",'附表7-扣除项目明细采集底稿'!V:V,"共同成本费用",'附表7-扣除项目明细采集底稿'!AB:AB,"不可加计"),SUMIFS('附表7-扣除项目明细采集底稿'!X:X,'附表7-扣除项目明细采集底稿'!D:D,"建筑安装工程费",'附表7-扣除项目明细采集底稿'!V:V,"共同成本费用",'附表7-扣除项目明细采集底稿'!AB:AB,"不可加计"),SUMIFS('附表7-扣除项目明细采集底稿'!X:X,'附表7-扣除项目明细采集底稿'!D:D,"基础设施费",'附表7-扣除项目明细采集底稿'!V:V,"共同成本费用",'附表7-扣除项目明细采集底稿'!AB:AB,"不可加计"),SUMIFS('附表7-扣除项目明细采集底稿'!X:X,'附表7-扣除项目明细采集底稿'!D:D,"公共配套设施费",'附表7-扣除项目明细采集底稿'!V:V,"共同成本费用",'附表7-扣除项目明细采集底稿'!AB:AB,"不可加计"),SUMIFS('附表7-扣除项目明细采集底稿'!X:X,'附表7-扣除项目明细采集底稿'!D:D,"开发间接费用",'附表7-扣除项目明细采集底稿'!V:V,"共同成本费用",'附表7-扣除项目明细采集底稿'!AB:AB,"不可加计")) -> 0 | K75: =SUM(SUMIFS('附表7-扣除项目明细采集底稿'!Y:Y,'附表7-扣除项目明细采集底稿'!D:D,"土地征用及拆迁补偿费",'附表7-扣除项目明细采集底稿'!V:V,"共同成本费用",'附表7-扣除项目明细采集底稿'!AB:AB,"不可加计"),SUMIFS('附表7-扣除项目明细采集底稿'!Y:Y,'附表7-扣除项目明细采集底稿'!D:D,"前期工程费",'附表7-扣除项目明细采集底稿'!V:V,"共同成本费用",'附表7-扣除项目明细采集底稿'!AB:AB,"不可加计"),SUMIFS('附表7-扣除项目明细采集底稿'!Y:Y,'附表7-扣除项目明细采集底稿'!D:D,"建筑安装工程费",'附表7-扣除项目明细采集底稿'!V:V,"共同成本费用",'附表7-扣除项目明细采集底稿'!AB:AB,"不可加计"),SUMIFS('附表7-扣除项目明细采集底稿'!Y:Y,'附表7-扣除项目明细采集底稿'!D:D,"基础设施费",'附表7-扣除项目明细采集底稿'!V:V,"共同成本费用",'附表7-扣除项目明细采集底稿'!AB:AB,"不可加计"),SUMIFS('附表7-扣除项目明细采集底稿'!Y:Y,'附表7-扣除项目明细采集底稿'!D:D,"公共配套设施费",'附表7-扣除项目明细采集底稿'!V:V,"共同成本费用",'附表7-扣除项目明细采集底稿'!AB:AB,"不可加计"),SUMIFS('附表7-扣除项目明细采集底稿'!Y:Y,'附表7-扣除项目明细采集底稿'!D:D,"开发间接费用",'附表7-扣除项目明细采集底稿'!V:V,"共同成本费用",'附表7-扣除项目明细采集底稿'!AB:AB,"不可加计")) -> 0 | L75: =SUM(I75:K75) -> 0 | M75: =H75+L75 -> 0
A76: 71 | B76: =数据对照表!I1 -> 房地产开发费用 | E76: =SUM(E77:E78) -> 0 | F76: =SUM(F77:F78) -> 0 | G76: =SUM(G77:G78) -> 0 | H76: =SUM(E76:G76) -> 0 | I76: =SUM(I77:I78) -> 4668547.8 | J76: =SUM(J77:J78) -> 0 | K76: =SUM(K77:K78) -> 1549670.5 | L76: =SUM(I76:K76) -> 6218218.3 | M76: =H76+L76 -> 6218218.3
A77: 72 | B77: 其中 | C77: =数据对照表!I2 -> 利息支出 | D77: 计算扣除 | E77: =IF(D77="计算扣除",0,SUMIFS('附表7-扣除项目明细采集底稿'!W:W,'附表7-扣除项目明细采集底稿'!E:E,数据对照表!I2,'附表7-扣除项目明细采集底稿'!V:V,"直接归集成本费用")) -> 0 | F77: =IF(D77="计算扣除",0,SUMIFS('附表7-扣除项目明细采集底稿'!X:X,'附表7-扣除项目明细采集底稿'!E:E,数据对照表!I2,'附表7-扣除项目明细采集底稿'!V:V,"直接归集成本费用")) -> 0 | G77: =IF(D77="计算扣除",0,SUMIFS('附表7-扣除项目明细采集底稿'!Y:Y,'附表7-扣除项目明细采集底稿'!E:E,数据对照表!I2,'附表7-扣除项目明细采集底稿'!V:V,"直接归集成本费用")) -> 0 | H77: =SUM(E77:G77) -> 0 | I77: =IF(D77="计算扣除",0,SUMIFS('附表7-扣除项目明细采集底稿'!W:W,'附表7-扣除项目明细采集底稿'!E:E,数据对照表!I2,'附表7-扣除项目明细采集底稿'!V:V,"共同成本费用")) -> 0 | J77: =IF(D77="计算扣除",0,SUMIFS('附表7-扣除项目明细采集底稿'!X:X,'附表7-扣除项目明细采集底稿'!E:E,数据对照表!I2,'附表7-扣除项目明细采集底稿'!V:V,"共同成本费用")) -> 0 | K77: =IF(D77="计算扣除",0,SUMIFS('附表7-扣除项目明细采集底稿'!Y:Y,'附表7-扣除项目明细采集底稿'!E:E,数据对照表!I2,'附表7-扣除项目明细采集底稿'!V:V,"共同成本费用")) -> 0 | L77: =SUM(I77:K77) -> 0 | M77: =H77+L77 -> 0
A78: 73 | C78: 其它房地产开发费用 | E78: =IF($D$77="计算扣除",((E6-E10)+(E11-E75))*10%,((E6-E10)+(E11-E75))*5%) -> 0 | F78: =IF($D$77="计算扣除",((F6-F10)+(F11-F75))*10%,((F6-F10)+(F11-F75))*5%) -> 0 | G78: =IF($D$77="计算扣除",((G6-G10)+(G11-G75))*10%,((G6-G10)+(G11-G75))*5%) -> 0 | H78: =SUM(E78:G78) -> 0 | I78: =IF($D$77="计算扣除",((I6-I10)+(I11-I75))*10%,((I6-I10)+(I11-I75))*5%) -> 4668547.8 | J78: =IF($D$77="计算扣除",((J6-J10)+(J11-J75))*10%,((J6-J10)+(J11-J75))*5%) -> 0 | K78: =IF($D$77="计算扣除",((K6-K10)+(K11-K75))*10%,((K6-K10)+(K11-K75))*5%) -> 1549670.5 | L78: =SUM(I78:K78) -> 6218218.3 | M78: =H78+L78 -> 6218218.3
A79: 74 | B79: 与转让房地产有关的税金 | E79: =SUM(E80:E84) -> 817686.54 | F79: =SUM(F80:F84) -> 0 | G79: =SUM(G80:G84) -> 7769.09 | H79: =SUM(E79:G79) -> 825455.63 | M79: =H79+L79 -> 825455.63
A80: 75 | B80: 其中 | C80: 营业税 | E80: 406653.2 | F80: 0 | G80: 0 | H80: =SUM(E80:G80) -> 406653.2 | M80: =H80+L80 -> 406653.2
A81: 76 | C81: 城市维护建设税 | E81: 239769.45 | F81: 0 | G81: 4531.97 | H81: =SUM(E81:G81) -> 244301.42 | M81: =H81+L81 -> 244301.42
A82: 77 | C82: 教育费附加 | E82: 102758.33 | F82: 0 | G82: 1942.27 | H82: =SUM(E82:G82) -> 104700.6 | M82: =H82+L82 -> 104700.6
A83: 78 | C83: 地方教育费附加 | E83: 68505.56 | F83: 0 | G83: 1294.85 | H83: =SUM(E83:G83) -> 69800.41 | M83: =H83+L83 -> 69800.41
A84: 79 | C84: 其他税（费） | E84: 0 | F84: 0 | G84: 0 | H84: =SUM(E84:G84) -> 0 | M84: =H84+L84 -> 0
A85: 80 | B85: 财政部规定的其他扣除项目 | E85: =((E6-E10)+(E11-E75))*20% -> 0 | F85: =((F6-F10)+(F11-F75))*20% -> 0 | G85: =((G6-G10)+(G11-G75))*20% -> 0 | H85: =SUM(E85:G85) -> 0 | I85: =((I6-I10)+(I11-I75))*20% -> 9337095.6 | J85: =((J6-J10)+(J11-J75))*20% -> 0 | K85: =((K6-K10)+(K11-K75))*20% -> 3099341.1 | L85: =SUM(I85:K85) -> 12436437 | M85: =H85+L85 -> 12436437
A86: 81 | B86: 代收费用 | E86: 0 | F86: 0 | G86: 0 | H86: =SUM(E86:G86) -> 0 | I86: 0 | J86: 0 | K86: 0 | L86: =SUM(I86:K86) -> 0 | M86: =H86+L86 -> 0
A87: 82 | B87: 合计 | E87: =E6+E11+E76+E79+E85+SUM(E86) -> 817686.54 | F87: =F6+F11+F76+F79+F85+SUM(F86) -> 0 | G87: =G6+G11+G76+G79+G85+SUM(G86) -> 7769.09 | H87: =SUM(E87:G87) -> 825455.63 | I87: =I6+I11+I76+I79+I85+SUM(I86) -> 60691121 | J87: =J6+J11+J76+J79+J85+SUM(J86) -> 0 | K87: =K6+K11+K76+K79+K85+SUM(K86) -> 20145717 | L87: =SUM(I87:K87) -> 80836838 | M87: =H87+L87 -> 81662294

Sheet 附表6-收入明细采集底稿
A1: T22100附表6-收入明细采集底稿
A2: =土地增值税税源明细表!F5&"："&土地增值税税源明细表!H5&" "&土地增值税税源明细表!A5&"："&土地增值税税源明细表!B5&" "&"金额单位:人民币元(列至角分)" -> 项目编码：Z65280120160100 项目名称：通力华庭 金额单位:人民币元(列至角分)
A3: 序号 | B3: 幢号 | C3: 单元号 | D3: *楼层 | E3: *房号 | F3: 不动产单元号 | G3: *房屋类型 | H3: *房屋状态 | I3: *收入类型 | J3: （网签）合同编号 | K3: *合同签订时间 | L3: 合同金额 | M3: 购房人姓名 | N3: 合同建筑面积（㎡） | O3: 合同套内面积（㎡） | P3: *实测建筑面积（㎡） | Q3: 实测套内面积（㎡） | R3: 朝向 | S3: 发票代码 | T3: 发票号码 | U3: 发票金额 | V3: 发票税额 | W3: 发票价税合计 | X3: *土地增值税应税收入 | Y3: 土地增值税应税单价 | Z3: 情况说明
A4: 总计 | B4: * | C4: * | D4: * | E4: * | F4: * | G4: * | H4: * | I4: * | J4: * | K4: * | L4: =SUM(L$7:L$1048576) -> 72313848 | M4: * | N4: =SUM(N$7:N$1048576) -> 18795.2 | O4: =SUM(O$7:O$1048576) -> 0 | P4: =SUM(P$7:P$1048576) -> 26212.41 | Q4: =SUM(Q$7:Q$1048576) -> 0 | R4: * | S4: * | T4: * | U4: =SUM(U$7:U$1048576) -> 69800405 | V4: =SUM(V$7:V$1048576) -> 3083367 | W4: =SUM(W$7:W$1048576) -> 72883772 | X4: =SUM(X$7:X$1048576) -> 69800405 | Y4: =IF(SUMIFS(X$7:X$1048576,H$7:H$1048576,"已售")=0,"*",ROUND(SUMIFS(X$7:X$1048576,H$7:H$1048576,"已售")/SUMIFS(P$7:P$1048576,H$7:H$1048576,"已售"),2)) -> 3713.74 | Z4: *
A5: 筛选小计 | B5: * | C5: * | D5: * | E5: * | F5: * | G5: * | H5: * | I5: * | J5: * | K5: * | L5: =SUBTOTAL(9,L$7:L$1048576) -> 70954257 | M5: * | N5: =SUBTOTAL(9,N$7:N$1048576) -> 18738.13 | O5: =SUBTOTAL(9,O$7:O$1048576) -> 0 | P5: =SUBTOTAL(9,P$7:P$1048576) -> 19054.6 | Q5: =SUBTOTAL(9,Q$7:Q$1048576) -> 0 | R5: * | S5: * | T5: * | U5: =SUBTOTAL(9,U$7:U$1048576) -> 68505556 | V5: =SUBTOTAL(9,V$7:V$1048576) -> 3018624.6 | W5: =SUBTOTAL(9,W$7:W$1048576) -> 71524181 | X5: =SUBTOTAL(9,X$7:X$1048576) -> 68505556 | Y5: =IF(AND(SUBTOTAL(3,K$7:K$1048576)=SUBTOTAL(3,P$7:P$1048576),SUBTOTAL(9,P$7:P$1048576)<>0),ROUND(SUBTOTAL(9,X$7:X$1048576)/SUBTOTAL(9,P$7:P$1048576),2),"*") -> * | Z5: *
A6: 列次 | B6: 1 | C6: 2 | D6: 3 | E6: 4 | F6: 5 | G6: 6 | H6: 7 | I6: 8 | J6: 9 | K6: 10 | L6: 11 | M6: 12 | N6: 13≥14 | O6: 14 | P6: 15≥16 | Q6: 16 | R6: 17 | S6: 18 | T6: 19 | U6: 20 | V6: 21 | W6: 22=20+21 | X6: 23 | Y6: 24=23÷15 | Z6: 25
A7: 1 | B7: 1 | C7: 1 | D7: -2 | E7: -201 | G7: 其他非营业性房产 | H7: 未售 | P7: 105.17 | W7: =SUM(U7)+SUM(V7) -> 0 | X7: 0 | Y7: =IF(SUM(P7)=0,"",ROUND(SUM(X7)/SUM(P7),2)) -> 0
A8: 2 | B8: 1 | C8: 1 | D8: -2 | E8: -202 | G8: 其他非营业性房产 | H8: 未售 | P8: 188.02 | W8: =SUM(U8)+SUM(V8) -> 0 | X8: 0 | Y8: =IF(SUM(P8)=0,"",ROUND(SUM(X8)/SUM(P8),2)) -> 0
A9: 3 | B9: 1 | C9: 1 | D9: -2 | E9: -203 | G9: 车位车库 | H9: 未售 | P9: 1766.86 | W9: =SUM(U9)+SUM(V9) -> 0 | X9: 0 | Y9: =IF(SUM(P9)=0,"",ROUND(SUM(X9)/SUM(P9),2)) -> 0
A10: 4 | B10: 1 | C10: 1 | D10: -1 | E10: -101 | G10: 其他非营业性房产 | H10: 未售 | P10: 875.59 | W10: =SUM(U10)+SUM(V10) -> 0 | X10: 0 | Y10: =IF(SUM(P10)=0,"",ROUND(SUM(X10)/SUM(P10),2)) -> 0
A11: 5 | B11: 1 | C11: 1 | D11: -1 | E11: -102 | G11: 车位车库 | H11: 未售 | P11: 1518.01 | W11: =SUM(U11)+SUM(V11) -> 0 | X11: 0 | Y11: =IF(SUM(P11)=0,"",ROUND(SUM(X11)/SUM(P11),2)) -> 0
A12: 6 | B12: 1 | C12: 1 | D12: 1 | E12: 109 | G12: 其他非营业性房产 | H12: 不可售 | P12: 85.16 | W12: =SUM(U12)+SUM(V12) -> 0 | X12: 0 | Y12: =IF(SUM(P12)=0,"",ROUND(SUM(X12)/SUM(P12),2)) -> 0
A13: 7 | B13: 1 | C13: 1 | D13: 1 | E13: 101 | G13: 商业用房 | H13: 未售 | P13: 55.47 | W13: =SUM(U13)+SUM(V13) -> 0 | X13: 0 | Y13: =IF(SUM(P13)=0,"",ROUND(SUM(X13)/SUM(P13),2)) -> 0
A14: 8 | B14: 1 | C14: 1 | D14: 1 | E14: 102 | G14: 商业用房 | H14: 未售 | P14: 58.09 | W14: =SUM(U14)+SUM(V14) -> 0 | X14: 0 | Y14: =IF(SUM(P14)=0,"",ROUND(SUM(X14)/SUM(P14),2)) -> 0
A15: 9 | B15: 1 | C15: 1 | D15: 1 | E15: 103 | G15: 商业用房 | H15: 未售 | P15: 49.26 | W15: =SUM(U15)+SUM(V15) -> 0 | X15: 0 | Y15: =IF(SUM(P15)=0,"",ROUND(SUM(X15)/SUM(P15),2)) -> 0
A16: 10 | B16: 1 | C16: 1 | D16: 1 | E16: 104 | G16: 商业用房 | H16: 未售 | P16: 63.27 | W16: =SUM(U16)+SUM(V16) -> 0 | X16: 0 | Y16: =IF(SUM(P16)=0,"",ROUND(SUM(X16)/SUM(P16),2)) -> 0
A17: 11 | B17: 1 | C17: 1 | D17: 1 | E17: 105 | G17: 商业用房 | H17: 已售 | I17: 货币收入 | J17: KELXS00019639 | K17: 43605 | L17: 550391 | M17: 廖庆奎 | N17: 28.17 | P17: 28.17 | T17: 03490996 | U17: 524181.9 | V17: 26209.1 | W17: =SUM(U17)+SUM(V17) -> 550391 | X17: 524181.9 | Y17: =IF(SUM(P17)=0,"",ROUND(SUM(X17)/SUM(P17),2)) -> 18607.81
A18: 12 | B18: 1 | C18: 1 | D18: 1 | E18: 106 | G18: 商业用房 | H18: 已售 | I18: 货币收入 | J18: 20190004956 | K18: 43774 | L18: 809200 | M18: 斯琴 | N18: 28.9 | P18: 28.9 | T18: 03497013 | U18: 770666.67 | V18: 38533.333 | W18: =SUM(U18)+SUM(V18) -> 809200 | X18: 770666.67 | Y18: =IF(SUM(P18)=0,"",ROUND(SUM(X18)/SUM(P18),2)) -> 26666.67
A19: 13 | B19: 1 | C19: 1 | D19: 1 | E19: 107 | G19: 商业用房 | H19: 出租 | P19: 404.85 | W19: =SUM(U19)+SUM(V19) -> 0 | X19: 0 | Y19: =IF(SUM(P19)=0,"",ROUND(SUM(X19)/SUM(P19),2)) -> 0
A20: 14 | B20: 1 | C20: 1 | D20: 1 | E20: 108 | G20: 商业用房 | H20: 出租 | P20: 922.72 | W20: =SUM(U20)+SUM(V20) -> 0 | X20: 0 | Y20: =IF(SUM(P20)=0,"",ROUND(SUM(X20)/SUM(P20),2)) -> 0
A21: 15 | B21: 1 | C21: 1 | D21: 2 | E21: 201 | G21: 商业用房 | H21: 出租 | P21: 1008.27 | W21: =SUM(U21)+SUM(V21) -> 0 | X21: 0 | Y21: =IF(SUM(P21)=0,"",ROUND(SUM(X21)/SUM(P21),2)) -> 0
A22: 16 | B22: 1 | C22: 1 | D22: 3 | E22: 301 | G22: 普通住宅 | H22: 已售 | I22: 货币收入 | J22: KELYS00066762 | K22: 43274 | L22: 290255 | M22: 刘文明 | N22: 82.93 | P22: 82.93 | T22: 03778284 | U22: 276433.33 | V22: 13821.667 | W22: =SUM(U22)+SUM(V22) -> 290255 | X22: 276433.33 | Y22: =IF(SUM(P22)=0,"",ROUND(SUM(X22)/SUM(P22),2)) -> 3333.33
A23: 17 | B23: 1 | C23: 1 | D23: 3 | E23: 302 | G23: 普通住宅 | H23: 已售 | I23: 货币收入 | J23: KLELYS00065457 | K23: 43274 | L23: 448884 | M23: 刘坤 | N23: 124.69 | P23: 124.69 | T23: 03497004 | U23: 427508.57 | V23: 21375.429 | W23: =SUM(U23)+SUM(V23) -> 448884 | X23: 427508.57 | Y23: =IF(SUM(P23)=0,"",ROUND(SUM(X23)/SUM(P23),2)) -> 3428.57
A24: 18 | B24: 1 | C24: 1 | D24: 3 | E24: 303 | G24: 普通住宅 | H24: 已售 | I24: 货币收入 | J24: KLELYS00064487 | K24: 43250 | L24: 436500 | M24: 马建伟 | N24: 121.25 | P24: 121.25 | T24: 03778266 | U24: 415714.29 | V24: 20785.714 | W24: =SUM(U24)+SUM(V24) -> 436500 | X24: 415714.29 | Y24: =IF(SUM(P24)=0,"",ROUND(SUM(X24)/SUM(P24),2)) -> 3428.57
A25: 19 | B25: 1 | C25: 1 | D25: 3 | E25: 304 | G25: 普通住宅 | H25: 已售 | I25: 货币收入 | J25: KLELYS00065103 | K25: 43264 | L25: 360325 | M25: 刘金华 | N25: 102.95 | P25: 102.95 | T25: 03778256 | U25: 343166.67 | V25: 17158.333 | W25: =SUM(U25)+SUM(V25) -> 360325 | X25: 343166.67 | Y25: =IF(SUM(P25)=0,"",ROUND(SUM(X25)/SUM(P25),2)) -> 3333.33
A26: 20 | B26: 1 | C26: 1 | D26: 3 | E26: 305 | G26: 普通住宅 | H26: 已售 | I26: 货币收入 | J26: KELYS00070453 | K26: 43398 | L26: 303310 | M26: 董秀英 | N26: 86.66 | P26: 86.66 | T26: 03469875 | U26: 288866.67 | V26: 14443.333 | W26: =SUM(U26)+SUM(V26) -> 303310 | X26: 288866.67 | Y26: =IF(SUM(P26)=0,"",ROUND(SUM(X26)/SUM(P26),2)) -> 3333.33
A27: 21 | B27: 1 | C27: 1 | D27: 3 | E27: 306 | G27: 普通住宅 | H27: 已售 | I27: 货币收入 | J27: KLELYS00063169 | K27: 43223 | L27: 485000 | M27: 巴依尔 | N27: 121.25 | P27: 121.25 | T27: 03778290 | U27: 461904.76 | V27: 23095.238 | W27: =SUM(U27)+SUM(V27) -> 485000 | X27: 461904.76 | Y27: =IF(SUM(P27)=0,"",ROUND(SUM(X27)/SUM(P27),2)) -> 3809.52
A28: 22 | B28: 1 | C28: 1 | D28: 3 | E28: 307 | G28: 普通住宅 | H28: 已售 | I28: 货币收入 | J28: 20190002320 | K28: 43706 | L28: 466859 | M28: 王仲梅 | N28: 126.52 | P28: 126.52 | T28: 03497010 | U28: 444627.62 | V28: 22231.381 | W28: =SUM(U28)+SUM(V28) -> 466859 | X28: 444627.62 | Y28: =IF(SUM(P28)=0,"",ROUND(SUM(X28)/SUM(P28),2)) -> 3514.29
A29: 23 | B29: 1 | C29: 1 | D29: 3 | E29: 308 | G29: 普通住宅 | H29: 已售 | I29: 货币收入 | J29: KELYS00067272 | K29: 43319 | L29: 299975 | M29: 李朋利 | N29: 84.5 | P29: 84.5 | T29: 03490969 | U29: 285657.14 | V29: 14282.857 | W29: =SUM(U29)+SUM(V29) -> 299940 | X29: 285657.14 | Y29: =IF(SUM(P29)=0,"",ROUND(SUM(X29)/SUM(P29),2)) -> 3380.56
A30: 24 | B30: 1 | C30: 1 | D30: 3 | E30: 309 | G30: 普通住宅 | H30: 已售 | I30: 货币收入 | J30: KLELYS00066072 | K30: 43291 | L30: 313775 | M30: 严青霞 | N30: 89.65 | P30: 89.65 | T30: 03778270 | U30: 298833.33 | V30: 14941.667 | W30: =SUM(U30)+SUM(V30) -> 313775 | X30: 298833.33 | Y30: =IF(SUM(P30)=0,"",ROUND(SUM(X30)/SUM(P30),2)) -> 3333.33
A31: 25 | B31: 1 | C31: 1 | D31: 4 | E31: 401 | G31: 普通住宅 | H31: 已售 | I31: 货币收入 | J31: KLELYS00063646 | K31: 43234 | L31: 281962 | M31: 丁道理 | N31: 82.93 | P31: 82.93 | T31: 03490972 | U31: 268535.24 | V31: 13426.762 | W31: =SUM(U31)+SUM(V31) -> 281962 | X31: 268535.24 | Y31: =IF(SUM(P31)=0,"",ROUND(SUM(X31)/SUM(P31),2)) -> 3238.1
A32: 26 | B32: 1 | C32: 1 | D32: 4 | E32: 402 | G32: 普通住宅 | H32: 已售 | I32: 货币收入 | J32: KELYS00068113 | K32: 43338 | L32: 473076 | M32: 郭彩霞 | N32: 131.41 | P32: 131.41 | T32: 03778287 | U32: 463063.81 | V32: 23153.19 | W32: =SUM(U32)+SUM(V32) -> 486217 | X32: 463063.81 | Y32: =IF(SUM(P32)=0,"",ROUND(SUM(X32)/SUM(P32),2)) -> 3523.81
A33: 27 | B33: 1 | C33: 1 | D33: 4 | E33: 403 | G33: 普通住宅 | H33: 已售 | I33: 货币收入 | J33: KLELYS00063714 | K33: 43236 | L33: 504903 | M33: 徐梅 | N33: 126.86 | P33: 126.86 | T33: 03490971 | U33: 480821.9 | V33: 24041.095 | W33: =SUM(U33)+SUM(V33) -> 504863 | X33: 480821.9 | Y33: =IF(SUM(P33)=0,"",ROUND(SUM(X33)/SUM(P33),2)) -> 3790.18
... A37: 31 | B37: 1 | C37: 1 | D37: 4 | E37: 407 | G37: 普通住宅 | H37: 已售 | I37: 货币收入 | J37: KELYS00067476 | K37: 43322 | L37: 486326 | M37: 王波、郭悦 | N37: 133.24 | P37: 133.24 | T37: 03490980 | U37: 463167.62 | V37: 23158.381 | W37: =SUM(U37)+SUM(V37) -> 486326 | X37: 463167.62 | Y37: =IF(SUM(P37)=0,"",ROUND(SUM(X37)/SUM(P37),2)) -> 3476.19
A38: 32 | B38: 1 | C38: 1 | D38: 4 | E38: 408 | G38: 普通住宅 | H38: 已售 | I38: 货币收入 | J38: 20220002913 | K38: 44673 | L38: 422550 | M38: 热依木江•尼牙孜 | N38: 84.5 | P38: 84.5 | T38: 01928566 | U38: 402380.95 | V38: 20119.05 | W38: =SUM(U38)+SUM(V38) -> 422500 | X38: 402380.95 | Y38: =IF(SUM(P38)=0,"",ROUND(SUM(X38)/SUM(P38),2)) -> 4761.9
A39: 33 | B39: 1 | C39: 1 | D39: 4 | E39: 409 | G39: 普通住宅 | H39: 已售 | I39: 货币收入 | J39: KLELYS00062474 | K39: 43209 | L39: 318258 | M39: 邹玉明 | N39: 89.65 | P39: 89.65 | T39: 03778260 | U39: 303102.86 | V39: 15155.143 | W39: =SUM(U39)+SUM(V39) -> 318258 | X39: 303102.86 | Y39: =IF(SUM(P39)=0,"",ROUND(SUM(X39)/SUM(P39),2)) -> 3380.96
A40: 34 | B40: 1 | C40: 1 | D40: 5 | E40: 501 | G40: 普通住宅 | H40: 已售 | I40: 货币收入 | J40: KLELYS00062093 | K40: 43805 | L40: 281962 | M40: 李国鹏 | N40: 82.93 | P40: 82.93 | T40: 03497016 | U40: 268535.24 | V40: 13426.762 | W40: =SUM(U40)+SUM(V40) -> 281962 | X40: 268535.24 | Y40: =IF(SUM(P40)=0,"",ROUND(SUM(X40)/SUM(P40),2)) -> 3238.1
A41: 35 | B41: 1 | C41: 1 | D41: 5 | E41: 502 | G41: 普通住宅 | H41: 已售 | I41: 货币收入 | J41: KLELYS00057178 | K41: 43103 | L41: 511229 | M41: 张静雯 | N41: 124.69 | P41: 124.69 | T41: 03490989 | U41: 486884.76 | V41: 24344.238 | W41: =SUM(U41)+SUM(V41) -> 511229 | X41: 486884.76 | Y41: =IF(SUM(P41)=0,"",ROUND(SUM(X41)/SUM(P41),2)) -> 3904.76
A42: 36 | B42: 1 | C42: 1 | D42: 5 | E42: 503 | G42: 普通住宅 | H42: 已售 | I42: 货币收入 | J42: KLELYS00051681 | K42: 42990 | L42: 527801 | M42: 霍忠和 | N42: 121.25 | P42: 121.25 | T42: 03520528 | U42: 502667.62 | V42: 25133.381 | W42: =SUM(U42)+SUM(V42) -> 527801 | X42: 502667.62 | Y42: =IF(SUM(P42)=0,"",ROUND(SUM(X42)/SUM(P42),2)) -> 4145.71
A43: 37 | B43: 1 | C43: 1 | D43: 5 | E43: 504 | G43: 普通住宅 | H43: 已售 | I43: 货币收入 | J43: KLELYS00050726 | K43: 43172 | L43: 391210 | M43: 沙依旦·道里昆 | N43: 102.95 | P43: 102.95 | T43: 03585077 | U43: 372580.95 | V43: 18629.048 | W43: =SUM(U43)+SUM(V43) -> 391210 | X43: 372580.95 | Y43: =IF(SUM(P43)=0,"",ROUND(SUM(X43)/SUM(P43),2)) -> 3619.05
A44: 38 | B44: 1 | C44: 1 | D44: 5 | E44: 505 | G44: 普通住宅 | H44: 已售 | I44: 货币收入 | J44: KLELYS00051713 | K44: 42990 | L44: 319429 | M44: 王军 | N44: 86.66 | P44: 86.66 | T44: 03520530 | U44: 304218.1 | V44: 15210.905 | W44: =SUM(U44)+SUM(V44) -> 319429 | X44: 304218.1 | Y44: =IF(SUM(P44)=0,"",ROUND(SUM(X44)/SUM(P44),2)) -> 3510.48
A45: 39 | B45: 1 | C45: 1 | D45: 5 | E45: 506 | G45: 普通住宅 | H45: 已售 | I45: 货币收入 | J45: KLELYS00063505 | K45: 43230 | L45: 485000 | M45: 梅莉娟 | N45: 121.25 | P45: 121.25 | T45: 03585093 | U45: 461904.76 | V45: 23095.238 | W45: =SUM(U45)+SUM(V45) -> 485000 | X45: 461904.76 | Y45: =IF(SUM(P45)=0,"",ROUND(SUM(X45)/SUM(P45),2)) -> 3809.52
A46: 40 | B46: 1 | C46: 1 | D46: 5 | E46: 507 | G46: 普通住宅 | H46: 已售 | I46: 货币收入 | J46: KELYS00057215 | K46: 43104 | L46: 455472 | M46: 徐丽丽 | N46: 126.52 | P46: 126.52 | T46: 03497006 | U46: 433782.86 | V46: 21689.143 | W46: =SUM(U46)+SUM(V46) -> 455472 | X46: 433782.86 | Y46: =IF(SUM(P46)=0,"",ROUND(SUM(X46)/SUM(P46),2)) -> 3428.57
A47: 41 | B47: 1 | C47: 1 | D47: 5 | E47: 508 | G47: 普通住宅 | H47: 已售 | I47: 货币收入 | J47: KELYS00070287 | K47: 43393 | L47: 304200 | M47: 赵丽 | N47: 84.5 | P47: 84.5 | T47: 03490968 | U47: 290476.19 | V47: 14523.81 | W47: =SUM(U47)+SUM(V47) -> 305000 | X47: 290476.19 | Y47: =IF(SUM(P47)=0,"",ROUND(SUM(X47)/SUM(P47),2)) -> 3437.59
A48: 42 | B48: 1 | C48: 1 | D48: 5 | E48: 509 | G48: 普通住宅 | H48: 已售 | I48: 货币收入 | J48: KELYS00062015 | K48: 43201 | L48: 313775 | M48: 支宏生 | N48: 89.65 | P48: 89.65 | T48: 03585087 | U48: 298833.33 | V48: 14941.667 | W48: =SUM(U48)+SUM(V48) -> 313775 | X48: 298833.33 | Y48: =IF(SUM(P48)=0,"",ROUND(SUM(X48)/SUM(P48),2)) -> 3333.33
A49: 43 | B49: 1 | C49: 1 | D49: 6 | E49: 601 | G49: 普通住宅 | H49: 已售 | I49: 货币收入 | J49: 0160802 | K49: 41850 | L49: 276820 | M49: 刘恒涛 | N49: 82.93 | P49: 82.93 | T49: 03490998 | U49: 341040 | V49: 17052 | W49: =SUM(U49)+SUM(V49) -> 358092 | X49: 341040 | Y49: =IF(SUM(P49)=0,"",ROUND(SUM(X49)/SUM(P49),2)) -> 4112.38
A50: 44 | B50: 1 | C50: 1 | D50: 6 | E50: 602 | G50: 普通住宅 | H50: 已售 | I50: 货币收入 | J50: KELYS00015695 | K50: 42362 | L50: 420512 | M50: 闫虹、寇文誉 | N50: 131.41 | P50: 131.41 | T50: 03585013 | U50: 400487.62 | V50: 20024.381 | W50: =SUM(U50)+SUM(V50) -> 420512 | X50: 400487.62 | Y50: =IF(SUM(P50)=0,"",ROUND(SUM(X50)/SUM(P50),2)) -> 3047.62
... A60: 54 | B60: 1 | C60: 1 | D60: 7 | E60: 703 | G60: 普通住宅 | H60: 已售 | I60: 货币收入 | J60: KELYS00033209 | K60: 42641 | L60: 412250 | M60: 刘彩霞 | N60: 121.25 | P60: 121.25 | T60: 03553356 | U60: 412250 | V60: 0 | W60: =SUM(U60)+SUM(V60) -> 412250 | X60: 412250 | Y60: =IF(SUM(P60)=0,"",ROUND(SUM(X60)/SUM(P60),2)) -> 3400
A61: 55 | B61: 1 | C61: 1 | D61: 7 | E61: 704 | G61: 普通住宅 | H61: 已售 | I61: 货币收入 | K61: 43687 | M61: 谢荣波 | N61: 102.95 | P61: 102.95 | T61: 01537176 | U61: 391210 | V61: 0 | W61: =SUM(U61)+SUM(V61) -> 391210 | X61: 391210 | Y61: =IF(SUM(P61)=0,"",ROUND(SUM(X61)/SUM(P61),2)) -> 3800
A62: 56 | B62: 1 | C62: 1 | D62: 7 | E62: 705 | G62: 普通住宅 | H62: 已售 | I62: 货币收入 | J62: KELYS00008709 | K62: 42173 | L62: 398636 | M62: 帕合尔丁·木沙 | N62: 86.66 | P62: 86.66 | T62: 03469833 | U62: 379653.33 | V62: 18982.667 | W62: =SUM(U62)+SUM(V62) -> 398636 | X62: 379653.33 | Y62: =IF(SUM(P62)=0,"",ROUND(SUM(X62)/SUM(P62),2)) -> 4380.95
A63: 57 | B63: 1 | C63: 1 | D63: 7 | E63: 706 | G63: 普通住宅 | H63: 已售 | I63: 货币收入 | J63: KELYS00010676 | K63: 42294 | L63: 504400 | M63: 代国超 | N63: 121.25 | P63: 121.25 | T63: 03520519 | U63: 480380.95 | V63: 24019.048 | W63: =SUM(U63)+SUM(V63) -> 504400 | X63: 480380.95 | Y63: =IF(SUM(P63)=0,"",ROUND(SUM(X63)/SUM(P63),2)) -> 3961.9
A64: 58 | B64: 1 | C64: 1 | D64: 7 | E64: 707 | G64: 普通住宅 | H64: 已售 | I64: 货币收入 | J64: KELYS00038627 | K64: 42709 | L64: 430168 | M64: 付乾子 | N64: 126.52 | P64: 126.52 | T64: 01083075 | U64: 409683.81 | V64: 20484.19 | W64: =SUM(U64)+SUM(V64) -> 430168 | X64: 409683.81 | Y64: =IF(SUM(P64)=0,"",ROUND(SUM(X64)/SUM(P64),2)) -> 3238.1
A65: 59 | B65: 1 | C65: 1 | D65: 7 | E65: 708 | G65: 普通住宅 | H65: 已售 | I65: 货币收入 | J65: KELXS00019635 | K65: 43496 | L65: 300000 | M65: 艾买尔江·木沙 | N65: 84.5 | P65: 84.5 | T65: 03497007 | U65: 285714.29 | V65: 14285.714 | W65: =SUM(U65)+SUM(V65) -> 300000 | X65: 285714.29 | Y65: =IF(SUM(P65)=0,"",ROUND(SUM(X65)/SUM(P65),2)) -> 3381.23
A66: 60 | B66: 1 | C66: 1 | D66: 7 | E66: 709 | G66: 普通住宅 | H66: 已售 | I66: 货币收入 | J66: KELYS00027659 | K66: 42555 | L66: 340670 | M66: 张和平 | N66: 89.65 | P66: 89.65 | T66: 03546254 | U66: 340670 | V66: 0 | W66: =SUM(U66)+SUM(V66) -> 340670 | X66: 340670 | Y66: =IF(SUM(P66)=0,"",ROUND(SUM(X66)/SUM(P66),2)) -> 3800
A67: 61 | B67: 1 | C67: 1 | D67: 8 | E67: 801 | G67: 普通住宅 | H67: 已售 | I67: 货币收入 | J67: KELYS00047308 | K67: 42888 | L67: 384000 | M67: 孙建冰 | N67: 82.93 | P67: 82.93 | T67: 03469834 | U67: 365714.29 | V67: 18285.714 | W67: =SUM(U67)+SUM(V67) -> 384000 | X67: 365714.29 | Y67: =IF(SUM(P67)=0,"",ROUND(SUM(X67)/SUM(P67),2)) -> 4409.92
A68: 62 | B68: 1 | C68: 1 | D68: 8 | E68: 802 | G68: 普通住宅 | H68: 已售 | I68: 货币收入 | J68: KELYS00031527 | K68: 42622 | L68: 420512 | M68: 马小霞 | N68: 131.41 | P68: 131.41 | T68: 03546255 | U68: 420512 | V68: 0 | W68: =SUM(U68)+SUM(V68) -> 420512 | X68: 420512 | Y68: =IF(SUM(P68)=0,"",ROUND(SUM(X68)/SUM(P68),2)) -> 3200
A69: 63 | B69: 1 | C69: 1 | D69: 8 | E69: 803 | G69: 普通住宅 | H69: 已售 | I69: 货币收入 | J69: KELYS00016627 | K69: 42384 | L69: 532812 | M69: 洪宁翊 | N69: 126.86 | P69: 126.86 | T69: 04520573 | U69: 507400 | V69: 25370 | W69: =SUM(U69)+SUM(V69) -> 532770 | X69: 507400 | Y69: =IF(SUM(P69)=0,"",ROUND(SUM(X69)/SUM(P69),2)) -> 3999.68
A70: 64 | B70: 1 | C70: 1 | D70: 8 | E70: 804 | G70: 普通住宅 | H70: 已售 | I70: 货币收入 | J70: KELYS00029086 | K70: 42584 | L70: 376797 | M70: 吴明月 | N70: 102.95 | P70: 102.95 | T70: 03546248 | U70: 376797 | V70: 0 | W70: =SUM(U70)+SUM(V70) -> 376797 | X70: 376797 | Y70: =IF(SUM(P70)=0,"",ROUND(SUM(X70)/SUM(P70),2)) -> 3660
A71: 65 | B71: 1 | C71: 1 | D71: 8 | E71: 805 | G71: 普通住宅 | H71: 已售 | I71: 货币收入 | J71: KELYS00065804 | K71: 43283 | L71: 311976 | M71: 刘露曦 | N71: 86.66 | P71: 86.66 | T71: 03778265 | U71: 297120 | V71: 14856 | W71: =SUM(U71)+SUM(V71) -> 311976 | X71: 297120 | Y71: =IF(SUM(P71)=0,"",ROUND(SUM(X71)/SUM(P71),2)) -> 3428.57
A72: 66 | B72: 1 | C72: 1 | D72: 8 | E72: 806 | G72: 普通住宅 | H72: 已售 | I72: 货币收入 | J72: KELYS00033414 | K72: 42655 | L72: 482068 | M72: 侯文能 | N72: 126.86 | P72: 126.86 | T72: 03553357 | U72: 482030 | V72: 0 | W72: =SUM(U72)+SUM(V72) -> 482030 | X72: 482030 | Y72: =IF(SUM(P72)=0,"",ROUND(SUM(X72)/SUM(P72),2)) -> 3799.7
A73: 67 | B73: 1 | C73: 1 | D73: 8 | E73: 807 | G73: 普通住宅 | H73: 已售 | I73: 货币收入 | J73: KELYS00065872 | K73: 43284 | L73: 479664 | M73: 周德伟 | N73: 133.24 | P73: 133.24 | T73: 03720006 | U73: 456822.86 | V73: 22841.143 | W73: =SUM(U73)+SUM(V73) -> 479664 | X73: 456822.86 | Y73: =IF(SUM(P73)=0,"",ROUND(SUM(X73)/SUM(P73),2)) -> 3428.57
... A194: 188 | B194: 1 | C194: 1 | D194: 22 | E194: 2202 | G194: 普通住宅 | H194: 已售 | I194: 货币收入 | J194: KELYS00007811 | K194: 42255 | L194: 524707 | M194: 黄成、付光燕 | N194: 131.41 | P194: 131.41 | T194: 03469869 | U194: 499720.95 | V194: 24986.048 | W194: =SUM(U194)+SUM(V194) -> 524707 | X194: 499720.95 | Y194: =IF(SUM(P194)=0,"",ROUND(SUM(X194)/SUM(P194),2)) -> 3802.76
A195: 189 | B195: 1 | C195: 1 | D195: 22 | E195: 2203 | G195: 普通住宅 | H195: 未售 | P195: 126.86 | W195: =SUM(U195)+SUM(V195) -> 0 | Y195: =IF(SUM(P195)=0,"",ROUND(SUM(X195)/SUM(P195),2)) -> 0
A196: 190 | B196: 1 | C196: 1 | D196: 22 | E196: 2204 | G196: 普通住宅 | H196: 未售 | P196: 102.95 | W196: =SUM(U196)+SUM(V196) -> 0 | Y196: =IF(SUM(P196)=0,"",ROUND(SUM(X196)/SUM(P196),2)) -> 0
A197: 191 | B197: 1 | C197: 1 | D197: 22 | E197: 2205 | G197: 普通住宅 | H197: 未售 | P197: 86.66 | W197: =SUM(U197)+SUM(V197) -> 0 | Y197: =IF(SUM(P197)=0,"",ROUND(SUM(X197)/SUM(P197),2)) -> 0
A198: 192 | B198: 1 | C198: 1 | D198: 22 | E198: 2206 | G198: 普通住宅 | H198: 已售 | I198: 货币收入 | J198: KELYS00063000 | K198: 43218 | L198: 450353 | M198: 敖日木加甫 | N198: 126.86 | P198: 126.86 | T198: 03778257 | U198: 428874.29 | V198: 21443.714 | W198: =SUM(U198)+SUM(V198) -> 450318 | X198: 428874.29 | Y198: =IF(SUM(P198)=0,"",ROUND(SUM(X198)/SUM(P198),2)) -> 3380.69
A199: 193 | B199: 1 | C199: 1 | D199: 22 | E199: 2207 | G199: 普通住宅 | H199: 已售 | I199: 货币收入 | J199: KELYS00037770 | K199: 42702 | L199: 453016 | M199: 李秀红 | N199: 133.24 | P199: 133.24 | T199: 00004003 | U199: 431443.81 | V199: 21572.19 | W199: =SUM(U199)+SUM(V199) -> 453016 | X199: 431443.81 | Y199: =IF(SUM(P199)=0,"",ROUND(SUM(X199)/SUM(P199),2)) -> 3238.1
A200: 194 | B200: 1 | C200: 1 | D200: 22 | E200: 2208 | G200: 普通住宅 | H200: 已售 | I200: 货币收入 | J200: 20230005233 | K200: 45097 | L200: 507000 | M200: 张红岩 | N200: 84.5 | P200: 84.5 | T200: 01537160 | U200: 482857.14 | V200: 24142.86 | W200: =SUM(U200)+SUM(V200) -> 507000 | X200: 482857.14 | Y200: =IF(SUM(P200)=0,"",ROUND(SUM(X200)/SUM(P200),2)) -> 5714.29
A201: 195 | B201: 1 | C201: 1 | D201: 22 | E201: 2209 | G201: 普通住宅 | H201: 已售 | I201: 货币收入 | J201: KELYS00020812 | K201: 42454 | L201: 280000 | M201: 游文国 | N201: 89.65 | P201: 89.65 | T201: 09178448 | U201: 266666.67 | V201: 13333.333 | W201: =SUM(U201)+SUM(V201) -> 280000 | X201: 266666.67 | Y201: =IF(SUM(P201)=0,"",ROUND(SUM(X201)/SUM(P201),2)) -> 2974.53

Sheet 附表7-扣除项目明细采集底稿
A1: T23210附表7-扣除项目明细采集底稿
A2: =土地增值税税源明细表!F5&"："&土地增值税税源明细表!H5&" "&土地增值税税源明细表!A5&"："&土地增值税税源明细表!B5&" "&"金额单位:人民币元(列至角分)" -> 项目编码：Z65280120160100 项目名称：通力华庭 金额单位:人民币元(列至角分)
A3: 序号 | B3: *记账日期 | C3: *记账凭证号码 | D3: *科目名称 | E3: *二级科目名称 | F3: 内容摘要 | G3: 合同编号 | H3: 合同名称 | I3: 合同类别 | J3: 收款单位 | K3: *凭据类型 | L3: 发票(凭据)代码 | M3: 发票(凭据)号码 | N3: *发票(凭据)金额 | O3: *付款金额 | P3: *记账金额 | Q3: 申报调整金额 | R3: *申报扣除的记账金额 | S3: 分摊至本项目比例 | T3: *本项目扣除金额 | U3: 情况说明 | V3: *成本对象类型 | W3: *普通住宅分摊金额 | X3: *非普通住宅分摊金额 | Y3: *其他类型房产分摊金额 | Z3: *分摊方法 | AA3: 分摊方法说明 | AB3: *是否可加计扣除
A4: 总计 | B4: * | C4: * | D4: * | E4: * | F4: * | G4: * | H4: * | I4: * | J4: * | K4: * | L4: * | M4: * | N4: =SUM(N$7:N$1048576) -> 81005716 | O4: =SUM(O$7:O$1048576) -> 79612955 | P4: =SUM(P$7:P$1048576) -> 79612955 | Q4: =SUM(Q$7:Q$1048576) -> -17430772 | R4: =SUM(R$7:R$1048576) -> 62182183 | S4: =IF(R5=0,"",ROUND(T5/R5,6)) -> 1 | T4: =SUM(T$7:T$1048576) -> 62182183 | U4: * | V4: * | W4: =SUM(W$7:W$1048576) -> 46685478 | X4: =SUM(X$7:X$1048576) -> 0 | Y4: =SUM(Y$7:Y$1048576) -> 15496705 | Z4: * | AA4: * | AB4: *
A5: 筛选小计 | B5: * | C5: * | D5: * | E5: * | F5: * | G5: * | H5: * | I5: * | J5: * | K5: * | L5: * | M5: * | N5: =SUBTOTAL(9,N$7:N$1048576) -> 48371966 | O5: =SUBTOTAL(9,O$7:O$1048576) -> 48371966 | P5: =SUBTOTAL(9,P$7:P$1048576) -> 48371966 | Q5: =SUBTOTAL(9,Q$7:Q$1048576) -> 72662 | R5: =SUBTOTAL(9,R$7:R$1048576) -> 48444628 | S5: =IF(SUM(R6)=0,"",ROUND(SUM(T6)/SUM(R6),6)) | T5: =SUBTOTAL(9,T$7:T$1048576) -> 48444628 | U5: * | V5: * | W5: =SUBTOTAL(9,W$7:W$1048576) -> 35330661 | X5: =SUBTOTAL(9,X$7:X$1048576) -> 0 | Y5: =SUBTOTAL(9,Y$7:Y$1048576) -> 13113967 | Z5: * | AA5: * | AB5: *
A6: 列次 | B6: 1 | C6: 2 | D6: 3 | E6: 4 | F6: 5 | G6: 6 | H6: 7 | I6: 8 | J6: 9 | K6: 10 | L6: 11 | M6: 12 | N6: 13 | O6: 14 | P6: 15 | Q6: 16 | R6: 17=15+16 | S6: 18 | T6: 19=17*18 | U6: 20 | V6: 21 | W6: 22 | X6: 23=19-22-24 | Y6: 24 | Z6: 25 | AA6: 26 | AB6: 27
A7: 1 | B7: 2013-4-28 | C7: 34 | D7: 取得土地使用权所支付的金额 | E7: 支付的土地出让金额 | K7: 非税收入票据 | L7: 837909080 | M7: 8775277491 | N7: 2590000 | O7: 2590000 | P7: 2590000 | R7: =P7+Q7 -> 2590000 | S7: =IFERROR(VLOOKUP(G7,'附表8-合同明细采集底稿'!B:M,12,0),100%) -> 1 | T7: =ROUND(SUM(R7)*SUM(S7),2) -> 2590000 | V7: 共同成本费用 | W7: =T7*'附表1-面积统计表'!$D$32/('附表1-面积统计表'!$D$32+'附表1-面积统计表'!$D$8) -> 2277028.9 | X7: =T7-W7-Y7 -> 0 | Y7: =IF(SUM('附表1-面积统计表'!$D$6)=0,SUM(T7)-SUM(W7),IF('附表1-面积统计表'!$D$29=0,"",IF(AND(V7="共同成本费用",Z7="总建筑面积法"),ROUND(T7/'附表1-面积统计表'!$D$29*'附表1-面积统计表'!$D$7,2),IF(AND(V7="共同成本费用",Z7="可售建筑面积法"),ROUND(T7/'附表1-面积统计表'!$F$29*'附表1-面积统计表'!$F$7,2),"请手工填写")))) -> 312971.08 | Z7: 其他合理方法 | AB7: 可加计
A8: 2 | B8: 2013-5-28 | C8: 24 | D8: 取得土地使用权所支付的金额 | E8: 支付的土地出让金额 | K8: 非税收入票据 | L8: 837909080 | M8: 8775277467 | N8: 1722150 | O8: 1722150 | P8: 1722150 | R8: =P8+Q8 -> 1722150 | S8: =IFERROR(VLOOKUP(G8,'附表8-合同明细采集底稿'!B:M,12,0),100%) -> 1 | T8: =ROUND(SUM(R8)*SUM(S8),2) -> 1722150 | V8: 共同成本费用 | W8: =T8*'附表1-面积统计表'!$D$32/('附表1-面积统计表'!$D$32+'附表1-面积统计表'!$D$8) -> 1514048.4 | X8: =T8-W8-Y8 -> 0 | Y8: =IF(SUM('附表1-面积统计表'!$D$6)=0,SUM(T8)-SUM(W8),IF('附表1-面积统计表'!$D$29=0,"",IF(AND(V8="共同成本费用",Z8="总建筑面积法"),ROUND(T8/'附表1-面积统计表'!$D$29*'附表1-面积统计表'!$D$7,2),IF(AND(V8="共同成本费用",Z8="可售建筑面积法"),ROUND(T8/'附表1-面积统计表'!$F$29*'附表1-面积统计表'!$F$7,2),"请手工填写")))) -> 208101.6 | Z8: 其他合理方法 | AB8: 可加计
A9: 3 | B9: 2013-11-20 | C9: 45 | D9: 取得土地使用权所支付的金额 | E9: 支付的土地出让金额 | K9: 非税收入票据 | L9: 837909080 | M9: 6975511087 | N9: 1722150 | O9: 1722150 | P9: 1722150 | R9: =P9+Q9 -> 1722150 | S9: =IFERROR(VLOOKUP(G9,'附表8-合同明细采集底稿'!B:M,12,0),100%) -> 1 | T9: =ROUND(SUM(R9)*SUM(S9),2) -> 1722150 | V9: 共同成本费用 | W9: =T9*'附表1-面积统计表'!$D$32/('附表1-面积统计表'!$D$32+'附表1-面积统计表'!$D$8) -> 1514048.4 | X9: =T9-W9-Y9 -> 0 | Y9: =IF(SUM('附表1-面积统计表'!$D$6)=0,SUM(T9)-SUM(W9),IF('附表1-面积统计表'!$D$29=0,"",IF(AND(V9="共同成本费用",Z9="总建筑面积法"),ROUND(T9/'附表1-面积统计表'!$D$29*'附表1-面积统计表'!$D$7,2),IF(AND(V9="共同成本费用",Z9="可售建筑面积法"),ROUND(T9/'附表1-面积统计表'!$F$29*'附表1-面积统计表'!$F$7,2),"请手工填写")))) -> 208101.6 | Z9: 其他合理方法 | AB9: 可加计
A10: 4 | B10: 2014-05-21 | C10: 44 | D10: 取得土地使用权所支付的金额 | E10: 支付的土地出让金额 | K10: 非税收入票据 | L10: 837909080 | M10: 6975511431 | N10: 2575000 | O10: 2575000 | P10: 2575000 | R10: =P10+Q10 -> 2575000 | S10: =IFERROR(VLOOKUP(G10,'附表8-合同明细采集底稿'!B:M,12,0),100%) -> 1 | T10: =ROUND(SUM(R10)*SUM(S10),2) -> 2575000 | V10: 共同成本费用 | W10: =T10*'附表1-面积统计表'!$D$32/('附表1-面积统计表'!$D$32+'附表1-面积统计表'!$D$8) -> 2263841.5 | X10: =T10-W10-Y10 -> 0 | Y10: =IF(SUM('附表1-面积统计表'!$D$6)=0,SUM(T10)-SUM(W10),IF('附表1-面积统计表'!$D$29=0,"",IF(AND(V10="共同成本费用",Z10="总建筑面积法"),ROUND(T10/'附表1-面积统计表'!$D$29*'附表1-面积统计表'!$D$7,2),IF(AND(V10="共同成本费用",Z10="可售建筑面积法"),ROUND(T10/'附表1-面积统计表'!$F$29*'附表1-面积统计表'!$F$7,2),"请手工填写")))) -> 311158.51 | Z10: 其他合理方法 | AB10: 可加计
A11: 5 | B11: 2013-6-28 | C11: 18 | D11: 取得土地使用权所支付的金额 | E11: 交纳的有关税费 | K11: 完税凭证 | L11: 0182125 | M11: 0182125 | N11: 258279 | O11: 258279 | P11: 258279 | Q11: 47428.87 | R11: =P11+Q11 -> 305707.87 | S11: =IFERROR(VLOOKUP(G11,'附表8-合同明细采集底稿'!B:M,12,0),100%) -> 1 | T11: =ROUND(SUM(R11)*SUM(S11),2) -> 305707.87 | V11: 共同成本费用 | W11: =T11*'附表1-面积统计表'!$D$32/('附表1-面积统计表'!$D$32+'附表1-面积统计表'!$D$8) -> 268766.66 | X11: =T11-W11-Y11 -> 0 | Y11: =IF(SUM('附表1-面积统计表'!$D$6)=0,SUM(T11)-SUM(W11),IF('附表1-面积统计表'!$D$29=0,"",IF(AND(V11="共同成本费用",Z11="总建筑面积法"),ROUND(T11/'附表1-面积统计表'!$D$29*'附表1-面积统计表'!$D$7,2),IF(AND(V11="共同成本费用",Z11="可售建筑面积法"),ROUND(T11/'附表1-面积统计表'!$F$29*'附表1-面积统计表'!$F$7,2),"请手工填写")))) -> 36941.206 | Z11: 其他合理方法 | AB11: 可加计
A12: 6 | B12: 2013-6-28 | C12: 28 | D12: 取得土地使用权所支付的金额 | E12: 交纳的有关税费 | K12: 营业税发票 | L12: 265001203201 | M12: 05799539 | N12: 35122 | O12: 35122 | P12: 35122 | Q12: =-35122 -> -35122 | R12: =P12+Q12 -> 0 | S12: =IFERROR(VLOOKUP(G12,'附表8-合同明细采集底稿'!B:M,12,0),100%) -> 1 | T12: =ROUND(SUM(R12)*SUM(S12),2) -> 0 | V12: 共同成本费用 | W12: 0 | X12: =T12-W12-Y12 -> 0 | Y12: =IF(SUM('附表1-面积统计表'!$D$6)=0,SUM(T12)-SUM(W12),IF('附表1-面积统计表'!$D$29=0,"",IF(AND(V12="共同成本费用",Z12="总建筑面积法"),ROUND(T12/'附表1-面积统计表'!$D$29*'附表1-面积统计表'!$D$7,2),IF(AND(V12="共同成本费用",Z12="可售建筑面积法"),ROUND(T12/'附表1-面积统计表'!$F$29*'附表1-面积统计表'!$F$7,2),"请手工填写")))) -> 0 | Z12: 其他合理方法 | AB12: 可加计
A13: 7 | B13: 2014-07-17 | C13: 31 | D13: 土地征用及拆迁补偿费 | E13: 拆迁补偿费 | K13: 其他凭据 | N13: 11000 | O13: 11000 | P13: 11000 | Q13: -11000 | R13: =P13+Q13 -> 0 | S13: =IFERROR(VLOOKUP(G13,'附表8-合同明细采集底稿'!B:M,12,0),100%) -> 1 | T13: =ROUND(SUM(R13)*SUM(S13),2) -> 0 | V13: 共同成本费用 | W13: =IF('附表1-面积统计表'!$D$29=0,"",IF(AND(V13="共同成本费用",Z13="总建筑面积法"),ROUND(T13/'附表1-面积统计表'!$D$29*'附表1-面积统计表'!$D$5,2),IF(AND(V13="共同成本费用",Z13="可售建筑面积法"),ROUND(T13/'附表1-面积统计表'!$F$29*'附表1-面积统计表'!$F$5,2),"请手工填写"))) -> 0 | X13: =T13-W13-Y13 -> 0 | Y13: =IF(SUM('附表1-面积统计表'!$D$6)=0,SUM(T13)-SUM(W13),IF('附表1-面积统计表'!$D$29=0,"",IF(AND(V13="共同成本费用",Z13="总建筑面积法"),ROUND(T13/'附表1-面积统计表'!$D$29*'附表1-面积统计表'!$D$7,2),IF(AND(V13="共同成本费用",Z13="可售建筑面积法"),ROUND(T13/'附表1-面积统计表'!$F$29*'附表1-面积统计表'!$F$7,2),"请手工填写")))) -> 0 | Z13: 可售建筑面积法 | AB13: 可加计
A14: 8 | B14: 2014-07-17 | C14: 40 | D14: 土地征用及拆迁补偿费 | E14: 拆迁补偿费 | K14: 其他凭据 | N14: 25000 | O14: 25000 | P14: 25000 | Q14: -25000 | R14: =P14+Q14 -> 0 | S14: =IFERROR(VLOOKUP(G14,'附表8-合同明细采集底稿'!B:M,12,0),100%) -> 1 | T14: =ROUND(SUM(R14)*SUM(S14),2) -> 0 | V14: 共同成本费用 | W14: =IF('附表1-面积统计表'!$D$29=0,"",IF(AND(V14="共同成本费用",Z14="总建筑面积法"),ROUND(T14/'附表1-面积统计表'!$D$29*'附表1-面积统计表'!$D$5,2),IF(AND(V14="共同成本费用",Z14="可售建筑面积法"),ROUND(T14/'附表1-面积统计表'!$F$29*'附表1-面积统计表'!$F$5,2),"请手工填写"))) -> 0 | X14: =T14-W14-Y14 -> 0 | Y14: =IF(SUM('附表1-面积统计表'!$D$6)=0,SUM(T14)-SUM(W14),IF('附表1-面积统计表'!$D$29=0,"",IF(AND(V14="共同成本费用",Z14="总建筑面积法"),ROUND(T14/'附表1-面积统计表'!$D$29*'附表1-面积统计表'!$D$7,2),IF(AND(V14="共同成本费用",Z14="可售建筑面积法"),ROUND(T14/'附表1-面积统计表'!$F$29*'附表1-面积统计表'!$F$7,2),"请手工填写")))) -> 0 | Z14: 可售建筑面积法 | AB14: 可加计
A15: 9 | B15: 2014-07-17 | C15: 41 | D15: 土地征用及拆迁补偿费 | E15: 拆迁补偿费 | K15: 其他凭据 | N15: 20000 | O15: 20000 | P15: 20000 | Q15: -20000 | R15: =P15+Q15 -> 0 | S15: =IFERROR(VLOOKUP(G15,'附表8-合同明细采集底稿'!B:M,12,0),100%) -> 1 | T15: =ROUND(SUM(R15)*SUM(S15),2) -> 0 | V15: 共同成本费用 | W15: =IF('附表1-面积统计表'!$D$29=0,"",IF(AND(V15="共同成本费用",Z15="总建筑面积法"),ROUND(T15/'附表1-面积统计表'!$D$29*'附表1-面积统计表'!$D$5,2),IF(AND(V15="共同成本费用",Z15="可售建筑面积法"),ROUND(T15/'附表1-面积统计表'!$F$29*'附表1-面积统计表'!$F$5,2),"请手工填写"))) -> 0 | X15: =T15-W15-Y15 -> 0 | Y15: =IF(SUM('附表1-面积统计表'!$D$6)=0,SUM(T15)-SUM(W15),IF('附表1-面积统计表'!$D$29=0,"",IF(AND(V15="共同成本费用",Z15="总建筑面积法"),ROUND(T15/'附表1-面积统计表'!$D$29*'附表1-面积统计表'!$D$7,2),IF(AND(V15="共同成本费用",Z15="可售建筑面积法"),ROUND(T15/'附表1-面积统计表'!$F$29*'附表1-面积统计表'!$F$7,2),"请手工填写")))) -> 0 | Z15: 可售建筑面积法 | AB15: 可加计
A16: 10 | B16: 2014-07-26 | C16: 49 | D16: 土地征用及拆迁补偿费 | E16: 拆迁补偿费 | K16: 其他凭据 | N16: 11000 | O16: 11000 | P16: 11000 | Q16: -11000 | R16: =P16+Q16 -> 0 | S16: =IFERROR(VLOOKUP(G16,'附表8-合同明细采集底稿'!B:M,12,0),100%) -> 1 | T16: =ROUND(SUM(R16)*SUM(S16),2) -> 0 | V16: 共同成本费用 | W16: =IF('附表1-面积统计表'!$D$29=0,"",IF(AND(V16="共同成本费用",Z16="总建筑面积法"),ROUND(T16/'附表1-面积统计表'!$D$29*'附表1-面积统计表'!$D$5,2),IF(AND(V16="共同成本费用",Z16="可售建筑面积法"),ROUND(T16/'附表1-面积统计表'!$F$29*'附表1-面积统计表'!$F$5,2),"请手工填写"))) -> 0 | X16: =T16-W16-Y16 -> 0 | Y16: =IF(SUM('附表1-面积统计表'!$D$6)=0,SUM(T16)-SUM(W16),IF('附表1-面积统计表'!$D$29=0,"",IF(AND(V16="共同成本费用",Z16="总建筑面积法"),ROUND(T16/'附表1-面积统计表'!$D$29*'附表1-面积统计表'!$D$7,2),IF(AND(V16="共同成本费用",Z16="可售建筑面积法"),ROUND(T16/'附表1-面积统计表'!$F$29*'附表1-面积统计表'!$F$7,2),"请手工填写")))) -> 0 | Z16: 可售建筑面积法 | AB16: 可加计
A17: 11 | B17: 2014-07-17 | C17: 39 | D17: 土地征用及拆迁补偿费 | E17: 拆迁补偿费 | K17: 其他凭据 | N17: 11000 | O17: 11000 | P17: 11000 | Q17: -11000 | R17: =P17+Q17 -> 0 | S17: =IFERROR(VLOOKUP(G17,'附表8-合同明细采集底稿'!B:M,12,0),100%) -> 1 | T17: =ROUND(SUM(R17)*SUM(S17),2) -> 0 | V17: 共同成本费用 | W17: =IF('附表1-面积统计表'!$D$29=0,"",IF(AND(V17="共同成本费用",Z17="总建筑面积法"),ROUND(T17/'附表1-面积统计表'!$D$29*'附表1-面积统计表'!$D$5,2),IF(AND(V17="共同成本费用",Z17="可售建筑面积法"),ROUND(T17/'附表1-面积统计表'!$F$29*'附表1-面积统计表'!$F$5,2),"请手工填写"))) -> 0 | X17: =T17-W17-Y17 -> 0 | Y17: =IF(SUM('附表1-面积统计表'!$D$6)=0,SUM(T17)-SUM(W17),IF('附表1-面积统计表'!$D$29=0,"",IF(AND(V17="共同成本费用",Z17="总建筑面积法"),ROUND(T17/'附表1-面积统计表'!$D$29*'附表1-面积统计表'!$D$7,2),IF(AND(V17="共同成本费用",Z17="可售建筑面积法"),ROUND(T17/'附表1-面积统计表'!$F$29*'附表1-面积统计表'!$F$7,2),"请手工填写")))) -> 0 | Z17: 可售建筑面积法 | AB17: 可加计
A18: 12 | B18: 2014-07-17 | C18: 43 | D18: 土地征用及拆迁补偿费 | E18: 拆迁补偿费 | K18: 其他凭据 | N18: 18000 | O18: 18000 | P18: 18000 | Q18: -18000 | R18: =P18+Q18 -> 0 | S18: =IFERROR(VLOOKUP(G18,'附表8-合同明细采集底稿'!B:M,12,0),100%) -> 1 | T18: =ROUND(SUM(R18)*SUM(S18),2) -> 0 | V18: 共同成本费用 | W18: =IF('附表1-面积统计表'!$D$29=0,"",IF(AND(V18="共同成本费用",Z18="总建筑面积法"),ROUND(T18/'附表1-面积统计表'!$D$29*'附表1-面积统计表'!$D$5,2),IF(AND(V18="共同成本费用",Z18="可售建筑面积法"),ROUND(T18/'附表1-面积统计表'!$F$29*'附表1-面积统计表'!$F$5,2),"请手工填写"))) -> 0 | X18: =T18-W18-Y18 -> 0 | Y18: =IF(SUM('附表1-面积统计表'!$D$6)=0,SUM(T18)-SUM(W18),IF('附表1-面积统计表'!$D$29=0,"",IF(AND(V18="共同成本费用",Z18="总建筑面积法"),ROUND(T18/'附表1-面积统计表'!$D$29*'附表1-面积统计表'!$D$7,2),IF(AND(V18="共同成本费用",Z18="可售建筑面积法"),ROUND(T18/'附表1-面积统计表'!$F$29*'附表1-面积统计表'!$F$7,2),"请手工填写")))) -> 0 | Z18: 可售建筑面积法 | AB18: 可加计
A19: 13 | B19: 2014-07-17 | C19: 44 | D19: 土地征用及拆迁补偿费 | E19: 拆迁补偿费 | K19: 其他凭据 | N19: 20000 | O19: 20000 | P19: 20000 | Q19: -20000 | R19: =P19+Q19 -> 0 | S19: =IFERROR(VLOOKUP(G19,'附表8-合同明细采集底稿'!B:M,12,0),100%) -> 1 | T19: =ROUND(SUM(R19)*SUM(S19),2) -> 0 | V19: 共同成本费用 | W19: =IF('附表1-面积统计表'!$D$29=0,"",IF(AND(V19="共同成本费用",Z19="总建筑面积法"),ROUND(T19/'附表1-面积统计表'!$D$29*'附表1-面积统计表'!$D$5,2),IF(AND(V19="共同成本费用",Z19="可售建筑面积法"),ROUND(T19/'附表1-面积统计表'!$F$29*'附表1-面积统计表'!$F$5,2),"请手工填写"))) -> 0 | X19: =T19-W19-Y19 -> 0 | Y19: =IF(SUM('附表1-面积统计表'!$D$6)=0,SUM(T19)-SUM(W19),IF('附表1-面积统计表'!$D$29=0,"",IF(AND(V19="共同成本费用",Z19="总建筑面积法"),ROUND(T19/'附表1-面积统计表'!$D$29*'附表1-面积统计表'!$D$7,2),IF(AND(V19="共同成本费用",Z19="可售建筑面积法"),ROUND(T19/'附表1-面积统计表'!$F$29*'附表1-面积统计表'!$F$7,2),"请手工填写")))) -> 0 | Z19: 可售建筑面积法 | AB19: 可加计
A20: 14 | B20: 2014-07-17 | C20: 35 | D20: 土地征用及拆迁补偿费 | E20: 拆迁补偿费 | K20: 其他凭据 | N20: 13000 | O20: 13000 | P20: 13000 | Q20: -13000 | R20: =P20+Q20 -> 0 | S20: =IFERROR(VLOOKUP(G20,'附表8-合同明细采集底稿'!B:M,12,0),100%) -> 1 | T20: =ROUND(SUM(R20)*SUM(S20),2) -> 0 | V20: 共同成本费用 | W20: =IF('附表1-面积统计表'!$D$29=0,"",IF(AND(V20="共同成本费用",Z20="总建筑面积法"),ROUND(T20/'附表1-面积统计表'!$D$29*'附表1-面积统计表'!$D$5,2),IF(AND(V20="共同成本费用",Z20="可售建筑面积法"),ROUND(T20/'附表1-面积统计表'!$F$29*'附表1-面积统计表'!$F$5,2),"请手工填写"))) -> 0 | X20: =T20-W20-Y20 -> 0 | Y20: =IF(SUM('附表1-面积统计表'!$D$6)=0,SUM(T20)-SUM(W20),IF('附表1-面积统计表'!$D$29=0,"",IF(AND(V20="共同成本费用",Z20="总建筑面积法"),ROUND(T20/'附表1-面积统计表'!$D$29*'附表1-面积统计表'!$D$7,2),IF(AND(V20="共同成本费用",Z20="可售建筑面积法"),ROUND(T20/'附表1-面积统计表'!$F$29*'附表1-面积统计表'!$F$7,2),"请手工填写")))) -> 0 | Z20: 可售建筑面积法 | AB20: 可加计
A21: 15 | B21: 2014-07-17 | C21: 36 | D21: 土地征用及拆迁补偿费 | E21: 拆迁补偿费 | K21: 其他凭据 | N21: 20000 | O21: 20000 | P21: 20000 | Q21: -20000 | R21: =P21+Q21 -> 0 | S21: =IFERROR(VLOOKUP(G21,'附表8-合同明细采集底稿'!B:M,12,0),100%) -> 1 | T21: =ROUND(SUM(R21)*SUM(S21),2) -> 0 | V21: 共同成本费用 | W21: =IF('附表1-面积统计表'!$D$29=0,"",IF(AND(V21="共同成本费用",Z21="总建筑面积法"),ROUND(T21/'附表1-面积统计表'!$D$29*'附表1-面积统计表'!$D$5,2),IF(AND(V21="共同成本费用",Z21="可售建筑面积法"),ROUND(T21/'附表1-面积统计表'!$F$29*'附表1-面积统计表'!$F$5,2),"请手工填写"))) -> 0 | X21: =T21-W21-Y21 -> 0 | Y21: =IF(SUM('附表1-面积统计表'!$D$6)=0,SUM(T21)-SUM(W21),IF('附表1-面积统计表'!$D$29=0,"",IF(AND(V21="共同成本费用",Z21="总建筑面积法"),ROUND(T21/'附表1-面积统计表'!$D$29*'附表1-面积统计表'!$D$7,2),IF(AND(V21="共同成本费用",Z21="可售建筑面积法"),ROUND(T21/'附表1-面积统计表'!$F$29*'附表1-面积统计表'!$F$7,2),"请手工填写")))) -> 0 | Z21: 可售建筑面积法 | AB21: 可加计
A22: 16 | B22: 2014-07-17 | C22: 37 | D22: 土地征用及拆迁补偿费 | E22: 拆迁补偿费 | K22: 其他凭据 | N22: 19000 | O22: 19000 | P22: 19000 | Q22: -19000 | R22: =P22+Q22 -> 0 | S22: =IFERROR(VLOOKUP(G22,'附表8-合同明细采集底稿'!B:M,12,0),100%) -> 1 | T22: =ROUND(SUM(R22)*SUM(S22),2) -> 0 | V22: 共同成本费用 | W22: =IF('附表1-面积统计表'!$D$29=0,"",IF(AND(V22="共同成本费用",Z22="总建筑面积法"),ROUND(T22/'附表1-面积统计表'!$D$29*'附表1-面积统计表'!$D$5,2),IF(AND(V22="共同成本费用",Z22="可售建筑面积法"),ROUND(T22/'附表1-面积统计表'!$F$29*'附表1-面积统计表'!$F$5,2),"请手工填写"))) -> 0 | X22: =T22-W22-Y22 -> 0 | Y22: =IF(SUM('附表1-面积统计表'!$D$6)=0,SUM(T22)-SUM(W22),IF('附表1-面积统计表'!$D$29=0,"",IF(AND(V22="共同成本费用",Z22="总建筑面积法"),ROUND(T22/'附表1-面积统计表'!$D$29*'附表1-面积统计表'!$D$7,2),IF(AND(V22="共同成本费用",Z22="可售建筑面积法"),ROUND(T22/'附表1-面积统计表'!$F$29*'附表1-面积统计表'!$F$7,2),"请手工填写")))) -> 0 | Z22: 可售建筑面积法 | AB22: 可加计
A23: 17 | B23: 2014-07-17 | C23: 42 | D23: 土地征用及拆迁补偿费 | E23: 拆迁补偿费 | K23: 其他凭据 | N23: 19000 | O23: 19000 | P23: 19000 | Q23: -19000 | R23: =P23+Q23 -> 0 | S23: =IFERROR(VLOOKUP(G23,'附表8-合同明细采集底稿'!B:M,12,0),100%) -> 1 | T23: =ROUND(SUM(R23)*SUM(S23),2) -> 0 | V23: 共同成本费用 | W23: =IF('附表1-面积统计表'!$D$29=0,"",IF(AND(V23="共同成本费用",Z23="总建筑面积法"),ROUND(T23/'附表1-面积统计表'!$D$29*'附表1-面积统计表'!$D$5,2),IF(AND(V23="共同成本费用",Z23="可售建筑面积法"),ROUND(T23/'附表1-面积统计表'!$F$29*'附表1-面积统计表'!$F$5,2),"请手工填写"))) -> 0 | X23: =T23-W23-Y23 -> 0 | Y23: =IF(SUM('附表1-面积统计表'!$D$6)=0,SUM(T23)-SUM(W23),IF('附表1-面积统计表'!$D$29=0,"",IF(AND(V23="共同成本费用",Z23="总建筑面积法"),ROUND(T23/'附表1-面积统计表'!$D$29*'附表1-面积统计表'!$D$7,2),IF(AND(V23="共同成本费用",Z23="可售建筑面积法"),ROUND(T23/'附表1-面积统计表'!$F$29*'附表1-面积统计表'!$F$7,2),"请手工填写")))) -> 0 | Z23: 可售建筑面积法 | AB23: 可加计
A24: 18 | B24: 2014-07-17 | C24: 63 | D24: 土地征用及拆迁补偿费 | E24: 拆迁补偿费 | K24: 其他凭据 | N24: 6000 | O24: 6000 | P24: 6000 | Q24: -6000 | R24: =P24+Q24 -> 0 | S24: =IFERROR(VLOOKUP(G24,'附表8-合同明细采集底稿'!B:M,12,0),100%) -> 1 | T24: =ROUND(SUM(R24)*SUM(S24),2) -> 0 | V24: 共同成本费用 | W24: =IF('附表1-面积统计表'!$D$29=0,"",IF(AND(V24="共同成本费用",Z24="总建筑面积法"),ROUND(T24/'附表1-面积统计表'!$D$29*'附表1-面积统计表'!$D$5,2),IF(AND(V24="共同成本费用",Z24="可售建筑面积法"),ROUND(T24/'附表1-面积统计表'!$F$29*'附表1-面积统计表'!$F$5,2),"请手工填写"))) -> 0 | X24: =T24-W24-Y24 -> 0 | Y24: =IF(SUM('附表1-面积统计表'!$D$6)=0,SUM(T24)-SUM(W24),IF('附表1-面积统计表'!$D$29=0,"",IF(AND(V24="共同成本费用",Z24="总建筑面积法"),ROUND(T24/'附表1-面积统计表'!$D$29*'附表1-面积统计表'!$D$7,2),IF(AND(V24="共同成本费用",Z24="可售建筑面积法"),ROUND(T24/'附表1-面积统计表'!$F$29*'附表1-面积统计表'!$F$7,2),"请手工填写")))) -> 0 | Z24: 可售建筑面积法 | AB24: 可加计
... A36: 30 | B36: 2014-10-31 | C36: 112 | D36: 土地征用及拆迁补偿费 | E36: 拆迁补偿费 | K36: 其他凭据 | N36: -6000 | O36: -6000 | P36: -6000 | Q36: 6000 | R36: =P36+Q36 -> 0 | S36: =IFERROR(VLOOKUP(G36,'附表8-合同明细采集底稿'!B:M,12,0),100%) -> 1 | T36: =ROUND(SUM(R36)*SUM(S36),2) -> 0 | V36: 共同成本费用 | W36: =IF('附表1-面积统计表'!$D$29=0,"",IF(AND(V36="共同成本费用",Z36="总建筑面积法"),ROUND(T36/'附表1-面积统计表'!$D$29*'附表1-面积统计表'!$D$5,2),IF(AND(V36="共同成本费用",Z36="可售建筑面积法"),ROUND(T36/'附表1-面积统计表'!$F$29*'附表1-面积统计表'!$F$5,2),"请手工填写"))) -> 0 | X36: =T36-W36-Y36 -> 0 | Y36: =IF(SUM('附表1-面积统计表'!$D$6)=0,SUM(T36)-SUM(W36),IF('附表1-面积统计表'!$D$29=0,"",IF(AND(V36="共同成本费用",Z36="总建筑面积法"),ROUND(T36/'附表1-面积统计表'!$D$29*'附表1-面积统计表'!$D$7,2),IF(AND(V36="共同成本费用",Z36="可售建筑面积法"),ROUND(T36/'附表1-面积统计表'!$F$29*'附表1-面积统计表'!$F$7,2),"请手工填写")))) -> 0 | Z36: 可售建筑面积法 | AB36: 可加计
A37: 31 | B37: 2015-07-22 | C37: 59 | D37: 土地征用及拆迁补偿费 | E37: 其他土地征用及拆迁补偿费 | K37: 完税凭证 | M37: 新地银1011901 | N37: 36231.61 | O37: 36231.61 | P37: 36231.61 | Q37: -36231.61 | R37: =P37+Q37 -> 0 | S37: =IFERROR(VLOOKUP(G37,'附表8-合同明细采集底稿'!B:M,12,0),100%) -> 1 | T37: =ROUND(SUM(R37)*SUM(S37),2) -> 0 | V37: 共同成本费用 | W37: =IF('附表1-面积统计表'!$D$29=0,"",IF(AND(V37="共同成本费用",Z37="总建筑面积法"),ROUND(T37/'附表1-面积统计表'!$D$29*'附表1-面积统计表'!$D$5,2),IF(AND(V37="共同成本费用",Z37="可售建筑面积法"),ROUND(T37/'附表1-面积统计表'!$F$29*'附表1-面积统计表'!$F$5,2),"请手工填写"))) -> 0 | X37: =T37-W37-Y37 -> 0 | Y37: =IF(SUM('附表1-面积统计表'!$D$6)=0,SUM(T37)-SUM(W37),IF('附表1-面积统计表'!$D$29=0,"",IF(AND(V37="共同成本费用",Z37="总建筑面积法"),ROUND(T37/'附表1-面积统计表'!$D$29*'附表1-面积统计表'!$D$7,2),IF(AND(V37="共同成本费用",Z37="可售建筑面积法"),ROUND(T37/'附表1-面积统计表'!$F$29*'附表1-面积统计表'!$F$7,2),"请手工填写")))) -> 0 | Z37: 可售建筑面积法 | AB37: 可加计
A38: 32 | B38: 2017-01-12 | C38: 40 | D38: 土地征用及拆迁补偿费 | E38: 其他土地征用及拆迁补偿费 | K38: 完税凭证 | M38: 新地银02214897 | N38: 92134.38 | O38: 92134.38 | P38: 92134.38 | Q38: -92134.38 | R38: =P38+Q38 -> 0 | S38: =IFERROR(VLOOKUP(G38,'附表8-合同明细采集底稿'!B:M,12,0),100%) -> 1 | T38: =ROUND(SUM(R38)*SUM(S38),2) -> 0 | V38: 共同成本费用 | W38: =IF('附表1-面积统计表'!$D$29=0,"",IF(AND(V38="共同成本费用",Z38="总建筑面积法"),ROUND(T38/'附表1-面积统计表'!$D$29*'附表1-面积统计表'!$D$5,2),IF(AND(V38="共同成本费用",Z38="可售建筑面积法"),ROUND(T38/'附表1-面积统计表'!$F$29*'附表1-面积统计表'!$F$5,2),"请手工填写"))) -> 0 | X38: =T38-W38-Y38 -> 0 | Y38: =IF(SUM('附表1-面积统计表'!$D$6)=0,SUM(T38)-SUM(W38),IF('附表1-面积统计表'!$D$29=0,"",IF(AND(V38="共同成本费用",Z38="总建筑面积法"),ROUND(T38/'附表1-面积统计表'!$D$29*'附表1-面积统计表'!$D$7,2),IF(AND(V38="共同成本费用",Z38="可售建筑面积法"),ROUND(T38/'附表1-面积统计表'!$F$29*'附表1-面积统计表'!$F$7,2),"请手工填写")))) -> 0 | Z38: 可售建筑面积法 | AB38: 可加计
A39: 33 | B39: 2017-04-13 | C39: 25 | D39: 土地征用及拆迁补偿费 | E39: 其他土地征用及拆迁补偿费 | K39: 完税凭证 | M39: 新地银02220516 | N39: 10423.35 | O39: 10423.35 | P39: 10423.35 | Q39: -10423.35 | R39: =P39+Q39 -> 0 | S39: =IFERROR(VLOOKUP(G39,'附表8-合同明细采集底稿'!B:M,12,0),100%) -> 1 | T39: =ROUND(SUM(R39)*SUM(S39),2) -> 0 | V39: 共同成本费用 | W39: =IF('附表1-面积统计表'!$D$29=0,"",IF(AND(V39="共同成本费用",Z39="总建筑面积法"),ROUND(T39/'附表1-面积统计表'!$D$29*'附表1-面积统计表'!$D$5,2),IF(AND(V39="共同成本费用",Z39="可售建筑面积法"),ROUND(T39/'附表1-面积统计表'!$F$29*'附表1-面积统计表'!$F$5,2),"请手工填写"))) -> 0 | X39: =T39-W39-Y39 -> 0 | Y39: =IF(SUM('附表1-面积统计表'!$D$6)=0,SUM(T39)-SUM(W39),IF('附表1-面积统计表'!$D$29=0,"",IF(AND(V39="共同成本费用",Z39="总建筑面积法"),ROUND(T39/'附表1-面积统计表'!$D$29*'附表1-面积统计表'!$D$7,2),IF(AND(V39="共同成本费用",Z39="可售建筑面积法"),ROUND(T39/'附表1-面积统计表'!$F$29*'附表1-面积统计表'!$F$7,2),"请手工填写")))) -> 0 | Z39: 可售建筑面积法 | AB39: 可加计
A40: 34 | B40: 2012-9-17 | C40: 5 | D40: 前期工程费 | E40: 设计费用 | J40: 四川自力建筑勘测设计有限公司库尔勒分公司 | K40: 营业税发票 | L40: 265001103201 | M40: 12308781 | N40: 94800 | O40: 94800 | P40: 94800 | R40: =P40+Q40 -> 94800 | S40: =IFERROR(VLOOKUP(G40,'附表8-合同明细采集底稿'!B:M,12,0),100%) -> 1 | T40: =ROUND(SUM(R40)*SUM(S40),2) -> 94800 | V40: 共同成本费用 | W40: =IF('附表1-面积统计表'!$D$29=0,"",IF(AND(V40="共同成本费用",Z40="总建筑面积法"),ROUND(T40/'附表1-面积统计表'!$D$29*'附表1-面积统计表'!$D$5,2),IF(AND(V40="共同成本费用",Z40="可售建筑面积法"),ROUND(T40/'附表1-面积统计表'!$F$29*'附表1-面积统计表'!$F$5,2),"请手工填写"))) -> 69137.63 | X40: =T40-W40-Y40 -> 0 | Y40: =IF(SUM('附表1-面积统计表'!$D$6)=0,SUM(T40)-SUM(W40),IF('附表1-面积统计表'!$D$29=0,"",IF(AND(V40="共同成本费用",Z40="总建筑面积法"),ROUND(T40/'附表1-面积统计表'!$D$29*'附表1-面积统计表'!$D$7,2),IF(AND(V40="共同成本费用",Z40="可售建筑面积法"),ROUND(T40/'附表1-面积统计表'!$F$29*'附表1-面积统计表'!$F$7,2),"请手工填写")))) -> 25662.37 | Z40: 可售建筑面积法 | AB40: 可加计
A41: 35 | B41: 2012-11-06 | C41: 2 | D41: 前期工程费 | E41: 设计费用 | J41: 库尔勒开拓规划设计研究院 | K41: 营业税发票 | L41: 265001103201 | M41: 12347365 | N41: 8000 | O41: 8000 | P41: 8000 | R41: =P41+Q41 -> 8000 | S41: =IFERROR(VLOOKUP(G41,'附表8-合同明细采集底稿'!B:M,12,0),100%) -> 1 | T41: =ROUND(SUM(R41)*SUM(S41),2) -> 8000 | V41: 共同成本费用 | W41: =IF('附表1-面积统计表'!$D$29=0,"",IF(AND(V41="共同成本费用",Z41="总建筑面积法"),ROUND(T41/'附表1-面积统计表'!$D$29*'附表1-面积统计表'!$D$5,2),IF(AND(V41="共同成本费用",Z41="可售建筑面积法"),ROUND(T41/'附表1-面积统计表'!$F$29*'附表1-面积统计表'!$F$5,2),"请手工填写"))) -> 5834.4 | X41: =T41-W41-Y41 -> 0 | Y41: =IF(SUM('附表1-面积统计表'!$D$6)=0,SUM(T41)-SUM(W41),IF('附表1-面积统计表'!$D$29=0,"",IF(AND(V41="共同成本费用",Z41="总建筑面积法"),ROUND(T41/'附表1-面积统计表'!$D$29*'附表1-面积统计表'!$D$7,2),IF(AND(V41="共同成本费用",Z41="可售建筑面积法"),ROUND(T41/'附表1-面积统计表'!$F$29*'附表1-面积统计表'!$F$7,2),"请手工填写")))) -> 2165.6 | Z41: 可售建筑面积法 | AB41: 可加计
A42: 36 | B42: 2012-12-31 | C42: 31 | D42: 前期工程费 | E42: 设计费用 | J42: 西部建筑抗震勘察设计研究院新疆分院 | K42: 营业税发票 | L42: 265001002901 | M42: 380795 | N42: 12500 | O42: 12500 | P42: 12500 | Q42: -12500 | R42: =P42+Q42 -> 0 | S42: =IFERROR(VLOOKUP(G42,'附表8-合同明细采集底稿'!B:M,12,0),100%) -> 1 | T42: =ROUND(SUM(R42)*SUM(S42),2) -> 0 | V42: 共同成本费用 | W42: =IF('附表1-面积统计表'!$D$29=0,"",IF(AND(V42="共同成本费用",Z42="总建筑面积法"),ROUND(T42/'附表1-面积统计表'!$D$29*'附表1-面积统计表'!$D$5,2),IF(AND(V42="共同成本费用",Z42="可售建筑面积法"),ROUND(T42/'附表1-面积统计表'!$F$29*'附表1-面积统计表'!$F$5,2),"请手工填写"))) -> 0 | X42: =T42-W42-Y42 -> 0 | Y42: =IF(SUM('附表1-面积统计表'!$D$6)=0,SUM(T42)-SUM(W42),IF('附表1-面积统计表'!$D$29=0,"",IF(AND(V42="共同成本费用",Z42="总建筑面积法"),ROUND(T42/'附表1-面积统计表'!$D$29*'附表1-面积统计表'!$D$7,2),IF(AND(V42="共同成本费用",Z42="可售建筑面积法"),ROUND(T42/'附表1-面积统计表'!$F$29*'附表1-面积统计表'!$F$7,2),"请手工填写")))) -> 0 | Z42: 可售建筑面积法 | AB42: 可加计
A43: 37 | B43: 2012-12-31 | C43: 31 | D43: 前期工程费 | E43: 设计费用 | J43: 新疆电力设计院 | K43: 营业税发票 | L43: 265001002901 | M43: 380796 | N43: 79080 | O43: 79080 | P43: 79080 | Q43: -79080 | R43: =P43+Q43 -> 0 | S43: =IFERROR(VLOOKUP(G43,'附表8-合同明细采集底稿'!B:M,12,0),100%) -> 1 | T43: =ROUND(SUM(R43)*SUM(S43),2) -> 0 | V43: 共同成本费用 | W43: =IF('附表1-面积统计表'!$D$29=0,"",IF(AND(V43="共同成本费用",Z43="总建筑面积法"),ROUND(T43/'附表1-面积统计表'!$D$29*'附表1-面积统计表'!$D$5,2),IF(AND(V43="共同成本费用",Z43="可售建筑面积法"),ROUND(T43/'附表1-面积统计表'!$F$29*'附表1-面积统计表'!$F$5,2),"请手工填写"))) -> 0 | X43: =T43-W43-Y43 -> 0 | Y43: =IF(SUM('附表1-面积统计表'!$D$6)=0,SUM(T43)-SUM(W43),IF('附表1-面积统计表'!$D$29=0,"",IF(AND(V43="共同成本费用",Z43="总建筑面积法"),ROUND(T43/'附表1-面积统计表'!$D$29*'附表1-面积统计表'!$D$7,2),IF(AND(V43="共同成本费用",Z43="可售建筑面积法"),ROUND(T43/'附表1-面积统计表'!$F$29*'附表1-面积统计表'!$F$7,2),"请手工填写")))) -> 0 | Z43: 可售建筑面积法 | AB43: 可加计
A44: 38 | B44: 2013-01-20 | C44: 3 | D44: 前期工程费 | E44: 设计费用 | J44: 库尔勒开拓规划设计研究院 | K44: 营业税发票 | L44: 265001203201 | M44: 589750 | N44: 500 | O44: 500 | P44: 500 | R44: =P44+Q44 -> 500 | S44: =IFERROR(VLOOKUP(G44,'附表8-合同明细采集底稿'!B:M,12,0),100%) -> 1 | T44: =ROUND(SUM(R44)*SUM(S44),2) -> 500 | V44: 共同成本费用 | W44: =IF('附表1-面积统计表'!$D$29=0,"",IF(AND(V44="共同成本费用",Z44="总建筑面积法"),ROUND(T44/'附表1-面积统计表'!$D$29*'附表1-面积统计表'!$D$5,2),IF(AND(V44="共同成本费用",Z44="可售建筑面积法"),ROUND(T44/'附表1-面积统计表'!$F$29*'附表1-面积统计表'!$F$5,2),"请手工填写"))) -> 364.65 | X44: =T44-W44-Y44 -> 0 | Y44: =IF(SUM('附表1-面积统计表'!$D$6)=0,SUM(T44)-SUM(W44),IF('附表1-面积统计表'!$D$29=0,"",IF(AND(V44="共同成本费用",Z44="总建筑面积法"),ROUND(T44/'附表1-面积统计表'!$D$29*'附表1-面积统计表'!$D$7,2),IF(AND(V44="共同成本费用",Z44="可售建筑面积法"),ROUND(T44/'附表1-面积统计表'!$F$29*'附表1-面积统计表'!$F$7,2),"请手工填写")))) -> 135.35 | Z44: 可售建筑面积法 | AB44: 可加计
A45: 39 | B45: 2013-01-30 | C45: 15 | D45: 前期工程费 | E45: 设计费用 | J45: 库尔勒开拓规划设计研究院 | K45: 营业税发票 | L45: 265001203201 | M45: 00589747 | N45: 144 | O45: 144 | P45: 144 | R45: =P45+Q45 -> 144 | S45: =IFERROR(VLOOKUP(G45,'附表8-合同明细采集底稿'!B:M,12,0),100%) -> 1 | T45: =ROUND(SUM(R45)*SUM(S45),2) -> 144 | V45: 共同成本费用 | W45: =IF('附表1-面积统计表'!$D$29=0,"",IF(AND(V45="共同成本费用",Z45="总建筑面积法"),ROUND(T45/'附表1-面积统计表'!$D$29*'附表1-面积统计表'!$D$5,2),IF(AND(V45="共同成本费用",Z45="可售建筑面积法"),ROUND(T45/'附表1-面积统计表'!$F$29*'附表1-面积统计表'!$F$5,2),"请手工填写"))) -> 105.02 | X45: =T45-W45-Y45 -> 0 | Y45: =IF(SUM('附表1-面积统计表'!$D$6)=0,SUM(T45)-SUM(W45),IF('附表1-面积统计表'!$D$29=0,"",IF(AND(V45="共同成本费用",Z45="总建筑面积法"),ROUND(T45/'附表1-面积统计表'!$D$29*'附表1-面积统计表'!$D$7,2),IF(AND(V45="共同成本费用",Z45="可售建筑面积法"),ROUND(T45/'附表1-面积统计表'!$F$29*'附表1-面积统计表'!$F$7,2),"请手工填写")))) -> 38.98 | Z45: 可售建筑面积法 | AB45: 可加计
A46: 40 | B46: 2013-05-28 | C46: 11 | D46: 前期工程费 | E46: 设计费用 | J46: 库尔勒开拓规划设计研究院 | K46: 营业税发票 | L46: 265001203201 | M46: 05824488 | N46: 160 | O46: 160 | P46: 160 | R46: =P46+Q46 -> 160 | S46: =IFERROR(VLOOKUP(G46,'附表8-合同明细采集底稿'!B:M,12,0),100%) -> 1 | T46: =ROUND(SUM(R46)*SUM(S46),2) -> 160 | V46: 共同成本费用 | W46: =IF('附表1-面积统计表'!$D$29=0,"",IF(AND(V46="共同成本费用",Z46="总建筑面积法"),ROUND(T46/'附表1-面积统计表'!$D$29*'附表1-面积统计表'!$D$5,2),IF(AND(V46="共同成本费用",Z46="可售建筑面积法"),ROUND(T46/'附表1-面积统计表'!$F$29*'附表1-面积统计表'!$F$5,2),"请手工填写"))) -> 116.69 | X46: =T46-W46-Y46 -> 0 | Y46: =IF(SUM('附表1-面积统计表'!$D$6)=0,SUM(T46)-SUM(W46),IF('附表1-面积统计表'!$D$29=0,"",IF(AND(V46="共同成本费用",Z46="总建筑面积法"),ROUND(T46/'附表1-面积统计表'!$D$29*'附表1-面积统计表'!$D$7,2),IF(AND(V46="共同成本费用",Z46="可售建筑面积法"),ROUND(T46/'附表1-面积统计表'!$F$29*'附表1-面积统计表'!$F$7,2),"请手工填写")))) -> 43.31 | Z46: 可售建筑面积法 | AB46: 可加计
A47: 41 | B47: 2013-07-30 | C47: 30 | D47: 前期工程费 | E47: 设计费用 | J47: 库尔勒开拓规划设计研究院 | K47: 营业税发票 | L47: 265001203201 | M47: 05798880 | N47: 128 | O47: 128 | P47: 128 | R47: =P47+Q47 -> 128 | S47: =IFERROR(VLOOKUP(G47,'附表8-合同明细采集底稿'!B:M,12,0),100%) -> 1 | T47: =ROUND(SUM(R47)*SUM(S47),2) -> 128 | V47: 共同成本费用 | W47: =IF('附表1-面积统计表'!$D$29=0,"",IF(AND(V47="共同成本费用",Z47="总建筑面积法"),ROUND(T47/'附表1-面积统计表'!$D$29*'附表1-面积统计表'!$D$5,2),IF(AND(V47="共同成本费用",Z47="可售建筑面积法"),ROUND(T47/'附表1-面积统计表'!$F$29*'附表1-面积统计表'!$F$5,2),"请手工填写"))) -> 93.35 | X47: =T47-W47-Y47 -> 0 | Y47: =IF(SUM('附表1-面积统计表'!$D$6)=0,SUM(T47)-SUM(W47),IF('附表1-面积统计表'!$D$29=0,"",IF(AND(V47="共同成本费用",Z47="总建筑面积法"),ROUND(T47/'附表1-面积统计表'!$D$29*'附表1-面积统计表'!$D$7,2),IF(AND(V47="共同成本费用",Z47="可售建筑面积法"),ROUND(T47/'附表1-面积统计表'!$F$29*'附表1-面积统计表'!$F$7,2),"请手工填写")))) -> 34.65 | Z47: 可售建筑面积法 | AB47: 可加计
A48: 42 | B48: 2013-11-08 | C48: 17 | D48: 前期工程费 | E48: 设计费用 | J48: 四川自力建筑勘测设计有限公司库尔勒分公司 | K48: 营业税发票 | L48: 165001302398 | M48: 04697240 04697242 04697241 | N48: 285000 | O48: 285000 | P48: 285000 | Q48: -600 | R48: =P48+Q48 -> 284400 | S48: =IFERROR(VLOOKUP(G48,'附表8-合同明细采集底稿'!B:M,12,0),100%) -> 1 | T48: =ROUND(SUM(R48)*SUM(S48),2) -> 284400 | V48: 共同成本费用 | W48: =IF('附表1-面积统计表'!$D$29=0,"",IF(AND(V48="共同成本费用",Z48="总建筑面积法"),ROUND(T48/'附表1-面积统计表'!$D$29*'附表1-面积统计表'!$D$5,2),IF(AND(V48="共同成本费用",Z48="可售建筑面积法"),ROUND(T48/'附表1-面积统计表'!$F$29*'附表1-面积统计表'!$F$5,2),"请手工填写"))) -> 207412.88 | X48: =T48-W48-Y48 -> 0 | Y48: =IF(SUM('附表1-面积统计表'!$D$6)=0,SUM(T48)-SUM(W48),IF('附表1-面积统计表'!$D$29=0,"",IF(AND(V48="共同成本费用",Z48="总建筑面积法"),ROUND(T48/'附表1-面积统计表'!$D$29*'附表1-面积统计表'!$D$7,2),IF(AND(V48="共同成本费用",Z48="可售建筑面积法"),ROUND(T48/'附表1-面积统计表'!$F$29*'附表1-面积统计表'!$F$7,2),"请手工填写")))) -> 76987.12 | Z48: 可售建筑面积法 | AB48: 可加计
A49: 43 | B49: 2014-01-08 | C49: 27 | D49: 前期工程费 | E49: 设计费用 | J49: 四川自力建筑勘测设计有限公司库尔勒分公司 | K49: 营业税发票 | L49: 165001302398 | M49: 04697243 | N49: 52387 | O49: 52387 | P49: 52387 | Q49: -52387 | R49: =P49+Q49 -> 0 | S49: =IFERROR(VLOOKUP(G49,'附表8-合同明细采集底稿'!B:M,12,0),100%) -> 1 | T49: =ROUND(SUM(R49)*SUM(S49),2) -> 0 | V49: 共同成本费用 | W49: =IF('附表1-面积统计表'!$D$29=0,"",IF(AND(V49="共同成本费用",Z49="总建筑面积法"),ROUND(T49/'附表1-面积统计表'!$D$29*'附表1-面积统计表'!$D$5,2),IF(AND(V49="共同成本费用",Z49="可售建筑面积法"),ROUND(T49/'附表1-面积统计表'!$F$29*'附表1-面积统计表'!$F$5,2),"请手工填写"))) -> 0 | X49: =T49-W49-Y49 -> 0 | Y49: =IF(SUM('附表1-面积统计表'!$D$6)=0,SUM(T49)-SUM(W49),IF('附表1-面积统计表'!$D$29=0,"",IF(AND(V49="共同成本费用",Z49="总建筑面积法"),ROUND(T49/'附表1-面积统计表'!$D$29*'附表1-面积统计表'!$D$7,2),IF(AND(V49="共同成本费用",Z49="可售建筑面积法"),ROUND(T49/'附表1-面积统计表'!$F$29*'附表1-面积统计表'!$F$7,2),"请手工填写")))) -> 0 | Z49: 可售建筑面积法 | AB49: 可加计
A50: 44 | B50: 2015-07-07 | C50: 26 | D50: 前期工程费 | E50: 设计费用 | J50: 峻特设计工程有限公司铁门关市分公司 | K50: 营业税发票 | L50: 165001402398 | M50: 06942343 | N50: 15000 | O50: 15000 | P50: 15000 | Q50: -15000 | R50: =P50+Q50 -> 0 | S50: =IFERROR(VLOOKUP(G50,'附表8-合同明细采集底稿'!B:M,12,0),100%) -> 1 | T50: =ROUND(SUM(R50)*SUM(S50),2) -> 0 | V50: 共同成本费用 | W50: =IF('附表1-面积统计表'!$D$29=0,"",IF(AND(V50="共同成本费用",Z50="总建筑面积法"),ROUND(T50/'附表1-面积统计表'!$D$29*'附表1-面积统计表'!$D$5,2),IF(AND(V50="共同成本费用",Z50="可售建筑面积法"),ROUND(T50/'附表1-面积统计表'!$F$29*'附表1-面积统计表'!$F$5,2),"请手工填写"))) -> 0 | X50: =T50-W50-Y50 -> 0 | Y50: =IF(SUM('附表1-面积统计表'!$D$6)=0,SUM(T50)-SUM(W50),IF('附表1-面积统计表'!$D$29=0,"",IF(AND(V50="共同成本费用",Z50="总建筑面积法"),ROUND(T50/'附表1-面积统计表'!$D$29*'附表1-面积统计表'!$D$7,2),IF(AND(V50="共同成本费用",Z50="可售建筑面积法"),ROUND(T50/'附表1-面积统计表'!$F$29*'附表1-面积统计表'!$F$7,2),"请手工填写")))) -> 0 | Z50: 可售建筑面积法 | AB50: 可加计
A51: 45 | B51: 2015-8-28 | C51: 91 | D51: 前期工程费 | E51: 设计费用 | J51: 巴州建筑工程施工图设计文件审查中心 | K51: 增值税普通发票 | L51: 6500151320 | M51: 06025012 | N51: 2839 | O51: 2839 | P51: 2839 | Q51: -2839 | R51: =P51+Q51 -> 0 | S51: =IFERROR(VLOOKUP(G51,'附表8-合同明细采集底稿'!B:M,12,0),100%) -> 1 | T51: =ROUND(SUM(R51)*SUM(S51),2) -> 0 | V51: 共同成本费用 | W51: =IF('附表1-面积统计表'!$D$29=0,"",IF(AND(V51="共同成本费用",Z51="总建筑面积法"),ROUND(T51/'附表1-面积统计表'!$D$29*'附表1-面积统计表'!$D$5,2),IF(AND(V51="共同成本费用",Z51="可售建筑面积法"),ROUND(T51/'附表1-面积统计表'!$F$29*'附表1-面积统计表'!$F$5,2),"请手工填写"))) -> 0 | X51: =T51-W51-Y51 -> 0 | Y51: =IF(SUM('附表1-面积统计表'!$D$6)=0,SUM(T51)-SUM(W51),IF('附表1-面积统计表'!$D$29=0,"",IF(AND(V51="共同成本费用",Z51="总建筑面积法"),ROUND(T51/'附表1-面积统计表'!$D$29*'附表1-面积统计表'!$D$7,2),IF(AND(V51="共同成本费用",Z51="可售建筑面积法"),ROUND(T51/'附表1-面积统计表'!$F$29*'附表1-面积统计表'!$F$7,2),"请手工填写")))) -> 0 | Z51: 可售建筑面积法 | AB51: 可加计
A52: 46 | B52: 2015-9-17 | C52: 79 | D52: 前期工程费 | E52: 设计费用 | J52: 四川自力建筑勘测设计有限公司库尔勒分公司 | K52: 增值税普通发票 | L52: 6500142620 | M52: 03538133 03538134 | N52: 130122.06 | O52: 130122.1 | P52: 130122.1 | Q52: -122.1 | R52: =P52+Q52 -> 130000 | S52: =IFERROR(VLOOKUP(G52,'附表8-合同明细采集底稿'!B:M,12,0),100%) -> 1 | T52: =ROUND(SUM(R52)*SUM(S52),2) -> 130000 | V52: 共同成本费用 | W52: =IF('附表1-面积统计表'!$D$29=0,"",IF(AND(V52="共同成本费用",Z52="总建筑面积法"),ROUND(T52/'附表1-面积统计表'!$D$29*'附表1-面积统计表'!$D$5,2),IF(AND(V52="共同成本费用",Z52="可售建筑面积法"),ROUND(T52/'附表1-面积统计表'!$F$29*'附表1-面积统计表'!$F$5,2),"请手工填写"))) -> 94808.98 | X52: =T52-W52-Y52 -> 0 | Y52: =IF(SUM('附表1-面积统计表'!$D$6)=0,SUM(T52)-SUM(W52),IF('附表1-面积统计表'!$D$29=0,"",IF(AND(V52="共同成本费用",Z52="总建筑面积法"),ROUND(T52/'附表1-面积统计表'!$D$29*'附表1-面积统计表'!$D$7,2),IF(AND(V52="共同成本费用",Z52="可售建筑面积法"),ROUND(T52/'附表1-面积统计表'!$F$29*'附表1-面积统计表'!$F$7,2),"请手工填写")))) -> 35191.02 | Z52: 可售建筑面积法 | AB52: 可加计
A53: 47 | B53: 2015-10-19 | C53: 54 | D53: 前期工程费 | E53: 设计费用 | J53: 中国市政工程西北设计研究院有限公司新疆分院 | K53: 增值税普通发票 | L53: 6500151320 | M53: 04397938 | N53: 3122.26 | O53: 3122.22 | P53: 3122.22 | Q53: -3122.22 | R53: =P53+Q53 -> 0 | S53: =IFERROR(VLOOKUP(G53,'附表8-合同明细采集底稿'!B:M,12,0),100%) -> 1 | T53: =ROUND(SUM(R53)*SUM(S53),2) -> 0 | V53: 共同成本费用 | W53: =IF('附表1-面积统计表'!$D$29=0,"",IF(AND(V53="共同成本费用",Z53="总建筑面积法"),ROUND(T53/'附表1-面积统计表'!$D$29*'附表1-面积统计表'!$D$5,2),IF(AND(V53="共同成本费用",Z53="可售建筑面积法"),ROUND(T53/'附表1-面积统计表'!$F$29*'附表1-面积统计表'!$F$5,2),"请手工填写"))) -> 0 | X53: =T53-W53-Y53 -> 0 | Y53: =IF(SUM('附表1-面积统计表'!$D$6)=0,SUM(T53)-SUM(W53),IF('附表1-面积统计表'!$D$29=0,"",IF(AND(V53="共同成本费用",Z53="总建筑面积法"),ROUND(T53/'附表1-面积统计表'!$D$29*'附表1-面积统计表'!$D$7,2),IF(AND(V53="共同成本费用",Z53="可售建筑面积法"),ROUND(T53/'附表1-面积统计表'!$F$29*'附表1-面积统计表'!$F$7,2),"请手工填写")))) -> 0 | Z53: 可售建筑面积法 | AB53: 可加计
A54: 48 | B54: 2016-7-15 | C54: 57 | D54: 前期工程费 | E54: 设计费用 | J54: 库尔勒基梦工程技术咨询服务有限公司 | K54: 增值税普通发票 | L54: 6500162320 | M54: 02720032 | N54: 20000 | O54: 20000 | P54: 20000 | R54: =P54+Q54 -> 20000 | S54: =IFERROR(VLOOKUP(G54,'附表8-合同明细采集底稿'!B:M,12,0),100%) -> 1 | T54: =ROUND(SUM(R54)*SUM(S54),2) -> 20000 | V54: 共同成本费用 | W54: =IF('附表1-面积统计表'!$D$29=0,"",IF(AND(V54="共同成本费用",Z54="总建筑面积法"),ROUND(T54/'附表1-面积统计表'!$D$29*'附表1-面积统计表'!$D$5,2),IF(AND(V54="共同成本费用",Z54="可售建筑面积法"),ROUND(T54/'附表1-面积统计表'!$F$29*'附表1-面积统计表'!$F$5,2),"请手工填写"))) -> 14586 | X54: =T54-W54-Y54 -> 0 | Y54: =IF(SUM('附表1-面积统计表'!$D$6)=0,SUM(T54)-SUM(W54),IF('附表1-面积统计表'!$D$29=0,"",IF(AND(V54="共同成本费用",Z54="总建筑面积法"),ROUND(T54/'附表1-面积统计表'!$D$29*'附表1-面积统计表'!$D$7,2),IF(AND(V54="共同成本费用",Z54="可售建筑面积法"),ROUND(T54/'附表1-面积统计表'!$F$29*'附表1-面积统计表'!$F$7,2),"请手工填写")))) -> 5414 | Z54: 可售建筑面积法 | AB54: 可加计
A55: 49 | B55: 2016-8-10 | C55: 20 | D55: 前期工程费 | E55: 设计费用 | J55: 新疆蓝图勘察设计图审查中心 | K55: 增值税普通发票 | L55: 500162320 | M55: 00640920 | N55: 432 | O55: 432 | P55: 432 | Q55: -432 | R55: =P55+Q55 -> 0 | S55: =IFERROR(VLOOKUP(G55,'附表8-合同明细采集底稿'!B:M,12,0),100%) -> 1 | T55: =ROUND(SUM(R55)*SUM(S55),2) -> 0 | V55: 共同成本费用 | W55: =IF('附表1-面积统计表'!$D$29=0,"",IF(AND(V55="共同成本费用",Z55="总建筑面积法"),ROUND(T55/'附表1-面积统计表'!$D$29*'附表1-面积统计表'!$D$5,2),IF(AND(V55="共同成本费用",Z55="可售建筑面积法"),ROUND(T55/'附表1-面积统计表'!$F$29*'附表1-面积统计表'!$F$5,2),"请手工填写"))) -> 0 | X55: =T55-W55-Y55 -> 0 | Y55: =IF(SUM('附表1-面积统计表'!$D$6)=0,SUM(T55)-SUM(W55),IF('附表1-面积统计表'!$D$29=0,"",IF(AND(V55="共同成本费用",Z55="总建筑面积法"),ROUND(T55/'附表1-面积统计表'!$D$29*'附表1-面积统计表'!$D$7,2),IF(AND(V55="共同成本费用",Z55="可售建筑面积法"),ROUND(T55/'附表1-面积统计表'!$F$29*'附表1-面积统计表'!$F$7,2),"请手工填写")))) -> 0 | Z55: 可售建筑面积法 | AB55: 可加计
A56: 50 | B56: 2016-9-03 | C56: 8 | D56: 前期工程费 | E56: 设计费用 | J56: 库尔勒基梦工程技术咨询服务有限公司 | K56: 增值税普通发票 | L56: 6500162320 | M56: 11001577 | N56: 30000 | O56: 30000 | P56: 30000 | R56: =P56+Q56 -> 30000 | S56: =IFERROR(VLOOKUP(G56,'附表8-合同明细采集底稿'!B:M,12,0),100%) -> 1 | T56: =ROUND(SUM(R56)*SUM(S56),2) -> 30000 | V56: 共同成本费用 | W56: =IF('附表1-面积统计表'!$D$29=0,"",IF(AND(V56="共同成本费用",Z56="总建筑面积法"),ROUND(T56/'附表1-面积统计表'!$D$29*'附表1-面积统计表'!$D$5,2),IF(AND(V56="共同成本费用",Z56="可售建筑面积法"),ROUND(T56/'附表1-面积统计表'!$F$29*'附表1-面积统计表'!$F$5,2),"请手工填写"))) -> 21879 | X56: =T56-W56-Y56 -> 0 | Y56: =IF(SUM('附表1-面积统计表'!$D$6)=0,SUM(T56)-SUM(W56),IF('附表1-面积统计表'!$D$29=0,"",IF(AND(V56="共同成本费用",Z56="总建筑面积法"),ROUND(T56/'附表1-面积统计表'!$D$29*'附表1-面积统计表'!$D$7,2),IF(AND(V56="共同成本费用",Z56="可售建筑面积法"),ROUND(T56/'附表1-面积统计表'!$F$29*'附表1-面积统计表'!$F$7,2),"请手工填写")))) -> 8121 | Z56: 可售建筑面积法 | AB56: 可加计
A57: 51 | B57: 2016-11-03 | C57: 13 | D57: 前期工程费 | E57: 设计费用 | J57: 库尔勒基梦工程技术咨询服务有限公司 | K57: 增值税普通发票 | L57: 6500162320 | M57: 11001578 | N57: 9000 | O57: 9000 | P57: 9000 | Q57: -9000 | R57: =P57+Q57 -> 0 | S57: =IFERROR(VLOOKUP(G57,'附表8-合同明细采集底稿'!B:M,12,0),100%) -> 1 | T57: =ROUND(SUM(R57)*SUM(S57),2) -> 0 | V57: 共同成本费用 | W57: =IF('附表1-面积统计表'!$D$29=0,"",IF(AND(V57="共同成本费用",Z57="总建筑面积法"),ROUND(T57/'附表1-面积统计表'!$D$29*'附表1-面积统计表'!$D$5,2),IF(AND(V57="共同成本费用",Z57="可售建筑面积法"),ROUND(T57/'附表1-面积统计表'!$F$29*'附表1-面积统计表'!$F$5,2),"请手工填写"))) -> 0 | X57: =T57-W57-Y57 -> 0 | Y57: =IF(SUM('附表1-面积统计表'!$D$6)=0,SUM(T57)-SUM(W57),IF('附表1-面积统计表'!$D$29=0,"",IF(AND(V57="共同成本费用",Z57="总建筑面积法"),ROUND(T57/'附表1-面积统计表'!$D$29*'附表1-面积统计表'!$D$7,2),IF(AND(V57="共同成本费用",Z57="可售建筑面积法"),ROUND(T57/'附表1-面积统计表'!$F$29*'附表1-面积统计表'!$F$7,2),"请手工填写")))) -> 0 | Z57: 可售建筑面积法 | AB57: 可加计
A58: 52 | B58: 2013-02-28 | C58: 22 | D58: 前期工程费 | E58: 勘探费用 | J58: 巴州新矿测绘中心 | K58: 营业税发票 | L58: 265001203201 | M58: 00566984 | N58: 4000 | O58: 4000 | P58: 4000 | Q58: -4000 | R58: =P58+Q58 -> 0 | S58: =IFERROR(VLOOKUP(G58,'附表8-合同明细采集底稿'!B:M,12,0),100%) -> 1 | T58: =ROUND(SUM(R58)*SUM(S58),2) -> 0 | V58: 共同成本费用 | W58: =IF('附表1-面积统计表'!$D$29=0,"",IF(AND(V58="共同成本费用",Z58="总建筑面积法"),ROUND(T58/'附表1-面积统计表'!$D$29*'附表1-面积统计表'!$D$5,2),IF(AND(V58="共同成本费用",Z58="可售建筑面积法"),ROUND(T58/'附表1-面积统计表'!$F$29*'附表1-面积统计表'!$F$5,2),"请手工填写"))) -> 0 | X58: =T58-W58-Y58 -> 0 | Y58: =IF(SUM('附表1-面积统计表'!$D$6)=0,SUM(T58)-SUM(W58),IF('附表1-面积统计表'!$D$29=0,"",IF(AND(V58="共同成本费用",Z58="总建筑面积法"),ROUND(T58/'附表1-面积统计表'!$D$29*'附表1-面积统计表'!$D$7,2),IF(AND(V58="共同成本费用",Z58="可售建筑面积法"),ROUND(T58/'附表1-面积统计表'!$F$29*'附表1-面积统计表'!$F$7,2),"请手工填写")))) -> 0 | Z58: 可售建筑面积法 | AB58: 可加计
A59: 53 | B59: 2013-03-28 | C59: 13 | D59: 前期工程费 | E59: 勘探费用 | J59: 库尔勒天拓勘察测绘院 | K59: 营业税发票 | L59: 265001203201 | M59: 05764990 | N59: 3900 | O59: 3900 | P59: 3900 | R59: =P59+Q59 -> 3900 | S59: =IFERROR(VLOOKUP(G59,'附表8-合同明细采集底稿'!B:M,12,0),100%) -> 1 | T59: =ROUND(SUM(R59)*SUM(S59),2) -> 3900 | V59: 共同成本费用 | W59: =IF('附表1-面积统计表'!$D$29=0,"",IF(AND(V59="共同成本费用",Z59="总建筑面积法"),ROUND(T59/'附表1-面积统计表'!$D$29*'附表1-面积统计表'!$D$5,2),IF(AND(V59="共同成本费用",Z59="可售建筑面积法"),ROUND(T59/'附表1-面积统计表'!$F$29*'附表1-面积统计表'!$F$5,2),"请手工填写"))) -> 2844.27 | X59: =T59-W59-Y59 -> 0 | Y59: =IF(SUM('附表1-面积统计表'!$D$6)=0,SUM(T59)-SUM(W59),IF('附表1-面积统计表'!$D$29=0,"",IF(AND(V59="共同成本费用",Z59="总建筑面积法"),ROUND(T59/'附表1-面积统计表'!$D$29*'附表1-面积统计表'!$D$7,2),IF(AND(V59="共同成本费用",Z59="可售建筑面积法"),ROUND(T59/'附表1-面积统计表'!$F$29*'附表1-面积统计表'!$F$7,2),"请手工填写")))) -> 1055.73 | Z59: 可售建筑面积法 | AB59: 可加计
A60: 54 | B60: 2013-05-28 | C60: 108 | D60: 前期工程费 | E60: 勘探费用 | J60: 库尔勒天拓勘察测绘院 | K60: 营业税发票 | L60: 265001203201 | M60: 5845538 | N60: 0 | O60: 689 | P60: 689 | Q60: -689 | R60: =P60+Q60 -> 0 | S60: =IFERROR(VLOOKUP(G60,'附表8-合同明细采集底稿'!B:M,12,0),100%) -> 1 | T60: =ROUND(SUM(R60)*SUM(S60),2) -> 0 | V60: 共同成本费用 | W60: =IF('附表1-面积统计表'!$D$29=0,"",IF(AND(V60="共同成本费用",Z60="总建筑面积法"),ROUND(T60/'附表1-面积统计表'!$D$29*'附表1-面积统计表'!$D$5,2),IF(AND(V60="共同成本费用",Z60="可售建筑面积法"),ROUND(T60/'附表1-面积统计表'!$F$29*'附表1-面积统计表'!$F$5,2),"请手工填写"))) -> 0 | X60: =T60-W60-Y60 -> 0 | Y60: =IF(SUM('附表1-面积统计表'!$D$6)=0,SUM(T60)-SUM(W60),IF('附表1-面积统计表'!$D$29=0,"",IF(AND(V60="共同成本费用",Z60="总建筑面积法"),ROUND(T60/'附表1-面积统计表'!$D$29*'附表1-面积统计表'!$D$7,2),IF(AND(V60="共同成本费用",Z60="可售建筑面积法"),ROUND(T60/'附表1-面积统计表'!$F$29*'附表1-面积统计表'!$F$7,2),"请手工填写")))) -> 0 | Z60: 可售建筑面积法 | AB60: 可加计
A61: 55 | B61: 2013-06-28 | C61: 17 | D61: 前期工程费 | E61: 勘探费用 | J61: 库尔勒天拓勘察测绘院 | K61: 营业税发票 | L61: 265001203201 | M61: 05876603 | N61: 1378 | O61: 1378 | P61: 1378 | R61: =P61+Q61 -> 1378 | S61: =IFERROR(VLOOKUP(G61,'附表8-合同明细采集底稿'!B:M,12,0),100%) -> 1 | T61: =ROUND(SUM(R61)*SUM(S61),2) -> 1378 | V61: 共同成本费用 | W61: =IF('附表1-面积统计表'!$D$29=0,"",IF(AND(V61="共同成本费用",Z61="总建筑面积法"),ROUND(T61/'附表1-面积统计表'!$D$29*'附表1-面积统计表'!$D$5,2),IF(AND(V61="共同成本费用",Z61="可售建筑面积法"),ROUND(T61/'附表1-面积统计表'!$F$29*'附表1-面积统计表'!$F$5,2),"请手工填写"))) -> 1004.98 | X61: =T61-W61-Y61 -> 0 | Y61: =IF(SUM('附表1-面积统计表'!$D$6)=0,SUM(T61)-SUM(W61),IF('附表1-面积统计表'!$D$29=0,"",IF(AND(V61="共同成本费用",Z61="总建筑面积法"),ROUND(T61/'附表1-面积统计表'!$D$29*'附表1-面积统计表'!$D$7,2),IF(AND(V61="共同成本费用",Z61="可售建筑面积法"),ROUND(T61/'附表1-面积统计表'!$F$29*'附表1-面积统计表'!$F$7,2),"请手工填写")))) -> 373.02 | Z61: 可售建筑面积法 | AB61: 可加计
A62: 56 | B62: 2013-07-30 | C62: 28 | D62: 前期工程费 | E62: 勘探费用 | J62: 库尔勒天拓勘察测绘院 | K62: 营业税发票 | L62: 265001203201 | M62: 05980715 | N62: 1378 | O62: 1378 | P62: 1378 | R62: =P62+Q62 -> 1378 | S62: =IFERROR(VLOOKUP(G62,'附表8-合同明细采集底稿'!B:M,12,0),100%) -> 1 | T62: =ROUND(SUM(R62)*SUM(S62),2) -> 1378 | V62: 共同成本费用 | W62: =IF('附表1-面积统计表'!$D$29=0,"",IF(AND(V62="共同成本费用",Z62="总建筑面积法"),ROUND(T62/'附表1-面积统计表'!$D$29*'附表1-面积统计表'!$D$5,2),IF(AND(V62="共同成本费用",Z62="可售建筑面积法"),ROUND(T62/'附表1-面积统计表'!$F$29*'附表1-面积统计表'!$F$5,2),"请手工填写"))) -> 1004.98 | X62: =T62-W62-Y62 -> 0 | Y62: =IF(SUM('附表1-面积统计表'!$D$6)=0,SUM(T62)-SUM(W62),IF('附表1-面积统计表'!$D$29=0,"",IF(AND(V62="共同成本费用",Z62="总建筑面积法"),ROUND(T62/'附表1-面积统计表'!$D$29*'附表1-面积统计表'!$D$7,2),IF(AND(V62="共同成本费用",Z62="可售建筑面积法"),ROUND(T62/'附表1-面积统计表'!$F$29*'附表1-面积统计表'!$F$7,2),"请手工填写")))) -> 373.02 | Z62: 可售建筑面积法 | AB62: 可加计
A63: 57 | B63: 2013-10-12 | C63: 30 | D63: 前期工程费 | E63: 勘探费用 | J63: 新疆蓝图勘察设计图审查中心 | K63: 增值税普通发票 | L63: 6500124620 | M63: 00737210 | N63: 21598 | O63: 21598 | P63: 21598 | R63: =P63+Q63 -> 21598 | S63: =IFERROR(VLOOKUP(G63,'附表8-合同明细采集底稿'!B:M,12,0),100%) -> 1 | T63: =ROUND(SUM(R63)*SUM(S63),2) -> 21598 | V63: 共同成本费用 | W63: =IF('附表1-面积统计表'!$D$29=0,"",IF(AND(V63="共同成本费用",Z63="总建筑面积法"),ROUND(T63/'附表1-面积统计表'!$D$29*'附表1-面积统计表'!$D$5,2),IF(AND(V63="共同成本费用",Z63="可售建筑面积法"),ROUND(T63/'附表1-面积统计表'!$F$29*'附表1-面积统计表'!$F$5,2),"请手工填写"))) -> 15751.42 | X63: =T63-W63-Y63 -> 0 | Y63: =IF(SUM('附表1-面积统计表'!$D$6)=0,SUM(T63)-SUM(W63),IF('附表1-面积统计表'!$D$29=0,"",IF(AND(V63="共同成本费用",Z63="总建筑面积法"),ROUND(T63/'附表1-面积统计表'!$D$29*'附表1-面积统计表'!$D$7,2),IF(AND(V63="共同成本费用",Z63="可售建筑面积法"),ROUND(T63/'附表1-面积统计表'!$F$29*'附表1-面积统计表'!$F$7,2),"请手工填写")))) -> 5846.58 | Z63: 可售建筑面积法 | AB63: 可加计
A64: 58 | B64: 2014-08-19 | C64: 87 | D64: 前期工程费 | E64: 勘探费用 | J64: 巴州新矿测绘中心 | K64: 增值税普通发票 | L64: 6500133620 | M64: 01901648 | N64: 1559 | O64: 1559 | P64: 1559 | R64: =P64+Q64 -> 1559 | S64: =IFERROR(VLOOKUP(G64,'附表8-合同明细采集底稿'!B:M,12,0),100%) -> 1 | T64: =ROUND(SUM(R64)*SUM(S64),2) -> 1559 | V64: 共同成本费用 | W64: =IF('附表1-面积统计表'!$D$29=0,"",IF(AND(V64="共同成本费用",Z64="总建筑面积法"),ROUND(T64/'附表1-面积统计表'!$D$29*'附表1-面积统计表'!$D$5,2),IF(AND(V64="共同成本费用",Z64="可售建筑面积法"),ROUND(T64/'附表1-面积统计表'!$F$29*'附表1-面积统计表'!$F$5,2),"请手工填写"))) -> 1136.98 | X64: =T64-W64-Y64 -> 0 | Y64: =IF(SUM('附表1-面积统计表'!$D$6)=0,SUM(T64)-SUM(W64),IF('附表1-面积统计表'!$D$29=0,"",IF(AND(V64="共同成本费用",Z64="总建筑面积法"),ROUND(T64/'附表1-面积统计表'!$D$29*'附表1-面积统计表'!$D$7,2),IF(AND(V64="共同成本费用",Z64="可售建筑面积法"),ROUND(T64/'附表1-面积统计表'!$F$29*'附表1-面积统计表'!$F$7,2),"请手工填写")))) -> 422.02 | Z64: 可售建筑面积法 | AB64: 可加计
A65: 59 | B65: 2018-11-2 | C65: 1 | D65: 前期工程费 | E65: 勘探费用 | J65: 巴州新矿测绘中心 | K65: 增值税普通发票 | L65: 65001700111 | M65: 8032231 | N65: 9300 | O65: 9300 | P65: 9300 | R65: =P65+Q65 -> 9300 | S65: =IFERROR(VLOOKUP(G65,'附表8-合同明细采集底稿'!B:M,12,0),100%) -> 1 | T65: =ROUND(SUM(R65)*SUM(S65),2) -> 9300 | V65: 共同成本费用 | W65: =IF('附表1-面积统计表'!$D$29=0,"",IF(AND(V65="共同成本费用",Z65="总建筑面积法"),ROUND(T65/'附表1-面积统计表'!$D$29*'附表1-面积统计表'!$D$5,2),IF(AND(V65="共同成本费用",Z65="可售建筑面积法"),ROUND(T65/'附表1-面积统计表'!$F$29*'附表1-面积统计表'!$F$5,2),"请手工填写"))) -> 6782.49 | X65: =T65-W65-Y65 -> 0 | Y65: =IF(SUM('附表1-面积统计表'!$D$6)=0,SUM(T65)-SUM(W65),IF('附表1-面积统计表'!$D$29=0,"",IF(AND(V65="共同成本费用",Z65="总建筑面积法"),ROUND(T65/'附表1-面积统计表'!$D$29*'附表1-面积统计表'!$D$7,2),IF(AND(V65="共同成本费用",Z65="可售建筑面积法"),ROUND(T65/'附表1-面积统计表'!$F$29*'附表1-面积统计表'!$F$7,2),"请手工填写")))) -> 2517.51 | Z65: 可售建筑面积法 | AB65: 可加计
A66: 60 | B66: 2018-12-26 | C66: 85 | D66: 前期工程费 | E66: 勘探费用 | J66: 巴州新矿测绘中心 | K66: 增值税普通发票 | L66: 65001800111 | M66: 15916213 | N66: 600 | O66: 600 | P66: 600 | R66: =P66+Q66 -> 600 | S66: =IFERROR(VLOOKUP(G66,'附表8-合同明细采集底稿'!B:M,12,0),100%) -> 1 | T66: =ROUND(SUM(R66)*SUM(S66),2) -> 600 | V66: 共同成本费用 | W66: =IF('附表1-面积统计表'!$D$29=0,"",IF(AND(V66="共同成本费用",Z66="总建筑面积法"),ROUND(T66/'附表1-面积统计表'!$D$29*'附表1-面积统计表'!$D$5,2),IF(AND(V66="共同成本费用",Z66="可售建筑面积法"),ROUND(T66/'附表1-面积统计表'!$F$29*'附表1-面积统计表'!$F$5,2),"请手工填写"))) -> 437.58 | X66: =T66-W66-Y66 -> 0 | Y66: =IF(SUM('附表1-面积统计表'!$D$6)=0,SUM(T66)-SUM(W66),IF('附表1-面积统计表'!$D$29=0,"",IF(AND(V66="共同成本费用",Z66="总建筑面积法"),ROUND(T66/'附表1-面积统计表'!$D$29*'附表1-面积统计表'!$D$7,2),IF(AND(V66="共同成本费用",Z66="可售建筑面积法"),ROUND(T66/'附表1-面积统计表'!$F$29*'附表1-面积统计表'!$F$7,2),"请手工填写")))) -> 162.42 | Z66: 可售建筑面积法 | AB66: 可加计
A67: 61 | B67: 2012-12-31 | C67: 29 | D67: 前期工程费 | E67: 其他前期工程费 | J67: 库尔勒开拓规划设计研究院 | K67: 营业税发票 | L67: 265001103201 | M67: 12347413 | N67: 2000 | O67: 2000 | P67: 2000 | R67: =P67+Q67 -> 2000 | S67: =IFERROR(VLOOKUP(G67,'附表8-合同明细采集底稿'!B:M,12,0),100%) -> 1 | T67: =ROUND(SUM(R67)*SUM(S67),2) -> 2000 | V67: 共同成本费用 | W67: =IF('附表1-面积统计表'!$D$29=0,"",IF(AND(V67="共同成本费用",Z67="总建筑面积法"),ROUND(T67/'附表1-面积统计表'!$D$29*'附表1-面积统计表'!$D$5,2),IF(AND(V67="共同成本费用",Z67="可售建筑面积法"),ROUND(T67/'附表1-面积统计表'!$F$29*'附表1-面积统计表'!$F$5,2),"请手工填写"))) -> 1458.6 | X67: =T67-W67-Y67 -> 0 | Y67: =IF(SUM('附表1-面积统计表'!$D$6)=0,SUM(T67)-SUM(W67),IF('附表1-面积统计表'!$D$29=0,"",IF(AND(V67="共同成本费用",Z67="总建筑面积法"),ROUND(T67/'附表1-面积统计表'!$D$29*'附表1-面积统计表'!$D$7,2),IF(AND(V67="共同成本费用",Z67="可售建筑面积法"),ROUND(T67/'附表1-面积统计表'!$F$29*'附表1-面积统计表'!$F$7,2),"请手工填写")))) -> 541.4 | Z67: 可售建筑面积法 | AB67: 可加计
A68: 62 | B68: 2013-01-30 | C68: 17 | D68: 前期工程费 | E68: 其他前期工程费 | J68: 巴州超美广告有限责任公司 | K68: 营业税发票 | L68: 265001103201 | M68: 12225442 | N68: 1500 | O68: 1500 | P68: 1500 | R68: =P68+Q68 -> 1500 | S68: =IFERROR(VLOOKUP(G68,'附表8-合同明细采集底稿'!B:M,12,0),100%) -> 1 | T68: =ROUND(SUM(R68)*SUM(S68),2) -> 1500 | V68: 共同成本费用 | W68: =IF('附表1-面积统计表'!$D$29=0,"",IF(AND(V68="共同成本费用",Z68="总建筑面积法"),ROUND(T68/'附表1-面积统计表'!$D$29*'附表1-面积统计表'!$D$5,2),IF(AND(V68="共同成本费用",Z68="可售建筑面积法"),ROUND(T68/'附表1-面积统计表'!$F$29*'附表1-面积统计表'!$F$5,2),"请手工填写"))) -> 1093.95 | X68: =T68-W68-Y68 -> 0 | Y68: =IF(SUM('附表1-面积统计表'!$D$6)=0,SUM(T68)-SUM(W68),IF('附表1-面积统计表'!$D$29=0,"",IF(AND(V68="共同成本费用",Z68="总建筑面积法"),ROUND(T68/'附表1-面积统计表'!$D$29*'附表1-面积统计表'!$D$7,2),IF(AND(V68="共同成本费用",Z68="可售建筑面积法"),ROUND(T68/'附表1-面积统计表'!$F$29*'附表1-面积统计表'!$F$7,2),"请手工填写")))) -> 406.05 | Z68: 可售建筑面积法 | AB68: 可加计
A69: 63 | B69: 2013-05-28 | C69: 40 | D69: 前期工程费 | E69: 其他前期工程费 | J69: 新土不动产估价有限公司 | K69: 营业税发票 | L69: 265001203201 | M69: 07425287 | N69: 30000 | O69: 30000 | P69: 30000 | Q69: -30000 | R69: =P69+Q69 -> 0 | S69: =IFERROR(VLOOKUP(G69,'附表8-合同明细采集底稿'!B:M,12,0),100%) -> 1 | T69: =ROUND(SUM(R69)*SUM(S69),2) -> 0 | V69: 共同成本费用 | W69: =IF('附表1-面积统计表'!$D$29=0,"",IF(AND(V69="共同成本费用",Z69="总建筑面积法"),ROUND(T69/'附表1-面积统计表'!$D$29*'附表1-面积统计表'!$D$5,2),IF(AND(V69="共同成本费用",Z69="可售建筑面积法"),ROUND(T69/'附表1-面积统计表'!$F$29*'附表1-面积统计表'!$F$5,2),"请手工填写"))) -> 0 | X69: =T69-W69-Y69 -> 0 | Y69: =IF(SUM('附表1-面积统计表'!$D$6)=0,SUM(T69)-SUM(W69),IF('附表1-面积统计表'!$D$29=0,"",IF(AND(V69="共同成本费用",Z69="总建筑面积法"),ROUND(T69/'附表1-面积统计表'!$D$29*'附表1-面积统计表'!$D$7,2),IF(AND(V69="共同成本费用",Z69="可售建筑面积法"),ROUND(T69/'附表1-面积统计表'!$F$29*'附表1-面积统计表'!$F$7,2),"请手工填写")))) -> 0 | Z69: 可售建筑面积法 | AB69: 可加计
A70: 64 | B70: 2013-07-30 | C70: 34 | D70: 前期工程费 | E70: 其他前期工程费 | J70: 库尔勒鑫龙兄弟广告制作中心 | K70: 营业税发票 | L70: 165001302298 | M70: 02538874 | N70: 2000 | O70: 2000 | P70: 2000 | Q70: -2000 | R70: =P70+Q70 -> 0 | S70: =IFERROR(VLOOKUP(G70,'附表8-合同明细采集底稿'!B:M,12,0),100%) -> 1 | T70: =ROUND(SUM(R70)*SUM(S70),2) -> 0 | V70: 共同成本费用 | W70: =IF('附表1-面积统计表'!$D$29=0,"",IF(AND(V70="共同成本费用",Z70="总建筑面积法"),ROUND(T70/'附表1-面积统计表'!$D$29*'附表1-面积统计表'!$D$5,2),IF(AND(V70="共同成本费用",Z70="可售建筑面积法"),ROUND(T70/'附表1-面积统计表'!$F$29*'附表1-面积统计表'!$F$5,2),"请手工填写"))) -> 0 | X70: =T70-W70-Y70 -> 0 | Y70: =IF(SUM('附表1-面积统计表'!$D$6)=0,SUM(T70)-SUM(W70),IF('附表1-面积统计表'!$D$29=0,"",IF(AND(V70="共同成本费用",Z70="总建筑面积法"),ROUND(T70/'附表1-面积统计表'!$D$29*'附表1-面积统计表'!$D$7,2),IF(AND(V70="共同成本费用",Z70="可售建筑面积法"),ROUND(T70/'附表1-面积统计表'!$F$29*'附表1-面积统计表'!$F$7,2),"请手工填写")))) -> 0 | Z70: 可售建筑面积法 | AB70: 可加计
A71: 65 | B71: 2013-12-03 | C71: 8 | D71: 前期工程费 | E71: 其他前期工程费 | J71: 新疆申光建设工程项目管理有限公司巴州分公司 | K71: 营业税发票 | L71: 265001203201 | M71: 09653883 | N71: 14000 | O71: 14000 | P71: 14000 | Q71: -6000 | R71: =P71+Q71 -> 8000 | S71: =IFERROR(VLOOKUP(G71,'附表8-合同明细采集底稿'!B:M,12,0),100%) -> 1 | T71: =ROUND(SUM(R71)*SUM(S71),2) -> 8000 | V71: 共同成本费用 | W71: =IF('附表1-面积统计表'!$D$29=0,"",IF(AND(V71="共同成本费用",Z71="总建筑面积法"),ROUND(T71/'附表1-面积统计表'!$D$29*'附表1-面积统计表'!$D$5,2),IF(AND(V71="共同成本费用",Z71="可售建筑面积法"),ROUND(T71/'附表1-面积统计表'!$F$29*'附表1-面积统计表'!$F$5,2),"请手工填写"))) -> 5834.4 | X71: =T71-W71-Y71 -> 0 | Y71: =IF(SUM('附表1-面积统计表'!$D$6)=0,SUM(T71)-SUM(W71),IF('附表1-面积统计表'!$D$29=0,"",IF(AND(V71="共同成本费用",Z71="总建筑面积法"),ROUND(T71/'附表1-面积统计表'!$D$29*'附表1-面积统计表'!$D$7,2),IF(AND(V71="共同成本费用",Z71="可售建筑面积法"),ROUND(T71/'附表1-面积统计表'!$F$29*'附表1-面积统计表'!$F$7,2),"请手工填写")))) -> 2165.6 | Z71: 可售建筑面积法 | AB71: 可加计
A72: 66 | B72: 2014-05-07 | C72: 14 | D72: 前期工程费 | E72: 其他前期工程费 | J72: 库尔勒房谐广告有限公司 | K72: 营业税发票 | L72: 165001302398 | M72: 16923022 | N72: 3000 | O72: 3000 | P72: 3000 | Q72: -3000 | R72: =P72+Q72 -> 0 | S72: =IFERROR(VLOOKUP(G72,'附表8-合同明细采集底稿'!B:M,12,0),100%) -> 1 | T72: =ROUND(SUM(R72)*SUM(S72),2) -> 0 | V72: 共同成本费用 | W72: =IF('附表1-面积统计表'!$D$29=0,"",IF(AND(V72="共同成本费用",Z72="总建筑面积法"),ROUND(T72/'附表1-面积统计表'!$D$29*'附表1-面积统计表'!$D$5,2),IF(AND(V72="共同成本费用",Z72="可售建筑面积法"),ROUND(T72/'附表1-面积统计表'!$F$29*'附表1-面积统计表'!$F$5,2),"请手工填写"))) -> 0 | X72: =T72-W72-Y72 -> 0 | Y72: =IF(SUM('附表1-面积统计表'!$D$6)=0,SUM(T72)-SUM(W72),IF('附表1-面积统计表'!$D$29=0,"",IF(AND(V72="共同成本费用",Z72="总建筑面积法"),ROUND(T72/'附表1-面积统计表'!$D$29*'附表1-面积统计表'!$D$7,2),IF(AND(V72="共同成本费用",Z72="可售建筑面积法"),ROUND(T72/'附表1-面积统计表'!$F$29*'附表1-面积统计表'!$F$7,2),"请手工填写")))) -> 0 | Z72: 可售建筑面积法 | AB72: 可加计
A73: 67 | B73: 2014-06-19 | C73: 27 | D73: 前期工程费 | E73: 其他前期工程费 | J73: 库尔勒艺行广告有限公司 | K73: 营业税发票 | L73: 165001302398 | M73: 04728621 | N73: 1000 | O73: 1000 | P73: 1000 | Q73: -1000 | R73: =P73+Q73 -> 0 | S73: =IFERROR(VLOOKUP(G73,'附表8-合同明细采集底稿'!B:M,12,0),100%) -> 1 | T73: =ROUND(SUM(R73)*SUM(S73),2) -> 0 | V73: 共同成本费用 | W73: =IF('附表1-面积统计表'!$D$29=0,"",IF(AND(V73="共同成本费用",Z73="总建筑面积法"),ROUND(T73/'附表1-面积统计表'!$D$29*'附表1-面积统计表'!$D$5,2),IF(AND(V73="共同成本费用",Z73="可售建筑面积法"),ROUND(T73/'附表1-面积统计表'!$F$29*'附表1-面积统计表'!$F$5,2),"请手工填写"))) -> 0 | X73: =T73-W73-Y73 -> 0 | Y73: =IF(SUM('附表1-面积统计表'!$D$6)=0,SUM(T73)-SUM(W73),IF('附表1-面积统计表'!$D$29=0,"",IF(AND(V73="共同成本费用",Z73="总建筑面积法"),ROUND(T73/'附表1-面积统计表'!$D$29*'附表1-面积统计表'!$D$7,2),IF(AND(V73="共同成本费用",Z73="可售建筑面积法"),ROUND(T73/'附表1-面积统计表'!$F$29*'附表1-面积统计表'!$F$7,2),"请手工填写")))) -> 0 | Z73: 可售建筑面积法 | AB73: 可加计
A74: 68 | B74: 2018-12-5 | C74: 21 | D74: 前期工程费 | E74: 其他前期工程费 | J74: 新疆泽睿恒环保科技有限公司 | K74: 增值税普通发票 | L74: 650001800211 | M74: 20643928 | N74: 12500 | O74: 12500 | P74: 12500 | R74: =P74+Q74 -> 12500 | S74: =IFERROR(VLOOKUP(G74,'附表8-合同明细采集底稿'!B:M,12,0),100%) -> 1 | T74: =ROUND(SUM(R74)*SUM(S74),2) -> 12500 | V74: 共同成本费用 | W74: =IF('附表1-面积统计表'!$D$29=0,"",IF(AND(V74="共同成本费用",Z74="总建筑面积法"),ROUND(T74/'附表1-面积统计表'!$D$29*'附表1-面积统计表'!$D$5,2),IF(AND(V74="共同成本费用",Z74="可售建筑面积法"),ROUND(T74/'附表1-面积统计表'!$F$29*'附表1-面积统计表'!$F$5,2),"请手工填写"))) -> 9116.25 | X74: =T74-W74-Y74 -> 0 | Y74: =IF(SUM('附表1-面积统计表'!$D$6)=0,SUM(T74)-SUM(W74),IF('附表1-面积统计表'!$D$29=0,"",IF(AND(V74="共同成本费用",Z74="总建筑面积法"),ROUND(T74/'附表1-面积统计表'!$D$29*'附表1-面积统计表'!$D$7,2),IF(AND(V74="共同成本费用",Z74="可售建筑面积法"),ROUND(T74/'附表1-面积统计表'!$F$29*'附表1-面积统计表'!$F$7,2),"请手工填写")))) -> 3383.75 | Z74: 可售建筑面积法 | AB74: 可加计
A75: 69 | B75: 2011-10-17 | C75: 14 | D75: 前期工程费 | E75: 测绘费用 | J75: 库尔勒天拓勘察测绘院 | K75: 营业税发票 | L75: 265001103201 | M75: 5294732 | N75: 1463.82 | O75: 1463.82 | P75: 1463.82 | R75: =P75+Q75 -> 1463.82 | S75: =IFERROR(VLOOKUP(G75,'附表8-合同明细采集底稿'!B:M,12,0),100%) -> 1 | T75: =ROUND(SUM(R75)*SUM(S75),2) -> 1463.82 | V75: 共同成本费用 | W75: =IF('附表1-面积统计表'!$D$29=0,"",IF(AND(V75="共同成本费用",Z75="总建筑面积法"),ROUND(T75/'附表1-面积统计表'!$D$29*'附表1-面积统计表'!$D$5,2),IF(AND(V75="共同成本费用",Z75="可售建筑面积法"),ROUND(T75/'附表1-面积统计表'!$F$29*'附表1-面积统计表'!$F$5,2),"请手工填写"))) -> 1067.56 | X75: =T75-W75-Y75 -> 0 | Y75: =IF(SUM('附表1-面积统计表'!$D$6)=0,SUM(T75)-SUM(W75),IF('附表1-面积统计表'!$D$29=0,"",IF(AND(V75="共同成本费用",Z75="总建筑面积法"),ROUND(T75/'附表1-面积统计表'!$D$29*'附表1-面积统计表'!$D$7,2),IF(AND(V75="共同成本费用",Z75="可售建筑面积法"),ROUND(T75/'附表1-面积统计表'!$F$29*'附表1-面积统计表'!$F$7,2),"请手工填写")))) -> 396.26 | Z75: 可售建筑面积法 | AB75: 可加计
A76: 70 | B76: 2013-01-30 | C76: 13 | D76: 前期工程费 | E76: 测绘费用 | J76: 库尔勒天拓勘察测绘院 | K76: 营业税发票 | L76: 265001203201 | M76: 00504157 | N76: 1827 | O76: 1827 | P76: 1827 | R76: =P76+Q76 -> 1827 | S76: =IFERROR(VLOOKUP(G76,'附表8-合同明细采集底稿'!B:M,12,0),100%) -> 1 | T76: =ROUND(SUM(R76)*SUM(S76),2) -> 1827 | V76: 共同成本费用 | W76: =IF('附表1-面积统计表'!$D$29=0,"",IF(AND(V76="共同成本费用",Z76="总建筑面积法"),ROUND(T76/'附表1-面积统计表'!$D$29*'附表1-面积统计表'!$D$5,2),IF(AND(V76="共同成本费用",Z76="可售建筑面积法"),ROUND(T76/'附表1-面积统计表'!$F$29*'附表1-面积统计表'!$F$5,2),"请手工填写"))) -> 1332.43 | X76: =T76-W76-Y76 -> 0 | Y76: =IF(SUM('附表1-面积统计表'!$D$6)=0,SUM(T76)-SUM(W76),IF('附表1-面积统计表'!$D$29=0,"",IF(AND(V76="共同成本费用",Z76="总建筑面积法"),ROUND(T76/'附表1-面积统计表'!$D$29*'附表1-面积统计表'!$D$7,2),IF(AND(V76="共同成本费用",Z76="可售建筑面积法"),ROUND(T76/'附表1-面积统计表'!$F$29*'附表1-面积统计表'!$F$7,2),"请手工填写")))) -> 494.57 | Z76: 可售建筑面积法 | AB76: 可加计
A77: 71 | B77: 2014-05-08 | C77: 16 | D77: 前期工程费 | E77: 测绘费用 | J77: 库尔勒天平房地产价格评估事务所（有限责任公司） | K77: 营业税发票 | L77: 165001302398 | M77: 09657837 | N77: 13107.93 | O77: 13107.93 | P77: 13107.93 | Q77: -13107.93 | R77: =P77+Q77 -> 0 | S77: =IFERROR(VLOOKUP(G77,'附表8-合同明细采集底稿'!B:M,12,0),100%) -> 1 | T77: =ROUND(SUM(R77)*SUM(S77),2) -> 0 | V77: 共同成本费用 | W77: =IF('附表1-面积统计表'!$D$29=0,"",IF(AND(V77="共同成本费用",Z77="总建筑面积法"),ROUND(T77/'附表1-面积统计表'!$D$29*'附表1-面积统计表'!$D$5,2),IF(AND(V77="共同成本费用",Z77="可售建筑面积法"),ROUND(T77/'附表1-面积统计表'!$F$29*'附表1-面积统计表'!$F$5,2),"请手工填写"))) -> 0 | X77: =T77-W77-Y77 -> 0 | Y77: =IF(SUM('附表1-面积统计表'!$D$6)=0,SUM(T77)-SUM(W77),IF('附表1-面积统计表'!$D$29=0,"",IF(AND(V77="共同成本费用",Z77="总建筑面积法"),ROUND(T77/'附表1-面积统计表'!$D$29*'附表1-面积统计表'!$D$7,2),IF(AND(V77="共同成本费用",Z77="可售建筑面积法"),ROUND(T77/'附表1-面积统计表'!$F$29*'附表1-面积统计表'!$F$7,2),"请手工填写")))) -> 0 | Z77: 可售建筑面积法 | AB77: 可加计
A78: 72 | B78: 2017-06-09 | C78: 18 | D78: 前期工程费 | E78: 测绘费用 | J78: 库尔勒天拓勘察测绘院 | K78: 增值税普通发票 | L78: 6500164320 | M78: 12363988 | N78: 6712 | O78: 6712 | P78: 6712 | R78: =P78+Q78 -> 6712 | S78: =IFERROR(VLOOKUP(G78,'附表8-合同明细采集底稿'!B:M,12,0),100%) -> 1 | T78: =ROUND(SUM(R78)*SUM(S78),2) -> 6712 | V78: 共同成本费用 | W78: =IF('附表1-面积统计表'!$D$29=0,"",IF(AND(V78="共同成本费用",Z78="总建筑面积法"),ROUND(T78/'附表1-面积统计表'!$D$29*'附表1-面积统计表'!$D$5,2),IF(AND(V78="共同成本费用",Z78="可售建筑面积法"),ROUND(T78/'附表1-面积统计表'!$F$29*'附表1-面积统计表'!$F$5,2),"请手工填写"))) -> 4895.06 | X78: =T78-W78-Y78 -> 0 | Y78: =IF(SUM('附表1-面积统计表'!$D$6)=0,SUM(T78)-SUM(W78),IF('附表1-面积统计表'!$D$29=0,"",IF(AND(V78="共同成本费用",Z78="总建筑面积法"),ROUND(T78/'附表1-面积统计表'!$D$29*'附表1-面积统计表'!$D$7,2),IF(AND(V78="共同成本费用",Z78="可售建筑面积法"),ROUND(T78/'附表1-面积统计表'!$F$29*'附表1-面积统计表'!$F$7,2),"请手工填写")))) -> 1816.94 | Z78: 可售建筑面积法 | AB78: 可加计
A79: 73 | B79: 2017-12-18 | C79: 25 | D79: 前期工程费 | E79: 测绘费用 | J79: 新疆天平房地产价格评估事务所（有限责任公司） | K79: 增值税普通发票 | L79: 6500172320 | M79: 17599527 | N79: 10000 | O79: 10000 | P79: 10000 | Q79: -10000 | R79: =P79+Q79 -> 0 | S79: =IFERROR(VLOOKUP(G79,'附表8-合同明细采集底稿'!B:M,12,0),100%) -> 1 | T79: =ROUND(SUM(R79)*SUM(S79),2) -> 0 | V79: 共同成本费用 | W79: =IF('附表1-面积统计表'!$D$29=0,"",IF(AND(V79="共同成本费用",Z79="总建筑面积法"),ROUND(T79/'附表1-面积统计表'!$D$29*'附表1-面积统计表'!$D$5,2),IF(AND(V79="共同成本费用",Z79="可售建筑面积法"),ROUND(T79/'附表1-面积统计表'!$F$29*'附表1-面积统计表'!$F$5,2),"请手工填写"))) -> 0 | X79: =T79-W79-Y79 -> 0 | Y79: =IF(SUM('附表1-面积统计表'!$D$6)=0,SUM(T79)-SUM(W79),IF('附表1-面积统计表'!$D$29=0,"",IF(AND(V79="共同成本费用",Z79="总建筑面积法"),ROUND(T79/'附表1-面积统计表'!$D$29*'附表1-面积统计表'!$D$7,2),IF(AND(V79="共同成本费用",Z79="可售建筑面积法"),ROUND(T79/'附表1-面积统计表'!$F$29*'附表1-面积统计表'!$F$7,2),"请手工填写")))) -> 0 | Z79: 可售建筑面积法 | AB79: 可加计
A80: 74 | B80: 2019-1-23 | C80: 51 | D80: 前期工程费 | E80: 测绘费用 | J80: 新疆天平房地产价格评估事务所（有限责任公司） | K80: 增值税普通发票 | L80: 65001800211 | M80: 29818870 | N80: 1000 | O80: 1000 | P80: 1000 | Q80: -1000 | R80: =P80+Q80 -> 0 | S80: =IFERROR(VLOOKUP(G80,'附表8-合同明细采集底稿'!B:M,12,0),100%) -> 1 | T80: =ROUND(SUM(R80)*SUM(S80),2) -> 0 | V80: 共同成本费用 | W80: =IF('附表1-面积统计表'!$D$29=0,"",IF(AND(V80="共同成本费用",Z80="总建筑面积法"),ROUND(T80/'附表1-面积统计表'!$D$29*'附表1-面积统计表'!$D$5,2),IF(AND(V80="共同成本费用",Z80="可售建筑面积法"),ROUND(T80/'附表1-面积统计表'!$F$29*'附表1-面积统计表'!$F$5,2),"请手工填写"))) -> 0 | X80: =T80-W80-Y80 -> 0 | Y80: =IF(SUM('附表1-面积统计表'!$D$6)=0,SUM(T80)-SUM(W80),IF('附表1-面积统计表'!$D$29=0,"",IF(AND(V80="共同成本费用",Z80="总建筑面积法"),ROUND(T80/'附表1-面积统计表'!$D$29*'附表1-面积统计表'!$D$7,2),IF(AND(V80="共同成本费用",Z80="可售建筑面积法"),ROUND(T80/'附表1-面积统计表'!$F$29*'附表1-面积统计表'!$F$7,2),"请手工填写")))) -> 0 | Z80: 可售建筑面积法 | AB80: 可加计
A81: 75 | B81: 2011-9-07 | C81: 3 | D81: 前期工程费 | E81: 七通一平支出 | J81: 库尔勒市政工程建设有限责任公司 | K81: 营业税发票 | L81: 265001020401 | M81: 96580 | N81: 60000 | O81: 60000 | P81: 60000 | R81: =P81+Q81 -> 60000 | S81: =IFERROR(VLOOKUP(G81,'附表8-合同明细采集底稿'!B:M,12,0),100%) -> 1 | T81: =ROUND(SUM(R81)*SUM(S81),2) -> 60000 | V81: 共同成本费用 | W81: =IF('附表1-面积统计表'!$D$29=0,"",IF(AND(V81="共同成本费用",Z81="总建筑面积法"),ROUND(T81/'附表1-面积统计表'!$D$29*'附表1-面积统计表'!$D$5,2),IF(AND(V81="共同成本费用",Z81="可售建筑面积法"),ROUND(T81/'附表1-面积统计表'!$F$29*'附表1-面积统计表'!$F$5,2),"请手工填写"))) -> 43757.99 | X81: =T81-W81-Y81 -> 0 | Y81: =IF(SUM('附表1-面积统计表'!$D$6)=0,SUM(T81)-SUM(W81),IF('附表1-面积统计表'!$D$29=0,"",IF(AND(V81="共同成本费用",Z81="总建筑面积法"),ROUND(T81/'附表1-面积统计表'!$D$29*'附表1-面积统计表'!$D$7,2),IF(AND(V81="共同成本费用",Z81="可售建筑面积法"),ROUND(T81/'附表1-面积统计表'!$F$29*'附表1-面积统计表'!$F$7,2),"请手工填写")))) -> 16242.01 | Z81: 可售建筑面积法 | AB81: 可加计
A82: 76 | B82: 2013-06-28 | C82: 26 | D82: 前期工程费 | E82: 七通一平支出 | J82: 高建收据 | K82: 其他凭据 | N82: 0 | O82: 40000 | P82: 40000 | Q82: =-40000+1580962.2 -> 1540962.2 | R82: =P82+Q82 -> 1580962.2 | S82: =IFERROR(VLOOKUP(G82,'附表8-合同明细采集底稿'!B:M,12,0),100%) -> 1 | T82: =ROUND(SUM(R82)*SUM(S82),2) -> 1580962.2 | V82: 共同成本费用 | W82: =IF('附表1-面积统计表'!$D$29=0,"",IF(AND(V82="共同成本费用",Z82="总建筑面积法"),ROUND(T82/'附表1-面积统计表'!$D$29*'附表1-面积统计表'!$D$5,2),IF(AND(V82="共同成本费用",Z82="可售建筑面积法"),ROUND(T82/'附表1-面积统计表'!$F$29*'附表1-面积统计表'!$F$5,2),"请手工填写"))) -> 1152995.5 | X82: =T82-W82-Y82 -> 0 | Y82: =IF(SUM('附表1-面积统计表'!$D$6)=0,SUM(T82)-SUM(W82),IF('附表1-面积统计表'!$D$29=0,"",IF(AND(V82="共同成本费用",Z82="总建筑面积法"),ROUND(T82/'附表1-面积统计表'!$D$29*'附表1-面积统计表'!$D$7,2),IF(AND(V82="共同成本费用",Z82="可售建筑面积法"),ROUND(T82/'附表1-面积统计表'!$F$29*'附表1-面积统计表'!$F$7,2),"请手工填写")))) -> 427966.67 | Z82: 可售建筑面积法 | AB82: 可加计
A83: 77 | B83: 2013-04-28 | C83: 29 | D83: 前期工程费 | E83: 项目可行性研究费用 | J83: 新疆巴州工程咨询中心 | K83: 营业税发票 | L83: 265001203201 | M83: 05845341 | N83: 8000 | O83: 8000 | P83: 8000 | R83: =P83+Q83 -> 8000 | S83: =IFERROR(VLOOKUP(G83,'附表8-合同明细采集底稿'!B:M,12,0),100%) -> 1 | T83: =ROUND(SUM(R83)*SUM(S83),2) -> 8000 | V83: 共同成本费用 | W83: =IF('附表1-面积统计表'!$D$29=0,"",IF(AND(V83="共同成本费用",Z83="总建筑面积法"),ROUND(T83/'附表1-面积统计表'!$D$29*'附表1-面积统计表'!$D$5,2),IF(AND(V83="共同成本费用",Z83="可售建筑面积法"),ROUND(T83/'附表1-面积统计表'!$F$29*'附表1-面积统计表'!$F$5,2),"请手工填写"))) -> 5834.4 | X83: =T83-W83-Y83 -> 0 | Y83: =IF(SUM('附表1-面积统计表'!$D$6)=0,SUM(T83)-SUM(W83),IF('附表1-面积统计表'!$D$29=0,"",IF(AND(V83="共同成本费用",Z83="总建筑面积法"),ROUND(T83/'附表1-面积统计表'!$D$29*'附表1-面积统计表'!$D$7,2),IF(AND(V83="共同成本费用",Z83="可售建筑面积法"),ROUND(T83/'附表1-面积统计表'!$F$29*'附表1-面积统计表'!$F$7,2),"请手工填写")))) -> 2165.6 | Z83: 可售建筑面积法 | AB83: 可加计
A84: 78 | B84: 2013-05-28 | C84: 20 | D84: 前期工程费 | E84: 项目可行性研究费用 | J84: 乌鲁木齐天怡净美环保技术有限公司 | K84: 营业税发票 | L84: 265001203201 | M84: 07532676 | N84: 10000 | O84: 10000 | P84: 10000 | R84: =P84+Q84 -> 10000 | S84: =IFERROR(VLOOKUP(G84,'附表8-合同明细采集底稿'!B:M,12,0),100%) -> 1 | T84: =ROUND(SUM(R84)*SUM(S84),2) -> 10000 | V84: 共同成本费用 | W84: =IF('附表1-面积统计表'!$D$29=0,"",IF(AND(V84="共同成本费用",Z84="总建筑面积法"),ROUND(T84/'附表1-面积统计表'!$D$29*'附表1-面积统计表'!$D$5,2),IF(AND(V84="共同成本费用",Z84="可售建筑面积法"),ROUND(T84/'附表1-面积统计表'!$F$29*'附表1-面积统计表'!$F$5,2),"请手工填写"))) -> 7293 | X84: =T84-W84-Y84 -> 0 | Y84: =IF(SUM('附表1-面积统计表'!$D$6)=0,SUM(T84)-SUM(W84),IF('附表1-面积统计表'!$D$29=0,"",IF(AND(V84="共同成本费用",Z84="总建筑面积法"),ROUND(T84/'附表1-面积统计表'!$D$29*'附表1-面积统计表'!$D$7,2),IF(AND(V84="共同成本费用",Z84="可售建筑面积法"),ROUND(T84/'附表1-面积统计表'!$F$29*'附表1-面积统计表'!$F$7,2),"请手工填写")))) -> 2707 | Z84: 可售建筑面积法 | AB84: 可加计
A85: 79 | B85: 2014-12-31 | C85: 197 | D85: 建筑安装工程费 | E85: 桩基础工程费用 | G85: JZ-001 | H85: 建设工程施工合同 | J85: 新疆通力建设集团股份公司 | K85: 营业税发票 | L85: 265001320401 | M85: 00194306 | N85: 7500000 | O85: 7500000 | P85: 7500000 | R85: =P85+Q85 -> 7500000 | S85: =IFERROR(VLOOKUP(G85,'附表8-合同明细采集底稿'!B:M,12,0),100%) -> 1 | T85: =ROUND(SUM(R85)*SUM(S85),2) -> 7500000 | V85: 共同成本费用 | W85: =IF('附表1-面积统计表'!$D$29=0,"",IF(AND(V85="共同成本费用",Z85="总建筑面积法"),ROUND(T85/'附表1-面积统计表'!$D$29*'附表1-面积统计表'!$D$5,2),IF(AND(V85="共同成本费用",Z85="可售建筑面积法"),ROUND(T85/'附表1-面积统计表'!$F$29*'附表1-面积统计表'!$F$5,2),"请手工填写"))) -> 5469749 | X85: =T85-W85-Y85 -> 0 | Y85: =IF(SUM('附表1-面积统计表'!$D$6)=0,SUM(T85)-SUM(W85),IF('附表1-面积统计表'!$D$29=0,"",IF(AND(V85="共同成本费用",Z85="总建筑面积法"),ROUND(T85/'附表1-面积统计表'!$D$29*'附表1-面积统计表'!$D$7,2),IF(AND(V85="共同成本费用",Z85="可售建筑面积法"),ROUND(T85/'附表1-面积统计表'!$F$29*'附表1-面积统计表'!$F$7,2),"请手工填写")))) -> 2030251 | Z85: 可售建筑面积法 | AB85: 可加计
A86: 80 | B86: 2015-05-20 | C86: 40 | D86: 建筑安装工程费 | E86: 桩基础工程费用 | G86: JZ-001 | H86: 建设工程施工合同 | J86: 新疆通力建设集团股份公司 | K86: 营业税发票 | L86: 265001320401 | M86: 00196978 | N86: 20928004 | O86: 20928004 | P86: 20928004 | R86: =P86+Q86 -> 20928004 | S86: =IFERROR(VLOOKUP(G86,'附表8-合同明细采集底稿'!B:M,12,0),100%) -> 1 | T86: =ROUND(SUM(R86)*SUM(S86),2) -> 20928004 | V86: 共同成本费用 | W86: =IF('附表1-面积统计表'!$D$29=0,"",IF(AND(V86="共同成本费用",Z86="总建筑面积法"),ROUND(T86/'附表1-面积统计表'!$D$29*'附表1-面积统计表'!$D$5,2),IF(AND(V86="共同成本费用",Z86="可售建筑面积法"),ROUND(T86/'附表1-面积统计表'!$F$29*'附表1-面积统计表'!$F$5,2),"请手工填写"))) -> 15262790 | X86: =T86-W86-Y86 -> 0 | Y86: =IF(SUM('附表1-面积统计表'!$D$6)=0,SUM(T86)-SUM(W86),IF('附表1-面积统计表'!$D$29=0,"",IF(AND(V86="共同成本费用",Z86="总建筑面积法"),ROUND(T86/'附表1-面积统计表'!$D$29*'附表1-面积统计表'!$D$7,2),IF(AND(V86="共同成本费用",Z86="可售建筑面积法"),ROUND(T86/'附表1-面积统计表'!$F$29*'附表1-面积统计表'!$F$7,2),"请手工填写")))) -> 5665213.4 | Z86: 可售建筑面积法 | AB86: 可加计
A87: 81 | B87: 2015-11-27 | C87: 161 | D87: 建筑安装工程费 | E87: 地下室工程费用 | J87: 新疆子森林涵起重机械设备有限公司 | K87: 增值税普通发票 | L87: 6500153320 | M87: 00788981-991（11张） 01720822-824（3张） | N87: 1530000 | O87: 1530000 | P87: 1530000 | R87: =P87+Q87 -> 1530000 | S87: =IFERROR(VLOOKUP(G87,'附表8-合同明细采集底稿'!B:M,12,0),100%) -> 1 | T87: =ROUND(SUM(R87)*SUM(S87),2) -> 1530000 | V87: 共同成本费用 | W87: =IF('附表1-面积统计表'!$D$29=0,"",IF(AND(V87="共同成本费用",Z87="总建筑面积法"),ROUND(T87/'附表1-面积统计表'!$D$29*'附表1-面积统计表'!$D$5,2),IF(AND(V87="共同成本费用",Z87="可售建筑面积法"),ROUND(T87/'附表1-面积统计表'!$F$29*'附表1-面积统计表'!$F$5,2),"请手工填写"))) -> 1115828.8 | X87: =T87-W87-Y87 -> 0 | Y87: =IF(SUM('附表1-面积统计表'!$D$6)=0,SUM(T87)-SUM(W87),IF('附表1-面积统计表'!$D$29=0,"",IF(AND(V87="共同成本费用",Z87="总建筑面积法"),ROUND(T87/'附表1-面积统计表'!$D$29*'附表1-面积统计表'!$D$7,2),IF(AND(V87="共同成本费用",Z87="可售建筑面积法"),ROUND(T87/'附表1-面积统计表'!$F$29*'附表1-面积统计表'!$F$7,2),"请手工填写")))) -> 414171.2 | Z87: 可售建筑面积法 | AB87: 可加计
A88: 82 | B88: 2016-12-27 | C88: 86 | D88: 建筑安装工程费 | E88: 桩基础工程费用 | G88: JZ-001 | H88: 建设工程施工合同 | J88: 新疆通力建设集团股份公司 | K88: 增值税普通发票 | L88: 6500162320 | M88: 11299009 | N88: 7107000.9 | O88: 7107000.9 | P88: 7107000.9 | R88: =P88+Q88 -> 7107000.9 | S88: =IFERROR(VLOOKUP(G88,'附表8-合同明细采集底稿'!B:M,12,0),100%) -> 1 | T88: =ROUND(SUM(R88)*SUM(S88),2) -> 7107000.9 | V88: 共同成本费用 | W88: =IF('附表1-面积统计表'!$D$29=0,"",IF(AND(V88="共同成本费用",Z88="总建筑面积法"),ROUND(T88/'附表1-面积统计表'!$D$29*'附表1-面积统计表'!$D$5,2),IF(AND(V88="共同成本费用",Z88="可售建筑面积法"),ROUND(T88/'附表1-面积统计表'!$F$29*'附表1-面积统计表'!$F$5,2),"请手工填写"))) -> 5183134.8 | X88: =T88-W88-Y88 -> 0 | Y88: =IF(SUM('附表1-面积统计表'!$D$6)=0,SUM(T88)-SUM(W88),IF('附表1-面积统计表'!$D$29=0,"",IF(AND(V88="共同成本费用",Z88="总建筑面积法"),ROUND(T88/'附表1-面积统计表'!$D$29*'附表1-面积统计表'!$D$7,2),IF(AND(V88="共同成本费用",Z88="可售建筑面积法"),ROUND(T88/'附表1-面积统计表'!$F$29*'附表1-面积统计表'!$F$7,2),"请手工填写")))) -> 1923866.1 | Z88: 可售建筑面积法 | AB88: 可加计
A89: 83 | B89: 2017-11-20 | C89: 36 | D89: 建筑安装工程费 | E89: 桩基础工程费用 | G89: JZ-001 | H89: 建设工程施工合同 | J89: 新疆通力建设集团股份公司 | K89: 增值税普通发票 | L89: 6500172320 | M89: 17516152 | N89: 7867311.8 | O89: 7867311.8 | P89: 7867311.8 | R89: =P89+Q89 -> 7867311.8 | S89: =IFERROR(VLOOKUP(G89,'附表8-合同明细采集底稿'!B:M,12,0),100%) -> 1 | T89: =ROUND(SUM(R89)*SUM(S89),2) -> 7867311.8 | V89: 共同成本费用 | W89: =IF('附表1-面积统计表'!$D$29=0,"",IF(AND(V89="共同成本费用",Z89="总建筑面积法"),ROUND(T89/'附表1-面积统计表'!$D$29*'附表1-面积统计表'!$D$5,2),IF(AND(V89="共同成本费用",Z89="可售建筑面积法"),ROUND(T89/'附表1-面积统计表'!$F$29*'附表1-面积统计表'!$F$5,2),"请手工填写"))) -> 5737629.4 | X89: =T89-W89-Y89 -> 0 | Y89: =IF(SUM('附表1-面积统计表'!$D$6)=0,SUM(T89)-SUM(W89),IF('附表1-面积统计表'!$D$29=0,"",IF(AND(V89="共同成本费用",Z89="总建筑面积法"),ROUND(T89/'附表1-面积统计表'!$D$29*'附表1-面积统计表'!$D$7,2),IF(AND(V89="共同成本费用",Z89="可售建筑面积法"),ROUND(T89/'附表1-面积统计表'!$F$29*'附表1-面积统计表'!$F$7,2),"请手工填写")))) -> 2129682.3 | Z89: 可售建筑面积法 | AB89: 可加计
A90: 84 | B90: 2018-05-16 | C90: 41 | D90: 建筑安装工程费 | E90: 地下室工程费用 | J90: 新疆隆翔伟业投资股份有限公司 | K90: 增值税普通发票 | L90: 6500164320 | M90: 13843901-902 | N90: 221000 | O90: 221000 | P90: 221000 | R90: =P90+Q90 -> 221000 | S90: =IFERROR(VLOOKUP(G90,'附表8-合同明细采集底稿'!B:M,12,0),100%) -> 1 | T90: =ROUND(SUM(R90)*SUM(S90),2) -> 221000 | V90: 共同成本费用 | W90: =IF('附表1-面积统计表'!$D$29=0,"",IF(AND(V90="共同成本费用",Z90="总建筑面积法"),ROUND(T90/'附表1-面积统计表'!$D$29*'附表1-面积统计表'!$D$5,2),IF(AND(V90="共同成本费用",Z90="可售建筑面积法"),ROUND(T90/'附表1-面积统计表'!$F$29*'附表1-面积统计表'!$F$5,2),"请手工填写"))) -> 161175.27 | Y90: =IF(SUM('附表1-面积统计表'!$D$6)=0,SUM(T90)-SUM(W90),IF('附表1-面积统计表'!$D$29=0,"",IF(AND(V90="共同成本费用",Z90="总建筑面积法"),ROUND(T90/'附表1-面积统计表'!$D$29*'附表1-面积统计表'!$D$7,2),IF(AND(V90="共同成本费用",Z90="可售建筑面积法"),ROUND(T90/'附表1-面积统计表'!$F$29*'附表1-面积统计表'!$F$7,2),"请手工填写")))) -> 59824.73 | Z90: 可售建筑面积法 | AB90: 可加计
A91: 85 | B91: 2018-06-02 | C91: 1 | D91: 建筑安装工程费 | E91: 地下室工程费用 | J91: 新疆隆翔伟业投资股份有限公司 | K91: 增值税普通发票 | L91: 6500164320 | M91: 13843903-904 | N91: 221000 | O91: 221000 | P91: 221000 | R91: =P91+Q91 -> 221000 | S91: =IFERROR(VLOOKUP(G91,'附表8-合同明细采集底稿'!B:M,12,0),100%) -> 1 | T91: =ROUND(SUM(R91)*SUM(S91),2) -> 221000 | V91: 共同成本费用 | W91: =IF('附表1-面积统计表'!$D$29=0,"",IF(AND(V91="共同成本费用",Z91="总建筑面积法"),ROUND(T91/'附表1-面积统计表'!$D$29*'附表1-面积统计表'!$D$5,2),IF(AND(V91="共同成本费用",Z91="可售建筑面积法"),ROUND(T91/'附表1-面积统计表'!$F$29*'附表1-面积统计表'!$F$5,2),"请手工填写"))) -> 161175.27 | X91: =T91-W91-Y91 -> 0 | Y91: =IF(SUM('附表1-面积统计表'!$D$6)=0,SUM(T91)-SUM(W91),IF('附表1-面积统计表'!$D$29=0,"",IF(AND(V91="共同成本费用",Z91="总建筑面积法"),ROUND(T91/'附表1-面积统计表'!$D$29*'附表1-面积统计表'!$D$7,2),IF(AND(V91="共同成本费用",Z91="可售建筑面积法"),ROUND(T91/'附表1-面积统计表'!$F$29*'附表1-面积统计表'!$F$7,2),"请手工填写")))) -> 59824.73 | Z91: 可售建筑面积法 | AB91: 可加计
A92: 86 | B92: 2018-08-02 | C92: 1 | D92: 建筑安装工程费 | E92: 地下室工程费用 | J92: 新疆隆翔伟业投资股份有限公司 | K92: 增值税普通发票 | L92: 6500174320 | M92: 12535649 | N92: 45000 | O92: 45000 | P92: 45000 | R92: =P92+Q92 -> 45000 | S92: =IFERROR(VLOOKUP(G92,'附表8-合同明细采集底稿'!B:M,12,0),100%) -> 1 | T92: =ROUND(SUM(R92)*SUM(S92),2) -> 45000 | V92: 共同成本费用 | W92: =IF('附表1-面积统计表'!$D$29=0,"",IF(AND(V92="共同成本费用",Z92="总建筑面积法"),ROUND(T92/'附表1-面积统计表'!$D$29*'附表1-面积统计表'!$D$5,2),IF(AND(V92="共同成本费用",Z92="可售建筑面积法"),ROUND(T92/'附表1-面积统计表'!$F$29*'附表1-面积统计表'!$F$5,2),"请手工填写"))) -> 32818.49 | X92: =T92-W92-Y92 -> 0 | Y92: =IF(SUM('附表1-面积统计表'!$D$6)=0,SUM(T92)-SUM(W92),IF('附表1-面积统计表'!$D$29=0,"",IF(AND(V92="共同成本费用",Z92="总建筑面积法"),ROUND(T92/'附表1-面积统计表'!$D$29*'附表1-面积统计表'!$D$7,2),IF(AND(V92="共同成本费用",Z92="可售建筑面积法"),ROUND(T92/'附表1-面积统计表'!$F$29*'附表1-面积统计表'!$F$7,2),"请手工填写")))) -> 12181.51 | Z92: 可售建筑面积法 | AB92: 可加计
A93: 87 | B93: 2018-6-30 | C93: 100 | D93: 建筑安装工程费 | E93: 其他建筑安装工程费 | J93: 库尔勒经济技术开发区宏祥建材店 | K93: 增值税普通发票 | L93: 65001600111 | M93: 04519251-9253（3张） | N93: 29952 | O93: 29952 | P93: 29952 | Q93: -29952 | R93: =P93+Q93 -> 0 | S93: =IFERROR(VLOOKUP(G93,'附表8-合同明细采集底稿'!B:M,12,0),100%) -> 1 | T93: =ROUND(SUM(R93)*SUM(S93),2) -> 0 | V93: 直接归集成本费用 | W93: 0 | X93: =T93-W93-Y93 -> 0 | Y93: 0 | Z93: 不可选择 | AB93: 可加计
A94: 88 | B94: 2018-6-30 | C94: 100 | D94: 建筑安装工程费 | E94: 其他建筑安装工程费 | J94: 库尔勒经济技术开发区宏祥建材店 | K94: 增值税普通发票 | L94: 65001800211 | M94: 37722045-2064（20张） | N94: 199360 | O94: 199360 | P94: 199360 | Q94: -199360 | R94: =P94+Q94 -> 0 | S94: =IFERROR(VLOOKUP(G94,'附表8-合同明细采集底稿'!B:M,12,0),100%) -> 1 | T94: =ROUND(SUM(R94)*SUM(S94),2) -> 0 | V94: 直接归集成本费用 | W94: 0 | X94: =T94-W94-Y94 -> 0 | Y94: 0 | Z94: 不可选择 | AB94: 可加计
A95: 89 | B95: 2018-6-30 | C95: 100 | D95: 建筑安装工程费 | E95: 其他建筑安装工程费 | J95: 库尔勒市百中旺五金经销部 | K95: 增值税普通发票 | L95: 65001800211 | M95: 36959716-9729(14张） | N95: 143700 | O95: 143700 | P95: 143700 | Q95: -143700 | R95: =P95+Q95 -> 0 | S95: =IFERROR(VLOOKUP(G95,'附表8-合同明细采集底稿'!B:M,12,0),100%) -> 1 | T95: =ROUND(SUM(R95)*SUM(S95),2) -> 0 | V95: 直接归集成本费用 | W95: 0 | X95: =T95-W95-Y95 -> 0 | Y95: 0 | Z95: 不可选择 | AB95: 可加计
A96: 90 | B96: 2018-6-30 | C96: 100 | D96: 建筑安装工程费 | E96: 其他建筑安装工程费 | J96: 库尔勒市百中旺五金经销部 | K96: 增值税普通发票 | L96: 65001800211 | M96: 37074303 | N96: 10240 | O96: 10240 | P96: 10240 | Q96: -10240 | R96: =P96+Q96 -> 0 | S96: =IFERROR(VLOOKUP(G96,'附表8-合同明细采集底稿'!B:M,12,0),100%) -> 1 | T96: =ROUND(SUM(R96)*SUM(S96),2) -> 0 | V96: 直接归集成本费用 | W96: 0 | X96: =T96-W96-Y96 -> 0 | Y96: 0 | Z96: 不可选择 | AB96: 可加计
A97: 91 | B97: 2018-6-30 | C97: 100 | D97: 建筑安装工程费 | E97: 其他建筑安装工程费 | J97: 库尔勒市通久满五金经销部 | K97: 增值税普通发票 | L97: 65001800211 | M97: 37116104-105 | N97: 195330 | O97: 195330 | P97: 195330 | Q97: -195330 | R97: =P97+Q97 -> 0 | S97: =IFERROR(VLOOKUP(G97,'附表8-合同明细采集底稿'!B:M,12,0),100%) -> 1 | T97: =ROUND(SUM(R97)*SUM(S97),2) -> 0 | V97: 直接归集成本费用 | W97: 0 | X97: =T97-W97-Y97 -> 0 | Y97: 0 | Z97: 不可选择 | AB97: 可加计
A98: 92 | B98: 2018-6-30 | C98: 100 | D98: 建筑安装工程费 | E98: 其他建筑安装工程费 | J98: 库尔勒市桂宝祥和五金经销部 | K98: 增值税普通发票 | L98: 65001800211 | M98: 37170018-0026（9张） | N98: 59726 | O98: 50000 | P98: 50000 | Q98: -50000 | R98: =P98+Q98 -> 0 | S98: =IFERROR(VLOOKUP(G98,'附表8-合同明细采集底稿'!B:M,12,0),100%) -> 1 | T98: =ROUND(SUM(R98)*SUM(S98),2) -> 0 | V98: 直接归集成本费用 | W98: 0 | X98: =T98-W98-Y98 -> 0 | Y98: 0 | Z98: 不可选择 | AB98: 可加计
A99: 93 | B99: 2018-6-30 | C99: 100 | D99: 建筑安装工程费 | E99: 其他建筑安装工程费 | J99: 库尔勒君君平建材经销部 | K99: 增值税普通发票 | L99: 65001800211 | M99: 37015202-5208、37991391-1397、37015209-5218 | N99: 239649 | O99: 239649 | P99: 239649 | Q99: -239649 | R99: =P99+Q99 -> 0 | S99: =IFERROR(VLOOKUP(G99,'附表8-合同明细采集底稿'!B:M,12,0),100%) -> 1 | T99: =ROUND(SUM(R99)*SUM(S99),2) -> 0 | V99: 直接归集成本费用 | W99: 0 | X99: =T99-W99-Y99 -> 0 | Y99: 0 | Z99: 不可选择 | AB99: 可加计
A100: 94 | B100: 2018-6-30 | C100: 100 | D100: 建筑安装工程费 | E100: 其他建筑安装工程费 | J100: 巴州查六商贸有限公司 | K100: 增值税普通发票 | L100: 65001800211 | M100: 37968105-8109（5张） | N100: 200000 | O100: 200000 | P100: 200000 | Q100: -200000 | R100: =P100+Q100 -> 0 | S100: =IFERROR(VLOOKUP(G100,'附表8-合同明细采集底稿'!B:M,12,0),100%) -> 1 | T100: =ROUND(SUM(R100)*SUM(S100),2) -> 0 | V100: 直接归集成本费用 | W100: 0 | X100: =T100-W100-Y100 -> 0 | Y100: 0 | Z100: 不可选择 | AB100: 可加计
A101: 95 | B101: 2018-6-30 | C101: 100 | D101: 建筑安装工程费 | E101: 其他建筑安装工程费 | J101: 库尔勒豫展商贸有限公司 | K101: 增值税普通发票 | L101: 65001800211 | M101: 37952182-2186（5张） | N101: 200000 | O101: 200000 | P101: 200000 | Q101: -200000 | R101: =P101+Q101 -> 0 | S101: =IFERROR(VLOOKUP(G101,'附表8-合同明细采集底稿'!B:M,12,0),100%) -> 1 | T101: =ROUND(SUM(R101)*SUM(S101),2) -> 0 | V101: 直接归集成本费用 | W101: 0 | X101: =T101-W101-Y101 -> 0 | Y101: 0 | Z101: 不可选择 | AB101: 可加计
A102: 96 | B102: 2018-6-30 | C102: 100 | D102: 建筑安装工程费 | E102: 其他建筑安装工程费 | J102: 库尔勒兰国梅建材批发部 | K102: 增值税普通发票 | L102: 65001800211 | M102: 37015303-5313（11张）、37991567-1569（3张） | N102: 129618 | O102: 130937 | P102: 130937 | Q102: -130937 | R102: =P102+Q102 -> 0 | S102: =IFERROR(VLOOKUP(G102,'附表8-合同明细采集底稿'!B:M,12,0),100%) -> 1 | T102: =ROUND(SUM(R102)*SUM(S102),2) -> 0 | V102: 直接归集成本费用 | W102: 0 | X102: =T102-W102-Y102 -> 0 | Y102: 0 | Z102: 不可选择 | AB102: 可加计
A103: 97 | B103: 2018-6-30 | C103: 100 | D103: 建筑安装工程费 | E103: 其他建筑安装工程费 | J103: 库尔勒斌浩装饰材料经销部 | K103: 增值税普通发票 | L103: 6500174320 | M103: 14861346-1351（6张）、14841445-1456（12张） | N103: 1605152.2 | O103: 1605152.2 | P103: 1605152.2 | Q103: -1605152.2 | R103: =P103+Q103 -> 0 | S103: =IFERROR(VLOOKUP(G103,'附表8-合同明细采集底稿'!B:M,12,0),100%) -> 1 | T103: =ROUND(SUM(R103)*SUM(S103),2) -> 0 | V103: 直接归集成本费用 | W103: 0 | X103: =T103-W103-Y103 -> 0 | Y103: 0 | Z103: 不可选择 | AB103: 可加计
